 Dungeon Crawl Stone Soup version 0.30-a0-1160-g6e42c06551 (webtiles) character file.

Game seed: 16239357250637156306

536432 Implojin the Wrestler (level 24, -7/204 HPs)
             Began as a Mummy Monk on Apr 21, 2023.
             Was the Champion of Jiyva.
             Killed from afar by a black draconian knight (21 damage)
             ... with a shard of ice
             ... led by a yellow draconian annihilator
             ... on level 4 of the Realm of Zot on Apr 26, 2023.
             The game lasted 03:20:36 (62941 turns).

Implojin the Wrestler (Mummy Monk)                 Turns: 62941, Time: 03:20:36

Health: -7/204     AC: 31    Str: 22    XL:     24   Next: 59%
Magic:  19/23      EV: 30    Int: 10    God:    Jiyva [******]
Gold:   1124       SH: 15    Dex: 20    Spells: 23/23 levels left

rFire   + +          +
                       - Unarmed
rCold   + . .        q - +0 kite shield {rC+ rF+}
rNeg    + + +        b - +6 fire dragon scales
rPois   ∞            h - +2 helmet
rElec   .            z - +1 cloak of Starlight {*Dazzle EV+4 Stlth--}
rCorr   +            a - +2 pair of gloves {Dex+3}
SInv    .            O - +2 pair of boots {rampage}
Will    +++..        C - amulet "Xonav" {rF+ Regen+} Stlth
                     K - +5 ring of evasion
HPRegen 2.94/turn    U - +5 ring of evasion
MPRegen 0.68/turn

%: rampage, faith
@: slimy (expiring), studying 2 skills
A: cold resistance 1, negative energy resistance 3, torment resistance 2, heat
vulnerability 1, in touch with death 2, no potions, faith
}: 3/15 runes: serpentine, barnacled, slimy
a: Renounce Religion, Oozemancy, Slimify


You were on level 4 of the Realm of Zot.
You worshipped Jiyva.
Jiyva was exalted by your worship.
You visited 11 branches of the dungeon, and saw 53 of its levels.
You visited 1 bazaar.
You also visited: Sewer, Bailey and Ice Cave.

You collected 5092 gold pieces.
You spent 3968 gold pieces at shops.

Inventory:

Missiles
 d - 4 poisoned darts
 o - 41 javelins
 p - a throwing net (quivered)
 v - 2 curare-tipped darts
 J - 3 silver boomerangs
 M - 2 silver javelins
 N - 35 boomerangs
 Q - 2 atropa-tipped darts
 Y - 4 boomerangs of dispersal
Armour
 a - a +2 pair of gloves of dexterity (worn)
 b - +6 fire dragon scales (worn)
 h - a +2 helmet (worn)
 j - a +2 kite shield of protection
 q - a +0 kite shield of resistance (worn)
 z - the +1 cloak of Starlight (worn) {*Dazzle EV+4 Stlth--}
   (You bought it in a shop on level 2 of the Orcish Mines)

   *Dazzle:   It may blind those who miss an attack against the wearer in melee
   combat.
   EV:        It affects your evasion (+4).
   Stlth:     It makes you much less stealthy.
 A - the +8 ice dragon scales of Bainke {rF- rC++ rN+}
   (You found it in an ice cave)

   rF:        It makes you vulnerable to fire.
   rC:        It greatly protects you from cold.
   rN:        It protects you from negative energy.
 B - the +5 Storm Queen's Shield {shock, Fly rElec}
   (You found it on level 3 of the Elven Halls)

   Shock:     When it blocks an attack, it may electrocute the attacker.
   This works even against foes who are a short distance away.
   rElec:     It insulates you from electricity.
   Fly:       It grants you flight.
 E - a +4 scale mail of cold resistance
 G - a +0 cloak of willpower
 H - a +1 pair of boots
 O - a +2 pair of boots of rampaging (worn)
 S - a +0 tower shield
 V - +0 storm dragon scales
 W - a +2 ring mail of willpower
Jewellery
 e - the amulet "Qeypnik" {Reflect *Corrode +Inv SH+5 Stlth+}
   (You found it on level 3 of the Crypt)

   [amulet of reflection]

   It reflects blocked missile attacks.
   +Inv:      It lets you turn invisible.
   *Corrode:  It may corrode you when you take damage.
   SH:        It affects your SH (+5).
   Stlth:     It makes you more stealthy.
 i - a ring of see invisible
 k - the amulet of the Hart {Faith Int+4}
   (You found it on level 4 of the Depths)

   [amulet of faith]

   It allows you to gain divine favour quickly.
   Int:       It affects your intelligence (+4).
 t - a ring of protection from fire
 w - a ring of flight
 C - the amulet "Xonav" (around neck) {rF+ Regen+}
   (You took it off a tengu warrior on level 3 of the Depths)

   [amulet of regeneration]

   rF:        It protects you from fire.
   Regen:     It increases your rate of health regeneration.
 F - a +6 ring of strength
 I - a ring of protection from cold
 K - a +5 ring of evasion (left hand)
 P - a +6 ring of strength
 R - the amulet of Xom, Howling {Acrobat -Tele rF+++ rC- MP+9}
   (You found it on level 4 of the Depths)

   [amulet of the acrobat]

   It increases your evasion while moving and waiting.
   rF:        It renders you almost immune to fire.
   rC:        It makes you vulnerable to cold.
   MP:        It affects your magic capacity (+9).
   -Tele:     It prevents most forms of teleportation.
 U - a +5 ring of evasion (right hand)
Wands
 c - a wand of roots (10)
 f - a wand of charming (5)
 r - a wand of flame (88)
 s - a wand of digging (2)
 L - a wand of quicksilver (24)
 T - a wand of mindburst (17)
 Z - a wand of polymorph (13)
Scrolls
 g - 5 scrolls of magic mapping
 l - 7 scrolls of vulnerability
 m - 3 scrolls of poison
 n - 2 scrolls of fear
 u - a scroll of enchant weapon
 x - 2 scrolls of teleportation
 y - 2 scrolls of blinking
 D - 13 scrolls of identify


   Skills:
 - Level 20.0 Fighting
 - Level 4.1 Polearms
 - Level 6.0 Throwing
 - Level 11.1 Armour
 - Level 11.1 Dodging
 - Level 2.0 Stealth
 - Level 17.0 Shields
 * Level 26.8 Unarmed Combat
 - Level 7.2 Evocations


You had 23 spell levels left.
You didn't know any spells.
Your spell library contained the following spells:

 Spells                   Type           Power      Damage    Failure   Level
 Freeze                   Ice            0%         1d3       80%         1
 Kiss of Death            Conj/Necr      0%         2d5       80%         1
 Sandblast                Erth           0%         2d4       80%         1
 Shock                    Conj/Air       0%         1d3       80%         1
 Cigotuvi's Dreadful Rot  Necr/Pois/Air  0%         N/A       90%         2
 Passwall                 Tmut/Erth      0%         N/A       90%         2
 Poisonous Vapours        Pois/Air       0%         N/A       90%         2
 Frozen Ramparts          Ice            0%         1d1       99%         3
 Gell's Gravitas          Tloc           0%         N/A       99%         3
 Hailstorm                Conj/Ice       0%         3d3       99%         3
 Ignite Poison            Fire/Tmut/Pois 0%         N/A       99%         3
 Mephitic Cloud           Conj/Pois/Air  0%         N/A       99%         3
 Portal Projectile        Hex/Tloc       0%         N/A       99%         3
 Stone Arrow              Conj/Erth      0%         3d7       99%         3
 Swiftness                Air            0%         N/A       99%         3
 Teleport Other           Tloc           0%         N/A       99%         3
 Tukima's Dance           Hex            0%         N/A       99%         3
 Vampiric Draining        Necr           0%         2d6       99%         3
 Airstrike                Air            0%         2d(0-16)  100%        4
 Animate Armour           Summ/Erth      0%         N/A       100%        4
 Dispel Undead            Necr           0%         3d6       100%        4
 Passage of Golubria      Tloc           0%         N/A       100%        4
 Fireball                 Conj/Fire      0%         3d3       100%        5
 Freezing Cloud           Conj/Ice/Air   0%         6-21      100%        5
 Irradiate                Conj/Tmut      0%         3d11      100%        5
 Iskenderun's Battlesphe  Conj           0%         2d6       100%        5
 Silence                  Hex/Air        0%         N/A       100%        5
 Summon Forest            Summ/Tloc      0%         N/A       100%        5
 Summon Mana Viper        Hex/Summ       0%         N/A       100%        5
 Conjure Ball Lightning   Conj/Air       0%         3x3d6     100%        6
 Death Channel            Necr           0%         N/A       100%        6
 Dispersal                Tloc           0%         N/A       100%        6
 Eringya's Noxious Bog    Tmut/Pois      0%         N/A       100%        6
 Iron Shot                Conj/Erth      0%         9d1       100%        6
 Summon Cactus Giant      Summ           0%         N/A       100%        6
 Orb of Destruction       Conj           0%         9d5       100%        7
 Spellforged Servitor     Conj/Summ      0%         N/A       100%        7
 Infestation              Necr           0%         N/A       100%        8
 Lehudib's Crystal Spear  Conj/Erth      0%         10d2      100%        8
 Chain Lightning          Conj/Air       0%         N/A       100%        9
 Fire Storm               Conj/Fire      0%         5d1       100%        9
 Shatter                  Erth           0%         3d5*      100%        9
 Sublimation of Blood     Necr           Unusable   N/A       N/A         2
 Blade Hands              Tmut           Unusable   N/A       N/A         5
 Dragon Form              Tmut           Unusable   N/A       N/A         7

Dungeon Overview and Level Annotations

Branches:
Dungeon (15/15)            Temple (0/1) D:7            Lair (5/5) D:11
 Shoals (4/4) Lair:3        Snake (4/4) Lair:3        Slime (5/5) Lair:5
    Orc (2/2) D:11            Elf (3/3) Orc:2        Vaults (4/5) D:13
  Crypt (3/3) Vaults:2       Tomb (0/3) Crypt:3      Depths (4/4) D:15
    Zot (4/5) Depths:4      Sewer (visited)          Bailey (visited)
  IceCv (visited)

Altars:
Ashenzari
Dithmenos
Gozag
Kikubaaqudgha
Makhleb
Ru
Sif Muna
Trog
Uskayaw
Vehumet
Yredelemnul
Jiyva

Shops:
D:1 *   D:10 (   D:11 [*(   Orc:2 (*[:   Elf:3 (   Shoals:3 =   Shoals:4 (
Snake:1 ?   Snake:2 :==   Snake:4 [[[?   Vaults:3 (   Depths:2 !   Depths:3 *
Depths:4 *

Portals:
Hell: Depths:1 Depths:2 Depths:3 Depths:4
Abyss: Depths:3
Pandemonium: Depths:2 Depths:4
Ziggurat: Depths:1

Annotations:
D:9 just don`t
D:10 exclusion: upstairs
D:11 exclusion: ice statue
Lair:5 exclusion: obsidian statue
Snake:1 1 runed translucent door, exclusion: door, Holoquod's ghost, adept MiMo
Slime:5 Royal Jelly
Orc:1 2 transporters, Vuvadabb's ghost, journeyman HOMo
Depths:1 1 runed translucent door
Depths:3 3 runed translucent doors, exclusions: 3 doors and obsidian statue, Cagrigri's ghost, adept TrMo
Zot:1 2 transporters


Innate Abilities, Weirdness & Mutations

You are immune to poison.
Your flesh is cold resistant. (rC+)
You are immune to negative energy. (rN+++)
You are immune to unholy pain and torment.
You are vulnerable to heat. (rF-)
You are strongly in touch with the powers of death.
You do not drink.
You have a special connection with the divine. (Faith)


Message History

You block something's attack.
The yellow draconian annihilator gestures at you while chanting.
The bolt of lightning misses you. Something closely misses you.
You block something's attack.
The green draconian hits you with a +0 scimitar!
The green draconian misses you.
The yellow draconian annihilator spits acid at you.
The glob of acid hits you but does no damage.
You see here a +0 glaive.
Something hits you but does no damage.
You hear some strange, mumbled words.
A bolt of cold appears from out of thin air!
The bolt of cold hits you but does no damage.
A bolt of lightning appears from out of thin air!
The bolt of lightning hits you!!! The bolt of lightning hits you!!
Danger: Low HP Warning |T2| Reason: 43% HP (89/204) Danger: Low HP Warning |T2| Reason: 44% HP (91/204) Unknown command.
You hear some strange, mumbled words.
A shard of ice appears from out of thin air!
The shard of ice hits you! You partially resist.
Danger: Low HP Warning |T2| Reason: 42% HP (87/204)
You punch something!
A bolt of lightning appears from out of thin air!
The bolt of lightning hits you!! x2; The bolt of lightning hits something.
Danger: Low HP Warning |T3| Reason: 17% HP (35/204) Unknown command.
Okay, then.
A thick mucus forms on your hands.
The green draconian breathes poison at you.
The blast of poison misses you.
Danger: Low HP Warning |T3| Reason: 18% HP (38/204) Unknown command.
Something hits you but does no damage.
You block the green draconian's attack. x2
The yellow draconian annihilator points at you and mumbles some strange words.
The bolt of lightning hits you!!
The bolt of lightning hits something.
You hear some strange, mumbled words.
A shard of ice appears from out of thin air!
The shard of ice hits you!! You partially resist.
You die...

## .# .## ...#
..### ....#+ #.#.
#..q.. #.. #+#+#
.....####.###§...#
#.....#.d@{○§...##
#....#..#○§......
#...q###§§§#....
##.....#○.## ..
+..))#######
###..).....#
#####......#
#..#.#....##
#.####.#..#


You could see a green draconian and a yellow draconian annihilator.

Vanquished Creatures
  An ancient lich (Crypt:3)
  A dread lich (Crypt:3)
  A juggernaut (Depths:3)
  Xtahua (Crypt:1)
  3 curse toes
  Vashnia (Snake:4)
  6 golden dragons
  The ghost of Dugafar the Warrior, an adept GrFi of Cheibriados (Crypt:2)
  An electric golem (Zot:1)
  A shard shrike zombie (Crypt:2)
  11 tentacled monstrosities
  A walking crystal tome (Depths:3)
  4 liches
  4 deep elf master archers (Elf:3)
  3 deep elf blademasters
  A titan (Depths:3)
  2 quicksilver dragons
  A walking frostbound tome (Depths:4)
  3 sphinxes
  9 ancient champions
  A kraken (Shoals:4)
  10 death cobs
  Kirke (Shoals:1)
  8 tengu reavers
  4 draconian monks (Zot:2)
  3 shadow dragons
  5 nagarajas
  8 storm dragons
  3 draconian knights (Zot:2)
  12 frost giants
  6 revenants
  8 fire giants
  6 draconian scorchers
  A deep elf sorcerer (Elf:3)
  A ghost moth (Zot:2)
  3 deep elf elementalists (Elf:3)
  A juggernaut zombie (Crypt:3)
  13 ironbound preservers
  A draconian stormcaller (Zot:1)
  4 ghouls
  5 curse skulls
  7 vault wardens
  6 draconian shifters
  6 draconian annihilators
  An ironbound thunderhulk (Vaults:3)
  A reaper (Crypt:3)
  2 war gargoyles (Vaults:4)
  An orc warlord (Orc:1)
  12 very ugly things
  10 stone giants
  A caustic shrike skeleton (Crypt:3)
  4 deep elf demonologists
  9 purple draconians
  13 green draconians
  13 vampire knights
  3 deep elf annihilators
  5 black draconians
  3 spark wasps (Depths:2)
  5 dire elephants
  11 red draconians
  2 eidola (Crypt:2)
  12 white draconians
  9 yellow draconians
  2 fire dragons
  12 jiangshi
  6 crystal guardians
  8 ettins
  11 merfolk javelineers
  A mummy priest (Elf:3)
  A blizzard demon (Depths:4)
  A deep elf high priest (Elf:3)
  9 deep elf death magi
  5 entropy weavers
  8 merfolk impalers
  2 vault guards (Vaults:1)
  A hell beast (Depths:2)
  A hydra (D:14)
  8 ice dragons
  20 yaktaur captains
  4 peacekeepers
  A fenstrider witch zombie (Crypt:2)
  2 ogre magi
  4 salamander tyrants
  4 spriggan air magi
  10 ironbound frosthearts
  4 merfolk avatars
  18 centaur warriors
  10 anacondas
  3 fenstrider witch skeletons (Crypt:2)
  5 merfolk aquamancers
  3 satyrs
  7 boulder beetles
  34 dancing weapons
  18 naga warriors
  6 two-headed ogres
  2 death yaks
  A bennu skeleton (Crypt:3)
  6 tengu warriors
  9 vampire magi
  5 deep troll shamans (Depths:3)
  3 titan zombies (Vaults:4)
  4 orc high priests
  A death scarab (Crypt:1)
  2 spriggan berserkers (Depths:4)
  7 deep troll earth magi
  10 naga sharpshooters
  8 hell knights
  5 skysharks
  A storm dragon zombie (Depths:1)
  11 shock serpents
  Sonja (Lair:1)
  14 deep elf knights
  2 titan skeletons
  A soul eater (Depths:2)
  8 salamander mystics
  A sixfirhy (Depths:2)
  2 spectral death yaks (Lair:5)
  38 skeletal warriors
  5 iron trolls
  5 shadow wraiths (Crypt:3)
  A death drake (shapeshifter) (D:15)
  An anaconda zombie (Crypt:3)
  12 sea snakes
  2 shadow demons (Elf:3)
  5 naga ritualists
  A kraken simulacrum (Shoals:4)
  2 flayed ghosts (Crypt:3)
  45 deep trolls
  An orb spider (shapeshifter) (Vaults:4)
  A bog body (Crypt:1)
  2 bunyip skeletons (Crypt:2)
  12 deep elf archers
  9 ironbound convokers
  An iron giant skeleton (Crypt:2)
  9 lindwurms
  2 anaconda skeletons (Crypt:2)
  2 orc knights (Orc:2)
  12 necromancers
  6 wizards
  28 harpies
  A harpy (shapeshifter) (D:13)
  12 phantasmal warriors
  23 deep elf pyromancers
  12 mana vipers
  A wolf spider zombie (Crypt:3)
  20 deep elf zephyrmancers
  3 orc sorcerers
  2 shadow dragon zombies
  33 ugly things
  A jorogumo skeleton (Crypt:1)
  18 cyclopes
  12 manticores
  A fire giant skeleton (Crypt:3)
  10 salamanders
  2 human zombies
  A moth of wrath (shapeshifter) (Elf:3)
  8 fauns
  A sphinx skeleton (Crypt:1)
  14 merfolk sirens
  16 elephants
  2 ice statues (Elf:3)
  3 centaur zombies
  2 stone giant skeletons (Crypt:2)
  8 guardian serpents
  17 moths of wrath
  4 water nymphs
  26 naga magi
  An orange demon (D:11)
  3 black mambas (shapeshifter)
  31 black mambas
  13 vault sentinels
  A frost giant skeleton (Depths:1)
  A torpor snail (Lair:5)
  10 cane toads
  A gargoyle (D:10)
  An orc skeleton (Crypt:2)
  An unseen horror (D:11)
  2 centaur skeletons
  A shock serpent skeleton (Crypt:1)
  An elephant slug zombie (Crypt:3)
  An orb spider zombie (Crypt:2)
  A dire elephant skeleton (Lair:5)
  2 kobold demonologists
  A naga skeleton (Crypt:2)
  An efreet (D:15)
  3 rime drakes
  2 alligator snapping turtle skeletons (Crypt:2)
  A tengu conjurer (D:15)
  A spark wasp simulacrum (Depths:1)
  7 komodo dragons
  2 ice devils (D:11)
  49 yaktaurs
  5 freezing wraiths
  A harpy zombie (Crypt:2)
  An unseen horror skeleton (Crypt:1)
  A catoblepas skeleton (Crypt:3)
  3 trolls
  4 polar bears
  4 wind drakes
  32 merfolk
  A sea snake skeleton (Crypt:2)
  A shadow dragon simulacrum (Crypt:3)
  A hornet (D:10)
  4 harpy skeletons
  A spectral elephant (Lair:5)
  14 blink frogs
  14 dream sheep
  4 snapping turtles
  A human simulacrum (Vaults:1)
  11 flying skulls (Crypt:2)
  2 ice dragon zombies
  A jumping spider (Vaults:2)
  A centaur simulacrum (D:11)
  An ettin skeleton (Vaults:4)
  A radroach zombie (Crypt:2)
  2 stone giant simulacra
  A shadow (D:10)
  13 water elementals
  3 wyverns
  5 spriggan skeletons
  A vampire (Crypt:3)
  6 wraiths
  A ynoxinul (Depths:2)
  A culicivora (Vaults:3)
  A dire elephant simulacrum (Lair:5)
  An elf skeleton (Vaults:3)
  40 yaks
  A chaos spawn (Depths:2)
  9 basilisks
  3 redbacks
  A spectral cane toad (Lair:5)
  A steam dragon (D:10)
  A merfolk zombie (Crypt:3)
  3 wargs
  55 nagas
  A glowing shapeshifter zombie (Vaults:3)
  10 water moccasins
  Edmund (D:5)
  6 acid dragons
  A glowing shapeshifter skeleton (Depths:1)
  A sky beast (D:8)
  37 orc warriors
  An ice beast (D:8)
  The ghost of elongatedgoose the Trooper, an amateur HOFi of Beogh (D:3)
  A cane toad skeleton (Crypt:1)
  A merfolk skeleton (Crypt:3)
  2 great orb of eyes simulacra (IceCv)
  An elf simulacrum (Vaults:3)
  2 black bears
  An elephant zombie (Lair:5)
  14 ogres
  An ogre (shapeshifter) (Elf:1)
  6 boggarts
  9 wolves
  A swamp dragon skeleton (Crypt:2)
  16 centaurs
  2 elephant skeletons (Lair:5)
  A lemure (D:8)
  4 kobold brigands
  A slime creature simulacrum (IceCv)
  19 bullfrogs
  A fire crab zombie (Crypt:3)
  4 necrophages
  2 glowing shapeshifter simulacra (IceCv)
  A cyclops zombie (Crypt:2)
  A human skeleton (Vaults:1)
  6 scorpions
  2 cane toad simulacra (Lair:5)
  A cyclops skeleton (Crypt:3)
  16 wights
  5 killer bees
  2 howler monkeys
  A troll skeleton (Crypt:2)
  2 lava snakes (Lair:3)
  4 hounds
  2 jellies (Sewer)
  A gnoll bouda (D:8)
  14 orc priests
  6 sleepcaps
  A black bear skeleton (Crypt:1)
  19 orc wizards
  2 spriggan simulacra
  A wolf simulacrum (D:11)
  A tengu zombie (Crypt:2)
  7 gnolls
  A howler monkey skeleton (Crypt:2)
  12 adders
  2 river rats (Sewer)
  3 white imps
  An ufetubus (D:6)
  3 worms
  A dart slug (D:2)
  72 orcs
  6 ball pythons
  10 endoplasms
  10 giant cockroaches
  11 goblins
  10 hobgoblins
  9 jackals
  5 quokkas
  A bat (D:2)
  6 frilled lizards
  A jackal zombie (Crypt:1)
  11 kobolds
  A quokka zombie (Crypt:3)
  4 rats
  A butterfly (D:7)
  4 tentacles (Shoals:4)
1908 creatures vanquished.

Vanquished Creatures (collateral kills)
  A merfolk javelineer (Shoals:4)
  A merfolk impaler (Shoals:4)
  A fire dragon (D:14)
  A vampire mage (Crypt:3)
  An orc high priest (Orc:2)
  Pikel (D:8)
  A komodo dragon (Lair:2)
  4 merfolk (Shoals:4)
  A blink frog (Lair:2)
  2 nagas (Snake:4)
  A water moccasin (Lair:2)
  3 orc warriors
  An ice beast (D:8)
  A centaur (Bailey)
  A white imp (D:8)
  7 orcs (Bailey)
  A fungus (Lair:2)
29 creatures vanquished.

Vanquished Creatures (others)
  7 acid blobs
  A death cob (Zot:2)
  2 draconian knights
  4 azure jellies
  2 fire giants
  Louise (Shoals:4)
  An ironbound preserver (Vaults:2)
  2 quicksilver oozes (IceCv)
  A dire elephant (Lair:5)
  A spark wasp (Depths:2)
  A deep elf annihilator (Elf:3)
  A deep elf high priest (Elf:3)
  A jiangshi (Vaults:2)
  A merfolk impaler (Shoals:4)
  3 yaktaur captains (Vaults:3)
  4 great orbs of eyes
  An ogre mage (D:14)
  A merfolk avatar (Shoals:4)
  2 boulder beetles
  9 centaur warriors
  A deep troll earth mage (Depths:3)
  A satyr (Shoals:4)
  5 naga warriors
  2 death yaks (Lair:4)
  An orc high priest (Orc:2)
  3 shock serpents
  2 glowing orange brains
  2 salamander mystics
  A deep elf knight (Elf:1)
  A hell knight (Depths:3)
  A sea snake (Shoals:1)
  A skeletal warrior (D:14)
  3 deep trolls
  A deep elf archer (D:14)
  2 mana vipers
  3 orange crystal statues (IceCv)
  A deep elf pyromancer (Elf:2)
  A deep elf zephyrmancer (Elf:3)
  A lindwurm (Vaults:3)
  2 wizards
  An ironbound convoker (Vaults:4)
  A necromancer (Vaults:2)
  A mana viper (shapeshifter) (Vaults:2)
  An orc sorcerer (Orc:2)
  3 manticores
  2 fauns (Shoals:4)
  2 ugly things
  2 moths of wrath
  4 elephants (Lair:5)
  Maurice (Orc:2)
  A frost giant skeleton (Vaults:2)
  2 naga magi (Snake:2)
  A vault sentinel (Vaults:1)
  A stone giant skeleton (Vaults:2)
  8 black mambas
  An elf skeleton (Vaults:2)
  An elf zombie (Vaults:2)
  A kobold demonologist (Elf:3)
  A human skeleton (Vaults:3)
  10 yaktaurs
  3 merfolk
  2 polar bears (D:11)
  A troll (Orc:2)
  A harpy skeleton (Crypt:2)
  3 blink frogs (Lair:5)
  55 slime creatures
  A dream sheep (Lair:5)
  2 floating eyes (Depths:2)
  2 slime creatures (shapeshifter)
  A vampire (D:12)
  A yak (shapeshifter) (Vaults:3)
  4 yaks
  Grum (D:8)
  A black mamba skeleton (Crypt:2)
  2 wargs (Orc:2)
  4 nagas
  A water moccasin (D:7)
  6 orc warriors
  3 black bears
  5 great orb of eyes simulacra (IceCv)
  A wolf (D:8)
  A boggart (Elf:3)
  An ogre (Vaults:4)
  8 centaurs
  4 slime creature simulacra (IceCv)
  2 bullfrogs
  3 howler monkeys
  263 jellies
  3 orc priests
  A hound (D:6)
  4 orc wizards
  A white imp (D:7)
  9 orcs
  3 kobolds (D:7)
  A rat (Sewer)
  A butterfly (D:7)
  163 fungi
  283 plants
  30 tentacles (Shoals:4)
  30 withered plants
1037 creatures vanquished.

Grand Total: 2974 creatures vanquished

Notes
Turn   | Place    | Note
-------+----------+-------------------------------------------
     0 | D:1      | Implojin the Mummy Monk began the quest for the Orb.
     0 | D:1      | Reached XP level 1. HP: 18/18 MP: 1/1
   157 | D:1      | Found Nuingiur's Assorted Antiques.
   336 | D:1      | Reached XP level 2. HP: 24/24 MP: 2/2
   915 | D:2      | Danger: Low HP Warning |T2| Reason: 41% HP (10/24)
   917 | D:2      | Danger: Low HP Warning |T3| Reason: 8% HP (2/24)
   918 | D:2      | Danger: Low HP Warning |T3| Reason: 8% HP (2/24)
   919 | D:2      | Danger: Low HP Warning |T3| Reason: 12% HP (3/24)
   920 | D:2      | Danger: Low HP Warning |T3| Reason: 12% HP (3/24)
   921 | D:2      | Danger: Low HP Warning |T3| Reason: 12% HP (3/24)
   922 | D:2      | Danger: Low HP Warning |T3| Reason: 12% HP (3/24)
   923 | D:2      | Danger: Low HP Warning |T3| Reason: 16% HP (4/24)
   924 | D:2      | Danger: Low HP Warning |T3| Reason: 16% HP (4/24)
   928 | D:2      | Danger: Low HP Warning |T3| Reason: 20% HP (5/24)
  1131 | D:2      | Danger: gnoll |T3| Reason: Quivering throwing nets, watch
                  | out!
  1151 | D:2      | Gained mutation: You are in touch with the powers of death.
                  | [Mummy growth]
  1151 | D:2      | Reached XP level 3. HP: 29/29 MP: 3/3
  1375 | D:2      | Identified a scroll of acquirement
  1376 | D:2      | Acquired a +8 spear of venom
  1693 | D:2      | Danger: gnoll |T3| Reason: Quivering throwing nets, watch
                  | out!
  1694 | D:2      | Danger: gnoll |T3| Reason: Quivering throwing nets, watch
                  | out!
  1695 | D:2      | Danger: gnoll |T3| Reason: Quivering throwing nets, watch
                  | out!
  1696 | D:2      | Danger: gnoll |T3| Reason: Quivering throwing nets, watch
                  | out!
  1697 | D:2      | Danger: gnoll |T3| Reason: Quivering throwing nets, watch
                  | out!
  1698 | D:2      | Danger: gnoll |T3| Reason: Quivering throwing nets, watch
                  | out!
  1699 | D:2      | Reached XP level 4. HP: 24/35 MP: 4/4
  2133 | D:3      | Found a bloodstained altar of Trog.
  2203 | D:3      | Found a runed translucent door.
  2204 | D:3      | Noticed elongatedgoose's ghost (amateur HOFi)
  2516 | D:2      | :Crawl TODO: change displayed stealth pips based on halo?
  2632 | D:3      | Reached skill level 1 in Stealth
  2632 | D:3      | Reached XP level 5. HP: 42/42 MP: 5/5
  3100 | D:4      | Danger: orc wizard |T2| Reason: OOD monster, careful!
  3106 | D:4      | Danger: orc wizard |T2| Reason: OOD monster, careful!
  3114 | D:4      | Danger: orc wizard |T2| Reason: OOD monster, careful!
  3358 | D:4      | Danger: howler monkey |T2| Reason: OOD monster, careful!
  3362 | D:4      | Reached skill level 1 in Evocations
  3432 | D:4      | Found a glowing drain.
  3445 | Sewer    | Entered a sewer
  3473 | Sewer    | Reached XP level 6. HP: 46/48 MP: 6/6
  3546 | Sewer    | Found a viscous altar of Jiyva.
  3568 | Sewer    | Became a worshipper of Jiyva Jojiusk the Shapeless
  3568 | Sewer    | Reached * piety under Jiyva
  3568 | Sewer    | Reached ** piety under Jiyva
  4001 | D:4      | Danger: orc priest |T2| Reason: OOD monster, careful!
  4008 | D:4      | Danger: orc priest |T2| Reason: OOD monster, careful!
  4250 | D:5      | Entered Level 5 of the Dungeon
  4279 | D:5      | Reached XP level 7. HP: 54/54 MP: 7/7
  4610 | D:5      | Noticed Edmund
  4611 | D:5      | Danger: Edmund |T2| Reason: Unique monster, careful!
  4619 | D:5      | Killed Edmund
  4620 | D:5      | Reached skill level 5 in Dodging
  4760 | D:5      | Reached *** piety under Jiyva
  4832 | D:5      | Reached XP level 8. HP: 60/60 MP: 8/8
  5034 | D:6      | Danger: orc wizard |T2| Reason: carrying a wand of flame
                  | (27), careful!
  5371 | D:7      | Reached **** piety under Jiyva
  5386 | D:7      | Noticed a troll
  5387 | D:7      | Danger: troll |T2| Reason: OOD monster, careful!
  5390 | D:7      | Danger: troll |T2| Reason: OOD monster, careful!
  5398 | D:7      | Danger: troll |T2| Reason: OOD monster, careful!
  5603 | D:7      | Reached skill level 5 in Evocations
  5614 | D:7      | Found a radiant altar of Vehumet.
  5623 | D:7      | Found a shadowy altar of Dithmenos.
  5665 | D:7      | Reached skill level 5 in Fighting
  5718 | D:7      | Found a staircase to the Ecumenical Temple.
  5760 | D:7      | Danger: acid dragon |T2| Reason: OOD monster, careful!
  5760 | D:7      | Danger: acid dragon |T2| Reason: Spit Acid deals more than
                  | 50% MHP!
  5769 | D:7      | Danger: acid dragon |T3| Reason: IMMINENT DEATH: Spit Acid
                  | deals 42 damage, you have 37 HP!!
  5769 | D:7      | Danger: Low HP Warning |T2| Reason: 59% HP (37/62)
  5770 | D:7      | Danger: acid dragon |T3| Reason: IMMINENT DEATH: Spit Acid
                  | deals 42 damage, you have 20 HP!!
  5770 | D:7      | Danger: Low HP Warning |T2| Reason: 32% HP (20/62)
  5771 | D:7      | Danger: Low HP Warning |T2| Reason: 34% HP (22/64)
  5772 | D:7      | Danger: Low HP Warning |T2| Reason: 35% HP (23/64)
  5773 | D:7      | Danger: Low HP Warning |T2| Reason: 39% HP (25/64)
  5774 | D:7      | Reached XP level 9. HP: 28/69 MP: 9/9
  6157 | D:7      | Danger: orc |T2| Reason: Quivering boomerangs, careful!
  6214 | D:7      | Found an ancient bone altar of Kikubaaqudgha.
  6378 | D:8      | Danger: Low HP Warning |T2| Reason: 36% HP (27/74)
  6379 | D:8      | Danger: Low HP Warning |T2| Reason: 37% HP (28/74)
  6380 | D:8      | Danger: Low HP Warning |T2| Reason: 40% HP (30/75)
  6381 | D:8      | Danger: Low HP Warning |T2| Reason: 42% HP (32/75)
  6382 | D:8      | Danger: Low HP Warning |T2| Reason: 44% HP (33/75)
  6401 | D:8      | Reached ***** piety under Jiyva
  6542 | D:8      | Reached skill level 10 in Fighting
  6585 | D:8      | Noticed Grum
  6587 | D:8      | Danger: Grum |T2| Reason: Unique monster, careful!
  6594 | D:8      | Danger: Low HP Warning |T2| Reason: 57% HP (45/78)
  6595 | D:8      | Danger: Low HP Warning |T2| Reason: 51% HP (40/78)
  6596 | D:8      | Danger: Low HP Warning |T2| Reason: 47% HP (37/78)
  6597 | D:8      | Danger: Low HP Warning |T2| Reason: 50% HP (39/78)
  6598 | D:8      | Danger: Low HP Warning |T2| Reason: 51% HP (41/79)
  6599 | D:8      | Danger: Low HP Warning |T2| Reason: 54% HP (43/79)
  6775 | D:8      | Noticed Pikel
  6776 | D:8      | Danger: Pikel |T2| Reason: Unique monster, careful!
  6788 | D:8      | Killed Pikel
  6813 | D:8      | Noticed a two-headed ogre
  6820 | D:8      | Slimified a two-headed ogre
  6820 | D:8      | a two-headed ogre changed into a slime creature
  6870 | D:8      | Noticed Erica
  6871 | D:8      | Danger: Erica |T2| Reason: Slow and low Will, careful
  6871 | D:8      | Danger: Erica |T2| Reason: Unique monster, careful!
  6875 | D:8      | Danger: Erica |T2| Reason: Slow and low Will, careful
  6875 | D:8      | Danger: Erica |T2| Reason: Unique monster, careful!
  6876 | D:8      | Slimified Erica
  6876 | D:8      | Erica changed into Erica the slime creature
  6876 | D:8      | Noticed Erica
  6924 | D:8      | Reached XP level 10. HP: 85/92 MP: 10/10
  6945 | D:8      | Danger: kobold brigand |T2| Reason: carrying a wand of
                  | flame (14), careful!
  6947 | D:8      | Danger: kobold brigand |T2| Reason: carrying a wand of
                  | flame (13), careful!
  7219 | D:8      | Killed Grum
  7220 | D:8      | Danger: Low HP Warning |T2| Reason: 54% HP (50/92)
  7221 | D:8      | Danger: Low HP Warning |T2| Reason: 56% HP (52/92)
  7222 | D:8      | Danger: Low HP Warning |T2| Reason: 52% HP (48/92)
  7223 | D:8      | Danger: Low HP Warning |T2| Reason: 53% HP (49/92)
  7224 | D:8      | Danger: Low HP Warning |T2| Reason: 55% HP (51/92)
  7225 | D:8      | Danger: Low HP Warning |T2| Reason: 47% HP (44/92)
  7226 | D:8      | Danger: Low HP Warning |T2| Reason: 50% HP (46/92)
  7227 | D:8      | Danger: Low HP Warning |T2| Reason: 52% HP (48/92)
  7228 | D:8      | Danger: Low HP Warning |T2| Reason: 39% HP (36/92)
  7229 | D:8      | Danger: Low HP Warning |T2| Reason: 40% HP (37/92)
  7231 | D:8      | Danger: Low HP Warning |T2| Reason: 44% HP (41/92)
  7232 | D:8      | Danger: Low HP Warning |T2| Reason: 46% HP (43/93)
  7233 | D:8      | Danger: Low HP Warning |T2| Reason: 48% HP (45/93)
  7234 | D:8      | Danger: Low HP Warning |T2| Reason: 50% HP (47/93)
  7235 | D:8      | Danger: Low HP Warning |T2| Reason: 52% HP (49/93)
  7236 | D:8      | Danger: Low HP Warning |T2| Reason: 53% HP (50/93)
  7237 | D:8      | Danger: Low HP Warning |T2| Reason: 55% HP (52/93)
  7510 | D:9      | Identified the +5 scale mail of Leekohac {*Corrode rPois
                  | Int+2}
  7568 | D:9      | Found a burning altar of Makhleb.
  7572 | D:9      | Noticed a two-headed ogre
  7588 | D:9      | Killed a two-headed ogre
  7589 | D:9      | Reached skill level 15 in Fighting
  7589 | D:9      | Reached skill level 1 in Unarmed Combat
  7634 | D:9      | Found a hide-covered altar of Uskayaw.
  7658 | D:9      | Reached skill level 2 in Unarmed Combat
  7672 | D:9      | Noticed a two-headed ogre
  7684 | D:9      | Danger: Low HP Warning |T2| Reason: 47% HP (46/96)
  7684 | D:9      | Killed a two-headed ogre
  7685 | D:9      | Reached skill level 4 in Unarmed Combat
  7943 | D:9      | Found a broken altar of Ashenzari.
  7969 | D:9      | Noticed a fire crab
  7970 | D:9      | Noticed a brown ugly thing
  7971 | D:9      | Noticed a two-headed ogre
  7987 | D:9      | Slimified a two-headed ogre
  7987 | D:9      | a two-headed ogre changed into a slime creature
  8046 | D:9      | Danger: brown ugly thing |T2| Reason: OOD monster, careful!
  8048 | D:9      | Danger: brown ugly thing |T2| Reason: OOD monster, careful!
  8048 | D:9      | Noticed a lindwurm
  8048 | D:9      | Noticed a manticore
  8050 | D:9      | Danger: manticore |T2| Reason: OOD monster, careful!
  8050 | D:9      | Danger: lindwurm |T2| Reason: Fire Breath and not rF+,
                  | careful
  8050 | D:9      | Danger: lindwurm |T2| Reason: Fire Breath deals more than
                  | 50% MHP!
  8050 | D:9      | :what the heck
  8054 | D:10     | Entered Level 10 of the Dungeon
  8080 | D:10     | Found a flagged portal.
  8093 | Bailey   | Entered a bailey
  8096 | Bailey   | Danger: centaur |T2| Reason: Quivering javelins, watch out!
  8098 | Bailey   | Danger: centaur |T2| Reason: Quivering javelins, watch out!
  8101 | Bailey   | Danger: centaur |T2| Reason: Quivering javelins, watch out!
  8118 | Bailey   | Danger: centaur |T2| Reason: Quivering javelins, watch out!
  8130 | Bailey   | Danger: centaur |T2| Reason: Quivering javelins, watch out!
  8214 | Bailey   | Danger: centaur |T2| Reason: Quivering javelins, watch out!
  8247 | Bailey   | Reached skill level 5 in Unarmed Combat
  8302 | Bailey   | Danger: centaur |T2| Reason: Quivering javelins, watch out!
  8305 | Bailey   | Danger: centaur |T2| Reason: Quivering javelins, watch out!
  8362 | Bailey   | Danger: centaur |T2| Reason: Quivering javelins, watch out!
  8362 | Bailey   | Danger: centaur |T2| Reason: Quivering javelins, watch out!
  8364 | Bailey   | Danger: Low HP Warning |T2| Reason: 54% HP (52/96)
  8365 | Bailey   | Danger: Low HP Warning |T2| Reason: 53% HP (51/96)
  8366 | Bailey   | Danger: Low HP Warning |T2| Reason: 54% HP (52/96)
  8367 | Bailey   | Danger: Low HP Warning |T2| Reason: 56% HP (54/96)
  8368 | Bailey   | Danger: Low HP Warning |T2| Reason: 58% HP (56/96)
  8369 | Bailey   | Danger: Low HP Warning |T2| Reason: 60% HP (58/96)
  8494 | Bailey   | Danger: centaur |T2| Reason: Quivering javelins, watch out!
  8508 | Bailey   | Danger: centaur |T2| Reason: Quivering javelins, watch out!
  8515 | Bailey   | Danger: centaur |T2| Reason: Quivering javelins, watch out!
  8519 | Bailey   | Danger: centaur |T2| Reason: Quivering javelins, watch out!
  8520 | Bailey   | Danger: centaur |T2| Reason: Quivering javelins, watch out!
  8521 | Bailey   | Danger: centaur |T2| Reason: Quivering javelins, watch out!
  8526 | Bailey   | Danger: Low HP Warning |T2| Reason: 54% HP (52/96)
  8527 | Bailey   | Danger: Low HP Warning |T2| Reason: 56% HP (54/96)
  8528 | Bailey   | Danger: Low HP Warning |T2| Reason: 51% HP (49/96)
  8529 | Bailey   | Danger: Low HP Warning |T2| Reason: 53% HP (51/96)
  8530 | Bailey   | Danger: Low HP Warning |T2| Reason: 55% HP (53/96)
  8531 | Bailey   | Danger: Low HP Warning |T2| Reason: 56% HP (54/96)
  8532 | Bailey   | Danger: Low HP Warning |T2| Reason: 54% HP (52/96)
  8533 | Bailey   | Danger: Low HP Warning |T2| Reason: 56% HP (54/96)
  8566 | Bailey   | Danger: centaur |T2| Reason: Quivering javelins, watch out!
  8571 | Bailey   | Danger: centaur |T2| Reason: Quivering javelins, watch out!
  8576 | Bailey   | Reached XP level 11. HP: 92/102 MP: 11/11
  8714 | Bailey   | :jellies ate my homework
  8810 | D:10     | Noticed Snorg
  8811 | D:10     | Danger: Snorg |T2| Reason: Unique monster, careful!
  8825 | D:10     | Noticed a deep elf pyromancer
  8826 | D:10     | Danger: deep elf pyromancer |T2| Reason: OOD monster,
                  | careful!
  8826 | D:10     | Danger: deep elf pyromancer |T2| Reason: Bolt of Fire and
                  | not rF+, careful
  8826 | D:10     | Danger: deep elf pyromancer |T2| Reason: Bolt of Fire deals
                  | more than 50% MHP!
  8914 | D:10     | Reached skill level 6 in Unarmed Combat
  8951 | D:10     | Danger: deep elf pyromancer |T2| Reason: OOD monster,
                  | careful!
  8951 | D:10     | Danger: deep elf pyromancer |T2| Reason: Bolt of Fire and
                  | not rF+, careful
  8951 | D:10     | Danger: deep elf pyromancer |T2| Reason: Bolt of Fire deals
                  | more than 50% MHP!
  8953 | D:10     | Noticed a green ugly thing
  8954 | D:10     | Danger: green ugly thing |T2| Reason: OOD monster, careful!
  8958 | D:10     | Slimified a deep elf pyromancer
  8958 | D:10     | a deep elf pyromancer changed into a slime creature
  8977 | D:10     | Killed a green ugly thing
  9003 | D:10     | Noticed a centaur warrior
  9004 | D:10     | Danger: centaur warrior |T2| Reason: OOD monster, careful!
  9016 | D:10     | Killed a centaur warrior
  9017 | D:10     | Reached skill level 7 in Unarmed Combat
  9186 | D:10     | Danger: Snorg |T2| Reason: Unique monster, careful!
  9187 | D:10     | Slimified Snorg
  9187 | D:10     | Snorg changed into Snorg the jelly
  9187 | D:10     | Noticed Snorg
  9228 | D:10     | Noticed a two-headed ogre
  9236 | D:10     | Killed a two-headed ogre
  9237 | D:10     | Reached skill level 8 in Unarmed Combat
  9282 | D:10     | Found Aleg's Antique Weapon Boutique.
  9438 | D:10     | Bought a steaming trident for 340 gold pieces
  9438 | D:10     | Identified the +9 trident "Jejar" {holy, rElec rN+ Str+2}
                  | (You bought it in a shop on level 10 of the Dungeon)
  9438 | D:10     | :h o l y
  9623 | D:1      | Bought a runed golden ring for 150 gold pieces
  9689 | D:3      | Killed elongatedgoose's ghost
  9936 | D:11     | Found Qiethrae's Armour Emporium.
  9936 | D:11     | Found Cucuxor's General Store.
  9936 | D:11     | Found Ohakhlyno's Weapon Emporium.
  9938 | D:11     | Bought a +0 cloak for 58 gold pieces
  9938 | D:11     | Bought a +0 pair of boots for 58 gold pieces
  9986 | D:11     | Noticed Urug
  9987 | D:11     | Danger: Urug |T2| Reason: Quivering javelins, watch out!
  9987 | D:11     | Danger: Urug |T2| Reason: Unique monster, careful!
  9991 | D:11     | Danger: Urug |T2| Reason: Quivering javelins, watch out!
  9991 | D:11     | Danger: Urug |T2| Reason: Unique monster, careful!
  9992 | D:11     | Slimified Urug
  9992 | D:11     | Urug changed into Urug the slime creature
  9992 | D:11     | Noticed Urug
 10001 | D:11     | Found a staircase to the Orcish Mines.
 10036 | D:11     | :you go, urug
 10064 | D:11     | Danger: wolf simulacrum |T2| Reason: OOD monster, careful!
 10064 | D:11     | Noticed a two-headed ogre
 10065 | D:11     | Danger: spriggan simulacrum |T2| Reason: OOD monster,
                  | careful!
 10066 | D:11     | Killed Urug the slime creature
 10070 | D:11     | Slimified a two-headed ogre
 10070 | D:11     | a two-headed ogre changed into an azure jelly
 10070 | D:11     | Noticed an azure jelly
 10083 | D:11     | Killed an azure jelly
 10114 | D:11     | Danger: Low HP Warning |T2| Reason: 56% HP (58/102)
 10115 | D:11     | Danger: Low HP Warning |T2| Reason: 44% HP (45/102)
 10116 | D:11     | Danger: Low HP Warning |T2| Reason: 45% HP (46/102)
 10117 | D:11     | Danger: Low HP Warning |T2| Reason: 47% HP (48/102)
 10118 | D:11     | Danger: Low HP Warning |T2| Reason: 48% HP (49/102)
 10119 | D:11     | Danger: Low HP Warning |T2| Reason: 42% HP (43/102)
 10120 | D:11     | Danger: Low HP Warning |T2| Reason: 43% HP (44/102)
 10121 | D:11     | Danger: Low HP Warning |T2| Reason: 44% HP (45/102)
 10122 | D:11     | Danger: Low HP Warning |T2| Reason: 45% HP (46/102)
 10123 | D:11     | Danger: Low HP Warning |T2| Reason: 47% HP (48/102)
 10124 | D:11     | Danger: Low HP Warning |T2| Reason: 46% HP (47/102)
 10125 | D:11     | Danger: Low HP Warning |T2| Reason: 48% HP (49/102)
 10126 | D:11     | Danger: Low HP Warning |T2| Reason: 41% HP (42/102)
 10127 | D:11     | Danger: Low HP Warning |T2| Reason: 43% HP (44/102)
 10128 | D:11     | Danger: Low HP Warning |T2| Reason: 37% HP (38/102)
 10129 | D:11     | Danger: Low HP Warning |T2| Reason: 39% HP (40/102)
 10130 | D:11     | Danger: Low HP Warning |T2| Reason: 40% HP (41/102)
 10131 | D:11     | Danger: Low HP Warning |T2| Reason: 35% HP (36/102)
 10132 | D:11     | Reached skill level 9 in Unarmed Combat
 10132 | D:11     | Danger: Low HP Warning |T2| Reason: 36% HP (37/102)
 10133 | D:11     | Danger: Low HP Warning |T2| Reason: 38% HP (39/102)
 10134 | D:11     | Danger: Low HP Warning |T2| Reason: 39% HP (40/102)
 10200 | D:11     | Found a staircase to the Lair.
 10208 | D:11     | Noticed Nergalle
 10209 | D:11     | Danger: Nergalle |T2| Reason: Unique monster, careful!
 10209 | D:11     | Danger: Nergalle |T2| Reason: Bolt of Draining deals more
                  | than 50% MHP!
 10213 | D:11     | Slimified Nergalle
 10213 | D:11     | Nergalle changed into Nergalle the slime creature
 10213 | D:11     | Noticed Nergalle
 10221 | D:11     | :J is pretty broken
 10275 | D:11     | Danger: centaur warrior simulacrum |T2| Reason: OOD
                  | monster, careful!
 10316 | D:11     | Danger: wolf simulacrum |T2| Reason: OOD monster, careful!
 10317 | D:11     | Danger: spriggan simulacrum |T2| Reason: OOD monster,
                  | careful!
 10330 | D:11     | Killed Nergalle the slime creature
 10521 | D:11     | Danger: spriggan simulacrum |T2| Reason: OOD monster,
                  | careful!
 10654 | D:11     | Bought a scroll of blinking for 90 gold pieces
 10746 | D:11     | Danger: cyclops |T2| Reason: Quivering large rocks, watch
                  | out!!
 10811 | D:11     | Noticed Amaemon
 10812 | D:11     | Danger: Amaemon |T2| Reason: Unique monster, careful!
 10817 | D:11     | Slimified Amaemon
 10817 | D:11     | Amaemon changed into Amaemon the slime creature
 10817 | D:11     | Noticed Amaemon
 10850 | D:11     | Noticed a death yak
 10867 | D:11     | Danger: Low HP Warning |T2| Reason: 50% HP (51/102)
 10868 | D:11     | Danger: Low HP Warning |T2| Reason: 50% HP (52/102)
 10869 | D:11     | Danger: Low HP Warning |T2| Reason: 51% HP (53/102)
 10870 | D:11     | Danger: Low HP Warning |T2| Reason: 53% HP (55/102)
 10871 | D:11     | Danger: Low HP Warning |T2| Reason: 54% HP (56/102)
 10873 | D:11     | Danger: Low HP Warning |T2| Reason: 56% HP (58/102)
 10874 | D:11     | Danger: Low HP Warning |T2| Reason: 57% HP (59/102)
 10875 | D:11     | Danger: Low HP Warning |T2| Reason: 56% HP (58/102)
 10876 | D:11     | Danger: Low HP Warning |T2| Reason: 58% HP (60/102)
 10877 | D:11     | Danger: Low HP Warning |T2| Reason: 59% HP (61/102)
 10877 | D:11     | Killed a death yak
 10878 | D:11     | Reached skill level 10 in Unarmed Combat
 11036 | D:11     | Identified the +2 spear "Ujussac" {vamp, rN+}
 11107 | D:11     | Danger: cyclops |T2| Reason: Quivering large rocks, watch
                  | out!!
 11118 | D:11     | Reached XP level 12. HP: 109/109 MP: 12/12
 11613 | D:11     | Noticed Erolcha
 11614 | D:11     | Danger: Erolcha |T3| Reason: Banishment and low Will
 11614 | D:11     | Danger: Erolcha |T2| Reason: Unique monster, careful!
 11614 | D:11     | Danger: Erolcha |T2| Reason: Fireball and not rF+, careful
 11615 | D:11     | Danger: Erolcha |T3| Reason: Banishment and low Will
 11618 | D:11     | Danger: Erolcha |T3| Reason: Banishment and low Will
 11618 | D:11     | Danger: Erolcha |T2| Reason: Unique monster, careful!
 11618 | D:11     | Danger: Erolcha |T2| Reason: Fireball and not rF+, careful
 11618 | D:11     | Slimified Erolcha
 11618 | D:11     | Erolcha changed into Erolcha the jelly
 11618 | D:11     | Noticed Erolcha
 11632 | D:11     | Noticed a boulder beetle
 11641 | D:11     | Killed a boulder beetle
 12103 | Lair:1   | Entered Level 1 of the Lair of Beasts
 12189 | Lair:1   | Reached skill level 11 in Unarmed Combat
 12196 | Lair:1   | Noticed Sonja
 12197 | Lair:1   | Danger: Sonja |T3| Reason: Distortion weapon!
 12197 | Lair:1   | Danger: Sonja |T2| Reason: Unique monster, careful!
 12197 | Lair:1   | Danger: Sonja |T2| Reason: carrying a wand of flame (6),
                  | careful!
 12198 | Lair:1   | Danger: Sonja |T3| Reason: Distortion weapon!
 12401 | Lair:1   | Danger: Low HP Warning |T2| Reason: 60% HP (66/109)
 12414 | Lair:1   | Reached skill level 12 in Unarmed Combat
 12539 | Lair:1   | Danger: Sonja |T3| Reason: Distortion weapon!
 12539 | Lair:1   | Danger: Sonja |T2| Reason: Unique monster, careful!
 12539 | Lair:1   | Danger: Sonja |T2| Reason: carrying a wand of flame (6),
                  | careful!
 12540 | Lair:1   | Danger: Sonja |T3| Reason: Distortion weapon!
 12541 | Lair:1   | Danger: Sonja |T3| Reason: Distortion weapon!
 12543 | Lair:1   | Danger: Sonja |T3| Reason: Distortion weapon!
 12543 | Lair:1   | Danger: Sonja |T2| Reason: Unique monster, careful!
 12543 | Lair:1   | Danger: Sonja |T2| Reason: carrying a wand of flame (6),
                  | careful!
 12544 | Lair:1   | Danger: Sonja |T3| Reason: Distortion weapon!
 12546 | Lair:1   | Danger: Sonja |T3| Reason: Distortion weapon!
 12546 | Lair:1   | Danger: Sonja |T2| Reason: Unique monster, careful!
 12546 | Lair:1   | Danger: Sonja |T2| Reason: carrying a wand of flame (6),
                  | careful!
 12547 | Lair:1   | Danger: Sonja |T3| Reason: Distortion weapon!
 12548 | Lair:1   | Danger: Sonja |T3| Reason: Distortion weapon!
 12548 | Lair:1   | Killed Sonja
 12609 | Lair:1   | Danger: basilisk |T3| Reason: Petrify and low Will
 12610 | Lair:1   | Danger: basilisk |T3| Reason: Petrify and low Will
 12611 | Lair:1   | Danger: basilisk |T3| Reason: Petrify and low Will
 12612 | Lair:1   | Danger: basilisk |T3| Reason: Petrify and low Will
 12613 | Lair:1   | Danger: basilisk |T3| Reason: Petrify and low Will
 12614 | Lair:1   | Danger: basilisk |T3| Reason: Petrify and low Will
 12615 | Lair:1   | Danger: basilisk |T3| Reason: Petrify and low Will
 12617 | Lair:1   | :F my curare
 12821 | Lair:1   | Danger: basilisk |T3| Reason: Petrify and low Will
 12822 | Lair:1   | Danger: basilisk |T3| Reason: Petrify and low Will
 12823 | Lair:1   | Danger: basilisk |T3| Reason: Petrify and low Will
 12824 | Lair:1   | Danger: basilisk |T3| Reason: Petrify and low Will
 12825 | Lair:1   | Danger: basilisk |T3| Reason: Petrify and low Will
 12826 | Lair:1   | Danger: basilisk |T3| Reason: Petrify and low Will
 13173 | Lair:2   | Danger: Low HP Warning |T2| Reason: 50% HP (55/109)
 13194 | Lair:2   | Danger: basilisk |T3| Reason: Petrify and low Will
 13195 | Lair:2   | Danger: basilisk |T3| Reason: Petrify and low Will
 13196 | Lair:2   | Danger: basilisk |T3| Reason: Petrify and low Will
 13197 | Lair:2   | Danger: basilisk |T3| Reason: Petrify and low Will
 13198 | Lair:2   | Danger: basilisk |T3| Reason: Petrify and low Will
 13199 | Lair:2   | Danger: basilisk |T3| Reason: Petrify and low Will
 13200 | Lair:2   | Danger: basilisk |T3| Reason: Petrify and low Will
 13201 | Lair:2   | Danger: basilisk |T3| Reason: Petrify and low Will
 13202 | Lair:2   | Danger: basilisk |T3| Reason: Petrify and low Will
 13249 | Lair:2   | Reached skill level 13 in Unarmed Combat
 13271 | Lair:2   | Danger: Malevolent teleportation! |T3| Reason: Malevolent
                  | teleportation!
 13272 | Lair:2   | Danger: lindwurm |T2| Reason: Fire Breath and not rF+,
                  | careful
 13275 | Lair:2   | Danger: basilisk |T3| Reason: Petrify and low Will
 13276 | Lair:2   | Danger: basilisk |T3| Reason: Petrify and low Will
 13277 | Lair:2   | Danger: basilisk |T3| Reason: Petrify and low Will
 13315 | Lair:2   | Danger: lindwurm |T2| Reason: Fire Breath and not rF+,
                  | careful
 13320 | Lair:2   | Danger: basilisk |T3| Reason: Petrify and low Will
 13321 | Lair:2   | Danger: basilisk |T3| Reason: Petrify and low Will
 13322 | Lair:2   | Danger: basilisk |T3| Reason: Petrify and low Will
 13323 | Lair:2   | Danger: basilisk |T3| Reason: Petrify and low Will
 13324 | Lair:2   | Danger: basilisk |T3| Reason: Petrify and low Will
 13325 | Lair:2   | Danger: basilisk |T3| Reason: Petrify and low Will
 13326 | Lair:2   | Danger: basilisk |T3| Reason: Petrify and low Will
 13327 | Lair:2   | Danger: basilisk |T3| Reason: Petrify and low Will
 13328 | Lair:2   | Danger: basilisk |T3| Reason: Petrify and low Will
 13516 | Lair:2   | Danger: basilisk |T3| Reason: Petrify and low Will
 13517 | Lair:2   | Danger: basilisk |T3| Reason: Petrify and low Will
 13518 | Lair:2   | Danger: basilisk |T3| Reason: Petrify and low Will
 13519 | Lair:2   | Danger: basilisk |T3| Reason: Petrify and low Will
 13520 | Lair:2   | Danger: basilisk |T3| Reason: Petrify and low Will
 13521 | Lair:2   | Danger: basilisk |T3| Reason: Petrify and low Will
 13522 | Lair:2   | Danger: basilisk |T3| Reason: Petrify and low Will
 13523 | Lair:2   | Danger: basilisk |T3| Reason: Petrify and low Will
 13525 | Lair:2   | Danger: basilisk |T3| Reason: Petrify and low Will
 13527 | Lair:2   | Danger: basilisk |T3| Reason: Petrify and low Will
 13528 | Lair:2   | Danger: basilisk |T3| Reason: Petrify and low Will
 13530 | Lair:2   | Danger: basilisk |T3| Reason: Petrify and low Will
 13532 | Lair:2   | Danger: basilisk |T3| Reason: Petrify and low Will
 13533 | Lair:2   | Danger: basilisk |T3| Reason: Petrify and low Will
 13534 | Lair:2   | Danger: basilisk |T3| Reason: Petrify and low Will
 13556 | Lair:2   | Gained mutation: You are strongly in touch with the powers
                  | of death. [Mummy growth]
 13556 | Lair:2   | Reached XP level 13. HP: 103/115 MP: 13/13
 14053 | Lair:3   | :s k y s h o r k
 14152 | Lair:3   | Found a staircase to the Shoals.
 14159 | Lair:3   | Reached skill level 14 in Unarmed Combat
 14255 | Lair:3   | Identified the +0 chain mail "Saexkasm" {Drain rPois Str+6
                  | Dex-5}
 14291 | Lair:3   | Danger: basilisk |T3| Reason: Petrify and low Will
 14292 | Lair:3   | Danger: basilisk |T3| Reason: Petrify and low Will
 14293 | Lair:3   | Danger: basilisk |T3| Reason: Petrify and low Will
 14294 | Lair:3   | Danger: basilisk |T3| Reason: Petrify and low Will
 14295 | Lair:3   | Danger: basilisk |T3| Reason: Petrify and low Will
 14296 | Lair:3   | Danger: basilisk |T3| Reason: Petrify and low Will
 14298 | Lair:3   | Danger: basilisk |T3| Reason: Petrify and low Will
 14367 | Lair:3   | Found a staircase to the Snake Pit.
 14747 | Lair:4   | a death yak changed into an azure jelly
 14747 | Lair:4   | Noticed an azure jelly
 14753 | Lair:4   | Danger: Low HP Warning |T2| Reason: 60% HP (70/115)
 14754 | Lair:4   | Danger: Low HP Warning |T2| Reason: 53% HP (62/115)
 14755 | Lair:4   | Danger: Low HP Warning |T2| Reason: 41% HP (48/115)
 14756 | Lair:4   | Danger: Low HP Warning |T2| Reason: 42% HP (49/115)
 14757 | Lair:4   | Danger: Low HP Warning |T2| Reason: 44% HP (51/115)
 14758 | Lair:4   | Danger: Low HP Warning |T2| Reason: 45% HP (52/115)
 14759 | Lair:4   | Danger: Low HP Warning |T2| Reason: 46% HP (54/115)
 14760 | Lair:4   | Danger: Low HP Warning |T2| Reason: 47% HP (55/115)
 14856 | Lair:4   | a five-headed hydra changed into an azure jelly
 14856 | Lair:4   | Noticed an azure jelly
 15098 | Lair:4   | a six-headed hydra changed into an acid blob
 15098 | Lair:4   | Noticed an acid blob
 15417 | Lair:4   | Identified the +4 sling "Useek" {antimagic, rF+ Int+3}
 15623 | Lair:5   | Entered Level 5 of the Lair of Beasts
 15641 | Lair:5   | Reached skill level 15 in Unarmed Combat
 15653 | Lair:4   | Danger: Low HP Warning |T2| Reason: 55% HP (64/115)
 15654 | Lair:4   | Danger: Low HP Warning |T2| Reason: 57% HP (66/115)
 15682 | Lair:4   | :wanpanman
 15687 | Lair:5   | Danger: basilisk |T3| Reason: Petrify and low Will
 15688 | Lair:5   | Danger: basilisk |T3| Reason: Petrify and low Will
 15689 | Lair:5   | Danger: basilisk |T3| Reason: Petrify and low Will
 15690 | Lair:5   | Danger: basilisk |T3| Reason: Petrify and low Will
 15691 | Lair:5   | Danger: basilisk |T3| Reason: Petrify and low Will
 15692 | Lair:5   | Danger: basilisk |T3| Reason: Petrify and low Will
 15693 | Lair:5   | Danger: basilisk |T3| Reason: Petrify and low Will
 15720 | Lair:4   | Reached skill level 1 in Armour
 15758 | Lair:4   | :hmmmm
 15758 | Lair:4   | :i think winrate move here is to not do this floor
 15763 | Lair:5   | Danger: dream sheep |T2| Reason: Irresistible Dream Dust
                  | (4%), watch out!
 15764 | Lair:5   | a five-headed hydra changed into an azure jelly
 15764 | Lair:5   | Noticed an azure jelly
 15766 | Lair:5   | Danger: dream sheep |T2| Reason: Irresistible Dream Dust
                  | (52%), watch out!
 15766 | Lair:5   | Danger: dream sheep |T2| Reason: Irresistible Dream Dust
                  | (52%), watch out!
 15767 | Lair:5   | Danger: dream sheep |T2| Reason: Irresistible Dream Dust
                  | (68%), watch out!
 15767 | Lair:5   | Danger: dream sheep |T2| Reason: Irresistible Dream Dust
                  | (68%), watch out!
 15767 | Lair:5   | Danger: dream sheep |T2| Reason: Irresistible Dream Dust
                  | (68%), watch out!
 15773 | Lair:5   | Danger: dream sheep |T2| Reason: Irresistible Dream Dust
                  | (52%), watch out!
 15773 | Lair:5   | Danger: dream sheep |T2| Reason: Irresistible Dream Dust
                  | (52%), watch out!
 15775 | Lair:5   | Danger: dream sheep |T2| Reason: Irresistible Dream Dust
                  | (4%), watch out!
 15803 | Lair:5   | Danger: basilisk |T3| Reason: Petrify and low Will
 15804 | Lair:5   | Danger: basilisk |T3| Reason: Petrify and low Will
 15805 | Lair:5   | Danger: basilisk |T3| Reason: Petrify and low Will
 15806 | Lair:5   | Danger: basilisk |T3| Reason: Petrify and low Will
 15807 | Lair:5   | Danger: basilisk |T3| Reason: Petrify and low Will
 15808 | Lair:5   | Danger: basilisk |T3| Reason: Petrify and low Will
 15809 | Lair:5   | Danger: basilisk |T3| Reason: Petrify and low Will
 15810 | Lair:5   | Danger: basilisk |T3| Reason: Petrify and low Will
 15811 | Lair:5   | Danger: basilisk |T3| Reason: Petrify and low Will
 15812 | Lair:5   | Danger: basilisk |T3| Reason: Petrify and low Will
 15813 | Lair:5   | Danger: basilisk |T3| Reason: Petrify and low Will
 15814 | Lair:5   | Danger: basilisk |T3| Reason: Petrify and low Will
 15815 | Lair:5   | Danger: basilisk |T3| Reason: Petrify and low Will
 15816 | Lair:5   | Danger: basilisk |T3| Reason: Petrify and low Will
 15817 | Lair:5   | Danger: basilisk |T3| Reason: Petrify and low Will
 15866 | Lair:5   | Danger: Low HP Warning |T2| Reason: 56% HP (65/115)
 15867 | Lair:5   | Danger: Low HP Warning |T2| Reason: 58% HP (67/115)
 15868 | Lair:5   | Danger: Low HP Warning |T2| Reason: 59% HP (68/115)
 15869 | Lair:5   | Danger: Low HP Warning |T2| Reason: 60% HP (69/115)
 15870 | Lair:5   | Danger: Low HP Warning |T2| Reason: 52% HP (60/115)
 15871 | Lair:5   | Danger: Low HP Warning |T2| Reason: 53% HP (61/115)
 15872 | Lair:5   | Danger: Low HP Warning |T2| Reason: 54% HP (63/115)
 15873 | Lair:5   | Danger: Low HP Warning |T2| Reason: 46% HP (53/115)
 15874 | Lair:5   | Danger: Low HP Warning |T2| Reason: 46% HP (54/115)
 15875 | Lair:5   | Danger: Low HP Warning |T2| Reason: 48% HP (56/115)
 15876 | Lair:5   | Danger: Low HP Warning |T2| Reason: 43% HP (50/115)
 15877 | Lair:5   | Danger: Low HP Warning |T2| Reason: 45% HP (52/115)
 15878 | Lair:5   | Danger: Low HP Warning |T2| Reason: 46% HP (53/115)
 15879 | Lair:5   | Danger: Low HP Warning |T2| Reason: 47% HP (55/115)
 15880 | Lair:5   | Danger: Low HP Warning |T2| Reason: 48% HP (56/115)
 15881 | Lair:5   | Danger: Low HP Warning |T2| Reason: 50% HP (58/115)
 15972 | Lair:5   | Found a staircase to the Slime Pits.
 16064 | Lair:5   | Reached skill level 5 in Armour
 16104 | Lair:5   | Danger: dream sheep |T2| Reason: Irresistible Dream Dust
                  | (4%), watch out!
 16107 | Lair:5   | Danger: dream sheep |T2| Reason: Irresistible Dream Dust
                  | (52%), watch out!
 16107 | Lair:5   | Danger: dream sheep |T2| Reason: Irresistible Dream Dust
                  | (52%), watch out!
 16115 | Lair:5   | Danger: dream sheep |T2| Reason: Irresistible Dream Dust
                  | (4%), watch out!
 16116 | Lair:5   | Danger: dream sheep |T2| Reason: Irresistible Dream Dust
                  | (52%), watch out!
 16116 | Lair:5   | Danger: dream sheep |T2| Reason: Irresistible Dream Dust
                  | (52%), watch out!
 16118 | Lair:5   | Danger: dream sheep |T2| Reason: Irresistible Dream Dust
                  | (68%), watch out!
 16118 | Lair:5   | Danger: dream sheep |T2| Reason: Irresistible Dream Dust
                  | (68%), watch out!
 16118 | Lair:5   | Danger: dream sheep |T2| Reason: Irresistible Dream Dust
                  | (68%), watch out!
 16122 | Lair:5   | Danger: dream sheep |T2| Reason: Irresistible Dream Dust
                  | (52%), watch out!
 16122 | Lair:5   | Danger: dream sheep |T2| Reason: Irresistible Dream Dust
                  | (52%), watch out!
 16124 | Lair:5   | Danger: dream sheep |T2| Reason: Irresistible Dream Dust
                  | (4%), watch out!
 16410 | Lair:5   | Noticed a dire elephant
 16410 | Lair:5   | Noticed a dire elephant
 16410 | Lair:5   | Noticed a dire elephant
 16411 | Lair:5   | Noticed a dire elephant
 16566 | Lair:5   | Reached XP level 14. HP: 122/123 MP: 14/14
 16659 | Lair:5   | Identified the staff of fire "Woxuu" {rF+ Dex+3}
 16761 | Lair:5   | Danger: dire elephant |T2| Reason: OOD monster, careful!
 16771 | Lair:5   | Danger: Low HP Warning |T2| Reason: 47% HP (58/123)
 16772 | Lair:5   | Danger: Low HP Warning |T2| Reason: 40% HP (50/123)
 16773 | Lair:5   | Danger: Low HP Warning |T2| Reason: 41% HP (51/123)
 16774 | Lair:5   | Danger: Low HP Warning |T2| Reason: 43% HP (53/123)
 16775 | Lair:5   | Danger: Low HP Warning |T2| Reason: 43% HP (54/123)
 16829 | Lair:5   | Danger: dire elephant |T2| Reason: OOD monster, careful!
 16909 | Lair:5   | Danger: Low HP Warning |T2| Reason: 56% HP (69/123)
 16911 | Lair:5   | Danger: Low HP Warning |T2| Reason: 52% HP (64/123)
 16912 | Lair:5   | Danger: Low HP Warning |T2| Reason: 44% HP (55/123)
 16913 | Lair:5   | Danger: Low HP Warning |T2| Reason: 45% HP (56/123)
 16914 | Lair:5   | Danger: Low HP Warning |T2| Reason: 47% HP (58/123)
 16915 | Lair:5   | Danger: Low HP Warning |T2| Reason: 43% HP (53/123)
 16916 | Lair:5   | Danger: Low HP Warning |T2| Reason: 43% HP (54/123)
 16919 | Lair:5   | Danger: Low HP Warning |T2| Reason: 46% HP (57/123)
 16921 | Lair:5   | Danger: Low HP Warning |T2| Reason: 47% HP (59/123)
 16922 | Lair:5   | Danger: Low HP Warning |T2| Reason: 48% HP (60/123)
 16923 | Lair:5   | Danger: Low HP Warning |T2| Reason: 49% HP (61/123)
 17020 | Lair:5   | Danger: dire elephant |T2| Reason: OOD monster, careful!
 17020 | Lair:5   | Danger: dire elephant |T2| Reason: OOD monster, careful!
 17020 | Lair:5   | Danger: dire elephant |T2| Reason: OOD monster, careful!
 17020 | Lair:5   | Danger: dire elephant |T2| Reason: OOD monster, careful!
 17023 | Lair:5   | Danger: dire elephant |T2| Reason: OOD monster, careful!
 17023 | Lair:5   | a dire elephant changed into an azure jelly
 17023 | Lair:5   | Noticed an azure jelly
 17025 | Lair:5   | Danger: dire elephant |T2| Reason: OOD monster, careful!
 17026 | Lair:5   | Killed an azure jelly
 17027 | Lair:5   | Danger: dire elephant |T2| Reason: OOD monster, careful!
 17036 | Lair:5   | Danger: dire elephant |T2| Reason: OOD monster, careful!
 17041 | Lair:5   | Danger: Low HP Warning |T2| Reason: 57% HP (71/123)
 17042 | Lair:5   | Danger: Low HP Warning |T2| Reason: 58% HP (72/123)
 17043 | Lair:5   | Danger: Low HP Warning |T2| Reason: 59% HP (73/123)
 17044 | Lair:5   | Danger: Low HP Warning |T2| Reason: 47% HP (59/123)
 17045 | Lair:5   | Danger: Low HP Warning |T2| Reason: 49% HP (61/123)
 17046 | Lair:5   | Danger: necromancer |T3| Reason: IMMINENT DEATH: Bolt of
                  | Draining deals 54 damage, you have 39 HP!!
 17046 | Lair:5   | Danger: Low HP Warning |T2| Reason: 31% HP (39/123)
 17047 | Lair:5   | Danger: necromancer |T3| Reason: IMMINENT DEATH: Bolt of
                  | Draining deals 54 damage, you have 31 HP!!
 17047 | Lair:5   | Danger: Low HP Warning |T3| Reason: 25% HP (31/123)
 17051 | Lair:5   | Danger: Low HP Warning |T2| Reason: 30% HP (37/123)
 17218 | Lair:5   | Danger: dire elephant |T2| Reason: OOD monster, careful!
 17232 | Lair:5   | Danger: Low HP Warning |T2| Reason: 56% HP (69/123)
 17233 | Lair:5   | Danger: Low HP Warning |T2| Reason: 56% HP (70/123)
 17234 | Lair:5   | Danger: Low HP Warning |T2| Reason: 57% HP (71/123)
 17235 | Lair:5   | Danger: Low HP Warning |T2| Reason: 52% HP (65/123)
 17242 | Lair:5   | Danger: dire elephant |T2| Reason: OOD monster, careful!
 17247 | Lair:5   | Danger: dire elephant |T2| Reason: OOD monster, careful!
 17276 | Lair:5   | Danger: dire elephant |T2| Reason: OOD monster, careful!
 17283 | Lair:5   | Danger: Low HP Warning |T2| Reason: 52% HP (65/123)
 17284 | Lair:5   | Danger: Low HP Warning |T2| Reason: 53% HP (66/123)
 17285 | Lair:5   | Danger: Low HP Warning |T2| Reason: 54% HP (67/123)
 17286 | Lair:5   | Danger: Low HP Warning |T2| Reason: 55% HP (68/123)
 17287 | Lair:5   | Danger: Low HP Warning |T2| Reason: 47% HP (59/123)
 17288 | Lair:5   | Danger: Low HP Warning |T2| Reason: 48% HP (60/123)
 17289 | Lair:5   | Danger: Low HP Warning |T2| Reason: 42% HP (52/123)
 17290 | Lair:5   | Danger: Low HP Warning |T3| Reason: 22% HP (28/123)
 17291 | Lair:5   | Danger: Low HP Warning |T3| Reason: 24% HP (30/123)
 17292 | Lair:5   | Danger: Low HP Warning |T2| Reason: 26% HP (32/123)
 17293 | Lair:5   | Danger: Low HP Warning |T2| Reason: 26% HP (33/123)
 17294 | Lair:5   | Danger: Low HP Warning |T2| Reason: 28% HP (35/123)
 17299 | Lair:5   | Danger: dire elephant |T2| Reason: OOD monster, careful!
 17299 | Lair:5   | Danger: Low HP Warning |T2| Reason: 34% HP (42/123)
 17300 | Lair:5   | Danger: Low HP Warning |T2| Reason: 35% HP (44/123)
 17301 | Lair:5   | Danger: Low HP Warning |T2| Reason: 36% HP (45/123)
 17302 | Lair:5   | Danger: Low HP Warning |T2| Reason: 38% HP (47/123)
 17303 | Lair:5   | Danger: Low HP Warning |T2| Reason: 39% HP (48/123)
 17304 | Lair:5   | Danger: Low HP Warning |T2| Reason: 40% HP (50/123)
 17305 | Lair:5   | Danger: Low HP Warning |T2| Reason: 41% HP (51/123)
 17354 | Lair:5   | Danger: dire elephant |T2| Reason: OOD monster, careful!
 17358 | Lair:5   | Danger: Low HP Warning |T2| Reason: 59% HP (73/123)
 17359 | Lair:5   | Danger: Low HP Warning |T2| Reason: 60% HP (74/123)
 17360 | Lair:5   | Danger: Low HP Warning |T2| Reason: 39% HP (49/123)
 17361 | Lair:5   | Danger: Low HP Warning |T2| Reason: 26% HP (33/123)
 17361 | Lair:5   | :asdfg
 17362 | Lair:5   | Danger: Low HP Warning |T2| Reason: 28% HP (35/123)
 17363 | Lair:5   | Danger: Low HP Warning |T2| Reason: 29% HP (36/123)
 17364 | Lair:5   | Danger: Low HP Warning |T2| Reason: 30% HP (38/123)
 17365 | Lair:5   | Danger: Low HP Warning |T2| Reason: 31% HP (39/123)
 17703 | D:12     | Danger: deep elf pyromancer |T2| Reason: Bolt of Fire and
                  | not rF+, careful
 17707 | D:12     | Danger: deep elf pyromancer |T2| Reason: Bolt of Fire and
                  | not rF+, careful
 17750 | D:12     | Danger: cyclops |T2| Reason: Quivering large rocks, watch
                  | out!!
 18063 | D:12     | Found a bloodstained altar of Trog.
 18430 | D:12     | Danger: cyclops |T2| Reason: Quivering large rocks, watch
                  | out!!
 18646 | D:13     | Danger: harpy |T2| Reason: OOD monster, careful!
 18654 | D:13     | Danger: cyclops |T2| Reason: Quivering large rocks, watch
                  | out!!
 18664 | D:13     | Danger: Low HP Warning |T2| Reason: 60% HP (74/123)
 18665 | D:13     | Danger: Low HP Warning |T2| Reason: 48% HP (60/123)
 18666 | D:13     | Danger: Low HP Warning |T2| Reason: 46% HP (57/123)
 18667 | D:13     | Danger: Low HP Warning |T2| Reason: 45% HP (56/123)
 18668 | D:13     | Danger: Low HP Warning |T2| Reason: 42% HP (52/123)
 18669 | D:13     | Danger: Low HP Warning |T2| Reason: 42% HP (52/123)
 18670 | D:13     | Danger: Low HP Warning |T2| Reason: 39% HP (49/123)
 18805 | D:13     | an eight-headed hydra changed into an acid blob
 18805 | D:13     | Noticed an acid blob
 18821 | D:13     | Found a gate to the Vaults.
 19034 | D:13     | Danger: deep elf pyromancer |T2| Reason: Bolt of Fire and
                  | not rF+, careful
 19043 | D:13     | Danger: Low HP Warning |T2| Reason: 60% HP (74/123)
 19044 | D:13     | Danger: Low HP Warning |T2| Reason: 60% HP (75/123)
 19047 | D:13     | Danger: Low HP Warning |T2| Reason: 59% HP (73/123)
 19309 | D:14     | Identified the +4 scale mail of Syndicalism {Int+3}
 19441 | D:14     | Danger: Low HP Warning |T2| Reason: 60% HP (75/123)
 19589 | D:14     | Reached skill level 10 in Dodging
 19675 | D:14     | Danger: fire dragon |T2| Reason: OOD monster, careful!
 19675 | D:14     | Danger: fire dragon |T2| Reason: Fire Breath and not rF+,
                  | careful
 19675 | D:14     | Danger: fire dragon |T2| Reason: Fire Breath deals more
                  | than 50% MHP!
 19684 | D:14     | :hmmmmm
 19684 | D:14     | :need to kill dragon without slimify
 19685 | D:14     | Danger: fire dragon |T3| Reason: IMMINENT DEATH: Fire
                  | Breath deals 72 damage, you have 52 HP!!
 19685 | D:14     | Danger: Low HP Warning |T2| Reason: 42% HP (52/123)
 19686 | D:14     | Danger: fire dragon |T3| Reason: IMMINENT DEATH: Fire
                  | Breath deals 72 damage, you have 54 HP!!
 19686 | D:14     | Danger: Low HP Warning |T2| Reason: 43% HP (54/123)
 19687 | D:14     | Danger: fire dragon |T3| Reason: IMMINENT DEATH: Fire
                  | Breath deals 72 damage, you have 57 HP!!
 19687 | D:14     | Danger: Low HP Warning |T2| Reason: 46% HP (57/123)
 19688 | D:14     | Danger: fire dragon |T3| Reason: IMMINENT DEATH: Fire
                  | Breath deals 72 damage, you have 60 HP!!
 19688 | D:14     | Danger: Low HP Warning |T2| Reason: 48% HP (60/123)
 19690 | D:14     | Noticed a storm dragon
 20209 | D:15     | Entered Level 15 of the Dungeon
 20210 | D:15     | Danger: basilisk |T3| Reason: Petrify and low Will
 20211 | D:15     | Danger: basilisk |T3| Reason: Petrify and low Will
 20212 | D:15     | Danger: basilisk |T3| Reason: Petrify and low Will
 20213 | D:15     | Danger: basilisk |T3| Reason: Petrify and low Will
 20214 | D:15     | Danger: basilisk |T3| Reason: Petrify and low Will
 20214 | D:15     | a seven-headed hydra changed into an azure jelly
 20214 | D:15     | Noticed an azure jelly
 20215 | D:15     | Danger: basilisk |T3| Reason: Petrify and low Will
 20216 | D:15     | Danger: basilisk |T3| Reason: Petrify and low Will
 20217 | D:15     | Danger: basilisk |T3| Reason: Petrify and low Will
 20218 | D:15     | Danger: basilisk |T3| Reason: Petrify and low Will
 20220 | D:15     | Danger: ogre mage |T3| Reason: Paralyse and low Will
 20220 | D:15     | Danger: ogre mage |T2| Reason: Bolt of Magma and not rF+,
                  | careful
 20221 | D:15     | Danger: ogre mage |T3| Reason: Paralyse and low Will
 20222 | D:15     | Danger: ogre mage |T3| Reason: Paralyse and low Will
 20223 | D:15     | Danger: ogre mage |T3| Reason: Paralyse and low Will
 20224 | D:15     | Danger: ogre mage |T3| Reason: Paralyse and low Will
 20245 | D:15     | Danger: tengu warrior |T3| Reason: wielding holy wrath
                  | while unholy, watch out!!
 20248 | D:15     | Danger: tengu warrior |T3| Reason: wielding holy wrath
                  | while unholy, watch out!!
 20249 | D:15     | Danger: tengu warrior |T3| Reason: wielding holy wrath
                  | while unholy, watch out!!
 20250 | D:15     | Danger: tengu warrior |T3| Reason: wielding holy wrath
                  | while unholy, watch out!!
 20251 | D:15     | Danger: tengu warrior |T3| Reason: wielding holy wrath
                  | while unholy, watch out!!
 20252 | D:15     | Danger: tengu warrior |T3| Reason: wielding holy wrath
                  | while unholy, watch out!!
 20253 | D:15     | Danger: tengu warrior |T3| Reason: wielding holy wrath
                  | while unholy, watch out!!
 20254 | D:15     | Danger: tengu warrior |T3| Reason: wielding holy wrath
                  | while unholy, watch out!!
 20255 | D:15     | Danger: tengu warrior |T3| Reason: wielding holy wrath
                  | while unholy, watch out!!
 20256 | D:15     | Danger: tengu warrior |T3| Reason: wielding holy wrath
                  | while unholy, watch out!!
 20272 | D:15     | Danger: efreet |T2| Reason: Fireball and not rF+, careful
 20272 | D:15     | Danger: efreet |T2| Reason: Bolt of Fire and not rF+,
                  | careful
 20272 | D:15     | Danger: efreet |T2| Reason: carrying a wand of digging (8),
                  | careful!
 20281 | D:15     | Danger: efreet |T2| Reason: Fireball and not rF+, careful
 20281 | D:15     | Danger: efreet |T2| Reason: Bolt of Fire and not rF+,
                  | careful
 20281 | D:15     | Danger: efreet |T2| Reason: carrying a wand of digging (8),
                  | careful!
 20343 | D:15     | Danger: cyclops |T2| Reason: Quivering large rocks, watch
                  | out!!
 20348 | D:15     | Danger: cyclops |T2| Reason: Quivering large rocks, watch
                  | out!!
 20354 | D:15     | Danger: cyclops |T2| Reason: Quivering large rocks, watch
                  | out!!
 20358 | D:15     | Danger: cyclops |T2| Reason: Quivering large rocks, watch
                  | out!!
 20482 | D:15     | Danger: cyclops |T2| Reason: Quivering large rocks, watch
                  | out!!
 20484 | D:15     | Danger: cyclops |T2| Reason: Quivering large rocks, watch
                  | out!!
 20570 | D:15     | Danger: basilisk |T3| Reason: Petrify and low Will
 20571 | D:15     | Danger: basilisk |T3| Reason: Petrify and low Will
 20572 | D:15     | Danger: basilisk |T3| Reason: Petrify and low Will
 20590 | D:15     | Danger: cyclops |T2| Reason: Quivering large rocks, watch
                  | out!!
 20687 | D:15     | Danger: cyclops |T2| Reason: Quivering large rocks, watch
                  | out!!
 20690 | D:15     | Danger: Low HP Warning |T2| Reason: 51% HP (63/123)
 20691 | D:15     | Danger: Low HP Warning |T2| Reason: 53% HP (66/123)
 20693 | D:15     | Danger: Low HP Warning |T2| Reason: 56% HP (70/123)
 20695 | D:15     | Danger: Low HP Warning |T2| Reason: 53% HP (66/123)
 20843 | D:15     | Danger: deep elf pyromancer |T2| Reason: Bolt of Fire and
                  | not rF+, careful
 20845 | D:15     | Danger: orc sorcerer |T3| Reason: Paralyse and low Will
 20845 | D:15     | Danger: orc sorcerer |T2| Reason: OOD monster, careful!
 20845 | D:15     | Danger: orc sorcerer |T2| Reason: Bolt of Fire and not rF+,
                  | careful
 20846 | D:15     | Danger: orc sorcerer |T3| Reason: Paralyse and low Will
 20847 | D:15     | Danger: orc sorcerer |T3| Reason: Paralyse and low Will
 20848 | D:15     | Danger: orc sorcerer |T3| Reason: Paralyse and low Will
 20849 | D:15     | Danger: orc sorcerer |T3| Reason: Paralyse and low Will
 20850 | D:15     | Danger: orc sorcerer |T3| Reason: Paralyse and low Will
 20851 | D:15     | Danger: orc sorcerer |T3| Reason: Paralyse and low Will
 20852 | D:15     | Danger: orc sorcerer |T3| Reason: Paralyse and low Will
 20853 | D:15     | Danger: orc sorcerer |T3| Reason: Paralyse and low Will
 20854 | D:15     | Reached XP level 15. HP: 129/129 MP: 15/15
 20854 | D:15     | Danger: orc sorcerer |T3| Reason: Paralyse and low Will
 20855 | D:15     | Danger: orc sorcerer |T3| Reason: Paralyse and low Will
 20864 | D:15     | Danger: deep elf pyromancer |T2| Reason: Bolt of Fire and
                  | not rF+, careful
 20875 | D:15     | Danger: necromancer |T2| Reason: OOD monster, careful!
 20891 | D:15     | Found a staircase to the Depths.
 20981 | D:15     | Danger: cyclops |T2| Reason: Quivering large rocks, watch
                  | out!!
 21312 | Orc:1    | Entered Level 1 of the Orcish Mines
 21593 | Orc:1    | Danger: orc sorcerer |T3| Reason: Paralyse and low Will
 21593 | Orc:1    | Danger: orc sorcerer |T2| Reason: Bolt of Fire and not rF+,
                  | careful
 21594 | Orc:1    | Danger: orc sorcerer |T3| Reason: Paralyse and low Will
 21595 | Orc:1    | Danger: orc sorcerer |T3| Reason: Paralyse and low Will
 21596 | Orc:1    | Danger: orc sorcerer |T3| Reason: Paralyse and low Will
 21596 | Orc:1    | Paralysed by an orc sorcerer for 4 turns
 21601 | Orc:1    | Danger: orc sorcerer |T3| Reason: Paralyse and low Will
 21602 | Orc:1    | Danger: orc sorcerer |T3| Reason: Paralyse and low Will
 21605 | Orc:1    | Danger: Low HP Warning |T2| Reason: 59% HP (77/129)
 21606 | Orc:1    | Danger: Low HP Warning |T2| Reason: 42% HP (55/129)
 21607 | Orc:1    | Danger: Low HP Warning |T2| Reason: 43% HP (56/129)
 21608 | Orc:1    | Danger: Low HP Warning |T2| Reason: 45% HP (59/129)
 21609 | Orc:1    | Danger: Low HP Warning |T2| Reason: 46% HP (60/129)
 21610 | Orc:1    | Danger: Low HP Warning |T2| Reason: 30% HP (39/129)
 21611 | Orc:1    | Danger: Low HP Warning |T2| Reason: 31% HP (41/129)
 21612 | Orc:1    | Danger: Low HP Warning |T2| Reason: 33% HP (43/129)
 21613 | Orc:1    | Danger: Low HP Warning |T2| Reason: 34% HP (45/129)
 21614 | Orc:1    | Danger: Low HP Warning |T2| Reason: 35% HP (46/129)
 21615 | Orc:1    | Danger: Low HP Warning |T2| Reason: 37% HP (48/129)
 21616 | Orc:1    | Danger: Low HP Warning |T2| Reason: 37% HP (49/129)
 21617 | Orc:1    | Danger: Low HP Warning |T2| Reason: 39% HP (51/129)
 21618 | Orc:1    | Danger: Low HP Warning |T2| Reason: 41% HP (54/129)
 21619 | Orc:1    | Danger: Low HP Warning |T2| Reason: 43% HP (56/129)
 21810 | Orc:1    | Found a transporter.
 21846 | Orc:1    | Found a transporter.
 21857 | Orc:1    | Identified the ring of Magevoapp {Fire rElec Dex+6 Slay-6}
 21871 | Orc:1    | Found a bloodstained altar of Trog.
 21884 | Orc:1    | Noticed Vuvadabb's ghost (journeyman HOMo)
 21977 | Orc:2    | Entered Level 2 of the Orcish Mines
 21989 | Orc:2    | Danger: orc sorcerer |T3| Reason: Paralyse and low Will
 21989 | Orc:2    | Danger: orc sorcerer |T2| Reason: Bolt of Fire and not rF+,
                  | careful
 21990 | Orc:2    | Danger: orc sorcerer |T3| Reason: Paralyse and low Will
 21991 | Orc:2    | Danger: orc sorcerer |T3| Reason: Paralyse and low Will
 22004 | Orc:2    | Danger: orc sorcerer |T3| Reason: Paralyse and low Will
 22004 | Orc:2    | Danger: orc sorcerer |T2| Reason: Bolt of Fire and not rF+,
                  | careful
 22005 | Orc:2    | Danger: orc sorcerer |T3| Reason: Paralyse and low Will
 22007 | Orc:2    | Danger: orc sorcerer |T3| Reason: Paralyse and low Will
 22007 | Orc:2    | Danger: orc sorcerer |T2| Reason: Bolt of Fire and not rF+,
                  | careful
 22008 | Orc:2    | Danger: orc sorcerer |T3| Reason: Paralyse and low Will
 22009 | Orc:2    | Danger: orc sorcerer |T3| Reason: Paralyse and low Will
 22010 | Orc:2    | Reached skill level 16 in Unarmed Combat
 22014 | Orc:2    | Danger: orc sorcerer |T3| Reason: Paralyse and low Will
 22014 | Orc:2    | Danger: orc sorcerer |T2| Reason: Bolt of Fire and not rF+,
                  | careful
 22014 | Orc:2    | an orc knight changed into an azure jelly
 22014 | Orc:2    | Noticed an azure jelly
 22015 | Orc:2    | Danger: orc sorcerer |T3| Reason: Paralyse and low Will
 22016 | Orc:2    | Danger: orc sorcerer |T3| Reason: Paralyse and low Will
 22017 | Orc:2    | Danger: orc sorcerer |T3| Reason: Paralyse and low Will
 22017 | Orc:2    | Danger: orc sorcerer |T2| Reason: Bolt of Fire and not rF+,
                  | careful
 22017 | Orc:2    | Danger: orc sorcerer |T3| Reason: Paralyse and low Will
 22019 | Orc:2    | Danger: orc sorcerer |T3| Reason: Paralyse and low Will
 22019 | Orc:2    | Danger: orc sorcerer |T3| Reason: Paralyse and low Will
 22020 | Orc:2    | Danger: orc sorcerer |T3| Reason: Paralyse and low Will
 22020 | Orc:2    | Danger: orc sorcerer |T3| Reason: Paralyse and low Will
 22021 | Orc:2    | Danger: orc sorcerer |T3| Reason: Paralyse and low Will
 22022 | Orc:2    | Danger: orc sorcerer |T3| Reason: Paralyse and low Will
 22023 | Orc:2    | Danger: orc sorcerer |T3| Reason: Paralyse and low Will
 22024 | Orc:2    | Danger: orc sorcerer |T3| Reason: Paralyse and low Will
 22025 | Orc:2    | Danger: orc sorcerer |T3| Reason: Paralyse and low Will
 22026 | Orc:2    | Danger: orc sorcerer |T3| Reason: Paralyse and low Will
 22026 | Orc:2    | an orc sorcerer changed into an azure jelly
 22026 | Orc:2    | Noticed an azure jelly
 22029 | Orc:2    | Found Foptept's Book Shoppe.
 22043 | Orc:2    | Noticed Maurice
 22047 | Orc:2    | Danger: Maurice |T2| Reason: Unique monster, careful!
 22047 | Orc:2    | Danger: Maurice |T2| Reason: carrying a wand of roots (2),
                  | careful!
 22049 | Orc:2    | Danger: Maurice |T2| Reason: Quivering boomerangs, careful!
 22052 | Orc:2    | Killed Maurice
 22179 | Orc:2    | Found Boacro Iloch's Antique Armour Boutique.
 22183 | Orc:2    | Killed an azure jelly
 22198 | Orc:2    | Found a staircase to the Elven Halls.
 22226 | Orc:2    | Found Xug Juca's General Store.
 22304 | Orc:1    | Danger: Low HP Warning |T2| Reason: 45% HP (59/129)
 22305 | Orc:1    | Danger: Low HP Warning |T2| Reason: 48% HP (62/129)
 22306 | Orc:1    | Danger: Low HP Warning |T2| Reason: 49% HP (64/129)
 22307 | Orc:1    | Danger: Low HP Warning |T2| Reason: 51% HP (67/129)
 22308 | Orc:1    | Danger: Low HP Warning |T2| Reason: 53% HP (69/129)
 22309 | Orc:1    | Danger: Low HP Warning |T2| Reason: 55% HP (71/129)
 22310 | Orc:1    | Danger: Low HP Warning |T2| Reason: 56% HP (73/129)
 22311 | Orc:1    | Danger: Low HP Warning |T2| Reason: 57% HP (74/129)
 22312 | Orc:1    | Danger: Low HP Warning |T2| Reason: 58% HP (75/129)
 22313 | Orc:1    | Danger: Low HP Warning |T2| Reason: 59% HP (77/129)
 22319 | Orc:1    | Danger: Low HP Warning |T2| Reason: 56% HP (73/129)
 22407 | Orc:2    | Danger: orc warrior |T2| Reason: Quivering boomerangs,
                  | careful!
 22408 | Orc:2    | Danger: orc warrior |T2| Reason: Quivering boomerangs,
                  | careful!
 22415 | Orc:2    | Found Pamuas's Antique Weapon Boutique.
 22897 | Snake:1  | Entered Level 1 of the Snake Pit
 22902 | Snake:1  | You fall into a shaft and drop 1 floor!
 22902 | Snake:1  | Danger: Shafted! |T3| Reason: Shafted!
 22915 | Snake:2  | Danger: naga |T2| Reason: carrying a wand of roots (4),
                  | careful!
 22920 | Snake:1  | Danger: shock serpent |T2| Reason: Electrical Bolt and no
                  | rElec
 22925 | Snake:1  | Danger: shock serpent |T2| Reason: Electrical Bolt and no
                  | rElec
 22949 | Snake:1  | Danger: shock serpent |T2| Reason: Electrical Bolt and no
                  | rElec
 23242 | Snake:1  | Danger: shock serpent |T2| Reason: Electrical Bolt and no
                  | rElec
 23264 | Snake:1  | Danger: Low HP Warning |T2| Reason: 45% HP (59/129)
 23265 | Snake:1  | Danger: Low HP Warning |T2| Reason: 46% HP (60/129)
 23266 | Snake:1  | Danger: Low HP Warning |T2| Reason: 48% HP (63/129)
 23267 | Snake:1  | Danger: Low HP Warning |T2| Reason: 50% HP (65/129)
 23268 | Snake:1  | Danger: Low HP Warning |T2| Reason: 52% HP (68/129)
 23269 | Snake:1  | Danger: Low HP Warning |T2| Reason: 54% HP (70/129)
 23271 | Snake:1  | Danger: Low HP Warning |T2| Reason: 58% HP (75/129)
 23272 | Snake:1  | Danger: Low HP Warning |T2| Reason: 60% HP (78/129)
 23275 | Snake:1  | Danger: shock serpent |T2| Reason: Electrical Bolt and no
                  | rElec
 23278 | Snake:1  | Danger: shock serpent |T2| Reason: Electrical Bolt and no
                  | rElec
 23283 | Snake:1  | Danger: Low HP Warning |T2| Reason: 55% HP (71/129)
 23284 | Snake:1  | Danger: Low HP Warning |T2| Reason: 56% HP (73/129)
 23285 | Snake:1  | Danger: Low HP Warning |T2| Reason: 55% HP (71/129)
 23286 | Snake:1  | Danger: Low HP Warning |T2| Reason: 56% HP (73/129)
 23287 | Snake:1  | Danger: Low HP Warning |T2| Reason: 58% HP (75/129)
 23288 | Snake:1  | Danger: Low HP Warning |T2| Reason: 60% HP (78/129)
 23327 | Snake:1  | Reached skill level 17 in Unarmed Combat
 23383 | Snake:1  | Noticed Holoquod's ghost (adept MiMo)
 23384 | Snake:1  | Found a runed translucent door.
 23420 | Snake:1  | Reached skill level 1 in Shields
 23654 | Snake:1  | Danger: Low HP Warning |T2| Reason: 58% HP (75/129)
 23655 | Snake:1  | Danger: Low HP Warning |T2| Reason: 55% HP (72/129)
 23656 | Snake:1  | Danger: Low HP Warning |T3| Reason: 23% HP (30/129)
 23657 | Snake:1  | Danger: Low HP Warning |T3| Reason: 24% HP (32/129)
 23658 | Snake:1  | Danger: Low HP Warning |T2| Reason: 27% HP (35/129)
 24083 | Snake:1  | Found Tuptapp's Magic Scroll Emporium.
 24090 | Snake:1  | Bought a scroll of enchant armour for 105 gold pieces
 24249 | Snake:2  | Noticed Asterion
 24250 | Snake:2  | Danger: Asterion |T2| Reason: Unique monster, careful!
 24254 | Snake:2  | Slimified Asterion
 24254 | Snake:2  | Asterion changed into Asterion the azure jelly
 24254 | Snake:2  | Noticed Asterion
 24290 | Snake:2  | Danger: naga |T2| Reason: carrying a wand of roots (4),
                  | careful!
 24382 | Snake:2  | Reached skill level 5 in Shields
 24389 | Snake:2  | Danger: shock serpent |T2| Reason: Electrical Bolt and no
                  | rElec
 24458 | Snake:2  | Danger: naga |T2| Reason: carrying a wand of roots (4),
                  | careful!
 24693 | Snake:2  | Danger: shock serpent |T2| Reason: Electrical Bolt and no
                  | rElec
 24751 | Snake:2  | Noticed a nagaraja
 24752 | Snake:2  | Danger: nagaraja |T2| Reason: Poison Arrow deals more than
                  | 50% MHP!
 24755 | Snake:2  | Danger: guardian serpent |T2| Reason: Slow and low Will,
                  | careful
 24763 | Snake:2  | Danger: guardian serpent |T2| Reason: Slow and low Will,
                  | careful
 24780 | Snake:2  | Danger: guardian serpent |T2| Reason: Slow and low Will,
                  | careful
 24830 | Snake:2  | Danger: naga mage |T2| Reason: carrying a wand of
                  | quicksilver (8), careful!
 24831 | Snake:2  | Danger: guardian serpent |T2| Reason: Slow and low Will,
                  | careful
 24846 | Snake:2  | Danger: naga mage |T2| Reason: carrying a wand of
                  | quicksilver (8), careful!
 24846 | Snake:2  | Danger: guardian serpent |T2| Reason: Slow and low Will,
                  | careful
 24848 | Snake:2  | Danger: guardian serpent |T2| Reason: Slow and low Will,
                  | careful
 24854 | Snake:2  | Danger: guardian serpent |T2| Reason: Slow and low Will,
                  | careful
 24867 | Snake:2  | Danger: naga mage |T2| Reason: carrying a wand of
                  | quicksilver (8), careful!
 24877 | Snake:2  | Danger: naga mage |T2| Reason: carrying a wand of
                  | quicksilver (7), careful!
 24889 | Snake:2  | Danger: nagaraja |T2| Reason: Poison Arrow deals more than
                  | 50% MHP!
 24894 | Snake:2  | Danger: nagaraja |T2| Reason: Poison Arrow deals more than
                  | 50% MHP!
 24900 | Snake:2  | Danger: nagaraja |T2| Reason: Poison Arrow deals more than
                  | 50% MHP!
 24902 | Snake:2  | Danger: nagaraja |T2| Reason: Poison Arrow deals more than
                  | 50% MHP!
 24903 | Snake:2  | Slimified a nagaraja
 24903 | Snake:2  | a nagaraja changed into an azure jelly
 24903 | Snake:2  | Noticed an azure jelly
 24917 | Snake:2  | Identified the +4 long sword of a Labyrinth {heavy, rN+
                  | rCorr}
 24917 | Snake:2  | Noticed a nagaraja
 24918 | Snake:2  | Danger: shock serpent |T2| Reason: Electrical Bolt and no
                  | rElec
 24918 | Snake:2  | Danger: nagaraja |T2| Reason: Poison Arrow deals more than
                  | 50% MHP!
 24923 | Snake:2  | Danger: shock serpent |T2| Reason: Electrical Bolt and no
                  | rElec
 24934 | Snake:2  | Reached XP level 16. HP: 90/136 MP: 16/16
 24961 | Snake:2  | Danger: shock serpent |T2| Reason: Electrical Bolt and no
                  | rElec
 24962 | Snake:2  | Danger: salamander tyrant |T2| Reason: Eruption deals more
                  | than 50% MHP!
 24962 | Snake:2  | Danger: salamander tyrant |T2| Reason: Pyroclastic Surge
                  | deals more than 50% MHP!
 24963 | Snake:2  | a nagaraja changed into an acid blob
 24963 | Snake:2  | Noticed an acid blob
 25010 | Snake:2  | Got the Quarto of Blinking Pyromania
 25087 | Snake:2  | Found Nozuni's Book Shoppe.
 25088 | Snake:2  | Found Nofecw's Jewellery Shop.
 25088 | Snake:2  | Found Vifir's Jewellery Shop.
 25127 | Snake:3  | Danger: guardian serpent |T2| Reason: Slow and low Will,
                  | careful
 25142 | Snake:2  | Danger: Low HP Warning |T2| Reason: 50% HP (69/136)
 25143 | Snake:2  | Danger: Low HP Warning |T2| Reason: 52% HP (71/136)
 25144 | Snake:2  | Danger: Low HP Warning |T2| Reason: 54% HP (74/136)
 25145 | Snake:2  | Danger: Low HP Warning |T2| Reason: 55% HP (76/136)
 25146 | Snake:2  | Danger: Low HP Warning |T2| Reason: 57% HP (78/136)
 25147 | Snake:2  | Danger: Low HP Warning |T2| Reason: 59% HP (81/136)
 25150 | Snake:2  | :oh what am i doing theyre nagas i can walk
 25292 | Snake:3  | Danger: nagaraja |T2| Reason: Venom Bolt deals more than
                  | 50% MHP!
 25292 | Snake:3  | Danger: nagaraja |T2| Reason: Poison Arrow deals more than
                  | 50% MHP!
 25297 | Snake:3  | :FR: faith stacking
 25316 | Snake:3  | Danger: shock serpent |T2| Reason: Electrical Bolt and no
                  | rElec
 25329 | Snake:3  | Danger: Low HP Warning |T2| Reason: 55% HP (75/136)
 25330 | Snake:3  | Danger: Low HP Warning |T2| Reason: 56% HP (77/136)
 25331 | Snake:3  | Danger: Low HP Warning |T2| Reason: 58% HP (79/136)
 25332 | Snake:3  | Danger: Low HP Warning |T2| Reason: 59% HP (81/136)
 25334 | Snake:3  | Danger: Low HP Warning |T2| Reason: 52% HP (71/136)
 25335 | Snake:3  | Danger: Low HP Warning |T2| Reason: 53% HP (73/136)
 25336 | Snake:3  | Danger: Low HP Warning |T2| Reason: 55% HP (75/136)
 25337 | Snake:3  | Danger: Low HP Warning |T2| Reason: 52% HP (71/136)
 25338 | Snake:3  | Danger: Low HP Warning |T2| Reason: 53% HP (73/136)
 25351 | Snake:3  | Danger: shock serpent |T2| Reason: Electrical Bolt and no
                  | rElec
 25357 | Snake:3  | Danger: Low HP Warning |T2| Reason: 57% HP (78/136)
 25358 | Snake:3  | Danger: Low HP Warning |T2| Reason: 58% HP (80/136)
 25359 | Snake:3  | Danger: Low HP Warning |T2| Reason: 60% HP (82/136)
 25362 | Snake:3  | Danger: Low HP Warning |T2| Reason: 43% HP (59/136)
 25363 | Snake:3  | Danger: Low HP Warning |T2| Reason: 44% HP (61/136)
 25364 | Snake:3  | Danger: shock serpent |T3| Reason: IMMINENT DEATH:
                  | Electrical Bolt deals 39 damage, you have 30 HP!!
 25364 | Snake:3  | Danger: Low HP Warning |T3| Reason: 22% HP (30/136)
 25366 | Snake:3  | Danger: shock serpent |T2| Reason: Electrical Bolt and no
                  | rElec
 25366 | Snake:3  | Danger: shock serpent |T3| Reason: IMMINENT DEATH:
                  | Electrical Bolt deals 39 damage, you have 35 HP!!
 25366 | Snake:3  | Danger: Low HP Warning |T3| Reason: 25% HP (35/136)
 25367 | Snake:3  | Danger: shock serpent |T3| Reason: IMMINENT DEATH:
                  | Electrical Bolt deals 39 damage, you have 37 HP!!
 25367 | Snake:3  | Danger: Low HP Warning |T2| Reason: 27% HP (37/136)
 25368 | Snake:3  | Danger: Low HP Warning |T2| Reason: 29% HP (40/136)
 25370 | Snake:3  | Danger: shock serpent |T2| Reason: Electrical Bolt and no
                  | rElec
 25370 | Snake:3  | Danger: Low HP Warning |T2| Reason: 32% HP (44/136)
 25371 | Snake:3  | Danger: Low HP Warning |T2| Reason: 34% HP (47/136)
 25372 | Snake:3  | Danger: Low HP Warning |T2| Reason: 36% HP (49/136)
 25515 | Snake:3  | Danger: shock serpent |T2| Reason: Electrical Bolt and no
                  | rElec
 25544 | Snake:3  | Danger: shock serpent |T2| Reason: Electrical Bolt and no
                  | rElec
 25553 | Snake:3  | Danger: Low HP Warning |T2| Reason: 58% HP (80/136)
 25554 | Snake:3  | Danger: Low HP Warning |T2| Reason: 57% HP (78/136)
 25679 | Snake:3  | Danger: guardian serpent |T2| Reason: Slow and low Will,
                  | careful
 25682 | Snake:3  | Danger: guardian serpent |T2| Reason: Slow and low Will,
                  | careful
 25688 | Snake:3  | Danger: guardian serpent |T2| Reason: Slow and low Will,
                  | careful
 25694 | Snake:3  | Danger: guardian serpent |T2| Reason: Slow and low Will,
                  | careful
 25854 | Snake:3  | Danger: guardian serpent |T2| Reason: Slow and low Will,
                  | careful
 25958 | Snake:3  | Danger: guardian serpent |T2| Reason: Slow and low Will,
                  | careful
 26224 | Snake:3  | Danger: shock serpent |T2| Reason: Electrical Bolt and no
                  | rElec
 26293 | Snake:3  | Danger: shock serpent |T2| Reason: Electrical Bolt and no
                  | rElec
 26295 | Snake:3  | Danger: shock serpent |T2| Reason: Electrical Bolt and no
                  | rElec
 26299 | Snake:3  | Danger: Low HP Warning |T2| Reason: 56% HP (77/136)
 26300 | Snake:3  | Danger: Low HP Warning |T2| Reason: 50% HP (68/136)
 26301 | Snake:3  | Danger: Low HP Warning |T2| Reason: 50% HP (69/136)
 26302 | Snake:3  | Danger: Low HP Warning |T2| Reason: 41% HP (56/136)
 26303 | Snake:3  | Danger: Low HP Warning |T2| Reason: 42% HP (58/136)
 26304 | Snake:3  | Danger: Low HP Warning |T2| Reason: 34% HP (47/136)
 26305 | Snake:3  | Danger: Low HP Warning |T2| Reason: 36% HP (49/136)
 26306 | Snake:3  | Danger: Low HP Warning |T2| Reason: 37% HP (51/136)
 26307 | Snake:3  | Danger: Low HP Warning |T2| Reason: 38% HP (53/136)
 26308 | Snake:3  | Danger: Low HP Warning |T2| Reason: 41% HP (56/136)
 26309 | Snake:3  | Danger: Low HP Warning |T2| Reason: 42% HP (58/136)
 26310 | Snake:3  | Danger: Low HP Warning |T2| Reason: 44% HP (60/136)
 26311 | Snake:3  | Danger: Low HP Warning |T2| Reason: 46% HP (63/136)
 26312 | Snake:3  | Danger: Low HP Warning |T2| Reason: 47% HP (65/136)
 26314 | Snake:3  | Danger: Low HP Warning |T2| Reason: 51% HP (70/136)
 26315 | Snake:3  | Danger: Low HP Warning |T2| Reason: 52% HP (72/136)
 26316 | Snake:3  | Danger: Low HP Warning |T2| Reason: 54% HP (74/136)
 26346 | Snake:3  | Reached skill level 10 in Shields
 26544 | Snake:4  | Entered Level 4 of the Snake Pit
 26550 | Snake:4  | Danger: guardian serpent |T2| Reason: Slow and low Will,
                  | careful
 26559 | Snake:4  | Danger: shock serpent |T2| Reason: Electrical Bolt and no
                  | rElec
 26563 | Snake:4  | Danger: shock serpent |T2| Reason: Electrical Bolt and no
                  | rElec
 26683 | Snake:4  | Danger: shock serpent |T2| Reason: Electrical Bolt and no
                  | rElec
 26756 | Snake:4  | Danger: guardian serpent |T2| Reason: Slow and low Will,
                  | careful
 26851 | Snake:4  | Found Onuatt's Antique Armour Emporium.
 26853 | Snake:4  | Danger: shock serpent |T2| Reason: Electrical Bolt and no
                  | rElec
 26853 | Snake:4  | Found Zoary's Magic Scroll Emporium.
 26853 | Snake:4  | Found Poun's Antique Armour Shoppe.
 26860 | Snake:4  | Found Tasad's Armour Shoppe.
 27269 | Snake:4  | Danger: guardian serpent |T2| Reason: Slow and low Will,
                  | careful
 27273 | Snake:4  | Danger: guardian serpent |T2| Reason: Slow and low Will,
                  | careful
 27298 | Snake:4  | Danger: Low HP Warning |T2| Reason: 50% HP (68/136)
 27299 | Snake:4  | Danger: Low HP Warning |T2| Reason: 50% HP (69/136)
 27300 | Snake:4  | Danger: Low HP Warning |T2| Reason: 52% HP (71/136)
 27301 | Snake:4  | Danger: Low HP Warning |T2| Reason: 53% HP (73/136)
 27302 | Snake:4  | Danger: Low HP Warning |T2| Reason: 50% HP (68/136)
 27303 | Snake:4  | Danger: Low HP Warning |T2| Reason: 51% HP (70/136)
 27305 | Snake:4  | Danger: Low HP Warning |T2| Reason: 44% HP (60/136)
 27306 | Snake:4  | Danger: Low HP Warning |T2| Reason: 46% HP (63/136)
 27307 | Snake:4  | Danger: Low HP Warning |T2| Reason: 47% HP (65/136)
 27308 | Snake:4  | Danger: Low HP Warning |T2| Reason: 49% HP (67/136)
 27309 | Snake:4  | Danger: Low HP Warning |T2| Reason: 50% HP (69/136)
 27310 | Snake:4  | Danger: Low HP Warning |T2| Reason: 52% HP (71/136)
 27311 | Snake:4  | Danger: Low HP Warning |T2| Reason: 53% HP (73/136)
 27312 | Snake:4  | Danger: Low HP Warning |T2| Reason: 55% HP (75/136)
 27313 | Snake:4  | Danger: Low HP Warning |T2| Reason: 56% HP (77/136)
 27314 | Snake:4  | Danger: Low HP Warning |T2| Reason: 58% HP (79/136)
 27315 | Snake:4  | Danger: Low HP Warning |T2| Reason: 59% HP (81/136)
 27316 | Snake:4  | Danger: Low HP Warning |T2| Reason: 59% HP (81/136)
 27318 | Snake:4  | Danger: Low HP Warning |T2| Reason: 55% HP (76/136)
 27319 | Snake:4  | Danger: Low HP Warning |T2| Reason: 57% HP (78/136)
 27320 | Snake:4  | Danger: Low HP Warning |T2| Reason: 55% HP (75/136)
 27321 | Snake:4  | Danger: Low HP Warning |T2| Reason: 55% HP (75/136)
 27322 | Snake:4  | Danger: Low HP Warning |T2| Reason: 56% HP (77/136)
 27323 | Snake:4  | Danger: Low HP Warning |T2| Reason: 58% HP (79/136)
 27324 | Snake:4  | Danger: nagaraja |T3| Reason: IMMINENT DEATH: Poison Arrow
                  | deals 66 damage, you have 63 HP!!
 27324 | Snake:4  | Danger: Low HP Warning |T2| Reason: 46% HP (63/136)
 27325 | Snake:4  | Danger: Low HP Warning |T2| Reason: 47% HP (65/136)
 27326 | Snake:4  | Danger: Low HP Warning |T2| Reason: 49% HP (67/136)
 27327 | Snake:4  | Danger: Low HP Warning |T2| Reason: 50% HP (69/136)
 27328 | Snake:4  | Danger: Low HP Warning |T2| Reason: 52% HP (71/136)
 27329 | Snake:4  | Danger: Low HP Warning |T2| Reason: 53% HP (73/136)
 27330 | Snake:4  | Danger: Low HP Warning |T2| Reason: 55% HP (75/136)
 27331 | Snake:4  | Danger: Low HP Warning |T2| Reason: 55% HP (76/136)
 27332 | Snake:4  | Danger: Low HP Warning |T2| Reason: 57% HP (78/136)
 27333 | Snake:4  | Danger: Low HP Warning |T2| Reason: 56% HP (77/136)
 27334 | Snake:4  | Danger: Low HP Warning |T2| Reason: 56% HP (77/136)
 27335 | Snake:4  | Danger: Low HP Warning |T2| Reason: 54% HP (74/136)
 27336 | Snake:4  | Danger: Low HP Warning |T2| Reason: 55% HP (75/136)
 27337 | Snake:4  | Danger: Low HP Warning |T2| Reason: 56% HP (77/136)
 27338 | Snake:4  | Danger: Low HP Warning |T2| Reason: 58% HP (80/136)
 27339 | Snake:4  | Danger: Low HP Warning |T2| Reason: 60% HP (82/136)
 27350 | Snake:4  | Noticed Vashnia
 27363 | Snake:4  | Danger: Vashnia |T2| Reason: Unique monster, careful!
 27368 | Snake:4  | Danger: Vashnia |T2| Reason: Unique monster, careful!
 27375 | Snake:4  | Danger: Vashnia |T2| Reason: Unique monster, careful!
 27441 | Snake:4  | Danger: Vashnia |T2| Reason: Unique monster, careful!
 27444 | Snake:4  | Danger: Vashnia |T2| Reason: Unique monster, careful!
 27448 | Snake:4  | Danger: Vashnia |T2| Reason: Unique monster, careful!
 27610 | Snake:4  | Danger: salamander tyrant |T2| Reason: Eruption deals more
                  | than 50% MHP!
 27610 | Snake:4  | Danger: salamander tyrant |T2| Reason: Pyroclastic Surge
                  | deals more than 50% MHP!
 27618 | Snake:4  | Danger: salamander tyrant |T2| Reason: Eruption deals more
                  | than 50% MHP!
 27618 | Snake:4  | Danger: salamander tyrant |T2| Reason: Pyroclastic Surge
                  | deals more than 50% MHP!
 27620 | Snake:4  | Danger: salamander tyrant |T2| Reason: Eruption deals more
                  | than 50% MHP!
 27620 | Snake:4  | Danger: salamander tyrant |T2| Reason: Pyroclastic Surge
                  | deals more than 50% MHP!
 27624 | Snake:4  | Danger: salamander tyrant |T2| Reason: Eruption deals more
                  | than 50% MHP!
 27624 | Snake:4  | Danger: salamander tyrant |T2| Reason: Pyroclastic Surge
                  | deals more than 50% MHP!
 27674 | Snake:4  | Reached XP level 17. HP: 140/142 MP: 17/17
 27677 | Snake:4  | Danger: salamander tyrant |T2| Reason: Eruption deals more
                  | than 50% MHP!
 27677 | Snake:4  | Danger: salamander tyrant |T2| Reason: Pyroclastic Surge
                  | deals more than 50% MHP!
 27686 | Snake:4  | Danger: salamander tyrant |T2| Reason: Eruption deals more
                  | than 50% MHP!
 27686 | Snake:4  | Danger: salamander tyrant |T2| Reason: Pyroclastic Surge
                  | deals more than 50% MHP!
 27708 | Snake:4  | Danger: Low HP Warning |T2| Reason: 59% HP (85/142)
 27710 | Snake:4  | Danger: Low HP Warning |T2| Reason: 59% HP (85/142)
 27712 | Snake:4  | Danger: Low HP Warning |T2| Reason: 47% HP (67/142)
 27713 | Snake:4  | Danger: Low HP Warning |T2| Reason: 47% HP (68/142)
 27714 | Snake:4  | Danger: Low HP Warning |T2| Reason: 46% HP (66/142)
 27715 | Snake:4  | Danger: Low HP Warning |T2| Reason: 48% HP (69/142)
 27716 | Snake:4  | Danger: Low HP Warning |T2| Reason: 50% HP (71/142)
 27717 | Snake:4  | Danger: Low HP Warning |T2| Reason: 51% HP (73/142)
 27718 | Snake:4  | Danger: Low HP Warning |T2| Reason: 43% HP (62/142)
 27719 | Snake:4  | Danger: Low HP Warning |T2| Reason: 45% HP (64/142)
 27720 | Snake:4  | Danger: Low HP Warning |T2| Reason: 46% HP (66/142)
 27721 | Snake:4  | Danger: Low HP Warning |T2| Reason: 48% HP (69/142)
 27722 | Snake:4  | Danger: Low HP Warning |T2| Reason: 50% HP (71/142)
 27723 | Snake:4  | Danger: Low HP Warning |T2| Reason: 51% HP (73/142)
 27724 | Snake:4  | Danger: Low HP Warning |T2| Reason: 52% HP (75/142)
 27725 | Snake:4  | Danger: Low HP Warning |T2| Reason: 54% HP (77/142)
 27726 | Snake:4  | Danger: Low HP Warning |T2| Reason: 55% HP (79/142)
 27727 | Snake:4  | Danger: Low HP Warning |T2| Reason: 50% HP (72/142)
 27728 | Snake:4  | Danger: Low HP Warning |T2| Reason: 52% HP (74/142)
 27729 | Snake:4  | Danger: Low HP Warning |T2| Reason: 51% HP (73/142)
 27730 | Snake:4  | Danger: Low HP Warning |T2| Reason: 53% HP (76/142)
 27731 | Snake:4  | Danger: Low HP Warning |T2| Reason: 54% HP (78/142)
 27732 | Snake:4  | Danger: Low HP Warning |T2| Reason: 56% HP (80/142)
 27733 | Snake:4  | Danger: Low HP Warning |T2| Reason: 58% HP (83/142)
 27734 | Snake:4  | Danger: Low HP Warning |T2| Reason: 59% HP (85/142)
 27801 | Snake:4  | Danger: guardian serpent |T2| Reason: Slow and low Will,
                  | careful
 27806 | Snake:4  | Danger: guardian serpent |T2| Reason: Slow and low Will,
                  | careful
 27825 | Snake:4  | Danger: guardian serpent |T2| Reason: Slow and low Will,
                  | careful
 27827 | Snake:4  | Danger: guardian serpent |T2| Reason: Slow and low Will,
                  | careful
 27875 | Snake:4  | Got a serpentine rune of Zot
 27925 | Snake:4  | Danger: salamander tyrant |T2| Reason: Eruption deals more
                  | than 50% MHP!
 27925 | Snake:4  | Danger: salamander tyrant |T2| Reason: Pyroclastic Surge
                  | deals more than 50% MHP!
 27934 | Snake:4  | Danger: Low HP Warning |T2| Reason: 57% HP (82/142)
 27935 | Snake:4  | Danger: Low HP Warning |T2| Reason: 59% HP (84/142)
 27936 | Snake:4  | Danger: Low HP Warning |T2| Reason: 60% HP (86/142)
 27937 | Snake:4  | Danger: Low HP Warning |T2| Reason: 57% HP (81/142)
 27938 | Snake:4  | Danger: Low HP Warning |T2| Reason: 58% HP (83/142)
 27939 | Snake:4  | Danger: Low HP Warning |T2| Reason: 59% HP (85/142)
 27942 | Snake:4  | Danger: Low HP Warning |T2| Reason: 53% HP (76/142)
 27943 | Snake:4  | Danger: Low HP Warning |T2| Reason: 54% HP (78/142)
 27944 | Snake:4  | Danger: Low HP Warning |T2| Reason: 56% HP (80/142)
 27945 | Snake:4  | Danger: Low HP Warning |T2| Reason: 57% HP (82/142)
 27946 | Snake:4  | Danger: Low HP Warning |T2| Reason: 59% HP (84/142)
 28281 | Shoals:1 | Entered Level 1 of the Shoals
 28450 | Shoals:1 | Noticed Jorgrun
 28452 | Shoals:1 | Danger: Jorgrun |T3| Reason: Petrify and low Will
 28452 | Shoals:1 | Danger: Jorgrun |T2| Reason: Unique monster, careful!
 28452 | Shoals:1 | Danger: Jorgrun |T2| Reason: Iron Shot deals more than 50%
                  | MHP!
 28453 | Shoals:1 | Danger: Jorgrun |T3| Reason: Petrify and low Will
 28454 | Shoals:1 | Danger: Jorgrun |T3| Reason: Petrify and low Will
 28455 | Shoals:1 | Danger: Jorgrun |T3| Reason: Petrify and low Will
 28456 | Shoals:1 | Danger: Jorgrun |T3| Reason: Petrify and low Will
 28457 | Shoals:1 | Danger: cyclops |T2| Reason: Quivering large rocks, watch
                  | out!!
 28457 | Shoals:1 | Danger: Jorgrun |T3| Reason: Petrify and low Will
 28457 | Shoals:1 | Slimified Jorgrun
 28457 | Shoals:1 | Jorgrun changed into Jorgrun the slime creature
 28457 | Shoals:1 | Noticed Jorgrun
 28509 | Shoals:1 | Danger: cyclops |T2| Reason: Quivering large rocks, watch
                  | out!!
 28583 | Shoals:1 | :ooh
 28610 | Shoals:1 | Danger: Low HP Warning |T2| Reason: 57% HP (81/142)
 28611 | Shoals:1 | Danger: Low HP Warning |T2| Reason: 58% HP (83/142)
 28612 | Shoals:1 | Danger: Low HP Warning |T2| Reason: 59% HP (85/142)
 28632 | Shoals:1 | Killed Jorgrun the slime creature
 28663 | Shoals:1 | Danger: cyclops |T2| Reason: Quivering large rocks, watch
                  | out!!
 28791 | Orc:2    | Bought the +1 cloak of Starlight {*Dazzle EV+4 Stlth--} for
                  | 884 gold pieces
 28791 | Orc:2    | Found the +1 cloak of Starlight {*Dazzle EV+4 Stlth--}
 29112 | Shoals:1 | Noticed Donald
 29113 | Shoals:1 | Danger: Donald |T2| Reason: Unique monster, careful!
 29113 | Shoals:1 | Danger: Donald |T3| Reason: wielding holy wrath while
                  | unholy, watch out!!
 29115 | Shoals:1 | Danger: Donald |T2| Reason: Unique monster, careful!
 29115 | Shoals:1 | Danger: Donald |T3| Reason: wielding holy wrath while
                  | unholy, watch out!!
 29116 | Shoals:1 | Danger: Donald |T3| Reason: wielding holy wrath while
                  | unholy, watch out!!
 29116 | Shoals:1 | Slimified Donald
 29116 | Shoals:1 | Donald changed into Donald the slime creature
 29116 | Shoals:1 | Noticed Donald
 29119 | Shoals:1 | Danger: cyclops |T2| Reason: Quivering large rocks, watch
                  | out!!
 29127 | Shoals:1 | Danger: cyclops |T2| Reason: Quivering large rocks, watch
                  | out!!
 29134 | Shoals:1 | Danger: cyclops |T2| Reason: Quivering large rocks, watch
                  | out!!
 29139 | Shoals:1 | Danger: cyclops |T2| Reason: Quivering large rocks, watch
                  | out!!
 29142 | Shoals:1 | Danger: cyclops |T2| Reason: Quivering large rocks, watch
                  | out!!
 29146 | Shoals:1 | Danger: cyclops |T2| Reason: Quivering large rocks, watch
                  | out!!
 29149 | Shoals:1 | Danger: cyclops |T2| Reason: Quivering large rocks, watch
                  | out!!
 29152 | Shoals:1 | Danger: cyclops |T2| Reason: Quivering large rocks, watch
                  | out!!
 29192 | Shoals:1 | Danger: merfolk |T2| Reason: Quivering boomerangs, careful!
 29229 | Shoals:1 | Noticed Kirke
 29230 | Shoals:1 | Danger: Kirke |T2| Reason: Porkalator and low Will, careful
 29230 | Shoals:1 | Danger: Kirke |T2| Reason: Slow and low Will, careful
 29230 | Shoals:1 | Danger: Kirke |T2| Reason: Unique monster, careful!
 29236 | Shoals:1 | Danger: Kirke |T2| Reason: Porkalator and low Will, careful
 29236 | Shoals:1 | Danger: Kirke |T2| Reason: Slow and low Will, careful
 29236 | Shoals:1 | Danger: Kirke |T2| Reason: Unique monster, careful!
 29246 | Shoals:1 | Killed Kirke
 29591 | Shoals:2 | Danger: merfolk |T2| Reason: Quivering boomerangs, careful!
 29607 | Shoals:2 | Danger: dream sheep |T2| Reason: Irresistible Dream Dust
                  | (4%), watch out!
 29616 | Shoals:2 | Danger: dream sheep |T2| Reason: Irresistible Dream Dust
                  | (52%), watch out!
 29616 | Shoals:2 | Danger: dream sheep |T2| Reason: Irresistible Dream Dust
                  | (52%), watch out!
 29617 | Shoals:2 | Danger: dream sheep |T2| Reason: Irresistible Dream Dust
                  | (4%), watch out!
 29618 | Shoals:2 | Danger: dream sheep |T2| Reason: Irresistible Dream Dust
                  | (52%), watch out!
 29618 | Shoals:2 | Danger: cyclops |T2| Reason: Quivering large rocks, watch
                  | out!!
 29618 | Shoals:2 | Danger: dream sheep |T2| Reason: Irresistible Dream Dust
                  | (52%), watch out!
 29619 | Shoals:2 | Danger: dream sheep |T2| Reason: Irresistible Dream Dust
                  | (4%), watch out!
 29621 | Shoals:2 | Danger: dream sheep |T2| Reason: Irresistible Dream Dust
                  | (52%), watch out!
 29621 | Shoals:2 | Danger: dream sheep |T2| Reason: Irresistible Dream Dust
                  | (52%), watch out!
 29622 | Shoals:2 | Danger: cyclops |T2| Reason: Quivering large rocks, watch
                  | out!!
 29623 | Shoals:2 | Danger: dream sheep |T2| Reason: Irresistible Dream Dust
                  | (4%), watch out!
 29626 | Shoals:2 | Danger: cyclops |T2| Reason: Quivering large rocks, watch
                  | out!!
 29629 | Shoals:2 | Danger: dream sheep |T2| Reason: Irresistible Dream Dust
                  | (4%), watch out!
 29684 | Shoals:2 | Danger: merfolk |T3| Reason: Quivering throwing nets, watch
                  | out!
 29685 | Shoals:2 | Danger: merfolk |T3| Reason: Quivering throwing nets, watch
                  | out!
 29686 | Shoals:2 | Danger: merfolk |T3| Reason: Quivering throwing nets, watch
                  | out!
 29690 | Shoals:2 | Danger: merfolk |T3| Reason: Quivering throwing nets, watch
                  | out!
 29692 | Shoals:2 | Danger: merfolk |T3| Reason: Quivering throwing nets, watch
                  | out!
 29693 | Shoals:2 | Danger: merfolk |T3| Reason: Quivering throwing nets, watch
                  | out!
 29694 | Shoals:2 | Danger: merfolk |T3| Reason: Quivering throwing nets, watch
                  | out!
 29695 | Shoals:2 | Danger: merfolk |T3| Reason: Quivering throwing nets, watch
                  | out!
 29697 | Shoals:2 | Danger: merfolk |T3| Reason: Quivering throwing nets, watch
                  | out!
 29698 | Shoals:2 | Danger: merfolk |T2| Reason: Quivering boomerangs, careful!
 29698 | Shoals:2 | Danger: merfolk |T3| Reason: Quivering throwing nets, watch
                  | out!
 29699 | Shoals:2 | Danger: merfolk |T3| Reason: Quivering throwing nets, watch
                  | out!
 29702 | Shoals:2 | Danger: merfolk |T3| Reason: Quivering throwing nets, watch
                  | out!
 29704 | Shoals:2 | Danger: merfolk |T3| Reason: Quivering throwing nets, watch
                  | out!
 29705 | Shoals:2 | Danger: merfolk |T3| Reason: Quivering throwing nets, watch
                  | out!
 29708 | Shoals:2 | Danger: merfolk |T3| Reason: Quivering throwing nets, watch
                  | out!
 29710 | Shoals:2 | Danger: merfolk |T3| Reason: Quivering throwing nets, watch
                  | out!
 29711 | Shoals:2 | Danger: merfolk |T3| Reason: Quivering throwing nets, watch
                  | out!
 29712 | Shoals:2 | Danger: merfolk |T3| Reason: Quivering throwing nets, watch
                  | out!
 29713 | Shoals:2 | Danger: merfolk |T3| Reason: Quivering throwing nets, watch
                  | out!
 29738 | Shoals:2 | :bleh
 29744 | Shoals:2 | Danger: merfolk |T2| Reason: Quivering boomerangs, careful!
 29746 | Shoals:2 | Danger: merfolk |T2| Reason: Quivering boomerangs, careful!
 29775 | Shoals:2 | Danger: Low HP Warning |T2| Reason: 60% HP (86/142)
 29777 | Shoals:2 | Danger: Low HP Warning |T2| Reason: 56% HP (80/142)
 29778 | Shoals:2 | Danger: Low HP Warning |T2| Reason: 51% HP (73/142)
 29779 | Shoals:2 | Danger: Low HP Warning |T2| Reason: 52% HP (75/142)
 29780 | Shoals:2 | Danger: Low HP Warning |T2| Reason: 54% HP (77/142)
 29781 | Shoals:2 | Danger: Low HP Warning |T2| Reason: 54% HP (77/142)
 29782 | Shoals:2 | Danger: Low HP Warning |T2| Reason: 55% HP (79/142)
 29783 | Shoals:2 | Danger: Low HP Warning |T2| Reason: 57% HP (81/142)
 29784 | Shoals:2 | Danger: Low HP Warning |T2| Reason: 58% HP (83/142)
 29785 | Shoals:2 | Danger: Low HP Warning |T2| Reason: 60% HP (86/142)
 29786 | Shoals:2 | Danger: Low HP Warning |T2| Reason: 57% HP (81/142)
 29787 | Shoals:2 | Danger: Low HP Warning |T2| Reason: 58% HP (83/142)
 29788 | Shoals:2 | Danger: Low HP Warning |T2| Reason: 60% HP (86/142)
 29790 | Shoals:2 | Danger: Low HP Warning |T2| Reason: 55% HP (79/142)
 29792 | Shoals:2 | Danger: Low HP Warning |T2| Reason: 57% HP (81/142)
 29794 | Shoals:2 | Danger: Low HP Warning |T2| Reason: 59% HP (85/142)
 29795 | Shoals:2 | Danger: Low HP Warning |T2| Reason: 59% HP (84/142)
 29811 | Shoals:2 | Danger: Low HP Warning |T2| Reason: 58% HP (83/142)
 29813 | Shoals:2 | Danger: Low HP Warning |T2| Reason: 56% HP (80/142)
 29814 | Shoals:2 | Danger: Low HP Warning |T2| Reason: 57% HP (82/142)
 29815 | Shoals:2 | Danger: Low HP Warning |T2| Reason: 59% HP (84/142)
 29816 | Shoals:2 | Danger: Low HP Warning |T2| Reason: 60% HP (86/142)
 29820 | Shoals:2 | Danger: Low HP Warning |T2| Reason: 59% HP (85/142)
 29822 | Shoals:2 | Danger: Low HP Warning |T2| Reason: 56% HP (80/142)
 29823 | Shoals:2 | Danger: Low HP Warning |T2| Reason: 57% HP (82/142)
 29825 | Shoals:2 | Danger: Low HP Warning |T2| Reason: 59% HP (85/142)
 29979 | Shoals:2 | Found a sacrificial altar of Ru.
 30114 | Shoals:2 | Reached skill level 18 in Unarmed Combat
 30185 | Shoals:2 | Danger: Low HP Warning |T2| Reason: 58% HP (83/142)
 30186 | Shoals:2 | Danger: Low HP Warning |T2| Reason: 59% HP (85/142)
 30322 | Shoals:3 | Danger: merfolk |T2| Reason: Quivering boomerangs, careful!
 30323 | Shoals:3 | Danger: merfolk javelineer |T2| Reason: Quivering javelins,
                  | watch out!
 30326 | Shoals:3 | Danger: merfolk |T2| Reason: Quivering boomerangs, careful!
 30327 | Shoals:3 | Danger: merfolk |T2| Reason: Quivering boomerangs, careful!
 30327 | Shoals:3 | Danger: merfolk |T2| Reason: Quivering boomerangs, careful!
 30333 | Shoals:3 | Danger: merfolk javelineer |T2| Reason: Quivering javelins,
                  | watch out!
 30343 | Shoals:3 | Danger: Low HP Warning |T2| Reason: 59% HP (84/142)
 30344 | Shoals:3 | Danger: Low HP Warning |T2| Reason: 52% HP (74/142)
 30345 | Shoals:3 | Danger: Low HP Warning |T2| Reason: 54% HP (77/142)
 30346 | Shoals:3 | Danger: Low HP Warning |T2| Reason: 55% HP (79/142)
 30348 | Shoals:2 | Danger: Low HP Warning |T2| Reason: 54% HP (77/142)
 30349 | Shoals:2 | Danger: Low HP Warning |T2| Reason: 52% HP (74/142)
 30350 | Shoals:2 | Danger: Low HP Warning |T2| Reason: 53% HP (76/142)
 30351 | Shoals:2 | Danger: Low HP Warning |T2| Reason: 54% HP (78/142)
 30352 | Shoals:2 | Danger: Low HP Warning |T2| Reason: 56% HP (80/142)
 30353 | Shoals:2 | Danger: Low HP Warning |T2| Reason: 58% HP (83/142)
 30354 | Shoals:2 | Danger: Low HP Warning |T2| Reason: 58% HP (83/142)
 30368 | Shoals:2 | Danger: Low HP Warning |T2| Reason: 58% HP (83/142)
 30369 | Shoals:2 | Danger: Low HP Warning |T2| Reason: 57% HP (81/142)
 30370 | Shoals:2 | Danger: Low HP Warning |T2| Reason: 58% HP (83/142)
 30371 | Shoals:2 | Danger: Low HP Warning |T2| Reason: 59% HP (85/142)
 30373 | Shoals:2 | Danger: Low HP Warning |T2| Reason: 59% HP (85/142)
 30397 | Shoals:3 | Danger: merfolk |T2| Reason: Quivering boomerangs, careful!
 30404 | Shoals:3 | Danger: merfolk javelineer |T2| Reason: Quivering javelins,
                  | watch out!
 30408 | Shoals:3 | Danger: merfolk |T2| Reason: Quivering boomerangs, careful!
 30551 | Shoals:3 | Danger: merfolk aquamancer |T3| Reason: Distortion weapon!
 30552 | Shoals:3 | Danger: merfolk aquamancer |T3| Reason: Distortion weapon!
 30553 | Shoals:3 | Danger: merfolk aquamancer |T3| Reason: Distortion weapon!
 30554 | Shoals:3 | Danger: merfolk aquamancer |T3| Reason: Distortion weapon!
 30555 | Shoals:3 | Danger: merfolk aquamancer |T3| Reason: Distortion weapon!
 30557 | Shoals:3 | Danger: merfolk aquamancer |T3| Reason: Distortion weapon!
 30558 | Shoals:3 | Danger: merfolk aquamancer |T3| Reason: Distortion weapon!
 30559 | Shoals:3 | Danger: merfolk aquamancer |T3| Reason: Distortion weapon!
 30560 | Shoals:3 | Danger: merfolk aquamancer |T3| Reason: Distortion weapon!
 30561 | Shoals:3 | Danger: merfolk aquamancer |T3| Reason: Distortion weapon!
 30562 | Shoals:3 | Danger: merfolk aquamancer |T3| Reason: Distortion weapon!
 30563 | Shoals:3 | Danger: merfolk aquamancer |T3| Reason: Distortion weapon!
 30564 | Shoals:3 | Danger: merfolk aquamancer |T3| Reason: Distortion weapon!
 30565 | Shoals:3 | Danger: merfolk aquamancer |T3| Reason: Distortion weapon!
 30566 | Shoals:3 | Danger: merfolk aquamancer |T3| Reason: Distortion weapon!
 30567 | Shoals:3 | Danger: merfolk aquamancer |T3| Reason: Distortion weapon!
 30568 | Shoals:3 | Danger: merfolk aquamancer |T3| Reason: Distortion weapon!
 30569 | Shoals:3 | Danger: merfolk aquamancer |T3| Reason: Distortion weapon!
 30570 | Shoals:3 | Danger: merfolk aquamancer |T3| Reason: Distortion weapon!
 30571 | Shoals:3 | Danger: merfolk aquamancer |T3| Reason: Distortion weapon!
 30714 | Shoals:3 | Noticed Ilsuiw
 30715 | Shoals:3 | Danger: Ilsuiw |T2| Reason: Unique monster, careful!
 30715 | Shoals:3 | Danger: Ilsuiw |T2| Reason: Throw Icicle deals more than
                  | 50% MHP!
 30722 | Shoals:3 | Slimified Ilsuiw
 30722 | Shoals:3 | Ilsuiw changed into Ilsuiw the slime creature
 30722 | Shoals:3 | Noticed Ilsuiw
 30734 | Shoals:3 | Danger: merfolk |T2| Reason: Quivering boomerangs, careful!
 30780 | Shoals:3 | Danger: merfolk |T2| Reason: Quivering boomerangs, careful!
 30864 | Shoals:3 | Killed Ilsuiw the slime creature
 30922 | Shoals:3 | Danger: merfolk aquamancer |T3| Reason: Distortion weapon!
 30923 | Shoals:3 | Danger: merfolk aquamancer |T3| Reason: Distortion weapon!
 30924 | Shoals:3 | Danger: merfolk aquamancer |T3| Reason: Distortion weapon!
 30925 | Shoals:3 | Danger: merfolk aquamancer |T3| Reason: Distortion weapon!
 30926 | Shoals:3 | Danger: merfolk aquamancer |T3| Reason: Distortion weapon!
 30927 | Shoals:3 | Danger: merfolk aquamancer |T3| Reason: Distortion weapon!
 30967 | Shoals:3 | Danger: merfolk |T2| Reason: Quivering boomerangs, careful!
 31026 | Shoals:3 | Danger: merfolk |T2| Reason: Quivering boomerangs, careful!
 31092 | Shoals:3 | Found Wixov's Jewellery Shoppe.
 31210 | Shoals:4 | Entered Level 4 of the Shoals
 31211 | Shoals:4 | Danger: cyclops |T2| Reason: Quivering large rocks, watch
                  | out!!
 31211 | Shoals:4 | Danger: dream sheep |T2| Reason: Irresistible Dream Dust
                  | (4%), watch out!
 31212 | Shoals:4 | Danger: dream sheep |T2| Reason: Irresistible Dream Dust
                  | (52%), watch out!
 31212 | Shoals:4 | Danger: dream sheep |T2| Reason: Irresistible Dream Dust
                  | (52%), watch out!
 31243 | Shoals:4 | Found Kisozeyn's Antique Weapon Boutique.
 31254 | Shoals:4 | Danger: cyclops |T2| Reason: Quivering large rocks, watch
                  | out!!
 31268 | Shoals:4 | Danger: dream sheep |T2| Reason: Irresistible Dream Dust
                  | (52%), watch out!
 31268 | Shoals:4 | Danger: dream sheep |T2| Reason: Irresistible Dream Dust
                  | (52%), watch out!
 31269 | Shoals:4 | Danger: dream sheep |T2| Reason: Irresistible Dream Dust
                  | (4%), watch out!
 31277 | Shoals:4 | Danger: dream sheep |T2| Reason: Irresistible Dream Dust
                  | (52%), watch out!
 31277 | Shoals:4 | Danger: dream sheep |T2| Reason: Irresistible Dream Dust
                  | (52%), watch out!
 31287 | Shoals:4 | Danger: dream sheep |T2| Reason: Irresistible Dream Dust
                  | (4%), watch out!
 31299 | Shoals:4 | Danger: cyclops |T2| Reason: Quivering large rocks, watch
                  | out!!
 31300 | Shoals:4 | Danger: kraken simulacrum |T2| Reason: simulacrum and no
                  | rC, careful
 31300 | Shoals:4 | Danger: kraken simulacrum |T3| Reason: fast simulacrum and
                  | no rC, watch out!!
 31310 | Shoals:4 | Danger: merfolk javelineer |T2| Reason: Quivering javelins,
                  | watch out!
 31313 | Shoals:4 | Danger: cyclops |T2| Reason: Quivering large rocks, watch
                  | out!!
 31321 | Shoals:4 | Danger: merfolk javelineer |T2| Reason: Quivering javelins,
                  | watch out!
 31326 | Shoals:4 | Reached XP level 18. HP: 109/149 MP: 18/18
 31326 | Shoals:4 | Danger: merfolk javelineer |T3| Reason: Distortion weapon!
 31327 | Shoals:4 | Danger: merfolk javelineer |T3| Reason: Distortion weapon!
 31328 | Shoals:4 | Danger: merfolk javelineer |T3| Reason: Distortion weapon!
 31329 | Shoals:4 | Danger: merfolk javelineer |T3| Reason: Distortion weapon!
 31330 | Shoals:4 | Danger: merfolk javelineer |T3| Reason: Distortion weapon!
 31331 | Shoals:4 | Danger: kraken simulacrum |T2| Reason: simulacrum and no
                  | rC, careful
 31331 | Shoals:4 | Danger: kraken simulacrum |T3| Reason: fast simulacrum and
                  | no rC, watch out!!
 31331 | Shoals:4 | Danger: merfolk javelineer |T3| Reason: Distortion weapon!
 31332 | Shoals:4 | Danger: kraken simulacrum |T3| Reason: fast simulacrum and
                  | no rC, watch out!!
 31332 | Shoals:4 | Danger: merfolk javelineer |T3| Reason: Distortion weapon!
 31333 | Shoals:4 | Danger: kraken simulacrum |T3| Reason: fast simulacrum and
                  | no rC, watch out!!
 31333 | Shoals:4 | Danger: merfolk javelineer |T3| Reason: Distortion weapon!
 31334 | Shoals:4 | Danger: kraken simulacrum |T3| Reason: fast simulacrum and
                  | no rC, watch out!!
 31334 | Shoals:4 | Danger: merfolk javelineer |T3| Reason: Distortion weapon!
 31335 | Shoals:4 | Danger: kraken simulacrum |T3| Reason: fast simulacrum and
                  | no rC, watch out!!
 31335 | Shoals:4 | Danger: merfolk javelineer |T3| Reason: Distortion weapon!
 31336 | Shoals:4 | Danger: kraken simulacrum |T3| Reason: fast simulacrum and
                  | no rC, watch out!!
 31336 | Shoals:4 | Danger: merfolk javelineer |T3| Reason: Distortion weapon!
 31337 | Shoals:4 | Danger: kraken simulacrum |T3| Reason: fast simulacrum and
                  | no rC, watch out!!
 31337 | Shoals:4 | Danger: merfolk javelineer |T3| Reason: Distortion weapon!
 31338 | Shoals:4 | Danger: kraken simulacrum |T3| Reason: fast simulacrum and
                  | no rC, watch out!!
 31338 | Shoals:4 | Danger: merfolk javelineer |T3| Reason: Distortion weapon!
 31339 | Shoals:4 | Danger: kraken simulacrum |T3| Reason: fast simulacrum and
                  | no rC, watch out!!
 31339 | Shoals:4 | Danger: merfolk javelineer |T3| Reason: Distortion weapon!
 31340 | Shoals:4 | Danger: kraken simulacrum |T3| Reason: fast simulacrum and
                  | no rC, watch out!!
 31340 | Shoals:4 | Danger: merfolk javelineer |T3| Reason: Distortion weapon!
 31341 | Shoals:4 | Danger: kraken simulacrum |T3| Reason: fast simulacrum and
                  | no rC, watch out!!
 31341 | Shoals:4 | Danger: merfolk javelineer |T3| Reason: Distortion weapon!
 31342 | Shoals:4 | Danger: kraken simulacrum |T3| Reason: fast simulacrum and
                  | no rC, watch out!!
 31342 | Shoals:4 | Danger: merfolk javelineer |T3| Reason: Distortion weapon!
 31343 | Shoals:4 | Danger: kraken simulacrum |T3| Reason: fast simulacrum and
                  | no rC, watch out!!
 31343 | Shoals:4 | Danger: merfolk javelineer |T3| Reason: Distortion weapon!
 31344 | Shoals:4 | Danger: kraken simulacrum |T3| Reason: fast simulacrum and
                  | no rC, watch out!!
 31344 | Shoals:4 | Danger: merfolk javelineer |T3| Reason: Distortion weapon!
 31345 | Shoals:4 | Danger: kraken simulacrum |T3| Reason: fast simulacrum and
                  | no rC, watch out!!
 31345 | Shoals:4 | Danger: merfolk javelineer |T3| Reason: Distortion weapon!
 31346 | Shoals:4 | Danger: kraken simulacrum |T3| Reason: fast simulacrum and
                  | no rC, watch out!!
 31346 | Shoals:4 | Danger: merfolk javelineer |T3| Reason: Distortion weapon!
 31347 | Shoals:4 | Danger: kraken simulacrum |T3| Reason: fast simulacrum and
                  | no rC, watch out!!
 31347 | Shoals:4 | Danger: merfolk javelineer |T3| Reason: Distortion weapon!
 31348 | Shoals:4 | Danger: kraken simulacrum |T3| Reason: fast simulacrum and
                  | no rC, watch out!!
 31348 | Shoals:4 | Danger: merfolk javelineer |T3| Reason: Distortion weapon!
 31349 | Shoals:4 | Danger: kraken simulacrum |T3| Reason: fast simulacrum and
                  | no rC, watch out!!
 31349 | Shoals:4 | Danger: merfolk javelineer |T3| Reason: Distortion weapon!
 31349 | Shoals:4 | Danger: Low HP Warning |T2| Reason: 51% HP (77/149)
 31350 | Shoals:4 | Danger: kraken simulacrum |T3| Reason: fast simulacrum and
                  | no rC, watch out!!
 31350 | Shoals:4 | Danger: merfolk javelineer |T3| Reason: Distortion weapon!
 31350 | Shoals:4 | Danger: Low HP Warning |T2| Reason: 53% HP (79/149)
 31351 | Shoals:4 | Danger: kraken simulacrum |T3| Reason: fast simulacrum and
                  | no rC, watch out!!
 31351 | Shoals:4 | Danger: merfolk javelineer |T3| Reason: Distortion weapon!
 31351 | Shoals:4 | Danger: Low HP Warning |T2| Reason: 48% HP (72/149)
 31352 | Shoals:4 | Danger: kraken simulacrum |T3| Reason: fast simulacrum and
                  | no rC, watch out!!
 31352 | Shoals:4 | Danger: merfolk javelineer |T3| Reason: Distortion weapon!
 31352 | Shoals:4 | Danger: Low HP Warning |T2| Reason: 48% HP (73/149)
 31353 | Shoals:4 | Danger: kraken simulacrum |T3| Reason: fast simulacrum and
                  | no rC, watch out!!
 31353 | Shoals:4 | Danger: merfolk javelineer |T3| Reason: Distortion weapon!
 31353 | Shoals:4 | Danger: Low HP Warning |T2| Reason: 51% HP (76/149)
 31354 | Shoals:4 | Danger: kraken simulacrum |T3| Reason: fast simulacrum and
                  | no rC, watch out!!
 31354 | Shoals:4 | Danger: merfolk javelineer |T3| Reason: Distortion weapon!
 31354 | Shoals:4 | Danger: Low HP Warning |T2| Reason: 53% HP (80/149)
 31357 | Shoals:4 | Danger: merfolk javelineer |T3| Reason: Distortion weapon!
 31357 | Shoals:4 | Danger: merfolk javelineer |T2| Reason: Quivering javelins,
                  | watch out!
 31358 | Shoals:4 | Danger: merfolk javelineer |T3| Reason: Distortion weapon!
 31360 | Shoals:4 | Danger: merfolk javelineer |T3| Reason: Distortion weapon!
 31361 | Shoals:4 | Danger: merfolk javelineer |T3| Reason: Distortion weapon!
 31362 | Shoals:4 | Danger: merfolk javelineer |T3| Reason: Distortion weapon!
 31363 | Shoals:4 | Danger: merfolk javelineer |T3| Reason: Distortion weapon!
 31364 | Shoals:4 | Danger: merfolk javelineer |T3| Reason: Distortion weapon!
 31366 | Shoals:4 | Danger: merfolk javelineer |T3| Reason: Distortion weapon!
 31366 | Shoals:4 | Danger: merfolk javelineer |T2| Reason: Quivering javelins,
                  | watch out!
 31367 | Shoals:4 | Danger: merfolk javelineer |T2| Reason: Quivering javelins,
                  | watch out!
 31367 | Shoals:4 | Danger: merfolk javelineer |T3| Reason: Distortion weapon!
 31368 | Shoals:4 | Danger: merfolk javelineer |T3| Reason: Distortion weapon!
 31369 | Shoals:4 | Danger: merfolk javelineer |T2| Reason: Quivering javelins,
                  | watch out!
 31369 | Shoals:4 | Danger: merfolk javelineer |T3| Reason: Distortion weapon!
 31371 | Shoals:4 | Danger: merfolk javelineer |T3| Reason: Distortion weapon!
 31371 | Shoals:4 | Danger: merfolk javelineer |T2| Reason: Quivering javelins,
                  | watch out!
 31372 | Shoals:4 | Danger: merfolk javelineer |T3| Reason: Distortion weapon!
 31373 | Shoals:4 | Danger: merfolk javelineer |T3| Reason: Distortion weapon!
 31374 | Shoals:4 | Danger: merfolk javelineer |T3| Reason: Distortion weapon!
 31375 | Shoals:4 | Danger: merfolk javelineer |T3| Reason: Distortion weapon!
 31394 | Shoals:4 | Danger: merfolk javelineer |T2| Reason: Quivering javelins,
                  | watch out!
 31395 | Shoals:4 | Danger: kraken simulacrum |T2| Reason: simulacrum and no
                  | rC, careful
 31395 | Shoals:4 | Danger: kraken simulacrum |T3| Reason: fast simulacrum and
                  | no rC, watch out!!
 31396 | Shoals:4 | Danger: kraken simulacrum |T3| Reason: fast simulacrum and
                  | no rC, watch out!!
 31397 | Shoals:4 | Danger: kraken simulacrum |T3| Reason: fast simulacrum and
                  | no rC, watch out!!
 31398 | Shoals:4 | Danger: kraken simulacrum |T3| Reason: fast simulacrum and
                  | no rC, watch out!!
 31399 | Shoals:4 | Danger: kraken simulacrum |T3| Reason: fast simulacrum and
                  | no rC, watch out!!
 31400 | Shoals:4 | Danger: kraken simulacrum |T3| Reason: fast simulacrum and
                  | no rC, watch out!!
 31401 | Shoals:4 | Danger: kraken simulacrum |T3| Reason: fast simulacrum and
                  | no rC, watch out!!
 31402 | Shoals:4 | Danger: kraken simulacrum |T3| Reason: fast simulacrum and
                  | no rC, watch out!!
 31403 | Shoals:4 | Danger: kraken simulacrum |T3| Reason: fast simulacrum and
                  | no rC, watch out!!
 31404 | Shoals:4 | Danger: kraken simulacrum |T3| Reason: fast simulacrum and
                  | no rC, watch out!!
 31405 | Shoals:4 | Danger: kraken simulacrum |T3| Reason: fast simulacrum and
                  | no rC, watch out!!
 31406 | Shoals:4 | Danger: kraken simulacrum |T3| Reason: fast simulacrum and
                  | no rC, watch out!!
 31407 | Shoals:4 | Danger: kraken simulacrum |T3| Reason: fast simulacrum and
                  | no rC, watch out!!
 31408 | Shoals:4 | Danger: kraken simulacrum |T3| Reason: fast simulacrum and
                  | no rC, watch out!!
 31409 | Shoals:4 | Danger: kraken simulacrum |T3| Reason: fast simulacrum and
                  | no rC, watch out!!
 31412 | Shoals:4 | Reached skill level 19 in Unarmed Combat
 31413 | Shoals:4 | Danger: kraken simulacrum |T2| Reason: simulacrum and no
                  | rC, careful
 31413 | Shoals:4 | Danger: kraken simulacrum |T3| Reason: fast simulacrum and
                  | no rC, watch out!!
 31414 | Shoals:4 | Danger: kraken simulacrum |T3| Reason: fast simulacrum and
                  | no rC, watch out!!
 31415 | Shoals:4 | Danger: kraken simulacrum |T3| Reason: fast simulacrum and
                  | no rC, watch out!!
 31416 | Shoals:4 | Danger: kraken simulacrum |T3| Reason: fast simulacrum and
                  | no rC, watch out!!
 31417 | Shoals:4 | Danger: kraken simulacrum |T3| Reason: fast simulacrum and
                  | no rC, watch out!!
 31418 | Shoals:4 | Danger: kraken simulacrum |T3| Reason: fast simulacrum and
                  | no rC, watch out!!
 31419 | Shoals:4 | Danger: kraken simulacrum |T3| Reason: fast simulacrum and
                  | no rC, watch out!!
 31450 | Shoals:4 | Danger: kraken simulacrum |T2| Reason: simulacrum and no
                  | rC, careful
 31450 | Shoals:4 | Danger: kraken simulacrum |T3| Reason: fast simulacrum and
                  | no rC, watch out!!
 31471 | Shoals:4 | Danger: kraken simulacrum |T2| Reason: simulacrum and no
                  | rC, careful
 31471 | Shoals:4 | Danger: kraken simulacrum |T3| Reason: fast simulacrum and
                  | no rC, watch out!!
 31472 | Shoals:4 | Danger: kraken simulacrum |T3| Reason: fast simulacrum and
                  | no rC, watch out!!
 31473 | Shoals:4 | Danger: kraken simulacrum |T3| Reason: fast simulacrum and
                  | no rC, watch out!!
 31474 | Shoals:4 | Danger: kraken simulacrum |T3| Reason: fast simulacrum and
                  | no rC, watch out!!
 31475 | Shoals:4 | Danger: kraken simulacrum |T3| Reason: fast simulacrum and
                  | no rC, watch out!!
 31476 | Shoals:4 | Danger: kraken simulacrum |T3| Reason: fast simulacrum and
                  | no rC, watch out!!
 31477 | Shoals:4 | Danger: kraken simulacrum |T3| Reason: fast simulacrum and
                  | no rC, watch out!!
 31478 | Shoals:4 | Danger: kraken simulacrum |T3| Reason: fast simulacrum and
                  | no rC, watch out!!
 31479 | Shoals:4 | Danger: kraken simulacrum |T3| Reason: fast simulacrum and
                  | no rC, watch out!!
 31492 | Shoals:4 | Got a barnacled rune of Zot
 31636 | Shoals:4 | Danger: merfolk |T2| Reason: Quivering boomerangs, careful!
 31734 | Shoals:4 | Danger: merfolk javelineer |T2| Reason: Quivering javelins,
                  | watch out!
 31735 | Shoals:4 | Danger: merfolk javelineer |T2| Reason: Quivering javelins,
                  | watch out!
 31743 | Shoals:4 | Danger: merfolk javelineer |T2| Reason: Quivering javelins,
                  | watch out!
 31840 | Shoals:4 | Danger: merfolk javelineer |T2| Reason: Quivering javelins,
                  | watch out!
 32020 | Shoals:4 | Danger: merfolk |T2| Reason: Quivering boomerangs, careful!
 32032 | Shoals:4 | Danger: merfolk javelineer |T2| Reason: Quivering javelins,
                  | watch out!
 32060 | Shoals:4 | Noticed Louise
 32061 | Shoals:4 | Danger: Louise |T3| Reason: Banishment and low Will
 32061 | Shoals:4 | Danger: Louise |T2| Reason: Unique monster, careful!
 32061 | Shoals:4 | Danger: Louise |T2| Reason: Lightning Bolt and no rElec
 32062 | Shoals:4 | Danger: Louise |T3| Reason: Banishment and low Will
 32063 | Shoals:4 | Danger: Louise |T3| Reason: Banishment and low Will
 32064 | Shoals:4 | Danger: Louise |T3| Reason: Banishment and low Will
 32065 | Shoals:4 | Danger: Louise |T3| Reason: Banishment and low Will
 32066 | Shoals:4 | Danger: Louise |T3| Reason: Banishment and low Will
 32067 | Shoals:4 | Danger: Louise |T3| Reason: Banishment and low Will
 32068 | Shoals:4 | Danger: Louise |T3| Reason: Banishment and low Will
 32069 | Shoals:4 | Danger: Louise |T3| Reason: Banishment and low Will
 32070 | Shoals:4 | Danger: Louise |T3| Reason: Banishment and low Will
 32071 | Shoals:4 | Danger: Louise |T3| Reason: Banishment and low Will
 32072 | Shoals:4 | Danger: Louise |T3| Reason: Banishment and low Will
 32073 | Shoals:4 | Danger: Louise |T3| Reason: Banishment and low Will
 32073 | Shoals:4 | :fug
 32074 | Shoals:4 | Danger: Louise |T3| Reason: Banishment and low Will
 32075 | Shoals:4 | Danger: Louise |T3| Reason: Banishment and low Will
 32076 | Shoals:4 | Danger: cyclops |T2| Reason: Quivering large rocks, watch
                  | out!!
 32086 | Shoals:4 | Danger: Louise |T3| Reason: Banishment and low Will
 32086 | Shoals:4 | Danger: Louise |T2| Reason: Unique monster, careful!
 32086 | Shoals:4 | Danger: Louise |T2| Reason: Lightning Bolt and no rElec
 32087 | Shoals:4 | Danger: Louise |T3| Reason: Banishment and low Will
 32088 | Shoals:4 | Danger: Louise |T3| Reason: Banishment and low Will
 32089 | Shoals:4 | Danger: Louise |T3| Reason: Banishment and low Will
 32090 | Shoals:4 | Danger: Louise |T3| Reason: Banishment and low Will
 32091 | Shoals:4 | Danger: Louise |T3| Reason: Banishment and low Will
 32092 | Shoals:4 | Danger: Louise |T3| Reason: Banishment and low Will
 32093 | Shoals:4 | Danger: Louise |T3| Reason: Banishment and low Will
 32111 | Shoals:4 | Danger: dream sheep |T2| Reason: Irresistible Dream Dust
                  | (4%), watch out!
 32113 | Shoals:4 | Danger: dream sheep |T2| Reason: Irresistible Dream Dust
                  | (52%), watch out!
 32113 | Shoals:4 | Danger: dream sheep |T2| Reason: Irresistible Dream Dust
                  | (52%), watch out!
 32114 | Shoals:4 | Danger: dream sheep |T2| Reason: Irresistible Dream Dust
                  | (4%), watch out!
 32130 | Shoals:4 | Danger: merfolk javelineer |T2| Reason: Quivering javelins,
                  | watch out!
 32170 | Shoals:4 | Danger: merfolk javelineer |T2| Reason: Quivering javelins,
                  | watch out!
 32178 | Shoals:4 | Danger: merfolk javelineer |T2| Reason: Quivering javelins,
                  | watch out!
 32209 | Shoals:4 | Identified the +2 robe of Qaijeq {Str+6}
 32309 | Shoals:4 | Noticed Bai Suzhen
 32310 | Shoals:4 | Danger: Bai Suzhen |T2| Reason: Unique monster, careful!
 32314 | Shoals:4 | Danger: Louise |T3| Reason: Banishment and low Will
 32314 | Shoals:4 | Danger: Louise |T2| Reason: Unique monster, careful!
 32314 | Shoals:4 | Danger: Louise |T2| Reason: Lightning Bolt and no rElec
 32315 | Shoals:4 | Danger: Louise |T3| Reason: Banishment and low Will
 32316 | Shoals:4 | Danger: Louise |T3| Reason: Banishment and low Will
 32317 | Shoals:4 | Danger: Louise |T3| Reason: Banishment and low Will
 32321 | Shoals:4 | Danger: Bai Suzhen |T2| Reason: Unique monster, careful!
 32328 | Shoals:4 | Danger: Bai Suzhen |T2| Reason: Unique monster, careful!
 32330 | Shoals:4 | Danger: Louise |T3| Reason: Banishment and low Will
 32330 | Shoals:4 | Danger: Louise |T2| Reason: Unique monster, careful!
 32330 | Shoals:4 | Danger: Louise |T2| Reason: Lightning Bolt and no rElec
 32331 | Shoals:4 | Danger: Louise |T3| Reason: Banishment and low Will
 32331 | Shoals:4 | Slimified Bai Suzhen
 32331 | Shoals:4 | Bai Suzhen changed into Bai Suzhen the acid blob
 32331 | Shoals:4 | Noticed Bai Suzhen
 32332 | Shoals:4 | Danger: Louise |T3| Reason: Banishment and low Will
 32333 | Shoals:4 | Danger: Louise |T3| Reason: Banishment and low Will
 32336 | Shoals:4 | Killed Louise
 32342 | Shoals:4 | :oh, wow
 32342 | Shoals:4 | :waste of a scroll
 32342 | Shoals:4 | :you go bai
 32397 | Shoals:4 | Danger: merfolk |T2| Reason: Quivering boomerangs, careful!
 32397 | Shoals:4 | Danger: merfolk |T2| Reason: Quivering boomerangs, careful!
 32407 | Shoals:4 | Danger: merfolk javelineer |T2| Reason: Quivering javelins,
                  | watch out!
 32412 | Shoals:4 | Danger: merfolk javelineer |T2| Reason: Quivering javelins,
                  | watch out!
 32413 | Shoals:4 | Danger: merfolk |T2| Reason: Quivering boomerangs, careful!
 32416 | Shoals:4 | Danger: merfolk |T2| Reason: Quivering boomerangs, careful!
 32418 | Shoals:4 | Danger: merfolk |T2| Reason: Quivering boomerangs, careful!
 32424 | Shoals:4 | Danger: Low HP Warning |T2| Reason: 59% HP (88/149)
 32425 | Shoals:4 | Danger: Low HP Warning |T2| Reason: 60% HP (90/149)
 32426 | Shoals:4 | Danger: Low HP Warning |T2| Reason: 58% HP (87/149)
 32427 | Shoals:4 | Danger: Low HP Warning |T2| Reason: 53% HP (79/149)
 32428 | Shoals:4 | Danger: Low HP Warning |T2| Reason: 54% HP (81/149)
 32429 | Shoals:4 | Danger: Low HP Warning |T2| Reason: 36% HP (55/149)
 32430 | Shoals:4 | Danger: Low HP Warning |T2| Reason: 34% HP (52/149)
 32431 | Shoals:4 | Danger: Low HP Warning |T2| Reason: 33% HP (50/149)
 32432 | Shoals:4 | Danger: Low HP Warning |T2| Reason: 34% HP (52/149)
 32433 | Shoals:4 | Danger: Low HP Warning |T2| Reason: 34% HP (51/149)
 32434 | Shoals:4 | Danger: Low HP Warning |T2| Reason: 34% HP (52/149)
 32435 | Shoals:4 | Danger: Low HP Warning |T2| Reason: 30% HP (45/149)
 32436 | Shoals:4 | Danger: Low HP Warning |T2| Reason: 31% HP (47/149)
 32437 | Shoals:4 | Danger: Low HP Warning |T2| Reason: 32% HP (49/149)
 32438 | Shoals:4 | Danger: Low HP Warning |T2| Reason: 34% HP (51/149)
 32439 | Shoals:4 | Danger: Low HP Warning |T2| Reason: 33% HP (50/149)
 32440 | Shoals:4 | Danger: Low HP Warning |T2| Reason: 34% HP (51/149)
 32441 | Shoals:4 | Danger: Low HP Warning |T2| Reason: 35% HP (53/149)
 32442 | Shoals:4 | Danger: Low HP Warning |T2| Reason: 36% HP (55/149)
 32445 | Shoals:4 | Danger: Low HP Warning |T2| Reason: 40% HP (61/149)
 32446 | Shoals:4 | Danger: Low HP Warning |T2| Reason: 38% HP (58/149)
 32448 | Shoals:4 | Danger: Low HP Warning |T2| Reason: 40% HP (60/149)
 32449 | Shoals:4 | Danger: Low HP Warning |T2| Reason: 41% HP (62/149)
 32992 | Vaults:1 | Entered Level 1 of the Vaults
 33005 | Vaults:1 | Danger: wizard |T3| Reason: Banishment and low Will
 33006 | Vaults:1 | Danger: wizard |T3| Reason: Banishment and low Will
 33007 | Vaults:1 | Danger: wizard |T3| Reason: Banishment and low Will
 33008 | Vaults:1 | Danger: wizard |T3| Reason: Banishment and low Will
 33009 | Vaults:1 | Danger: wizard |T3| Reason: Banishment and low Will
 33010 | Vaults:1 | Danger: wizard |T3| Reason: Banishment and low Will
 33011 | Vaults:1 | Danger: wizard |T3| Reason: Banishment and low Will
 33338 | Vaults:1 | Reached skill level 20 in Unarmed Combat
 33339 | Vaults:1 | Danger: ettin |T2| Reason: OOD monster, careful!
 33341 | Vaults:1 | Danger: ironbound frostheart |T2| Reason: Creeping Frost
                  | and no rC
 33341 | Vaults:1 | Danger: ironbound frostheart |T2| Reason: Creeping Frost
                  | and no rC
 33368 | Vaults:1 | Danger: ironbound frostheart |T2| Reason: Creeping Frost
                  | and no rC
 33368 | Vaults:1 | Danger: ironbound frostheart |T2| Reason: Creeping Frost
                  | and no rC
 33379 | Vaults:1 | Danger: ironbound frostheart |T2| Reason: Creeping Frost
                  | and no rC
 33385 | Vaults:1 | Danger: ironbound frostheart |T2| Reason: Creeping Frost
                  | and no rC
 33386 | Vaults:1 | Danger: Low HP Warning |T2| Reason: 50% HP (75/149)
 33387 | Vaults:1 | Danger: Low HP Warning |T2| Reason: 51% HP (77/149)
 33388 | Vaults:1 | Danger: ironbound frostheart |T2| Reason: Creeping Frost
                  | and no rC
 33388 | Vaults:1 | Danger: Low HP Warning |T2| Reason: 53% HP (79/149)
 33389 | Vaults:1 | Danger: Low HP Warning |T2| Reason: 55% HP (82/149)
 33390 | Vaults:1 | Danger: Low HP Warning |T2| Reason: 56% HP (84/149)
 33391 | Vaults:1 | Danger: Low HP Warning |T2| Reason: 57% HP (86/149)
 33392 | Vaults:1 | Danger: Low HP Warning |T2| Reason: 59% HP (89/149)
 33393 | Vaults:1 | Danger: Low HP Warning |T2| Reason: 59% HP (88/149)
 33394 | Vaults:1 | Danger: Low HP Warning |T2| Reason: 60% HP (90/149)
 33396 | Vaults:1 | Danger: Low HP Warning |T2| Reason: 49% HP (74/149)
 33397 | Vaults:1 | Danger: Low HP Warning |T2| Reason: 51% HP (77/149)
 33398 | Vaults:1 | Danger: Low HP Warning |T2| Reason: 53% HP (80/149)
 33399 | Vaults:1 | Danger: ironbound frostheart |T2| Reason: Creeping Frost
                  | and no rC
 33399 | Vaults:1 | Danger: Low HP Warning |T2| Reason: 55% HP (83/149)
 33400 | Vaults:1 | Danger: Low HP Warning |T2| Reason: 55% HP (83/149)
 33401 | Vaults:1 | Danger: Low HP Warning |T2| Reason: 57% HP (85/149)
 33402 | Vaults:1 | Danger: Low HP Warning |T2| Reason: 59% HP (88/149)
 33403 | Vaults:1 | Danger: Low HP Warning |T2| Reason: 60% HP (90/149)
 33445 | Vaults:1 | Danger: ironbound frostheart |T2| Reason: Creeping Frost
                  | and no rC
 33448 | Vaults:1 | Danger: ironbound frostheart |T2| Reason: Creeping Frost
                  | and no rC
 33499 | Vaults:1 | Danger: phantasmal warrior |T2| Reason: OOD monster,
                  | careful!
 33501 | Vaults:1 | Danger: ironbound frostheart |T2| Reason: Creeping Frost
                  | and no rC
 33792 | Vaults:1 | Danger: vault guard |T2| Reason: OOD monster, careful!
 33792 | Vaults:1 | Danger: vault guard |T2| Reason: OOD monster, careful!
 33804 | Vaults:1 | Danger: deep troll earth mage |T2| Reason: OOD monster,
                  | careful!
 33804 | Vaults:1 | Danger: necromancer |T3| Reason: Distortion weapon!
 33804 | Vaults:1 | Danger: wizard |T3| Reason: Banishment and low Will
 33804 | Vaults:1 | Danger: fire giant |T2| Reason: OOD monster, careful!
 33804 | Vaults:1 | Danger: fire giant |T2| Reason: Bolt of Fire deals more
                  | than 50% MHP!
 33804 | Vaults:1 | Danger: fire giant |T2| Reason: Fireball deals more than
                  | 50% MHP!
 33805 | Vaults:1 | Danger: wizard |T3| Reason: Banishment and low Will
 33805 | Vaults:1 | Danger: necromancer |T3| Reason: Distortion weapon!
 33806 | Vaults:1 | Danger: wizard |T3| Reason: Banishment and low Will
 33806 | Vaults:1 | Danger: necromancer |T3| Reason: Distortion weapon!
 33807 | Vaults:1 | Danger: wizard |T3| Reason: Banishment and low Will
 33807 | Vaults:1 | Danger: necromancer |T3| Reason: Distortion weapon!
 33808 | Vaults:1 | Danger: wizard |T3| Reason: Banishment and low Will
 33808 | Vaults:1 | Danger: necromancer |T3| Reason: Distortion weapon!
 33809 | Vaults:1 | Danger: necromancer |T3| Reason: Distortion weapon!
 33816 | Vaults:1 | Danger: wizard |T3| Reason: Banishment and low Will
 33817 | Vaults:1 | Danger: wizard |T3| Reason: Banishment and low Will
 33818 | Vaults:1 | Danger: wizard |T3| Reason: Banishment and low Will
 33820 | Vaults:1 | Danger: tengu reaver |T2| Reason: OOD monster, careful!
 33820 | Vaults:1 | Danger: tengu reaver |T2| Reason: Lightning Bolt and no
                  | rElec
 33820 | Vaults:1 | Danger: tengu reaver |T2| Reason: Bolt of Cold and no rC
 33820 | Vaults:1 | Danger: tengu reaver |T2| Reason: Bolt of Fire deals more
                  | than 50% MHP!
 33820 | Vaults:1 | Danger: tengu reaver |T2| Reason: Bolt of Cold deals more
                  | than 50% MHP!
 33825 | Vaults:1 | Danger: vault warden simulacrum |T2| Reason: simulacrum and
                  | no rC, careful
 33831 | Vaults:1 | Danger: vault warden simulacrum |T2| Reason: simulacrum and
                  | no rC, careful
 33843 | Vaults:1 | Danger: tengu reaver |T2| Reason: OOD monster, careful!
 33843 | Vaults:1 | Danger: tengu reaver |T2| Reason: Lightning Bolt and no
                  | rElec
 33843 | Vaults:1 | Danger: tengu reaver |T2| Reason: Bolt of Cold and no rC
 33843 | Vaults:1 | Danger: tengu reaver |T2| Reason: Bolt of Fire deals more
                  | than 50% MHP!
 33843 | Vaults:1 | Danger: tengu reaver |T2| Reason: Bolt of Cold deals more
                  | than 50% MHP!
 33847 | Vaults:1 | Danger: tengu reaver |T2| Reason: OOD monster, careful!
 33847 | Vaults:1 | Danger: tengu reaver |T2| Reason: Lightning Bolt and no
                  | rElec
 33847 | Vaults:1 | Danger: tengu reaver |T2| Reason: Bolt of Cold and no rC
 33847 | Vaults:1 | Danger: tengu reaver |T2| Reason: Bolt of Fire deals more
                  | than 50% MHP!
 33847 | Vaults:1 | Danger: tengu reaver |T2| Reason: Bolt of Cold deals more
                  | than 50% MHP!
 33859 | Vaults:1 | Danger: tengu reaver |T2| Reason: OOD monster, careful!
 33859 | Vaults:1 | Danger: tengu reaver |T2| Reason: Lightning Bolt and no
                  | rElec
 33859 | Vaults:1 | Danger: tengu reaver |T2| Reason: Bolt of Cold and no rC
 33859 | Vaults:1 | Danger: tengu reaver |T2| Reason: Bolt of Fire deals more
                  | than 50% MHP!
 33859 | Vaults:1 | Danger: tengu reaver |T2| Reason: Bolt of Cold deals more
                  | than 50% MHP!
 33867 | Vaults:1 | Danger: tengu reaver |T2| Reason: OOD monster, careful!
 33867 | Vaults:1 | Danger: tengu reaver |T2| Reason: Lightning Bolt and no
                  | rElec
 33867 | Vaults:1 | Danger: tengu reaver |T2| Reason: Bolt of Cold and no rC
 33867 | Vaults:1 | Danger: tengu reaver |T2| Reason: Bolt of Fire deals more
                  | than 50% MHP!
 33867 | Vaults:1 | Danger: tengu reaver |T2| Reason: Bolt of Cold deals more
                  | than 50% MHP!
 33878 | Vaults:1 | Danger: wizard |T3| Reason: Banishment and low Will
 33884 | Vaults:1 | Danger: Low HP Warning |T2| Reason: 56% HP (84/149)
 33885 | Vaults:1 | Danger: Low HP Warning |T2| Reason: 57% HP (86/149)
 33886 | Vaults:1 | Danger: Low HP Warning |T2| Reason: 59% HP (88/149)
 33887 | Vaults:1 | Danger: Low HP Warning |T2| Reason: 59% HP (89/149)
 33890 | Vaults:1 | Danger: wizard |T3| Reason: Banishment and low Will
 33891 | Vaults:1 | Danger: wizard |T3| Reason: Banishment and low Will
 33892 | Vaults:1 | Danger: wizard |T3| Reason: Banishment and low Will
 33895 | Vaults:1 | Danger: wizard |T3| Reason: Banishment and low Will
 33896 | Vaults:1 | Danger: wizard |T3| Reason: Banishment and low Will
 33897 | Vaults:1 | Danger: wizard |T3| Reason: Banishment and low Will
 33898 | Vaults:1 | Danger: ironbound convoker |T3| Reason: Distortion weapon!
 33898 | Vaults:1 | Danger: wizard |T3| Reason: Banishment and low Will
 33899 | Vaults:1 | Danger: wizard |T3| Reason: Banishment and low Will
 33899 | Vaults:1 | Danger: ironbound convoker |T3| Reason: Distortion weapon!
 33900 | Vaults:1 | Danger: wizard |T3| Reason: Banishment and low Will
 33900 | Vaults:1 | Danger: ironbound convoker |T3| Reason: Distortion weapon!
 33901 | Vaults:1 | Danger: wizard |T3| Reason: Banishment and low Will
 33901 | Vaults:1 | Danger: ironbound convoker |T3| Reason: Distortion weapon!
 33902 | Vaults:1 | Danger: ironbound convoker |T3| Reason: Distortion weapon!
 33903 | Vaults:1 | Danger: ironbound convoker |T3| Reason: Distortion weapon!
 33904 | Vaults:1 | Danger: ironbound convoker |T3| Reason: Distortion weapon!
 33905 | Vaults:1 | Danger: ironbound convoker |T3| Reason: Distortion weapon!
 33906 | Vaults:1 | Danger: ironbound convoker |T3| Reason: Distortion weapon!
 33907 | Vaults:1 | Danger: ironbound convoker |T3| Reason: Distortion weapon!
 33927 | Vaults:1 | Danger: deep troll earth mage |T2| Reason: OOD monster,
                  | careful!
 33930 | Vaults:1 | Danger: deep troll earth mage |T2| Reason: OOD monster,
                  | careful!
 33933 | Vaults:1 | Danger: deep troll earth mage |T2| Reason: OOD monster,
                  | careful!
 33936 | Vaults:1 | Danger: deep troll earth mage |T2| Reason: OOD monster,
                  | careful!
 33938 | Vaults:1 | Danger: deep troll earth mage |T2| Reason: OOD monster,
                  | careful!
 34515 | Vaults:1 | Danger: vault warden simulacrum |T2| Reason: simulacrum and
                  | no rC, careful
 34522 | Vaults:1 | Danger: vault warden simulacrum |T2| Reason: simulacrum and
                  | no rC, careful
 34564 | Vaults:1 | Danger: shadow dragon |T2| Reason: OOD monster, careful!
 34593 | Vaults:1 | Identified the +1 mace of Perfectionism {speed, Dex+3}
 34798 | Vaults:2 | Noticed a lich
 34799 | Vaults:2 | Danger: crystal guardian |T2| Reason: Crystal Bolt deals
                  | more than 50% MHP!
 34799 | Vaults:2 | Danger: lich |T2| Reason: Slow and low Will, careful
 34799 | Vaults:2 | Danger: lich |T2| Reason: OOD monster, careful!
 34799 | Vaults:2 | Danger: lich |T2| Reason: Bolt of Cold and no rC
 34799 | Vaults:2 | Danger: lich |T2| Reason: Bolt of Cold deals more than 50%
                  | MHP!
 34799 | Vaults:2 | Danger: lich |T2| Reason: Orb of Destruction deals more
                  | than 50% MHP!
 34799 | Vaults:2 | Danger: lich |T3| Reason: IMMINENT DEATH: Orb of
                  | Destruction deals 162 damage, you have 149 HP!!
 34805 | Vaults:2 | Danger: crystal guardian |T2| Reason: Crystal Bolt deals
                  | more than 50% MHP!
 34818 | Vaults:2 | Danger: lich |T2| Reason: Slow and low Will, careful
 34818 | Vaults:2 | Danger: lich |T2| Reason: OOD monster, careful!
 34818 | Vaults:2 | Danger: lich |T2| Reason: Bolt of Cold and no rC
 34818 | Vaults:2 | Danger: lich |T2| Reason: Bolt of Cold deals more than 50%
                  | MHP!
 34818 | Vaults:2 | Danger: lich |T2| Reason: Orb of Destruction deals more
                  | than 50% MHP!
 34818 | Vaults:2 | Danger: lich |T3| Reason: IMMINENT DEATH: Orb of
                  | Destruction deals 162 damage, you have 149 HP!!
 34820 | Vaults:2 | Danger: lich |T2| Reason: Slow and low Will, careful
 34820 | Vaults:2 | Danger: lich |T2| Reason: OOD monster, careful!
 34820 | Vaults:2 | Danger: lich |T2| Reason: Bolt of Cold and no rC
 34820 | Vaults:2 | Danger: lich |T2| Reason: Bolt of Cold deals more than 50%
                  | MHP!
 34820 | Vaults:2 | Danger: lich |T2| Reason: Orb of Destruction deals more
                  | than 50% MHP!
 34820 | Vaults:2 | Danger: lich |T3| Reason: IMMINENT DEATH: Orb of
                  | Destruction deals 162 damage, you have 149 HP!!
 34821 | Vaults:2 | Danger: lich |T3| Reason: IMMINENT DEATH: Orb of
                  | Destruction deals 162 damage, you have 149 HP!!
 34822 | Vaults:2 | Danger: lich |T3| Reason: IMMINENT DEATH: Orb of
                  | Destruction deals 162 damage, you have 149 HP!!
 34822 | Vaults:2 | Slimified a lich
 34822 | Vaults:2 | a lich changed into an acid blob
 34824 | Vaults:2 | Danger: crystal guardian |T2| Reason: Crystal Bolt deals
                  | more than 50% MHP!
 34830 | Vaults:2 | Danger: crystal guardian |T2| Reason: Crystal Bolt deals
                  | more than 50% MHP!
 34840 | Vaults:2 | Danger: wizard |T3| Reason: Banishment and low Will
 34841 | Vaults:2 | Danger: wizard |T3| Reason: Banishment and low Will
 34927 | Vaults:2 | Found a flickering gateway to a bazaar.
 34991 | Bazaar   | Entered a bazaar
 34992 | Bazaar   | Found Zapria's Assorted Antiques.
 35000 | Bazaar   | Found Xyemmox's Weapon Emporium.
 35016 | Bazaar   | Found Curet's Antique Weapon Shop.
 35018 | Bazaar   | Found Soluj Jycus's Book Boutique.
 35075 | Vaults:2 | Danger: Low HP Warning |T2| Reason: 59% HP (88/149)
 35076 | Vaults:2 | Danger: Low HP Warning |T2| Reason: 60% HP (90/149)
 35081 | Vaults:2 | Reached skill level 21 in Unarmed Combat
 35190 | Vaults:2 | Danger: stone giant simulacrum |T2| Reason: simulacrum and
                  | no rC, careful
 35229 | Vaults:2 | Danger: Low HP Warning |T2| Reason: 60% HP (90/149)
 35230 | Vaults:2 | Danger: Low HP Warning |T2| Reason: 56% HP (84/149)
 35231 | Vaults:2 | Danger: Low HP Warning |T2| Reason: 57% HP (86/149)
 35232 | Vaults:2 | Danger: Low HP Warning |T2| Reason: 59% HP (89/149)
 35237 | Vaults:2 | Danger: Low HP Warning |T2| Reason: 51% HP (76/149)
 35238 | Vaults:2 | Danger: Low HP Warning |T2| Reason: 53% HP (79/149)
 35239 | Vaults:2 | Danger: Low HP Warning |T2| Reason: 54% HP (81/149)
 35341 | Vaults:1 | Reached XP level 19. HP: 137/155 MP: 19/19
 35573 | Vaults:2 | Danger: vault warden |T3| Reason: wielding holy wrath while
                  | unholy, watch out!!
 35574 | Vaults:2 | Danger: vault warden |T3| Reason: wielding holy wrath while
                  | unholy, watch out!!
 35575 | Vaults:2 | Danger: vault warden |T3| Reason: wielding holy wrath while
                  | unholy, watch out!!
 35576 | Vaults:2 | Danger: vault warden |T3| Reason: wielding holy wrath while
                  | unholy, watch out!!
 35577 | Vaults:2 | Danger: vault warden |T3| Reason: wielding holy wrath while
                  | unholy, watch out!!
 35578 | Vaults:2 | Danger: vault warden |T3| Reason: wielding holy wrath while
                  | unholy, watch out!!
 35766 | Vaults:1 | Danger: redback |T2| Reason: OOD monster, careful!
 36135 | Vaults:2 | Identified the +4 arbalest of Regicide {penet, Dex+4}
 36392 | Vaults:2 | Danger: revenant |T3| Reason: Dispel Undead in LOS while
                  | undead!
 36392 | Vaults:2 | Danger: revenant |T2| Reason: Dispel Undead Range deals
                  | more than 50% MHP!
 36393 | Vaults:2 | Danger: revenant |T3| Reason: Dispel Undead in LOS while
                  | undead!
 36394 | Vaults:2 | Danger: revenant |T3| Reason: Dispel Undead in LOS while
                  | undead!
 36395 | Vaults:2 | Danger: revenant |T3| Reason: Dispel Undead in LOS while
                  | undead!
 36397 | Vaults:2 | Danger: ancient champion |T2| Reason: Iron Shot deals more
                  | than 50% MHP!
 36405 | Vaults:2 | Danger: ancient champion |T2| Reason: Iron Shot deals more
                  | than 50% MHP!
 36427 | Vaults:2 | Found a staircase to the Crypt.
 36672 | Vaults:2 | Danger: tengu reaver |T2| Reason: OOD monster, careful!
 36672 | Vaults:2 | Danger: tengu reaver |T2| Reason: Lightning Bolt and no
                  | rElec
 36672 | Vaults:2 | Danger: tengu reaver |T2| Reason: Bolt of Cold and no rC
 36672 | Vaults:2 | Danger: tengu reaver |T2| Reason: Bolt of Fire deals more
                  | than 50% MHP!
 36672 | Vaults:2 | Danger: tengu reaver |T2| Reason: Bolt of Cold deals more
                  | than 50% MHP!
 37189 | Vaults:2 | Found a staircase to the Crypt.
 37898 | Vaults:3 | Danger: phantasmal warrior |T2| Reason: OOD monster,
                  | careful!
 37898 | Vaults:3 | :fug
 37976 | Vaults:3 | Danger: ironbound frostheart |T2| Reason: Creeping Frost
                  | and no rC
 38011 | Vaults:3 | Danger: ironbound frostheart |T2| Reason: Creeping Frost
                  | and no rC
 38046 | Vaults:3 | Danger: ironbound frostheart |T2| Reason: Creeping Frost
                  | and no rC
 38059 | Vaults:2 | Reached skill level 22 in Unarmed Combat
 38079 | Vaults:3 | Danger: ironbound frostheart |T2| Reason: Creeping Frost
                  | and no rC
 38102 | Vaults:3 | Danger: ironbound frostheart |T2| Reason: Creeping Frost
                  | and no rC
 38109 | Vaults:3 | Danger: Low HP Warning |T2| Reason: 60% HP (95/156)
 38113 | Vaults:3 | Danger: Low HP Warning |T2| Reason: 48% HP (76/156)
 38151 | Vaults:3 | Danger: ironbound frostheart |T2| Reason: Creeping Frost
                  | and no rC
 38242 | Vaults:3 | Danger: deep elf demonologist simulacrum |T2| Reason:
                  | simulacrum and no rC, careful
 38255 | Vaults:3 | Danger: deep elf demonologist simulacrum |T2| Reason:
                  | simulacrum and no rC, careful
 38277 | Vaults:3 | Danger: deep elf demonologist simulacrum |T2| Reason:
                  | simulacrum and no rC, careful
 38286 | Vaults:3 | Danger: deep elf demonologist simulacrum |T2| Reason:
                  | simulacrum and no rC, careful
 38399 | Vaults:3 | Danger: ironbound thunderhulk |T3| Reason: Call Down
                  | Lightning and no rElec
 38400 | Vaults:3 | Danger: ironbound thunderhulk |T3| Reason: Call Down
                  | Lightning and no rElec
 38401 | Vaults:3 | Danger: ironbound thunderhulk |T3| Reason: Call Down
                  | Lightning and no rElec
 38402 | Vaults:3 | Danger: ironbound thunderhulk |T3| Reason: Call Down
                  | Lightning and no rElec
 38403 | Vaults:3 | Danger: ironbound thunderhulk |T3| Reason: Call Down
                  | Lightning and no rElec
 38404 | Vaults:3 | Danger: ironbound thunderhulk |T3| Reason: Call Down
                  | Lightning and no rElec
 38405 | Vaults:3 | Danger: ironbound thunderhulk |T3| Reason: Call Down
                  | Lightning and no rElec
 38406 | Vaults:3 | Danger: ironbound thunderhulk |T3| Reason: Call Down
                  | Lightning and no rElec
 38407 | Vaults:3 | Danger: ironbound thunderhulk |T3| Reason: Call Down
                  | Lightning and no rElec
 38408 | Vaults:3 | Danger: ironbound thunderhulk |T3| Reason: Call Down
                  | Lightning and no rElec
 38409 | Vaults:3 | Danger: ironbound thunderhulk |T3| Reason: Call Down
                  | Lightning and no rElec
 38410 | Vaults:3 | Danger: ironbound thunderhulk |T3| Reason: Call Down
                  | Lightning and no rElec
 38411 | Vaults:3 | Danger: ironbound thunderhulk |T3| Reason: Call Down
                  | Lightning and no rElec
 38412 | Vaults:3 | Danger: ironbound thunderhulk |T3| Reason: Call Down
                  | Lightning and no rElec
 38413 | Vaults:3 | Danger: ironbound thunderhulk |T3| Reason: Call Down
                  | Lightning and no rElec
 38414 | Vaults:3 | Danger: ironbound thunderhulk |T3| Reason: Call Down
                  | Lightning and no rElec
 38415 | Vaults:3 | Danger: ironbound thunderhulk |T3| Reason: Call Down
                  | Lightning and no rElec
 38416 | Vaults:3 | Danger: ironbound thunderhulk |T3| Reason: Call Down
                  | Lightning and no rElec
 38417 | Vaults:3 | Danger: ironbound thunderhulk |T3| Reason: Call Down
                  | Lightning and no rElec
 38418 | Vaults:3 | Danger: ironbound thunderhulk |T3| Reason: Call Down
                  | Lightning and no rElec
 38419 | Vaults:3 | Danger: ironbound thunderhulk |T3| Reason: Call Down
                  | Lightning and no rElec
 38420 | Vaults:3 | Danger: ironbound thunderhulk |T3| Reason: Call Down
                  | Lightning and no rElec
 38421 | Vaults:3 | Danger: ironbound thunderhulk |T3| Reason: Call Down
                  | Lightning and no rElec
 38422 | Vaults:3 | Danger: ironbound thunderhulk |T3| Reason: Call Down
                  | Lightning and no rElec
 38423 | Vaults:3 | Danger: ironbound thunderhulk |T3| Reason: Call Down
                  | Lightning and no rElec
 38424 | Vaults:3 | Danger: ironbound thunderhulk |T3| Reason: Call Down
                  | Lightning and no rElec
 38425 | Vaults:3 | Danger: ironbound thunderhulk |T3| Reason: Call Down
                  | Lightning and no rElec
 38426 | Vaults:3 | Danger: ironbound thunderhulk |T3| Reason: Call Down
                  | Lightning and no rElec
 38427 | Vaults:3 | Danger: ironbound thunderhulk |T3| Reason: Call Down
                  | Lightning and no rElec
 38428 | Vaults:3 | Danger: ironbound thunderhulk |T3| Reason: Call Down
                  | Lightning and no rElec
 38429 | Vaults:3 | Danger: ironbound thunderhulk |T3| Reason: Call Down
                  | Lightning and no rElec
 38430 | Vaults:3 | Danger: ironbound thunderhulk |T3| Reason: Call Down
                  | Lightning and no rElec
 38659 | Vaults:3 | Danger: stone giant |T2| Reason: Quivering large rocks,
                  | watch out!!
 38659 | Vaults:3 | Danger: stone giant |T2| Reason: OOD monster, careful!
 38663 | Vaults:3 | Danger: wizard |T3| Reason: Banishment and low Will
 38664 | Vaults:3 | Danger: wizard |T3| Reason: Banishment and low Will
 38665 | Vaults:3 | Danger: wizard |T3| Reason: Banishment and low Will
 38666 | Vaults:3 | Danger: wizard |T3| Reason: Banishment and low Will
 38667 | Vaults:3 | Danger: wizard |T3| Reason: Banishment and low Will
 38668 | Vaults:3 | Danger: wizard |T3| Reason: Banishment and low Will
 38669 | Vaults:3 | Danger: wizard |T3| Reason: Banishment and low Will
 38670 | Vaults:3 | Danger: wizard |T3| Reason: Banishment and low Will
 38673 | Vaults:3 | Danger: wizard |T3| Reason: Banishment and low Will
 38674 | Vaults:3 | Danger: wizard |T3| Reason: Banishment and low Will
 38675 | Vaults:3 | Danger: wizard |T3| Reason: Banishment and low Will
 38676 | Vaults:3 | Danger: wizard |T3| Reason: Banishment and low Will
 38677 | Vaults:3 | Danger: wizard |T3| Reason: Banishment and low Will
 38678 | Vaults:3 | Danger: wizard |T3| Reason: Banishment and low Will
 38683 | Vaults:3 | Danger: ironbound frostheart |T2| Reason: Creeping Frost
                  | and no rC
 38686 | Vaults:3 | Danger: ironbound frostheart |T2| Reason: Creeping Frost
                  | and no rC
 38700 | Vaults:3 | Paralysed by an ogre mage for 5 turns
 38722 | Vaults:3 | Danger: ettin |T2| Reason: OOD monster, careful!
 38860 | Vaults:3 | Found Berawulo's Weapon Shop.
 38868 | Vaults:3 | Bought a throwing net for 51 gold pieces
 39011 | Vaults:3 | Danger: wizard |T3| Reason: Banishment and low Will
 39012 | Vaults:3 | Danger: wizard |T3| Reason: Banishment and low Will
 39391 | Vaults:4 | Danger: wizard |T3| Reason: Banishment and low Will
 39399 | Vaults:4 | Danger: wizard |T3| Reason: Banishment and low Will
 39400 | Vaults:4 | Danger: wizard |T3| Reason: Banishment and low Will
 39401 | Vaults:4 | Danger: wizard |T3| Reason: Banishment and low Will
 39402 | Vaults:4 | Danger: wizard |T3| Reason: Banishment and low Will
 39403 | Vaults:4 | Danger: wizard |T3| Reason: Banishment and low Will
 39404 | Vaults:4 | Danger: wizard |T3| Reason: Banishment and low Will
 39405 | Vaults:4 | Danger: wizard |T3| Reason: Banishment and low Will
 39406 | Vaults:4 | Danger: wizard |T3| Reason: Banishment and low Will
 39407 | Vaults:4 | Danger: wizard |T3| Reason: Banishment and low Will
 39545 | Vaults:4 | Danger: ironbound frostheart |T2| Reason: Creeping Frost
                  | and no rC
 39706 | Vaults:4 | Danger: ironbound frostheart |T2| Reason: Creeping Frost
                  | and no rC
 39714 | Vaults:4 | Danger: glowing shapeshifter |T2| Reason: OOD monster,
                  | careful!
 39719 | Vaults:4 | Danger: ironbound frostheart |T2| Reason: Creeping Frost
                  | and no rC
 39733 | Vaults:4 | Danger: ironbound frostheart |T2| Reason: Creeping Frost
                  | and no rC
 39735 | Vaults:4 | Danger: orb spider shaped shifter |T2| Reason: Orb of
                  | Destruction deals more than 50% MHP!
 39737 | Vaults:4 | Danger: ironbound frostheart |T2| Reason: Creeping Frost
                  | and no rC
 39749 | Vaults:4 | Danger: yaktaur captain simulacrum |T2| Reason: simulacrum
                  | and no rC, careful
 39790 | Vaults:4 | Reached XP level 20. HP: 170/170 MP: 20/20
 39851 | Vaults:4 | Danger: ironbound frostheart |T2| Reason: Creeping Frost
                  | and no rC
 40129 | Vaults:4 | Danger: freezing wraith |T2| Reason: OOD monster, careful!
 40139 | Vaults:4 | Danger: freezing wraith |T2| Reason: OOD monster, careful!
 40290 | Vaults:4 | Danger: wizard |T3| Reason: Banishment and low Will
 40291 | Vaults:4 | Danger: wizard |T3| Reason: Banishment and low Will
 40292 | Vaults:4 | Danger: wizard |T3| Reason: Banishment and low Will
 40294 | Vaults:4 | Danger: wizard |T3| Reason: Banishment and low Will
 40295 | Vaults:4 | Danger: wizard |T3| Reason: Banishment and low Will
 40296 | Vaults:4 | Danger: wizard |T3| Reason: Banishment and low Will
 40670 | Vaults:4 | Danger: war gargoyle |T2| Reason: OOD monster, careful!
 40670 | Vaults:4 | Danger: war gargoyle |T2| Reason: OOD monster, careful!
 40678 | Vaults:4 | Danger: fire giant |T2| Reason: OOD monster, careful!
 40794 | Vaults:4 | Noticed Saint Roka
 40795 | Vaults:4 | Danger: Saint Roka |T2| Reason: Unique monster, careful!
 40795 | Vaults:4 | Danger: orc |T2| Reason: Quivering boomerangs, careful!
 40795 | Vaults:4 | Danger: orc sorcerer |T3| Reason: Paralyse and low Will
 40796 | Vaults:4 | Danger: orc sorcerer |T3| Reason: Paralyse and low Will
 40797 | Vaults:4 | Danger: orc sorcerer |T3| Reason: Paralyse and low Will
 40798 | Vaults:4 | Danger: orc sorcerer |T3| Reason: Paralyse and low Will
 40799 | Vaults:4 | Danger: orc sorcerer |T3| Reason: Paralyse and low Will
 40800 | Vaults:4 | Danger: orc |T2| Reason: Quivering boomerangs, careful!
 40800 | Vaults:4 | Danger: Saint Roka |T2| Reason: Unique monster, careful!
 40800 | Vaults:4 | Danger: orc sorcerer |T3| Reason: Paralyse and low Will
 40801 | Vaults:4 | Danger: orc sorcerer |T3| Reason: Paralyse and low Will
 40802 | Vaults:4 | Danger: orc |T2| Reason: Quivering boomerangs, careful!
 40802 | Vaults:4 | Danger: orc sorcerer |T3| Reason: Paralyse and low Will
 40802 | Vaults:4 | Slimified Saint Roka
 40802 | Vaults:4 | Saint Roka changed into Saint Roka the acid blob
 40802 | Vaults:4 | Noticed Saint Roka
 40803 | Vaults:4 | Danger: orc sorcerer |T3| Reason: Paralyse and low Will
 40804 | Vaults:4 | Danger: orc sorcerer |T3| Reason: Paralyse and low Will
 40805 | Vaults:4 | Danger: orc sorcerer |T3| Reason: Paralyse and low Will
 40806 | Vaults:4 | Danger: orc sorcerer |T3| Reason: Paralyse and low Will
 40807 | Vaults:4 | Danger: orc sorcerer |T3| Reason: Paralyse and low Will
 40808 | Vaults:4 | Danger: orc |T2| Reason: Quivering boomerangs, careful!
 40808 | Vaults:4 | Danger: orc sorcerer |T3| Reason: Paralyse and low Will
 40809 | Vaults:4 | Danger: orc sorcerer |T3| Reason: Paralyse and low Will
 40809 | Vaults:4 | Killed Saint Roka the acid blob
 40810 | Vaults:4 | Danger: orc sorcerer |T3| Reason: Paralyse and low Will
 40811 | Vaults:4 | Danger: orc sorcerer |T3| Reason: Paralyse and low Will
 40812 | Vaults:4 | Danger: orc |T2| Reason: Quivering boomerangs, careful!
 40812 | Vaults:4 | Danger: orc sorcerer |T3| Reason: Paralyse and low Will
 40814 | Vaults:4 | Danger: orc sorcerer |T3| Reason: Paralyse and low Will
 40815 | Vaults:4 | Danger: orc sorcerer |T3| Reason: Paralyse and low Will
 40816 | Vaults:4 | Danger: orc |T2| Reason: Quivering boomerangs, careful!
 40816 | Vaults:4 | Danger: orc sorcerer |T3| Reason: Paralyse and low Will
 40821 | Vaults:4 | Danger: orc |T2| Reason: Quivering boomerangs, careful!
 41229 | Depths:1 | Entered Level 1 of the Depths
 41236 | Depths:1 | Danger: vampire knight |T3| Reason: Paralyse and low Will
 41237 | Depths:1 | Danger: vampire knight |T3| Reason: Paralyse and low Will
 41238 | Depths:1 | Danger: vampire knight |T3| Reason: Paralyse and low Will
 41239 | Depths:1 | Danger: vampire knight |T3| Reason: Paralyse and low Will
 41240 | Depths:1 | Danger: vampire knight |T3| Reason: Paralyse and low Will
 41241 | Depths:1 | Danger: vampire knight |T3| Reason: Paralyse and low Will
 41242 | Depths:1 | Danger: vampire knight |T3| Reason: Paralyse and low Will
 41244 | Depths:1 | Danger: vampire knight |T3| Reason: Paralyse and low Will
 41245 | Depths:1 | Danger: stone giant |T2| Reason: Quivering large rocks,
                  | watch out!!
 41266 | Depths:1 | Danger: tengu reaver |T2| Reason: OOD monster, careful!
 41266 | Depths:1 | Danger: tengu reaver |T2| Reason: Lightning Bolt and no
                  | rElec
 41266 | Depths:1 | Danger: tengu reaver |T2| Reason: Bolt of Cold and no rC
 41268 | Depths:1 | Danger: tengu reaver |T2| Reason: OOD monster, careful!
 41268 | Depths:1 | Danger: tengu reaver |T2| Reason: Lightning Bolt and no
                  | rElec
 41268 | Depths:1 | Danger: tengu reaver |T2| Reason: Bolt of Cold and no rC
 41274 | Depths:1 | Danger: tengu reaver |T2| Reason: OOD monster, careful!
 41274 | Depths:1 | Danger: tengu reaver |T2| Reason: Lightning Bolt and no
                  | rElec
 41274 | Depths:1 | Danger: tengu reaver |T2| Reason: Bolt of Cold and no rC
 41289 | Depths:1 | Danger: Low HP Warning |T2| Reason: 54% HP (93/172)
 41290 | Depths:1 | Danger: Low HP Warning |T2| Reason: 55% HP (95/172)
 41291 | Depths:1 | Danger: Low HP Warning |T2| Reason: 55% HP (96/172)
 41292 | Depths:1 | Danger: Low HP Warning |T2| Reason: 57% HP (99/172)
 41293 | Depths:1 | Danger: Low HP Warning |T2| Reason: 59% HP (102/172)
 41294 | Depths:1 | Danger: Low HP Warning |T2| Reason: 60% HP (104/172)
 41377 | Depths:1 | Danger: frost giant |T2| Reason: Bolt of Cold and no rC
 41440 | Depths:1 | Found a one-way gateway to a ziggurat.
 41484 | Depths:1 | Found a runed translucent door.
 41485 | Depths:1 | Danger: angel |T3| Reason: wielding holy wrath while
                  | unholy, watch out!!
 41486 | Depths:1 | Danger: angel |T3| Reason: wielding holy wrath while
                  | unholy, watch out!!
 41510 | Depths:1 | Danger: angel |T3| Reason: wielding holy wrath while
                  | unholy, watch out!!
 41511 | Depths:1 | Danger: angel |T3| Reason: wielding holy wrath while
                  | unholy, watch out!!
 41512 | Depths:1 | Danger: angel |T3| Reason: wielding holy wrath while
                  | unholy, watch out!!
 41518 | Depths:1 | Danger: tengu conjurer |T2| Reason: Lightning Bolt and no
                  | rElec
 41520 | Depths:1 | Danger: angel |T3| Reason: wielding holy wrath while
                  | unholy, watch out!!
 41521 | Depths:1 | Danger: angel |T3| Reason: wielding holy wrath while
                  | unholy, watch out!!
 41522 | Depths:1 | Danger: spark wasp simulacrum |T2| Reason: simulacrum and
                  | no rC, careful
 41522 | Depths:1 | Danger: spark wasp simulacrum |T3| Reason: fast simulacrum
                  | and no rC, watch out!!
 41523 | Depths:1 | Danger: spark wasp simulacrum |T3| Reason: fast simulacrum
                  | and no rC, watch out!!
 41524 | Depths:1 | Danger: spark wasp simulacrum |T3| Reason: fast simulacrum
                  | and no rC, watch out!!
 41525 | Depths:1 | Danger: spark wasp simulacrum |T3| Reason: fast simulacrum
                  | and no rC, watch out!!
 41526 | Depths:1 | Danger: spark wasp simulacrum |T3| Reason: fast simulacrum
                  | and no rC, watch out!!
 41527 | Depths:1 | Danger: spark wasp simulacrum |T3| Reason: fast simulacrum
                  | and no rC, watch out!!
 41528 | Depths:1 | Danger: spark wasp simulacrum |T3| Reason: fast simulacrum
                  | and no rC, watch out!!
 41529 | Depths:1 | Danger: spark wasp simulacrum |T3| Reason: fast simulacrum
                  | and no rC, watch out!!
 41530 | Depths:1 | Danger: spark wasp simulacrum |T3| Reason: fast simulacrum
                  | and no rC, watch out!!
 41558 | Depths:1 | Danger: stone giant simulacrum |T2| Reason: simulacrum and
                  | no rC, careful
 41558 | Depths:1 | Danger: tengu conjurer |T2| Reason: Lightning Bolt and no
                  | rElec
 41558 | Depths:1 | Danger: spark wasp simulacrum |T2| Reason: simulacrum and
                  | no rC, careful
 41558 | Depths:1 | Danger: spark wasp simulacrum |T3| Reason: fast simulacrum
                  | and no rC, watch out!!
 41560 | D:15     | Danger: green very ugly thing |T2| Reason: OOD monster,
                  | careful!
 41560 | D:15     | Danger: purple very ugly thing |T2| Reason: OOD monster,
                  | careful!
 41560 | D:15     | Danger: ettin |T2| Reason: OOD monster, careful!
 41560 | D:15     | Danger: brown very ugly thing |T2| Reason: OOD monster,
                  | careful!
 41563 | D:15     | Danger: purple very ugly thing |T2| Reason: OOD monster,
                  | careful!
 41572 | D:15     | Danger: purple very ugly thing |T2| Reason: OOD monster,
                  | careful!
 41574 | D:15     | Danger: ettin |T2| Reason: OOD monster, careful!
 41575 | D:15     | Danger: red very ugly thing |T2| Reason: OOD monster,
                  | careful!
 41577 | D:15     | Danger: ettin |T2| Reason: OOD monster, careful!
 41580 | D:15     | Danger: red very ugly thing |T2| Reason: OOD monster,
                  | careful!
 41580 | D:15     | Danger: ettin |T2| Reason: OOD monster, careful!
 41583 | D:15     | Danger: ettin |T2| Reason: OOD monster, careful!
 41585 | D:15     | Danger: white very ugly thing |T2| Reason: OOD monster,
                  | careful!
 41586 | D:15     | Danger: ettin |T2| Reason: OOD monster, careful!
 41588 | D:15     | Danger: ettin |T2| Reason: OOD monster, careful!
 41602 | Depths:1 | Danger: spark wasp simulacrum |T2| Reason: simulacrum and
                  | no rC, careful
 41602 | Depths:1 | Danger: spark wasp simulacrum |T3| Reason: fast simulacrum
                  | and no rC, watch out!!
 41602 | Depths:1 | Danger: stone giant simulacrum |T2| Reason: simulacrum and
                  | no rC, careful
 41602 | Depths:1 | Danger: tengu conjurer |T2| Reason: Lightning Bolt and no
                  | rElec
 41603 | Depths:1 | Danger: spark wasp simulacrum |T3| Reason: fast simulacrum
                  | and no rC, watch out!!
 41604 | Depths:1 | Danger: spark wasp simulacrum |T3| Reason: fast simulacrum
                  | and no rC, watch out!!
 41605 | Depths:1 | Danger: spark wasp simulacrum |T3| Reason: fast simulacrum
                  | and no rC, watch out!!
 41632 | Depths:1 | Danger: stone giant simulacrum |T2| Reason: simulacrum and
                  | no rC, careful
 41817 | Depths:1 | Danger: spriggan defender simulacrum |T2| Reason:
                  | simulacrum and no rC, careful
 41817 | Depths:1 | Danger: spriggan defender simulacrum |T3| Reason: fast
                  | simulacrum and no rC, watch out!!
 41820 | Depths:1 | Danger: spriggan defender simulacrum |T2| Reason:
                  | simulacrum and no rC, careful
 41820 | Depths:1 | Danger: spriggan defender simulacrum |T3| Reason: fast
                  | simulacrum and no rC, watch out!!
 41821 | Depths:1 | Danger: spriggan defender simulacrum |T3| Reason: fast
                  | simulacrum and no rC, watch out!!
 41822 | Depths:1 | Danger: spriggan defender simulacrum |T3| Reason: fast
                  | simulacrum and no rC, watch out!!
 41825 | Depths:1 | Danger: spriggan defender simulacrum |T3| Reason: fast
                  | simulacrum and no rC, watch out!!
 41827 | Depths:1 | Danger: spriggan defender simulacrum |T3| Reason: fast
                  | simulacrum and no rC, watch out!!
 41829 | Depths:1 | Danger: spriggan defender simulacrum |T3| Reason: fast
                  | simulacrum and no rC, watch out!!
 41831 | Depths:1 | Danger: spriggan defender simulacrum |T3| Reason: fast
                  | simulacrum and no rC, watch out!!
 41835 | Depths:1 | Danger: spriggan defender simulacrum |T3| Reason: fast
                  | simulacrum and no rC, watch out!!
 41837 | Depths:1 | Danger: spriggan defender simulacrum |T3| Reason: fast
                  | simulacrum and no rC, watch out!!
 41839 | Depths:1 | Danger: spriggan defender simulacrum |T3| Reason: fast
                  | simulacrum and no rC, watch out!!
 41842 | Depths:1 | Danger: spriggan defender simulacrum |T3| Reason: fast
                  | simulacrum and no rC, watch out!!
 42047 | Depths:1 | Danger: Malevolent teleportation! |T3| Reason: Malevolent
                  | teleportation!
 42048 | Depths:1 | Danger: angel |T3| Reason: wielding holy wrath while
                  | unholy, watch out!!
 42049 | Depths:1 | Danger: angel |T3| Reason: wielding holy wrath while
                  | unholy, watch out!!
 42050 | Depths:1 | Danger: angel |T3| Reason: wielding holy wrath while
                  | unholy, watch out!!
 42051 | Depths:1 | Danger: angel |T3| Reason: wielding holy wrath while
                  | unholy, watch out!!
 42052 | Depths:1 | Danger: angel |T3| Reason: wielding holy wrath while
                  | unholy, watch out!!
 42053 | Depths:1 | Danger: angel |T3| Reason: wielding holy wrath while
                  | unholy, watch out!!
 42054 | Depths:1 | Danger: angel |T3| Reason: wielding holy wrath while
                  | unholy, watch out!!
 42363 | Depths:1 | Found a gateway to Hell.
 42473 | Depths:2 | Danger: sphinx |T3| Reason: Paralyse and low Will
 42473 | Depths:2 | Danger: sphinx |T2| Reason: Slow and low Will, careful
 42473 | Depths:2 | Danger: sphinx |T2| Reason: OOD monster, careful!
 42474 | Depths:2 | Danger: sphinx |T3| Reason: Paralyse and low Will
 42475 | Depths:2 | Danger: sphinx |T3| Reason: Paralyse and low Will
 42487 | Depths:2 | Danger: ice dragon |T2| Reason: Cold Breath and no rC
 42496 | Depths:2 | Danger: necromancer |T3| Reason: wielding holy wrath while
                  | unholy, watch out!!
 42497 | Depths:2 | Danger: necromancer |T3| Reason: wielding holy wrath while
                  | unholy, watch out!!
 42498 | Depths:2 | Danger: necromancer |T3| Reason: wielding holy wrath while
                  | unholy, watch out!!
 42499 | Depths:2 | Danger: necromancer |T3| Reason: wielding holy wrath while
                  | unholy, watch out!!
 42500 | Depths:2 | Danger: necromancer |T3| Reason: wielding holy wrath while
                  | unholy, watch out!!
 42501 | Depths:2 | Danger: necromancer |T3| Reason: wielding holy wrath while
                  | unholy, watch out!!
 42502 | Depths:2 | Danger: necromancer |T3| Reason: wielding holy wrath while
                  | unholy, watch out!!
 42503 | Depths:2 | Danger: necromancer |T3| Reason: wielding holy wrath while
                  | unholy, watch out!!
 42504 | Depths:2 | Danger: necromancer |T3| Reason: wielding holy wrath while
                  | unholy, watch out!!
 42559 | Depths:2 | Danger: sphinx |T3| Reason: Paralyse and low Will
 42559 | Depths:2 | Danger: sphinx |T2| Reason: Slow and low Will, careful
 42559 | Depths:2 | Danger: sphinx |T2| Reason: OOD monster, careful!
 42564 | Depths:2 | Danger: sphinx |T3| Reason: Paralyse and low Will
 42564 | Depths:2 | Danger: sphinx |T2| Reason: Slow and low Will, careful
 42564 | Depths:2 | Danger: sphinx |T2| Reason: OOD monster, careful!
 42565 | Depths:2 | Danger: sphinx |T3| Reason: Paralyse and low Will
 42566 | Depths:2 | Danger: sphinx |T3| Reason: Paralyse and low Will
 42567 | Depths:2 | Danger: sphinx |T3| Reason: Paralyse and low Will
 42568 | Depths:2 | Danger: sphinx |T3| Reason: Paralyse and low Will
 42569 | Depths:2 | Danger: sphinx |T3| Reason: Paralyse and low Will
 42571 | Depths:2 | Danger: sphinx |T3| Reason: Paralyse and low Will
 42572 | Depths:2 | Danger: sphinx |T3| Reason: Paralyse and low Will
 42573 | Depths:2 | Danger: sphinx |T3| Reason: Paralyse and low Will
 42575 | Depths:2 | Danger: sphinx |T3| Reason: Paralyse and low Will
 42575 | Depths:2 | Danger: sphinx |T2| Reason: Slow and low Will, careful
 42575 | Depths:2 | Danger: sphinx |T2| Reason: OOD monster, careful!
 42576 | Depths:2 | Danger: sphinx |T3| Reason: Paralyse and low Will
 42577 | Depths:2 | Danger: sphinx |T3| Reason: Paralyse and low Will
 42578 | Depths:2 | Danger: sphinx |T3| Reason: Paralyse and low Will
 42579 | Depths:2 | Danger: sphinx |T3| Reason: Paralyse and low Will
 42580 | Depths:2 | Danger: sphinx |T3| Reason: Paralyse and low Will
 42581 | Depths:2 | Danger: sphinx |T3| Reason: Paralyse and low Will
 42697 | Depths:2 | Danger: frost giant |T2| Reason: Bolt of Cold and no rC
 42733 | Depths:2 | Danger: ice dragon |T2| Reason: Cold Breath and no rC
 42742 | Depths:2 | Danger: ice dragon |T2| Reason: Cold Breath and no rC
 42755 | Depths:2 | Danger: tengu reaver |T2| Reason: OOD monster, careful!
 42755 | Depths:2 | Danger: tengu reaver |T2| Reason: Lightning Bolt and no
                  | rElec
 42755 | Depths:2 | Danger: tengu reaver |T2| Reason: Bolt of Cold and no rC
 42759 | Depths:2 | Danger: tengu reaver |T2| Reason: OOD monster, careful!
 42759 | Depths:2 | Danger: tengu reaver |T2| Reason: Lightning Bolt and no
                  | rElec
 42759 | Depths:2 | Danger: tengu reaver |T2| Reason: Bolt of Cold and no rC
 42764 | Depths:2 | Danger: tengu reaver |T2| Reason: OOD monster, careful!
 42764 | Depths:2 | Danger: tengu reaver |T2| Reason: Lightning Bolt and no
                  | rElec
 42764 | Depths:2 | Danger: tengu reaver |T2| Reason: Bolt of Cold and no rC
 42793 | Depths:2 | Danger: lich |T2| Reason: Slow and low Will, careful
 42793 | Depths:2 | Danger: lich |T2| Reason: Bolt of Cold and no rC
 42793 | Depths:2 | Danger: lich |T2| Reason: Orb of Destruction deals more
                  | than 50% MHP!
 42793 | Depths:2 | Danger: lich |T3| Reason: IMMINENT DEATH: Orb of
                  | Destruction deals 162 damage, you have 128 HP!!
 42794 | Depths:2 | Danger: lich |T3| Reason: IMMINENT DEATH: Orb of
                  | Destruction deals 162 damage, you have 129 HP!!
 42919 | Depths:2 | Danger: frost giant |T2| Reason: Bolt of Cold and no rC
 42921 | Depths:2 | Danger: lich |T2| Reason: Slow and low Will, careful
 42921 | Depths:2 | Danger: lich |T2| Reason: Bolt of Cold and no rC
 42921 | Depths:2 | Danger: lich |T2| Reason: Orb of Destruction deals more
                  | than 50% MHP!
 42925 | Depths:2 | Danger: lich |T3| Reason: IMMINENT DEATH: Orb of
                  | Destruction deals 162 damage, you have 94 HP!!
 42925 | Depths:2 | Danger: tengu reaver |T2| Reason: OOD monster, careful!
 42925 | Depths:2 | Danger: tengu reaver |T2| Reason: Lightning Bolt and no
                  | rElec
 42925 | Depths:2 | Danger: tengu reaver |T2| Reason: Bolt of Cold and no rC
 42925 | Depths:2 | Danger: Low HP Warning |T2| Reason: 53% HP (94/176)
 42926 | Depths:2 | Danger: lich |T3| Reason: IMMINENT DEATH: Bolt of Cold
                  | deals 87 damage, you have 85 HP!!
 42926 | Depths:2 | Danger: lich |T3| Reason: IMMINENT DEATH: Orb of
                  | Destruction deals 162 damage, you have 85 HP!!
 42926 | Depths:2 | Danger: Low HP Warning |T2| Reason: 48% HP (85/176)
 42927 | Depths:2 | Danger: lich |T3| Reason: IMMINENT DEATH: Bolt of Cold
                  | deals 87 damage, you have 43 HP!!
 42927 | Depths:2 | Danger: lich |T3| Reason: IMMINENT DEATH: Orb of
                  | Destruction deals 162 damage, you have 43 HP!!
 42927 | Depths:2 | Danger: frost giant |T3| Reason: IMMINENT DEATH: Bolt of
                  | Cold deals 75 damage, you have 43 HP!!
 42927 | Depths:2 | Danger: tengu reaver |T3| Reason: IMMINENT DEATH: Venom
                  | Bolt deals 63 damage, you have 43 HP!!
 42927 | Depths:2 | Danger: tengu reaver |T3| Reason: IMMINENT DEATH: Bolt of
                  | Fire deals 78 damage, you have 43 HP!!
 42927 | Depths:2 | Danger: tengu reaver |T3| Reason: IMMINENT DEATH: Bolt of
                  | Cold deals 78 damage, you have 43 HP!!
 42927 | Depths:2 | Danger: tengu reaver |T3| Reason: IMMINENT DEATH: Corrosive
                  | Bolt deals 72 damage, you have 43 HP!!
 42927 | Depths:2 | Danger: tengu reaver |T3| Reason: IMMINENT DEATH: Lightning
                  | Bolt deals 66 damage, you have 43 HP!!
 42927 | Depths:2 | Danger: tengu reaver |T3| Reason: IMMINENT DEATH: Bolt of
                  | Draining deals 72 damage, you have 43 HP!!
 42927 | Depths:2 | Danger: frost giant |T2| Reason: Bolt of Cold and no rC
 42927 | Depths:2 | Danger: frost giant |T3| Reason: IMMINENT DEATH: Bolt of
                  | Cold deals 75 damage, you have 43 HP!!
 42927 | Depths:2 | Danger: Low HP Warning |T3| Reason: 24% HP (43/176)
 42928 | Depths:2 | Danger: tengu reaver |T3| Reason: IMMINENT DEATH: Venom
                  | Bolt deals 63 damage, you have 46 HP!!
 42928 | Depths:2 | Danger: tengu reaver |T3| Reason: IMMINENT DEATH: Bolt of
                  | Fire deals 78 damage, you have 46 HP!!
 42928 | Depths:2 | Danger: tengu reaver |T3| Reason: IMMINENT DEATH: Bolt of
                  | Cold deals 78 damage, you have 46 HP!!
 42928 | Depths:2 | Danger: tengu reaver |T3| Reason: IMMINENT DEATH: Corrosive
                  | Bolt deals 72 damage, you have 46 HP!!
 42928 | Depths:2 | Danger: tengu reaver |T3| Reason: IMMINENT DEATH: Lightning
                  | Bolt deals 66 damage, you have 46 HP!!
 42928 | Depths:2 | Danger: tengu reaver |T3| Reason: IMMINENT DEATH: Bolt of
                  | Draining deals 72 damage, you have 46 HP!!
 42928 | Depths:2 | Danger: Low HP Warning |T2| Reason: 26% HP (46/176)
 42929 | Depths:2 | Danger: frost giant |T2| Reason: Bolt of Cold and no rC
 42929 | Depths:2 | Danger: frost giant |T3| Reason: IMMINENT DEATH: Bolt of
                  | Cold deals 75 damage, you have 48 HP!!
 42929 | Depths:2 | Danger: tengu reaver |T3| Reason: IMMINENT DEATH: Venom
                  | Bolt deals 63 damage, you have 48 HP!!
 42929 | Depths:2 | Danger: tengu reaver |T3| Reason: IMMINENT DEATH: Bolt of
                  | Fire deals 78 damage, you have 48 HP!!
 42929 | Depths:2 | Danger: tengu reaver |T3| Reason: IMMINENT DEATH: Bolt of
                  | Cold deals 78 damage, you have 48 HP!!
 42929 | Depths:2 | Danger: tengu reaver |T3| Reason: IMMINENT DEATH: Corrosive
                  | Bolt deals 72 damage, you have 48 HP!!
 42929 | Depths:2 | Danger: tengu reaver |T3| Reason: IMMINENT DEATH: Lightning
                  | Bolt deals 66 damage, you have 48 HP!!
 42929 | Depths:2 | Danger: tengu reaver |T3| Reason: IMMINENT DEATH: Bolt of
                  | Draining deals 72 damage, you have 48 HP!!
 42929 | Depths:2 | Danger: Low HP Warning |T2| Reason: 27% HP (48/176)
 42931 | Depths:2 | Danger: frost giant |T2| Reason: Bolt of Cold and no rC
 42931 | Depths:2 | Danger: frost giant |T3| Reason: IMMINENT DEATH: Bolt of
                  | Cold deals 75 damage, you have 54 HP!!
 42931 | Depths:2 | Danger: tengu reaver |T2| Reason: OOD monster, careful!
 42931 | Depths:2 | Danger: tengu reaver |T2| Reason: Lightning Bolt and no
                  | rElec
 42931 | Depths:2 | Danger: tengu reaver |T2| Reason: Bolt of Cold and no rC
 42931 | Depths:2 | Danger: tengu reaver |T3| Reason: IMMINENT DEATH: Venom
                  | Bolt deals 63 damage, you have 54 HP!!
 42931 | Depths:2 | Danger: tengu reaver |T3| Reason: IMMINENT DEATH: Bolt of
                  | Fire deals 78 damage, you have 54 HP!!
 42931 | Depths:2 | Danger: tengu reaver |T3| Reason: IMMINENT DEATH: Bolt of
                  | Cold deals 78 damage, you have 54 HP!!
 42931 | Depths:2 | Danger: tengu reaver |T3| Reason: IMMINENT DEATH: Corrosive
                  | Bolt deals 72 damage, you have 54 HP!!
 42931 | Depths:2 | Danger: tengu reaver |T3| Reason: IMMINENT DEATH: Lightning
                  | Bolt deals 66 damage, you have 54 HP!!
 42931 | Depths:2 | Danger: tengu reaver |T3| Reason: IMMINENT DEATH: Bolt of
                  | Draining deals 72 damage, you have 54 HP!!
 42931 | Depths:2 | Danger: Low HP Warning |T2| Reason: 30% HP (54/176)
 42932 | Depths:2 | Danger: frost giant |T3| Reason: IMMINENT DEATH: Bolt of
                  | Cold deals 75 damage, you have 56 HP!!
 42932 | Depths:2 | Danger: tengu reaver |T3| Reason: IMMINENT DEATH: Venom
                  | Bolt deals 63 damage, you have 56 HP!!
 42932 | Depths:2 | Danger: tengu reaver |T3| Reason: IMMINENT DEATH: Bolt of
                  | Fire deals 78 damage, you have 56 HP!!
 42932 | Depths:2 | Danger: tengu reaver |T3| Reason: IMMINENT DEATH: Bolt of
                  | Cold deals 78 damage, you have 56 HP!!
 42932 | Depths:2 | Danger: tengu reaver |T3| Reason: IMMINENT DEATH: Corrosive
                  | Bolt deals 72 damage, you have 56 HP!!
 42932 | Depths:2 | Danger: tengu reaver |T3| Reason: IMMINENT DEATH: Lightning
                  | Bolt deals 66 damage, you have 56 HP!!
 42932 | Depths:2 | Danger: tengu reaver |T3| Reason: IMMINENT DEATH: Bolt of
                  | Draining deals 72 damage, you have 56 HP!!
 42932 | Depths:2 | Danger: Low HP Warning |T2| Reason: 31% HP (56/176)
 43080 | Depths:2 | Danger: tengu reaver |T2| Reason: OOD monster, careful!
 43080 | Depths:2 | Danger: tengu reaver |T2| Reason: Lightning Bolt and no
                  | rElec
 43080 | Depths:2 | Danger: tengu reaver |T2| Reason: Bolt of Cold and no rC
 43080 | Depths:2 | Danger: frost giant |T2| Reason: Bolt of Cold and no rC
 43122 | Depths:2 | Danger: frost giant |T2| Reason: Bolt of Cold and no rC
 43126 | Depths:2 | Danger: lich |T2| Reason: Slow and low Will, careful
 43126 | Depths:2 | Danger: lich |T2| Reason: Bolt of Cold and no rC
 43126 | Depths:2 | Danger: lich |T2| Reason: Orb of Destruction deals more
                  | than 50% MHP!
 43129 | Depths:2 | Danger: frost giant |T2| Reason: Bolt of Cold and no rC
 43131 | Depths:2 | Danger: tengu reaver |T2| Reason: OOD monster, careful!
 43131 | Depths:2 | Danger: tengu reaver |T2| Reason: Lightning Bolt and no
                  | rElec
 43131 | Depths:2 | Danger: tengu reaver |T2| Reason: Bolt of Cold and no rC
 43156 | Depths:2 | Danger: lich |T2| Reason: Slow and low Will, careful
 43156 | Depths:2 | Danger: lich |T2| Reason: Bolt of Cold and no rC
 43156 | Depths:2 | Danger: lich |T2| Reason: Orb of Destruction deals more
                  | than 50% MHP!
 43156 | Depths:2 | Danger: tengu reaver |T2| Reason: OOD monster, careful!
 43156 | Depths:2 | Danger: tengu reaver |T2| Reason: Lightning Bolt and no
                  | rElec
 43156 | Depths:2 | Danger: tengu reaver |T2| Reason: Bolt of Cold and no rC
 43156 | Depths:2 | Danger: frost giant |T2| Reason: Bolt of Cold and no rC
 43331 | Depths:2 | Danger: tengu reaver |T2| Reason: OOD monster, careful!
 43331 | Depths:2 | Danger: tengu reaver |T2| Reason: Lightning Bolt and no
                  | rElec
 43331 | Depths:2 | Danger: tengu reaver |T2| Reason: Bolt of Cold and no rC
 43377 | Depths:2 | Danger: lich |T2| Reason: Slow and low Will, careful
 43377 | Depths:2 | Danger: lich |T2| Reason: Bolt of Cold and no rC
 43377 | Depths:2 | Danger: lich |T2| Reason: Orb of Destruction deals more
                  | than 50% MHP!
 43380 | Depths:2 | Danger: frost giant |T2| Reason: Bolt of Cold and no rC
 43391 | Depths:2 | Danger: frost giant |T3| Reason: IMMINENT DEATH: Bolt of
                  | Cold deals 75 damage, you have 74 HP!!
 43391 | Depths:2 | Danger: Low HP Warning |T2| Reason: 42% HP (74/176)
 43392 | Depths:2 | Danger: Low HP Warning |T2| Reason: 44% HP (78/176)
 43393 | Depths:2 | Danger: Low HP Warning |T2| Reason: 46% HP (81/176)
 43435 | Depths:2 | Danger: stone giant |T2| Reason: Quivering large rocks,
                  | watch out!!
 43461 | Depths:2 | Danger: wizard |T3| Reason: Banishment and low Will
 43462 | Depths:2 | Danger: wizard |T3| Reason: Banishment and low Will
 43463 | Depths:2 | Danger: wizard |T3| Reason: Banishment and low Will
 43464 | Depths:2 | Danger: wizard |T3| Reason: Banishment and low Will
 43465 | Depths:2 | Danger: wizard |T3| Reason: Banishment and low Will
 43466 | Depths:2 | Danger: stone giant |T2| Reason: Quivering large rocks,
                  | watch out!!
 43466 | Depths:2 | Danger: wizard |T3| Reason: Banishment and low Will
 43537 | Depths:2 | Found a one-way gate leading to the halls of Pandemonium.
 43585 | Depths:2 | Found Cemath's Distillery.
 43868 | Depths:2 | :afk
 43868 | Depths:2 | Upgraded the game from 0.30-a0-1116-gebefce21f7 to
                  | 0.30-a0-1160-g6e42c06551
 43872 | Depths:3 | Danger: frost giant |T2| Reason: Bolt of Cold and no rC
 43874 | Depths:3 | Danger: shining eye shaped shifter |T2| Reason: Malmutator
                  | in LOS
 43874 | Depths:3 | Danger: shining eye shaped shifter |T2| Reason: Malmutator
                  | in LOF!
 43979 | Depths:3 | Danger: frost giant |T2| Reason: Bolt of Cold and no rC
 43981 | Depths:3 | Danger: stone giant |T2| Reason: Quivering large rocks,
                  | watch out!!
 43998 | Depths:3 | Danger: spriggan air mage |T2| Reason: Lightning Bolt and
                  | no rElec
 44001 | Depths:3 | Danger: spriggan air mage |T2| Reason: Lightning Bolt and
                  | no rElec
 44002 | Depths:3 | Danger: Low HP Warning |T2| Reason: 58% HP (103/176)
 44003 | Depths:3 | Danger: Low HP Warning |T2| Reason: 59% HP (105/176)
 44004 | Depths:3 | Danger: Low HP Warning |T2| Reason: 56% HP (100/176)
 44005 | Depths:3 | Danger: Low HP Warning |T2| Reason: 57% HP (102/176)
 44006 | Depths:3 | Danger: Low HP Warning |T2| Reason: 58% HP (103/176)
 44007 | Depths:3 | Danger: Low HP Warning |T2| Reason: 53% HP (94/176)
 44008 | Depths:3 | Danger: Low HP Warning |T2| Reason: 53% HP (95/176)
 44009 | Depths:3 | Danger: Low HP Warning |T2| Reason: 55% HP (97/176)
 44010 | Depths:3 | Danger: Low HP Warning |T2| Reason: 56% HP (99/176)
 44011 | Depths:3 | Danger: Low HP Warning |T2| Reason: 57% HP (101/176)
 44012 | Depths:3 | Danger: Low HP Warning |T2| Reason: 57% HP (102/176)
 44013 | Depths:3 | Danger: Low HP Warning |T2| Reason: 59% HP (104/176)
 44014 | Depths:3 | Danger: Low HP Warning |T2| Reason: 60% HP (107/176)
 44049 | Depths:3 | Danger: ice dragon |T2| Reason: Cold Breath and no rC
 44051 | Depths:3 | Danger: Low HP Warning |T2| Reason: 56% HP (100/176)
 44052 | Depths:3 | Danger: Low HP Warning |T2| Reason: 57% HP (102/176)
 44053 | Depths:3 | Danger: Low HP Warning |T2| Reason: 59% HP (104/176)
 44054 | Depths:3 | Danger: Low HP Warning |T2| Reason: 59% HP (105/176)
 44055 | Depths:3 | Danger: Low HP Warning |T2| Reason: 60% HP (107/176)
 44056 | Depths:3 | Danger: Low HP Warning |T2| Reason: 56% HP (100/176)
 44057 | Depths:3 | Danger: Low HP Warning |T2| Reason: 57% HP (102/176)
 44058 | Depths:3 | Danger: Low HP Warning |T2| Reason: 57% HP (102/176)
 44059 | Depths:3 | Danger: Low HP Warning |T2| Reason: 59% HP (104/176)
 44060 | Depths:3 | Danger: Low HP Warning |T2| Reason: 57% HP (102/176)
 44061 | Depths:3 | Danger: Low HP Warning |T2| Reason: 59% HP (104/176)
 44062 | Depths:3 | Danger: Low HP Warning |T2| Reason: 60% HP (106/176)
 44063 | Depths:3 | Danger: Low HP Warning |T2| Reason: 60% HP (107/176)
 44189 | Depths:3 | Danger: spriggan air mage |T2| Reason: Lightning Bolt and
                  | no rElec
 44193 | Depths:3 | Danger: stone giant |T2| Reason: Quivering large rocks,
                  | watch out!!
 44204 | Depths:3 | Danger: Low HP Warning |T2| Reason: 50% HP (88/176)
 44205 | Depths:3 | Danger: Low HP Warning |T2| Reason: 51% HP (90/176)
 44206 | Depths:3 | Danger: Low HP Warning |T2| Reason: 44% HP (78/176)
 44207 | Depths:3 | Danger: Low HP Warning |T2| Reason: 46% HP (81/176)
 44208 | Depths:3 | Danger: deep troll earth mage |T3| Reason: IMMINENT DEATH:
                  | Lee's Rapid Deconstruction deals 54 damage, you have 40
                  | HP!!
 44208 | Depths:3 | Danger: deep troll earth mage |T3| Reason: IMMINENT DEATH:
                  | Lee's Rapid Deconstruction deals 54 damage, you have 40
                  | HP!!
 44208 | Depths:3 | Danger: Low HP Warning |T3| Reason: 22% HP (40/176)
 44209 | Depths:3 | Danger: deep troll earth mage |T3| Reason: IMMINENT DEATH:
                  | Lee's Rapid Deconstruction deals 54 damage, you have 43
                  | HP!!
 44209 | Depths:3 | Danger: necromancer |T3| Reason: IMMINENT DEATH: Bolt of
                  | Draining deals 54 damage, you have 43 HP!!
 44209 | Depths:3 | Danger: hell knight |T3| Reason: IMMINENT DEATH: Bolt of
                  | Fire deals 54 damage, you have 43 HP!!
 44209 | Depths:3 | Danger: hell knight |T3| Reason: IMMINENT DEATH: Bolt of
                  | Fire deals 54 damage, you have 43 HP!!
 44209 | Depths:3 | Danger: hell knight |T3| Reason: IMMINENT DEATH: Bolt of
                  | Fire deals 54 damage, you have 43 HP!!
 44209 | Depths:3 | Danger: necromancer |T3| Reason: IMMINENT DEATH: Bolt of
                  | Draining deals 54 damage, you have 43 HP!!
 44209 | Depths:3 | Danger: hell knight |T3| Reason: IMMINENT DEATH: Bolt of
                  | Fire deals 54 damage, you have 43 HP!!
 44209 | Depths:3 | Danger: Low HP Warning |T3| Reason: 24% HP (43/176)
 44210 | Depths:3 | Danger: deep troll earth mage |T3| Reason: IMMINENT DEATH:
                  | Lee's Rapid Deconstruction deals 54 damage, you have 45
                  | HP!!
 44210 | Depths:3 | Danger: necromancer |T3| Reason: IMMINENT DEATH: Bolt of
                  | Draining deals 54 damage, you have 45 HP!!
 44210 | Depths:3 | Danger: hell knight |T3| Reason: IMMINENT DEATH: Bolt of
                  | Fire deals 54 damage, you have 45 HP!!
 44210 | Depths:3 | Danger: hell knight |T3| Reason: IMMINENT DEATH: Bolt of
                  | Fire deals 54 damage, you have 45 HP!!
 44210 | Depths:3 | Danger: hell knight |T3| Reason: IMMINENT DEATH: Bolt of
                  | Fire deals 54 damage, you have 45 HP!!
 44210 | Depths:3 | Danger: hell knight |T3| Reason: IMMINENT DEATH: Bolt of
                  | Fire deals 54 damage, you have 45 HP!!
 44210 | Depths:3 | Danger: necromancer |T3| Reason: IMMINENT DEATH: Bolt of
                  | Draining deals 54 damage, you have 45 HP!!
 44210 | Depths:3 | Danger: Low HP Warning |T3| Reason: 25% HP (45/176)
 44211 | Depths:3 | Danger: deep troll earth mage |T3| Reason: IMMINENT DEATH:
                  | Lee's Rapid Deconstruction deals 54 damage, you have 46
                  | HP!!
 44211 | Depths:3 | Danger: hell knight |T3| Reason: IMMINENT DEATH: Bolt of
                  | Fire deals 54 damage, you have 46 HP!!
 44211 | Depths:3 | Danger: hell knight |T3| Reason: IMMINENT DEATH: Bolt of
                  | Fire deals 54 damage, you have 46 HP!!
 44211 | Depths:3 | Danger: hell knight |T3| Reason: IMMINENT DEATH: Bolt of
                  | Fire deals 54 damage, you have 46 HP!!
 44211 | Depths:3 | Danger: hell knight |T3| Reason: IMMINENT DEATH: Bolt of
                  | Fire deals 54 damage, you have 46 HP!!
 44211 | Depths:3 | Danger: necromancer |T3| Reason: IMMINENT DEATH: Bolt of
                  | Draining deals 54 damage, you have 46 HP!!
 44211 | Depths:3 | Danger: Low HP Warning |T2| Reason: 26% HP (46/176)
 44212 | Depths:3 | Danger: hell knight |T3| Reason: IMMINENT DEATH: Bolt of
                  | Fire deals 54 damage, you have 48 HP!!
 44212 | Depths:3 | Danger: hell knight |T3| Reason: IMMINENT DEATH: Bolt of
                  | Fire deals 54 damage, you have 48 HP!!
 44212 | Depths:3 | Danger: hell knight |T3| Reason: IMMINENT DEATH: Bolt of
                  | Fire deals 54 damage, you have 48 HP!!
 44212 | Depths:3 | Danger: hell knight |T3| Reason: IMMINENT DEATH: Bolt of
                  | Fire deals 54 damage, you have 48 HP!!
 44212 | Depths:3 | Danger: necromancer |T3| Reason: IMMINENT DEATH: Bolt of
                  | Draining deals 54 damage, you have 48 HP!!
 44212 | Depths:3 | Danger: Low HP Warning |T2| Reason: 27% HP (48/176)
 44213 | Depths:3 | Danger: frost giant |T3| Reason: IMMINENT DEATH: Bolt of
                  | Cold deals 75 damage, you have 50 HP!!
 44213 | Depths:3 | Danger: frost giant |T3| Reason: IMMINENT DEATH: Bolt of
                  | Cold deals 75 damage, you have 50 HP!!
 44213 | Depths:3 | Danger: tengu reaver |T2| Reason: Lightning Bolt and no
                  | rElec
 44213 | Depths:3 | Danger: tengu reaver |T3| Reason: IMMINENT DEATH: Venom
                  | Bolt deals 63 damage, you have 50 HP!!
 44213 | Depths:3 | Danger: tengu reaver |T3| Reason: IMMINENT DEATH: Bolt of
                  | Fire deals 78 damage, you have 50 HP!!
 44213 | Depths:3 | Danger: tengu reaver |T3| Reason: IMMINENT DEATH: Bolt of
                  | Cold deals 78 damage, you have 50 HP!!
 44213 | Depths:3 | Danger: tengu reaver |T3| Reason: IMMINENT DEATH: Corrosive
                  | Bolt deals 72 damage, you have 50 HP!!
 44213 | Depths:3 | Danger: tengu reaver |T3| Reason: IMMINENT DEATH: Lightning
                  | Bolt deals 66 damage, you have 50 HP!!
 44213 | Depths:3 | Danger: tengu reaver |T3| Reason: IMMINENT DEATH: Bolt of
                  | Draining deals 72 damage, you have 50 HP!!
 44213 | Depths:3 | Danger: frost giant |T3| Reason: IMMINENT DEATH: Bolt of
                  | Cold deals 75 damage, you have 50 HP!!
 44213 | Depths:3 | Danger: Low HP Warning |T2| Reason: 28% HP (50/176)
 44214 | Depths:3 | Danger: frost giant |T3| Reason: IMMINENT DEATH: Bolt of
                  | Cold deals 75 damage, you have 44 HP!!
 44214 | Depths:3 | Danger: frost giant |T3| Reason: IMMINENT DEATH: Bolt of
                  | Cold deals 75 damage, you have 44 HP!!
 44214 | Depths:3 | Danger: tengu reaver |T3| Reason: IMMINENT DEATH: Venom
                  | Bolt deals 63 damage, you have 44 HP!!
 44214 | Depths:3 | Danger: tengu reaver |T3| Reason: IMMINENT DEATH: Bolt of
                  | Fire deals 78 damage, you have 44 HP!!
 44214 | Depths:3 | Danger: tengu reaver |T3| Reason: IMMINENT DEATH: Bolt of
                  | Cold deals 78 damage, you have 44 HP!!
 44214 | Depths:3 | Danger: tengu reaver |T3| Reason: IMMINENT DEATH: Corrosive
                  | Bolt deals 72 damage, you have 44 HP!!
 44214 | Depths:3 | Danger: tengu reaver |T3| Reason: IMMINENT DEATH: Lightning
                  | Bolt deals 66 damage, you have 44 HP!!
 44214 | Depths:3 | Danger: tengu reaver |T3| Reason: IMMINENT DEATH: Bolt of
                  | Draining deals 72 damage, you have 44 HP!!
 44214 | Depths:3 | Danger: frost giant |T3| Reason: IMMINENT DEATH: Bolt of
                  | Cold deals 75 damage, you have 44 HP!!
 44214 | Depths:3 | Danger: Low HP Warning |T3| Reason: 25% HP (44/176)
 44215 | Depths:3 | Danger: frost giant |T3| Reason: IMMINENT DEATH: Bolt of
                  | Cold deals 75 damage, you have 29 HP!!
 44215 | Depths:3 | Danger: tengu reaver |T3| Reason: IMMINENT DEATH: Venom
                  | Bolt deals 63 damage, you have 29 HP!!
 44215 | Depths:3 | Danger: tengu reaver |T3| Reason: IMMINENT DEATH: Bolt of
                  | Fire deals 78 damage, you have 29 HP!!
 44215 | Depths:3 | Danger: tengu reaver |T3| Reason: IMMINENT DEATH: Bolt of
                  | Cold deals 78 damage, you have 29 HP!!
 44215 | Depths:3 | Danger: tengu reaver |T3| Reason: IMMINENT DEATH: Corrosive
                  | Bolt deals 72 damage, you have 29 HP!!
 44215 | Depths:3 | Danger: tengu reaver |T3| Reason: IMMINENT DEATH: Lightning
                  | Bolt deals 66 damage, you have 29 HP!!
 44215 | Depths:3 | Danger: tengu reaver |T3| Reason: IMMINENT DEATH: Bolt of
                  | Draining deals 72 damage, you have 29 HP!!
 44215 | Depths:3 | Danger: frost giant |T3| Reason: IMMINENT DEATH: Bolt of
                  | Cold deals 75 damage, you have 29 HP!!
 44215 | Depths:3 | Danger: Low HP Warning |T3| Reason: 16% HP (29/176)
 44216 | Depths:3 | Danger: frost giant |T3| Reason: IMMINENT DEATH: Bolt of
                  | Cold deals 75 damage, you have 25 HP!!
 44216 | Depths:3 | Danger: frost giant |T3| Reason: IMMINENT DEATH: Bolt of
                  | Cold deals 75 damage, you have 25 HP!!
 44216 | Depths:3 | Danger: tengu reaver |T3| Reason: IMMINENT DEATH: Venom
                  | Bolt deals 63 damage, you have 25 HP!!
 44216 | Depths:3 | Danger: tengu reaver |T3| Reason: IMMINENT DEATH: Bolt of
                  | Fire deals 78 damage, you have 25 HP!!
 44216 | Depths:3 | Danger: tengu reaver |T3| Reason: IMMINENT DEATH: Bolt of
                  | Cold deals 78 damage, you have 25 HP!!
 44216 | Depths:3 | Danger: tengu reaver |T3| Reason: IMMINENT DEATH: Corrosive
                  | Bolt deals 72 damage, you have 25 HP!!
 44216 | Depths:3 | Danger: tengu reaver |T3| Reason: IMMINENT DEATH: Lightning
                  | Bolt deals 66 damage, you have 25 HP!!
 44216 | Depths:3 | Danger: tengu reaver |T3| Reason: IMMINENT DEATH: Bolt of
                  | Draining deals 72 damage, you have 25 HP!!
 44216 | Depths:3 | Danger: frost giant |T3| Reason: IMMINENT DEATH: Bolt of
                  | Cold deals 75 damage, you have 25 HP!!
 44216 | Depths:3 | Danger: Low HP Warning |T3| Reason: 14% HP (25/176)
 44464 | Elf:1    | Entered Level 1 of the Elven Halls
 44465 | Elf:1    | Danger: deep elf zephyrmancer |T2| Reason: Lightning Bolt
                  | and no rElec
 44513 | Elf:1    | Danger: deep elf zephyrmancer |T2| Reason: Lightning Bolt
                  | and no rElec
 44514 | Elf:1    | Danger: deep elf zephyrmancer |T2| Reason: Lightning Bolt
                  | and no rElec
 44514 | Elf:1    | Danger: deep elf annihilator |T2| Reason: Lightning Bolt
                  | and no rElec
 44514 | Elf:1    | Danger: deep elf annihilator |T2| Reason: Lehudib's Crystal
                  | Spear deals more than 50% MHP!
 44529 | Elf:1    | Danger: deep elf zephyrmancer |T2| Reason: Lightning Bolt
                  | and no rElec
 44544 | Elf:1    | Danger: deep elf zephyrmancer |T2| Reason: Lightning Bolt
                  | and no rElec
 44580 | Elf:1    | Danger: deep elf zephyrmancer |T2| Reason: Lightning Bolt
                  | and no rElec
 44586 | Elf:1    | Danger: deep elf zephyrmancer |T2| Reason: Lightning Bolt
                  | and no rElec
 44709 | Elf:1    | Reached XP level 21. HP: 163/183 MP: 21/21
 44712 | Elf:1    | Danger: deep elf zephyrmancer |T2| Reason: Lightning Bolt
                  | and no rElec
 44714 | Elf:1    | Danger: deep elf zephyrmancer |T2| Reason: Lightning Bolt
                  | and no rElec
 44717 | Elf:1    | Danger: deep elf zephyrmancer |T2| Reason: Lightning Bolt
                  | and no rElec
 44719 | Elf:1    | Danger: deep elf zephyrmancer |T2| Reason: Lightning Bolt
                  | and no rElec
 44722 | Elf:1    | Danger: deep elf zephyrmancer |T2| Reason: Lightning Bolt
                  | and no rElec
 44726 | Elf:1    | Danger: deep elf zephyrmancer |T2| Reason: Lightning Bolt
                  | and no rElec
 44728 | Elf:1    | Danger: deep elf zephyrmancer |T2| Reason: Lightning Bolt
                  | and no rElec
 44738 | Elf:1    | Danger: deep elf zephyrmancer |T2| Reason: Lightning Bolt
                  | and no rElec
 44738 | Elf:1    | Danger: deep elf zephyrmancer |T2| Reason: Lightning Bolt
                  | and no rElec
 44744 | Elf:1    | Danger: deep elf zephyrmancer |T2| Reason: Lightning Bolt
                  | and no rElec
 44752 | Elf:1    | Danger: deep elf zephyrmancer |T2| Reason: Lightning Bolt
                  | and no rElec
 44758 | Elf:1    | Danger: deep elf zephyrmancer |T2| Reason: Lightning Bolt
                  | and no rElec
 44874 | Elf:1    | Danger: +3 mace of holy wrath |T3| Reason: wielding holy
                  | wrath while unholy, watch out!!
 44875 | Elf:1    | Danger: +3 mace of holy wrath |T3| Reason: wielding holy
                  | wrath while unholy, watch out!!
 44876 | Elf:1    | Danger: +3 mace of holy wrath |T3| Reason: wielding holy
                  | wrath while unholy, watch out!!
 44877 | Elf:1    | Danger: +3 mace of holy wrath |T3| Reason: wielding holy
                  | wrath while unholy, watch out!!
 44879 | Elf:1    | Danger: +3 mace of holy wrath |T3| Reason: wielding holy
                  | wrath while unholy, watch out!!
 44881 | Elf:1    | Danger: +3 mace of holy wrath |T3| Reason: wielding holy
                  | wrath while unholy, watch out!!
 44885 | Elf:1    | Danger: +3 mace of holy wrath |T3| Reason: wielding holy
                  | wrath while unholy, watch out!!
 45543 | Elf:2    | Danger: deep elf zephyrmancer |T2| Reason: Lightning Bolt
                  | and no rElec
 45555 | Elf:2    | Danger: deep elf archer |T2| Reason: Slow and low Will,
                  | careful
 45556 | Elf:2    | Danger: deep elf demonologist |T3| Reason: Banishment and
                  | low Will
 45561 | Elf:2    | Danger: deep elf archer |T2| Reason: Slow and low Will,
                  | careful
 45561 | Elf:2    | Danger: deep elf archer |T2| Reason: Slow and low Will,
                  | careful
 45561 | Elf:2    | Danger: deep elf zephyrmancer |T2| Reason: Lightning Bolt
                  | and no rElec
 45563 | Elf:2    | Danger: deep elf zephyrmancer |T2| Reason: Lightning Bolt
                  | and no rElec
 45563 | Elf:2    | Danger: deep elf demonologist |T3| Reason: Banishment and
                  | low Will
 45563 | Elf:2    | Danger: deep elf archer |T2| Reason: Slow and low Will,
                  | careful
 45564 | Elf:2    | Danger: deep elf demonologist |T3| Reason: Banishment and
                  | low Will
 45566 | Elf:2    | Danger: deep elf demonologist |T3| Reason: Banishment and
                  | low Will
 45567 | Elf:2    | Danger: deep elf demonologist |T3| Reason: Banishment and
                  | low Will
 45568 | Elf:2    | Danger: deep elf demonologist |T3| Reason: Banishment and
                  | low Will
 45569 | Elf:2    | Danger: deep elf demonologist |T3| Reason: Banishment and
                  | low Will
 45570 | Elf:2    | Danger: deep elf archer |T2| Reason: Slow and low Will,
                  | careful
 45570 | Elf:2    | Danger: deep elf demonologist |T3| Reason: Banishment and
                  | low Will
 45572 | Elf:2    | Danger: deep elf demonologist |T3| Reason: Banishment and
                  | low Will
 45576 | Elf:2    | Danger: deep elf archer |T2| Reason: Slow and low Will,
                  | careful
 45580 | Elf:2    | Danger: deep elf demonologist |T3| Reason: Banishment and
                  | low Will
 45580 | Elf:2    | Danger: deep elf zephyrmancer |T2| Reason: Lightning Bolt
                  | and no rElec
 45581 | Elf:2    | Danger: deep elf demonologist |T3| Reason: Banishment and
                  | low Will
 45582 | Elf:2    | Danger: deep elf demonologist |T3| Reason: Banishment and
                  | low Will
 45583 | Elf:2    | Danger: deep elf archer |T2| Reason: Slow and low Will,
                  | careful
 45583 | Elf:2    | Danger: deep elf demonologist |T3| Reason: Banishment and
                  | low Will
 45584 | Elf:2    | Danger: deep elf demonologist |T3| Reason: Banishment and
                  | low Will
 45585 | Elf:2    | Danger: deep elf archer |T2| Reason: Slow and low Will,
                  | careful
 45585 | Elf:2    | Danger: deep elf archer |T2| Reason: Slow and low Will,
                  | careful
 45585 | Elf:2    | Danger: deep elf archer |T2| Reason: Slow and low Will,
                  | careful
 45585 | Elf:2    | Danger: deep elf zephyrmancer |T2| Reason: Lightning Bolt
                  | and no rElec
 45585 | Elf:2    | Danger: deep elf demonologist |T3| Reason: Banishment and
                  | low Will
 45587 | Elf:2    | Danger: deep elf demonologist |T3| Reason: Banishment and
                  | low Will
 45588 | Elf:2    | Danger: deep elf demonologist |T3| Reason: Banishment and
                  | low Will
 45590 | Elf:2    | Danger: deep elf archer |T2| Reason: Slow and low Will,
                  | careful
 45590 | Elf:2    | Danger: deep elf zephyrmancer |T2| Reason: Lightning Bolt
                  | and no rElec
 45590 | Elf:2    | Danger: deep elf archer |T2| Reason: Slow and low Will,
                  | careful
 45590 | Elf:2    | Danger: deep elf archer |T2| Reason: Slow and low Will,
                  | careful
 45590 | Elf:2    | Danger: deep elf archer |T2| Reason: Slow and low Will,
                  | careful
 45593 | Elf:2    | Danger: deep elf zephyrmancer |T2| Reason: Lightning Bolt
                  | and no rElec
 45595 | Elf:2    | Danger: deep elf zephyrmancer |T2| Reason: Lightning Bolt
                  | and no rElec
 45599 | Elf:2    | Danger: deep elf archer |T2| Reason: Slow and low Will,
                  | careful
 45599 | Elf:2    | Danger: deep elf archer |T2| Reason: Slow and low Will,
                  | careful
 45606 | Elf:2    | Danger: deep elf archer |T2| Reason: Slow and low Will,
                  | careful
 45608 | Elf:2    | Danger: deep elf zephyrmancer |T2| Reason: Lightning Bolt
                  | and no rElec
 45612 | Elf:2    | Danger: deep elf archer |T2| Reason: Slow and low Will,
                  | careful
 45617 | Elf:2    | Danger: deep elf archer |T2| Reason: Slow and low Will,
                  | careful
 45617 | Elf:2    | Danger: deep elf archer |T2| Reason: Slow and low Will,
                  | careful
 45617 | Elf:2    | Danger: deep elf archer |T2| Reason: Slow and low Will,
                  | careful
 45618 | Elf:2    | Danger: deep elf zephyrmancer |T2| Reason: Lightning Bolt
                  | and no rElec
 45618 | Elf:2    | Danger: deep elf zephyrmancer |T2| Reason: Lightning Bolt
                  | and no rElec
 45622 | Elf:2    | Danger: deep elf archer |T2| Reason: Slow and low Will,
                  | careful
 45629 | Elf:2    | Danger: deep elf zephyrmancer |T2| Reason: Lightning Bolt
                  | and no rElec
 45633 | Elf:2    | Danger: deep elf zephyrmancer |T2| Reason: Lightning Bolt
                  | and no rElec
 45633 | Elf:2    | Danger: deep elf zephyrmancer |T2| Reason: Lightning Bolt
                  | and no rElec
 45633 | Elf:2    | Danger: deep elf archer |T2| Reason: Slow and low Will,
                  | careful
 45633 | Elf:2    | Danger: deep elf zephyrmancer |T2| Reason: Lightning Bolt
                  | and no rElec
 45641 | Elf:2    | Danger: deep elf zephyrmancer |T2| Reason: Lightning Bolt
                  | and no rElec
 45649 | Elf:2    | Danger: deep elf zephyrmancer |T2| Reason: Lightning Bolt
                  | and no rElec
 45656 | Elf:2    | Danger: deep elf zephyrmancer |T2| Reason: Lightning Bolt
                  | and no rElec
 45666 | Elf:2    | Danger: deep elf zephyrmancer |T2| Reason: Lightning Bolt
                  | and no rElec
 45872 | Elf:2    | Danger: +2 glaive of distortion |T3| Reason: Distortion
                  | weapon!
 45873 | Elf:2    | Danger: +2 glaive of distortion |T3| Reason: Distortion
                  | weapon!
 45874 | Elf:2    | Danger: +2 glaive of distortion |T3| Reason: Distortion
                  | weapon!
 45875 | Elf:2    | Danger: +2 glaive of distortion |T3| Reason: Distortion
                  | weapon!
 45876 | Elf:2    | Danger: +2 glaive of distortion |T3| Reason: Distortion
                  | weapon!
 45877 | Elf:2    | Danger: +2 glaive of distortion |T3| Reason: Distortion
                  | weapon!
 45878 | Elf:2    | Danger: +2 glaive of distortion |T3| Reason: Distortion
                  | weapon!
 45879 | Elf:2    | Danger: +2 glaive of distortion |T3| Reason: Distortion
                  | weapon!
 45880 | Elf:2    | Danger: +2 glaive of distortion |T3| Reason: Distortion
                  | weapon!
 46209 | Elf:2    | Found a runed translucent gate.
 46209 | Elf:2    | Found a runed translucent gate.
 46209 | Elf:2    | Found a runed translucent gate.
 46410 | Elf:2    | Danger: deep elf zephyrmancer |T2| Reason: Lightning Bolt
                  | and no rElec
 46444 | Elf:2    | Danger: deep elf zephyrmancer |T2| Reason: Lightning Bolt
                  | and no rElec
 46476 | Elf:2    | Reached skill level 10 in Armour
 46496 | Elf:2    | Danger: deep elf zephyrmancer |T2| Reason: Lightning Bolt
                  | and no rElec
 46553 | Elf:2    | Danger: deep elf blademaster |T2| Reason: OOD monster,
                  | careful!
 46573 | Elf:2    | Danger: Low HP Warning |T2| Reason: 56% HP (104/183)
 46574 | Elf:2    | Danger: Low HP Warning |T2| Reason: 57% HP (106/183)
 46575 | Elf:2    | Danger: Low HP Warning |T2| Reason: 57% HP (105/183)
 46576 | Elf:2    | Danger: Low HP Warning |T2| Reason: 59% HP (108/183)
 46577 | Elf:2    | Danger: Low HP Warning |T2| Reason: 57% HP (106/183)
 46578 | Elf:2    | Danger: Low HP Warning |T2| Reason: 59% HP (108/183)
 46579 | Elf:2    | Danger: Low HP Warning |T2| Reason: 60% HP (110/183)
 46580 | Elf:2    | Danger: Low HP Warning |T2| Reason: 60% HP (111/183)
 46602 | Elf:2    | Danger: +2 mace of holy wrath |T3| Reason: wielding holy
                  | wrath while unholy, watch out!!
 46604 | Elf:2    | Danger: deep elf zephyrmancer |T2| Reason: Lightning Bolt
                  | and no rElec
 46605 | Elf:2    | Danger: +2 mace of holy wrath |T3| Reason: wielding holy
                  | wrath while unholy, watch out!!
 46607 | Elf:2    | Danger: +2 mace of holy wrath |T3| Reason: wielding holy
                  | wrath while unholy, watch out!!
 46608 | Elf:2    | Danger: +2 mace of holy wrath |T3| Reason: wielding holy
                  | wrath while unholy, watch out!!
 46609 | Elf:2    | Danger: +2 mace of holy wrath |T3| Reason: wielding holy
                  | wrath while unholy, watch out!!
 46610 | Elf:2    | Danger: +2 mace of holy wrath |T3| Reason: wielding holy
                  | wrath while unholy, watch out!!
 46611 | Elf:2    | Danger: +0 lajatang of distortion |T3| Reason: Distortion
                  | weapon!
 46611 | Elf:2    | Danger: +2 mace of holy wrath |T3| Reason: wielding holy
                  | wrath while unholy, watch out!!
 46612 | Elf:2    | Danger: +0 lajatang of distortion |T3| Reason: Distortion
                  | weapon!
 46612 | Elf:2    | Danger: +2 mace of holy wrath |T3| Reason: wielding holy
                  | wrath while unholy, watch out!!
 46613 | Elf:2    | Danger: +0 lajatang of distortion |T3| Reason: Distortion
                  | weapon!
 46614 | Elf:2    | Danger: +0 lajatang of distortion |T3| Reason: Distortion
                  | weapon!
 46615 | Elf:2    | Danger: +0 lajatang of distortion |T3| Reason: Distortion
                  | weapon!
 46616 | Elf:2    | Danger: +0 lajatang of distortion |T3| Reason: Distortion
                  | weapon!
 46617 | Elf:2    | Danger: +0 lajatang of distortion |T3| Reason: Distortion
                  | weapon!
 46618 | Elf:2    | Danger: +0 lajatang of distortion |T3| Reason: Distortion
                  | weapon!
 46621 | Elf:2    | Danger: Low HP Warning |T2| Reason: 59% HP (108/183)
 46622 | Elf:2    | Danger: Low HP Warning |T2| Reason: 60% HP (110/183)
 46638 | Elf:2    | Danger: Low HP Warning |T2| Reason: 56% HP (104/183)
 46639 | Elf:2    | Danger: Low HP Warning |T2| Reason: 57% HP (106/183)
 46640 | Elf:2    | Danger: Low HP Warning |T2| Reason: 59% HP (108/183)
 46641 | Elf:2    | Danger: Low HP Warning |T2| Reason: 60% HP (110/183)
 47478 | Elf:3    | Entered Level 3 of the Elven Halls
 47530 | Elf:3    | Found a frozen archway.
 47532 | Elf:3    | Noticed Nikola
 47533 | Elf:3    | Danger: Nikola |T2| Reason: Unique monster, careful!
 47533 | Elf:3    | Danger: Nikola |T2| Reason: Lightning Bolt and no rElec
 47533 | Elf:3    | Danger: Nikola |T3| Reason: Chain Lightning and no rElec
 47533 | Elf:3    | Danger: Nikola |T3| Reason: Nikola and no rElec
 47533 | Elf:3    | Danger: Nikola |T3| Reason: Nikola in LOS and not silenced
                  | or waterlogged
 47533 | Elf:3    | Danger: Nikola |T2| Reason: Chain Lightning deals more than
                  | 50% MHP!
 47534 | Elf:3    | Danger: Nikola |T3| Reason: Chain Lightning and no rElec
 47534 | Elf:3    | Danger: Nikola |T3| Reason: Nikola and no rElec
 47534 | Elf:3    | Danger: Nikola |T3| Reason: Nikola in LOS and not silenced
                  | or waterlogged
 47535 | Elf:3    | Danger: Nikola |T3| Reason: Chain Lightning and no rElec
 47535 | Elf:3    | Danger: Nikola |T3| Reason: Nikola and no rElec
 47535 | Elf:3    | Danger: Nikola |T3| Reason: Nikola in LOS and not silenced
                  | or waterlogged
 47536 | Elf:3    | Danger: Nikola |T3| Reason: Chain Lightning and no rElec
 47536 | Elf:3    | Danger: Nikola |T3| Reason: Nikola and no rElec
 47536 | Elf:3    | Danger: Nikola |T3| Reason: Nikola in LOS and not silenced
                  | or waterlogged
 47537 | Elf:3    | Danger: Nikola |T3| Reason: Chain Lightning and no rElec
 47537 | Elf:3    | Danger: Nikola |T3| Reason: Nikola and no rElec
 47537 | Elf:3    | Danger: Nikola |T3| Reason: Nikola in LOS and not silenced
                  | or waterlogged
 47538 | Elf:3    | Danger: Nikola |T3| Reason: Chain Lightning and no rElec
 47538 | Elf:3    | Danger: Nikola |T3| Reason: Nikola and no rElec
 47538 | Elf:3    | Danger: Nikola |T3| Reason: Nikola in LOS and not silenced
                  | or waterlogged
 47539 | Elf:3    | Danger: Nikola |T3| Reason: Chain Lightning and no rElec
 47539 | Elf:3    | Danger: Nikola |T3| Reason: Nikola and no rElec
 47539 | Elf:3    | Danger: Nikola |T3| Reason: Nikola in LOS and not silenced
                  | or waterlogged
 47540 | Elf:3    | Danger: Nikola |T3| Reason: Chain Lightning and no rElec
 47540 | Elf:3    | Danger: Nikola |T3| Reason: Nikola and no rElec
 47540 | Elf:3    | Danger: Nikola |T3| Reason: Nikola in LOS and not silenced
                  | or waterlogged
 47541 | Elf:3    | Danger: Nikola |T3| Reason: Chain Lightning and no rElec
 47541 | Elf:3    | Danger: Nikola |T3| Reason: Nikola and no rElec
 47541 | Elf:3    | Danger: Nikola |T3| Reason: Nikola in LOS and not silenced
                  | or waterlogged
 47542 | Elf:3    | Danger: Nikola |T3| Reason: Chain Lightning and no rElec
 47542 | Elf:3    | Danger: Nikola |T3| Reason: Nikola and no rElec
 47542 | Elf:3    | Danger: Nikola |T3| Reason: Nikola in LOS and not silenced
                  | or waterlogged
 47542 | Elf:3    | Nikola changed into Nikola the golden dragon
 47542 | Elf:3    | Noticed Nikola
 47543 | Elf:3    | Danger: Nikola the golden dragon |T2| Reason: Bolt of Fire
                  | and not rF+, careful
 47558 | Elf:3    | Killed Nikola the golden dragon
 47595 | IceCv    | Entered an ice cave
 47619 | IceCv    | Reached ****** piety under Jiyva
 47711 | IceCv    | Found a viscous altar of Jiyva.
 47724 | IceCv    | Identified the +8 ice dragon scales of Bainke {rF- rC++
                  | rN+}
 47727 | IceCv    | Identified the +0 ice dragon scales of Voale {rF- rC++
                  | Int+3 SInv}
 48068 | Elf:3    | Danger: deep elf zephyrmancer |T2| Reason: Lightning Bolt
                  | and no rElec
 48092 | Elf:3    | Danger: deep elf zephyrmancer |T2| Reason: Lightning Bolt
                  | and no rElec
 48092 | Elf:3    | Danger: deep elf archer |T2| Reason: Slow and low Will,
                  | careful
 48092 | Elf:3    | Danger: deep elf archer |T2| Reason: Slow and low Will,
                  | careful
 48092 | Elf:3    | Danger: deep elf archer |T2| Reason: Slow and low Will,
                  | careful
 48175 | Elf:3    | Found Sapah's Weapon Shop.
 48187 | Elf:3    | Bought 2 curare-tipped darts for 36 gold pieces
 48227 | Elf:3    | Danger: deep elf archer |T2| Reason: Slow and low Will,
                  | careful
 48228 | Elf:3    | Danger: deep elf archer |T2| Reason: Slow and low Will,
                  | careful
 48235 | Elf:3    | Danger: deep elf zephyrmancer |T2| Reason: Lightning Bolt
                  | and no rElec
 48249 | Elf:3    | Danger: deep elf zephyrmancer |T2| Reason: Lightning Bolt
                  | and no rElec
 48256 | Elf:3    | Danger: deep elf zephyrmancer |T2| Reason: Lightning Bolt
                  | and no rElec
 48258 | Elf:3    | Danger: deep elf demonologist |T3| Reason: Banishment and
                  | low Will
 48271 | Elf:3    | Danger: deep elf demonologist |T3| Reason: Banishment and
                  | low Will
 48272 | Elf:3    | Danger: deep elf zephyrmancer |T2| Reason: Lightning Bolt
                  | and no rElec
 48272 | Elf:3    | Danger: Hell Sentinel |T2| Reason: Damnation in LOS,
                  | careful!
 48272 | Elf:3    | Danger: Hell Sentinel |T2| Reason: Iron Shot deals more
                  | than 50% MHP!
 48272 | Elf:3    | Danger: deep elf demonologist |T3| Reason: Banishment and
                  | low Will
 48273 | Elf:3    | Danger: deep elf demonologist |T3| Reason: Banishment and
                  | low Will
 48274 | Elf:3    | Danger: Hell Sentinel |T3| Reason: Damnation in LOF, watch
                  | out!
 48274 | Elf:3    | Danger: deep elf demonologist |T3| Reason: Banishment and
                  | low Will
 48275 | Elf:3    | Danger: deep elf demonologist |T3| Reason: Banishment and
                  | low Will
 48275 | Elf:3    | Danger: Hell Sentinel |T3| Reason: Damnation in LOF, watch
                  | out!
 48278 | Elf:3    | Reached skill level 1 in Throwing
 48291 | Elf:3    | Danger: deep elf archer |T2| Reason: Slow and low Will,
                  | careful
 48297 | Elf:3    | Danger: deep elf archer |T2| Reason: Slow and low Will,
                  | careful
 48328 | Elf:3    | Danger: deep elf archer |T2| Reason: Slow and low Will,
                  | careful
 48418 | Elf:3    | Danger: deep elf high priest |T3| Reason: Damnation (smite)
                  | in LOS, watch out!
 48419 | Elf:3    | Danger: deep elf high priest |T3| Reason: Damnation (smite)
                  | in LOS, watch out!
 48420 | Elf:3    | Danger: deep elf high priest |T3| Reason: Damnation (smite)
                  | in LOS, watch out!
 48423 | Elf:3    | Danger: deep elf high priest |T3| Reason: Damnation (smite)
                  | in LOS, watch out!
 48424 | Elf:3    | Danger: deep elf high priest |T3| Reason: Damnation (smite)
                  | in LOS, watch out!
 48431 | Elf:3    | Danger: deep elf high priest |T3| Reason: Damnation (smite)
                  | in LOS, watch out!
 48438 | Elf:3    | Danger: deep elf high priest |T3| Reason: Damnation (smite)
                  | in LOS, watch out!
 48442 | Elf:3    | Danger: deep elf high priest |T3| Reason: Damnation (smite)
                  | in LOS, watch out!
 48449 | Elf:3    | Danger: deep elf high priest |T3| Reason: Damnation (smite)
                  | in LOS, watch out!
 48452 | Elf:3    | Danger: deep elf high priest |T3| Reason: Damnation (smite)
                  | in LOS, watch out!
 48462 | Elf:3    | Danger: deep elf high priest |T3| Reason: Damnation (smite)
                  | in LOS, watch out!
 48465 | Elf:3    | Danger: deep elf high priest |T3| Reason: Damnation (smite)
                  | in LOS, watch out!
 48466 | Elf:3    | Danger: deep elf high priest |T3| Reason: Damnation (smite)
                  | in LOS, watch out!
 48467 | Elf:3    | Danger: deep elf high priest |T3| Reason: Damnation (smite)
                  | in LOS, watch out!
 48513 | Elf:3    | Identified the +2 leather armour of Dice, Bag, and Bottle
                  | {rElec rF+}
 48526 | Elf:3    | Danger: deep elf annihilator |T2| Reason: Lightning Bolt
                  | and no rElec
 48526 | Elf:3    | Danger: deep elf annihilator |T2| Reason: Lehudib's Crystal
                  | Spear deals more than 50% MHP!
 48541 | Elf:3    | Danger: Low HP Warning |T2| Reason: 57% HP (105/183)
 48542 | Elf:3    | Danger: Low HP Warning |T2| Reason: 58% HP (107/183)
 48543 | Elf:3    | Danger: Low HP Warning |T2| Reason: 60% HP (110/183)
 48558 | Elf:3    | Danger: deep elf archer |T2| Reason: Slow and low Will,
                  | careful
 48564 | Elf:3    | Danger: deep elf elementalist |T3| Reason: wielding holy
                  | wrath while unholy, watch out!!
 48564 | Elf:3    | Danger: deep elf archer |T2| Reason: Slow and low Will,
                  | careful
 48565 | Elf:3    | Danger: deep elf elementalist |T3| Reason: wielding holy
                  | wrath while unholy, watch out!!
 48566 | Elf:3    | Danger: deep elf elementalist |T3| Reason: wielding holy
                  | wrath while unholy, watch out!!
 48582 | Elf:3    | Danger: deep elf elementalist |T3| Reason: wielding holy
                  | wrath while unholy, watch out!!
 48584 | Elf:3    | Danger: deep elf elementalist |T3| Reason: wielding holy
                  | wrath while unholy, watch out!!
 48585 | Elf:3    | Danger: deep elf elementalist |T3| Reason: wielding holy
                  | wrath while unholy, watch out!!
 48586 | Elf:3    | Danger: deep elf elementalist |T3| Reason: wielding holy
                  | wrath while unholy, watch out!!
 48587 | Elf:3    | Danger: deep elf elementalist |T3| Reason: wielding holy
                  | wrath while unholy, watch out!!
 48588 | Elf:3    | Danger: deep elf archer |T2| Reason: Slow and low Will,
                  | careful
 48588 | Elf:3    | Danger: deep elf elementalist |T3| Reason: wielding holy
                  | wrath while unholy, watch out!!
 48589 | Elf:3    | Danger: deep elf elementalist |T3| Reason: wielding holy
                  | wrath while unholy, watch out!!
 48595 | Elf:3    | Danger: deep elf archer |T2| Reason: Slow and low Will,
                  | careful
 48622 | Elf:3    | Danger: deep elf death mage |T3| Reason: wielding holy
                  | wrath while unholy, watch out!!
 48623 | Elf:3    | Danger: deep elf death mage |T3| Reason: wielding holy
                  | wrath while unholy, watch out!!
 48632 | Elf:3    | Danger: deep elf annihilator |T2| Reason: Lightning Bolt
                  | and no rElec
 48632 | Elf:3    | Danger: deep elf annihilator |T2| Reason: Lehudib's Crystal
                  | Spear deals more than 50% MHP!
 48633 | Elf:3    | Danger: deep elf death mage |T3| Reason: wielding holy
                  | wrath while unholy, watch out!!
 48634 | Elf:3    | Danger: deep elf death mage |T3| Reason: wielding holy
                  | wrath while unholy, watch out!!
 48635 | Elf:3    | Danger: deep elf death mage |T3| Reason: wielding holy
                  | wrath while unholy, watch out!!
 48636 | Elf:3    | Danger: deep elf death mage |T3| Reason: wielding holy
                  | wrath while unholy, watch out!!
 48637 | Elf:3    | Danger: ghostly deep elf annihilator |T2| Reason: Lightning
                  | Bolt and no rElec
 48637 | Elf:3    | Danger: ghostly deep elf annihilator |T2| Reason: Lehudib's
                  | Crystal Spear deals more than 50% MHP!
 48637 | Elf:3    | Danger: deep elf death mage |T3| Reason: wielding holy
                  | wrath while unholy, watch out!!
 48638 | Elf:3    | Danger: deep elf death mage |T3| Reason: wielding holy
                  | wrath while unholy, watch out!!
 48639 | Elf:3    | Danger: deep elf death mage |T3| Reason: wielding holy
                  | wrath while unholy, watch out!!
 48640 | Elf:3    | Danger: deep elf death mage |T3| Reason: wielding holy
                  | wrath while unholy, watch out!!
 48641 | Elf:3    | Danger: deep elf death mage |T3| Reason: wielding holy
                  | wrath while unholy, watch out!!
 48642 | Elf:3    | Danger: deep elf high priest |T3| Reason: Damnation (smite)
                  | in LOS, watch out!
 48642 | Elf:3    | Danger: deep elf death mage |T3| Reason: wielding holy
                  | wrath while unholy, watch out!!
 48643 | Elf:3    | Danger: deep elf high priest |T3| Reason: Damnation (smite)
                  | in LOS, watch out!
 48643 | Elf:3    | Danger: deep elf death mage |T3| Reason: wielding holy
                  | wrath while unholy, watch out!!
 48644 | Elf:3    | Danger: deep elf high priest |T3| Reason: Damnation (smite)
                  | in LOS, watch out!
 48644 | Elf:3    | Danger: deep elf death mage |T3| Reason: wielding holy
                  | wrath while unholy, watch out!!
 48645 | Elf:3    | Danger: deep elf high priest |T3| Reason: Damnation (smite)
                  | in LOS, watch out!
 48645 | Elf:3    | Danger: deep elf death mage |T3| Reason: wielding holy
                  | wrath while unholy, watch out!!
 48646 | Elf:3    | Danger: deep elf high priest |T3| Reason: Damnation (smite)
                  | in LOS, watch out!
 48646 | Elf:3    | Danger: deep elf death mage |T3| Reason: wielding holy
                  | wrath while unholy, watch out!!
 48647 | Elf:3    | Danger: deep elf high priest |T3| Reason: Damnation (smite)
                  | in LOS, watch out!
 48647 | Elf:3    | Danger: deep elf death mage |T3| Reason: wielding holy
                  | wrath while unholy, watch out!!
 48648 | Elf:3    | Danger: deep elf high priest |T3| Reason: Damnation (smite)
                  | in LOS, watch out!
 48648 | Elf:3    | Danger: deep elf death mage |T3| Reason: wielding holy
                  | wrath while unholy, watch out!!
 48649 | Elf:3    | Danger: deep elf high priest |T3| Reason: Damnation (smite)
                  | in LOS, watch out!
 48649 | Elf:3    | Danger: deep elf death mage |T3| Reason: wielding holy
                  | wrath while unholy, watch out!!
 48650 | Elf:3    | Danger: deep elf high priest |T3| Reason: Damnation (smite)
                  | in LOS, watch out!
 48650 | Elf:3    | Danger: deep elf death mage |T3| Reason: wielding holy
                  | wrath while unholy, watch out!!
 48651 | Elf:3    | Danger: deep elf high priest |T3| Reason: Damnation (smite)
                  | in LOS, watch out!
 48651 | Elf:3    | Danger: deep elf death mage |T3| Reason: wielding holy
                  | wrath while unholy, watch out!!
 48652 | Elf:3    | Danger: deep elf high priest |T3| Reason: Damnation (smite)
                  | in LOS, watch out!
 48652 | Elf:3    | Danger: deep elf death mage |T3| Reason: wielding holy
                  | wrath while unholy, watch out!!
 48653 | Elf:3    | Danger: deep elf death mage |T3| Reason: wielding holy
                  | wrath while unholy, watch out!!
 48653 | Elf:3    | Danger: deep elf high priest |T3| Reason: Damnation (smite)
                  | in LOS, watch out!
 48654 | Elf:3    | Danger: deep elf death mage |T3| Reason: wielding holy
                  | wrath while unholy, watch out!!
 48654 | Elf:3    | Danger: deep elf high priest |T3| Reason: Damnation (smite)
                  | in LOS, watch out!
 48657 | Elf:3    | Danger: deep elf death mage |T3| Reason: wielding holy
                  | wrath while unholy, watch out!!
 48676 | Elf:3    | Danger: deep elf death mage |T3| Reason: wielding holy
                  | wrath while unholy, watch out!!
 48677 | Elf:3    | Danger: deep elf death mage |T3| Reason: wielding holy
                  | wrath while unholy, watch out!!
 48678 | Elf:3    | Danger: deep elf death mage |T3| Reason: wielding holy
                  | wrath while unholy, watch out!!
 48679 | Elf:3    | Danger: deep elf death mage |T3| Reason: wielding holy
                  | wrath while unholy, watch out!!
 48680 | Elf:3    | Danger: deep elf death mage |T3| Reason: wielding holy
                  | wrath while unholy, watch out!!
 48681 | Elf:3    | Danger: deep elf death mage |T3| Reason: wielding holy
                  | wrath while unholy, watch out!!
 48682 | Elf:3    | Danger: deep elf high priest |T3| Reason: Damnation (smite)
                  | in LOS, watch out!
 48682 | Elf:3    | Danger: deep elf death mage |T3| Reason: wielding holy
                  | wrath while unholy, watch out!!
 48683 | Elf:3    | Danger: deep elf death mage |T3| Reason: wielding holy
                  | wrath while unholy, watch out!!
 48684 | Elf:3    | Danger: deep elf high priest |T3| Reason: Damnation (smite)
                  | in LOS, watch out!
 48684 | Elf:3    | Danger: deep elf death mage |T3| Reason: wielding holy
                  | wrath while unholy, watch out!!
 48685 | Elf:3    | Danger: deep elf death mage |T3| Reason: wielding holy
                  | wrath while unholy, watch out!!
 48685 | Elf:3    | Danger: deep elf high priest |T3| Reason: Damnation (smite)
                  | in LOS, watch out!
 48686 | Elf:3    | Danger: deep elf death mage |T3| Reason: wielding holy
                  | wrath while unholy, watch out!!
 48686 | Elf:3    | Danger: deep elf high priest |T3| Reason: Damnation (smite)
                  | in LOS, watch out!
 48687 | Elf:3    | Danger: deep elf death mage |T3| Reason: wielding holy
                  | wrath while unholy, watch out!!
 48687 | Elf:3    | Danger: deep elf high priest |T3| Reason: Damnation (smite)
                  | in LOS, watch out!
 48688 | Elf:3    | Danger: deep elf death mage |T3| Reason: wielding holy
                  | wrath while unholy, watch out!!
 48688 | Elf:3    | Danger: deep elf high priest |T3| Reason: Damnation (smite)
                  | in LOS, watch out!
 48689 | Elf:3    | Danger: deep elf death mage |T3| Reason: wielding holy
                  | wrath while unholy, watch out!!
 48689 | Elf:3    | Danger: deep elf high priest |T3| Reason: Damnation (smite)
                  | in LOS, watch out!
 48690 | Elf:3    | Danger: ghostly deep elf high priest |T3| Reason: Damnation
                  | (smite) in LOS, watch out!
 48690 | Elf:3    | Danger: deep elf death mage |T3| Reason: wielding holy
                  | wrath while unholy, watch out!!
 48691 | Elf:3    | Danger: deep elf death mage |T3| Reason: wielding holy
                  | wrath while unholy, watch out!!
 48691 | Elf:3    | Danger: ghostly deep elf high priest |T3| Reason: Damnation
                  | (smite) in LOS, watch out!
 48692 | Elf:3    | Danger: deep elf death mage |T3| Reason: wielding holy
                  | wrath while unholy, watch out!!
 48692 | Elf:3    | Danger: ghostly deep elf high priest |T3| Reason: Damnation
                  | (smite) in LOS, watch out!
 48693 | Elf:3    | Danger: deep elf death mage |T3| Reason: wielding holy
                  | wrath while unholy, watch out!!
 48693 | Elf:3    | Danger: ghostly deep elf high priest |T3| Reason: Damnation
                  | (smite) in LOS, watch out!
 48694 | Elf:3    | Danger: deep elf death mage |T3| Reason: wielding holy
                  | wrath while unholy, watch out!!
 48695 | Elf:3    | Danger: deep elf death mage |T3| Reason: wielding holy
                  | wrath while unholy, watch out!!
 48696 | Elf:3    | Danger: ghostly deep elf death mage |T3| Reason: wielding
                  | holy wrath while unholy, watch out!!
 48697 | Elf:3    | Danger: ghostly deep elf death mage |T3| Reason: wielding
                  | holy wrath while unholy, watch out!!
 48698 | Elf:3    | Danger: ghostly deep elf death mage |T3| Reason: wielding
                  | holy wrath while unholy, watch out!!
 48699 | Elf:3    | Danger: ghostly deep elf death mage |T3| Reason: wielding
                  | holy wrath while unholy, watch out!!
 48700 | Elf:3    | Danger: ghostly deep elf death mage |T3| Reason: wielding
                  | holy wrath while unholy, watch out!!
 48701 | Elf:3    | Danger: ghostly deep elf death mage |T3| Reason: wielding
                  | holy wrath while unholy, watch out!!
 48702 | Elf:3    | Danger: ghostly deep elf death mage |T3| Reason: wielding
                  | holy wrath while unholy, watch out!!
 48703 | Elf:3    | Danger: ghostly deep elf death mage |T3| Reason: wielding
                  | holy wrath while unholy, watch out!!
 48704 | Elf:3    | Danger: ghostly deep elf death mage |T3| Reason: wielding
                  | holy wrath while unholy, watch out!!
 48705 | Elf:3    | Danger: ghostly deep elf death mage |T3| Reason: wielding
                  | holy wrath while unholy, watch out!!
 48706 | Elf:3    | Danger: ghostly deep elf death mage |T3| Reason: wielding
                  | holy wrath while unholy, watch out!!
 48752 | Elf:3    | Reached skill level 5 in Throwing
 48770 | Elf:3    | Found the +5 Storm Queen's Shield {shock, Fly rElec}
 48781 | Elf:3    | Identified the +0 long sword "Ypti" {freeze, rElec}
 48792 | Elf:3    | Identified the +1 morningstar "Bux Buer" {vamp, rElec Str+6
                  | Dex-4}
 48807 | Elf:3    | Got the Thoughts on Infected Topomancy
 48817 | Elf:3    | Danger: deep elf demonologist |T3| Reason: Banishment and
                  | low Will
 48818 | Elf:3    | Danger: neqoxec |T2| Reason: Malmutator in LOS
 48818 | Elf:3    | Danger: neqoxec |T2| Reason: Malmutator in LOF!
 48818 | Elf:3    | Danger: deep elf demonologist |T3| Reason: Banishment and
                  | low Will
 48819 | Elf:3    | Danger: deep elf demonologist |T3| Reason: Banishment and
                  | low Will
 48820 | Elf:3    | Danger: deep elf demonologist |T3| Reason: Banishment and
                  | low Will
 48821 | Elf:3    | Danger: deep elf demonologist |T3| Reason: Banishment and
                  | low Will
 48822 | Elf:3    | Danger: deep elf demonologist |T3| Reason: Banishment and
                  | low Will
 48823 | Elf:3    | Danger: deep elf demonologist |T3| Reason: Banishment and
                  | low Will
 48829 | Elf:3    | Identified the staff of death "Fuah" {rN+ Will++ rCorr
                  | Int-4 Dex+3}
 48872 | Elf:3    | Danger: deep elf demonologist |T3| Reason: Banishment and
                  | low Will
 48873 | Elf:3    | Danger: deep elf demonologist |T3| Reason: Banishment and
                  | low Will
 48874 | Elf:3    | Danger: deep elf demonologist |T3| Reason: Banishment and
                  | low Will
 48875 | Elf:3    | Danger: hellion |T3| Reason: Damnation (smite) in LOS,
                  | watch out!
 48875 | Elf:3    | Danger: deep elf demonologist |T3| Reason: Banishment and
                  | low Will
 48876 | Elf:3    | Danger: hellion |T3| Reason: Damnation (smite) in LOS,
                  | watch out!
 48876 | Elf:3    | Danger: deep elf demonologist |T3| Reason: Banishment and
                  | low Will
 48877 | Elf:3    | Danger: hellion |T3| Reason: Damnation (smite) in LOS,
                  | watch out!
 48877 | Elf:3    | Danger: deep elf demonologist |T3| Reason: Banishment and
                  | low Will
 48878 | Elf:3    | Danger: hellion |T3| Reason: Damnation (smite) in LOS,
                  | watch out!
 48878 | Elf:3    | Danger: deep elf demonologist |T3| Reason: Banishment and
                  | low Will
 49031 | Elf:3    | Identified the +11 whip of the Hall of Blades {flame, rElec
                  | Stlth+}
 49031 | Elf:3    | Identified the amulet "Jihior" {RegenMP rCorr Str-3 Dex+5}
 49032 | Elf:3    | Found a shimmering blue altar of Sif Muna.
 49035 | Elf:3    | Danger: deep elf zephyrmancer |T2| Reason: Lightning Bolt
                  | and no rElec
 49035 | Elf:3    | Danger: deep elf zephyrmancer |T2| Reason: carrying a wand
                  | of charming (5), careful!
 49036 | Elf:3    | Danger: deep elf zephyrmancer |T2| Reason: carrying a wand
                  | of charming (4), careful!
 49042 | Elf:3    | Danger: deep elf zephyrmancer |T2| Reason: Lightning Bolt
                  | and no rElec
 49042 | Elf:3    | Danger: deep elf zephyrmancer |T2| Reason: carrying a wand
                  | of charming (4), careful!
 49043 | Elf:3    | Danger: deep elf zephyrmancer |T2| Reason: carrying a wand
                  | of charming (3), careful!
 49045 | Elf:3    | Danger: deep elf zephyrmancer |T2| Reason: carrying a wand
                  | of charming (2), careful!
 49050 | Elf:3    | Danger: deep elf archer |T2| Reason: Slow and low Will,
                  | careful
 49050 | Elf:3    | Danger: deep elf archer |T2| Reason: Slow and low Will,
                  | careful
 49070 | Elf:3    | Danger: deep elf archer |T2| Reason: Slow and low Will,
                  | careful
 49660 | Snake:2  | Bought a manual of Shields for 1280 gold pieces
 49990 | Crypt:1  | Entered Level 1 of the Crypt
 50069 | Crypt:1  | Noticed Xtahua
 50070 | Crypt:1  | Danger: Xtahua |T3| Reason: Paralyse and low Will
 50070 | Crypt:1  | Danger: Xtahua |T2| Reason: Unique monster, careful!
 50070 | Crypt:1  | Danger: Xtahua |T3| Reason: Searing Breath (3d40) and not
                  | rF+++, watch out!
 50070 | Crypt:1  | Danger: Xtahua |T2| Reason: Searing Breath deals more than
                  | 50% MHP!
 50071 | Crypt:1  | Danger: Xtahua |T3| Reason: Paralyse and low Will
 50071 | Crypt:1  | Danger: Xtahua |T3| Reason: Searing Breath (3d40) and not
                  | rF+++, watch out!
 50072 | Crypt:1  | Danger: Xtahua |T3| Reason: Paralyse and low Will
 50072 | Crypt:1  | Danger: Xtahua |T3| Reason: Searing Breath (3d40) and not
                  | rF+++, watch out!
 50072 | Crypt:1  | Found an ancient bone altar of Kikubaaqudgha.
 50073 | Crypt:1  | Danger: Xtahua |T3| Reason: Paralyse and low Will
 50073 | Crypt:1  | Danger: Xtahua |T3| Reason: Searing Breath (3d40) and not
                  | rF+++, watch out!
 50074 | Crypt:1  | Danger: Xtahua |T3| Reason: Paralyse and low Will
 50074 | Crypt:1  | Danger: Xtahua |T3| Reason: Searing Breath (3d40) and not
                  | rF+++, watch out!
 50075 | Crypt:1  | Danger: Xtahua |T3| Reason: Paralyse and low Will
 50075 | Crypt:1  | Danger: Xtahua |T3| Reason: Searing Breath (3d40) and not
                  | rF+++, watch out!
 50076 | Crypt:1  | Danger: Xtahua |T3| Reason: Paralyse and low Will
 50076 | Crypt:1  | Danger: Xtahua |T3| Reason: Searing Breath (3d40) and not
                  | rF+++, watch out!
 50077 | Crypt:1  | Danger: Xtahua |T3| Reason: Paralyse and low Will
 50077 | Crypt:1  | Danger: Xtahua |T3| Reason: Searing Breath (3d40) and not
                  | rF+++, watch out!
 50078 | Crypt:1  | Danger: Xtahua |T3| Reason: Paralyse and low Will
 50078 | Crypt:1  | Danger: Xtahua |T3| Reason: Searing Breath (3d40) and not
                  | rF+++, watch out!
 50080 | Crypt:1  | Danger: Xtahua |T3| Reason: Paralyse and low Will
 50080 | Crypt:1  | Danger: Xtahua |T3| Reason: Searing Breath (3d40) and not
                  | rF+++, watch out!
 50081 | Crypt:1  | Danger: Xtahua |T3| Reason: Paralyse and low Will
 50081 | Crypt:1  | Danger: Xtahua |T3| Reason: Searing Breath (3d40) and not
                  | rF+++, watch out!
 50081 | Crypt:1  | Killed Xtahua
 50200 | Crypt:1  | Danger: bog body |T2| Reason: Slow and low Will, careful
 50323 | Crypt:1  | Danger: revenant |T3| Reason: Dispel Undead in LOS while
                  | undead!
 50324 | Crypt:1  | Danger: revenant |T3| Reason: Dispel Undead in LOS while
                  | undead!
 50326 | Crypt:1  | Danger: revenant |T3| Reason: Dispel Undead in LOS while
                  | undead!
 50327 | Crypt:1  | Danger: revenant |T3| Reason: Dispel Undead in LOS while
                  | undead!
 50328 | Crypt:1  | Danger: revenant |T3| Reason: Dispel Undead in LOS while
                  | undead!
 50329 | Crypt:1  | Danger: revenant |T3| Reason: Dispel Undead in LOS while
                  | undead!
 50330 | Crypt:1  | Danger: revenant |T3| Reason: Dispel Undead in LOS while
                  | undead!
 50331 | Crypt:1  | Danger: revenant |T3| Reason: Dispel Undead in LOS while
                  | undead!
 50332 | Crypt:1  | Danger: revenant |T3| Reason: Dispel Undead in LOS while
                  | undead!
 50686 | Crypt:2  | Reached XP level 22. HP: 190/190 MP: 22/22
 50818 | Crypt:2  | Danger: vampire knight |T3| Reason: Paralyse and low Will
 50819 | Crypt:2  | Danger: vampire knight |T3| Reason: Paralyse and low Will
 50820 | Crypt:2  | Danger: vampire knight |T3| Reason: Paralyse and low Will
 50821 | Crypt:2  | Danger: vampire knight |T3| Reason: Paralyse and low Will
 50822 | Crypt:2  | Danger: vampire knight |T3| Reason: Paralyse and low Will
 50823 | Crypt:2  | Danger: vampire knight |T3| Reason: Paralyse and low Will
 50824 | Crypt:2  | Danger: vampire knight |T3| Reason: Paralyse and low Will
 50825 | Crypt:2  | Danger: vampire knight |T3| Reason: Paralyse and low Will
 50826 | Crypt:2  | Danger: vampire knight |T3| Reason: Paralyse and low Will
 50827 | Crypt:2  | Danger: vampire knight |T3| Reason: Paralyse and low Will
 50828 | Crypt:2  | Danger: vampire knight |T3| Reason: Paralyse and low Will
 50829 | Crypt:2  | Danger: vampire knight |T3| Reason: Paralyse and low Will
 50830 | Crypt:2  | Danger: vampire knight |T3| Reason: Paralyse and low Will
 50831 | Crypt:2  | Danger: vampire knight |T3| Reason: Paralyse and low Will
 50832 | Crypt:2  | Danger: vampire knight |T3| Reason: Paralyse and low Will
 50833 | Crypt:2  | Danger: vampire knight |T3| Reason: Paralyse and low Will
 50834 | Crypt:2  | Danger: vampire knight |T3| Reason: Paralyse and low Will
 50835 | Crypt:2  | Danger: vampire knight |T3| Reason: Paralyse and low Will
 50836 | Crypt:2  | Danger: vampire knight |T3| Reason: Paralyse and low Will
 51058 | Crypt:2  | Found a runed translucent door.
 51058 | Crypt:2  | Noticed Dugafar's ghost (adept GrFi)
 51209 | Crypt:2  | Killed Dugafar's ghost
 51657 | Crypt:2  | Reached skill level 15 in Shields
 52377 | Crypt:2  | Danger: revenant |T3| Reason: Dispel Undead in LOS while
                  | undead!
 52378 | Crypt:2  | Danger: revenant |T3| Reason: Dispel Undead in LOS while
                  | undead!
 52379 | Crypt:2  | Danger: revenant |T3| Reason: Dispel Undead in LOS while
                  | undead!
 52380 | Crypt:2  | Danger: revenant |T3| Reason: Dispel Undead in LOS while
                  | undead!
 52381 | Crypt:2  | Danger: revenant |T3| Reason: Dispel Undead in LOS while
                  | undead!
 52382 | Crypt:2  | Danger: revenant |T3| Reason: Dispel Undead in LOS while
                  | undead!
 52383 | Crypt:2  | Danger: revenant |T3| Reason: Dispel Undead in LOS while
                  | undead!
 52384 | Crypt:2  | Danger: revenant |T3| Reason: Dispel Undead in LOS while
                  | undead!
 52445 | Crypt:2  | Acquired 1137 gold pieces
 52858 | Snake:4  | Danger: Vashnia |T2| Reason: Unique monster, careful!
 52874 | Snake:4  | Killed Vashnia
 52914 | Snake:4  | Bought a scroll of enchant armour for 135 gold pieces
 52914 | Snake:4  | Bought a scroll of enchant armour for 135 gold pieces
 52914 | Snake:4  | Bought a scroll of blinking for 135 gold pieces
 52914 | Snake:4  | Bought a scroll of butterflies for 72 gold pieces
 52926 | Snake:4  | Bought a pair of runed boots for 180 gold pieces
 53048 | Snake:1  | Bought a scroll of blinking for 105 gold pieces
 53048 | Snake:1  | Bought a scroll of teleportation for 42 gold pieces
 53207 | Orc:2    | Bought a scroll of blinking for 112 gold pieces
 53540 | Crypt:3  | Entered Level 3 of the Crypt
 53541 | Crypt:3  | Danger: vampire knight |T3| Reason: Paralyse and low Will
 53542 | Crypt:3  | Danger: vampire knight |T3| Reason: Paralyse and low Will
 53543 | Crypt:3  | Danger: vampire knight |T3| Reason: Paralyse and low Will
 53544 | Crypt:3  | Danger: vampire knight |T3| Reason: Paralyse and low Will
 53628 | Crypt:3  | Danger: vampire knight |T3| Reason: Paralyse and low Will
 53629 | Crypt:3  | Danger: vampire knight |T3| Reason: Paralyse and low Will
 53629 | Crypt:3  | Found a staircase to the Tomb.
 53630 | Crypt:3  | Danger: vampire knight |T3| Reason: Paralyse and low Will
 53631 | Crypt:3  | Danger: vampire knight |T3| Reason: Paralyse and low Will
 53632 | Crypt:3  | Danger: vampire knight |T3| Reason: Paralyse and low Will
 53633 | Crypt:3  | Danger: vampire knight |T3| Reason: Paralyse and low Will
 53634 | Crypt:3  | Danger: vampire knight |T3| Reason: Paralyse and low Will
 53635 | Crypt:3  | Danger: vampire knight |T3| Reason: Paralyse and low Will
 53648 | Crypt:3  | Danger: vampire knight |T3| Reason: Paralyse and low Will
 53649 | Crypt:3  | Danger: vampire knight |T3| Reason: Paralyse and low Will
 53650 | Crypt:3  | Danger: vampire knight |T3| Reason: Paralyse and low Will
 53743 | Crypt:3  | Found a huge runed gate.
 53743 | Crypt:3  | Found a huge runed gate.
 53743 | Crypt:3  | Found a huge runed gate.
 53743 | Crypt:3  | Found a huge runed gate.
 53743 | Crypt:3  | Found a huge runed gate.
 53743 | Crypt:3  | Found a huge runed gate.
 53743 | Crypt:3  | Found a huge runed gate.
 53743 | Crypt:3  | Found a huge runed gate.
 53748 | Crypt:3  | Found a huge runed gate.
 53748 | Crypt:3  | Found a huge runed gate.
 53748 | Crypt:3  | Found a huge runed gate.
 53748 | Crypt:3  | Found a huge runed gate.
 53749 | Crypt:3  | Found a huge runed gate.
 53750 | Crypt:3  | Found a huge runed gate.
 53751 | Crypt:3  | Found a huge runed gate.
 53752 | Crypt:3  | Found a huge runed gate.
 53753 | Crypt:3  | Found a huge runed gate.
 53761 | Crypt:3  | Found a huge runed gate.
 53761 | Crypt:3  | Found a huge runed gate.
 53761 | Crypt:3  | Found a huge runed gate.
 53761 | Crypt:3  | Found a huge runed gate.
 53761 | Crypt:3  | Found a huge runed gate.
 53761 | Crypt:3  | Found a huge runed gate.
 53762 | Crypt:3  | Found a huge runed gate.
 53766 | Crypt:3  | Found a huge runed gate.
 53767 | Crypt:3  | Found a huge runed gate.
 53915 | Crypt:3  | Identified the +1 rapier of Exchange {freeze, rPois Stlth+}
 53931 | Crypt:3  | Found a huge runed gate.
 53931 | Crypt:3  | Found a huge runed gate.
 53932 | Crypt:3  | Found a huge runed gate.
 53942 | Crypt:3  | Danger: lich |T2| Reason: Slow and low Will, careful
 53942 | Crypt:3  | Danger: lich |T2| Reason: Orb of Destruction deals more
                  | than 50% MHP!
 53958 | Crypt:3  | Found a huge runed gate.
 53958 | Crypt:3  | Found a huge runed gate.
 53959 | Crypt:3  | Found a huge runed gate.
 53959 | Crypt:3  | Found a huge runed gate.
 53959 | Crypt:3  | Found a huge runed gate.
 53960 | Crypt:3  | Found a huge runed gate.
 53968 | Crypt:3  | Found a huge runed gate.
 54408 | Crypt:3  | Danger: vampire knight |T3| Reason: Paralyse and low Will
 54416 | Crypt:3  | Danger: vampire knight |T3| Reason: Paralyse and low Will
 54417 | Crypt:3  | Danger: vampire knight |T3| Reason: Paralyse and low Will
 54419 | Crypt:3  | Danger: vampire knight |T3| Reason: Paralyse and low Will
 54420 | Crypt:3  | Danger: vampire knight |T3| Reason: Paralyse and low Will
 54421 | Crypt:3  | Danger: vampire knight |T3| Reason: Paralyse and low Will
 54422 | Crypt:3  | Danger: vampire knight |T3| Reason: Paralyse and low Will
 54423 | Crypt:3  | Danger: vampire knight |T3| Reason: Paralyse and low Will
 54424 | Crypt:3  | Danger: vampire knight |T3| Reason: Paralyse and low Will
 54425 | Crypt:3  | Danger: vampire knight |T3| Reason: Paralyse and low Will
 54432 | Crypt:3  | Danger: vampire knight |T3| Reason: Paralyse and low Will
 54433 | Crypt:3  | Danger: vampire knight |T3| Reason: Paralyse and low Will
 54434 | Crypt:3  | Danger: vampire knight |T3| Reason: Paralyse and low Will
 54435 | Crypt:3  | Danger: vampire knight |T3| Reason: Paralyse and low Will
 54436 | Crypt:3  | Danger: vampire knight |T3| Reason: Paralyse and low Will
 54437 | Crypt:3  | Danger: vampire knight |T3| Reason: Paralyse and low Will
 54438 | Crypt:3  | Danger: vampire knight |T3| Reason: Paralyse and low Will
 54439 | Crypt:3  | Danger: vampire knight |T3| Reason: Paralyse and low Will
 54516 | Crypt:3  | Danger: Low HP Warning |T2| Reason: 56% HP (108/190)
 54517 | Crypt:3  | Danger: Low HP Warning |T2| Reason: 57% HP (110/190)
 54518 | Crypt:3  | Danger: revenant |T3| Reason: Dispel Undead in LOS while
                  | undead!
 54518 | Crypt:3  | Danger: Low HP Warning |T2| Reason: 58% HP (112/190)
 54519 | Crypt:3  | Danger: revenant |T3| Reason: Dispel Undead in LOS while
                  | undead!
 54519 | Crypt:3  | Danger: Low HP Warning |T2| Reason: 52% HP (100/190)
 54520 | Crypt:3  | Danger: revenant |T3| Reason: Dispel Undead in LOS while
                  | undead!
 54520 | Crypt:3  | Danger: Low HP Warning |T2| Reason: 53% HP (102/190)
 54522 | Crypt:3  | Danger: revenant |T3| Reason: Dispel Undead in LOS while
                  | undead!
 54522 | Crypt:3  | Danger: Low HP Warning |T2| Reason: 56% HP (107/190)
 54523 | Crypt:3  | Danger: revenant |T3| Reason: Dispel Undead in LOS while
                  | undead!
 54523 | Crypt:3  | Danger: Low HP Warning |T2| Reason: 57% HP (109/190)
 54524 | Crypt:3  | Danger: revenant |T3| Reason: Dispel Undead in LOS while
                  | undead!
 54524 | Crypt:3  | Danger: Low HP Warning |T2| Reason: 57% HP (110/190)
 54525 | Crypt:3  | Danger: revenant |T3| Reason: Dispel Undead in LOS while
                  | undead!
 54525 | Crypt:3  | Danger: Low HP Warning |T2| Reason: 55% HP (105/190)
 54526 | Crypt:3  | Danger: revenant |T3| Reason: Dispel Undead in LOS while
                  | undead!
 54526 | Crypt:3  | Danger: Low HP Warning |T2| Reason: 56% HP (107/190)
 54527 | Crypt:3  | Danger: revenant |T3| Reason: Dispel Undead in LOS while
                  | undead!
 54527 | Crypt:3  | Danger: Low HP Warning |T2| Reason: 57% HP (109/190)
 54528 | Crypt:3  | Danger: revenant |T3| Reason: Dispel Undead in LOS while
                  | undead!
 54528 | Crypt:3  | Danger: Low HP Warning |T2| Reason: 58% HP (111/190)
 54529 | Crypt:3  | Danger: revenant |T3| Reason: Dispel Undead in LOS while
                  | undead!
 54529 | Crypt:3  | Danger: Low HP Warning |T2| Reason: 59% HP (113/190)
 54530 | Crypt:3  | Danger: revenant |T3| Reason: Dispel Undead in LOS while
                  | undead!
 54530 | Crypt:3  | Danger: Low HP Warning |T2| Reason: 60% HP (115/190)
 54531 | Crypt:3  | Danger: revenant |T3| Reason: Dispel Undead in LOS while
                  | undead!
 54532 | Crypt:3  | Danger: revenant |T3| Reason: Dispel Undead in LOS while
                  | undead!
 54533 | Crypt:3  | Danger: revenant |T3| Reason: Dispel Undead in LOS while
                  | undead!
 54534 | Crypt:3  | Danger: revenant |T3| Reason: Dispel Undead in LOS while
                  | undead!
 54535 | Crypt:3  | Danger: revenant |T3| Reason: Dispel Undead in LOS while
                  | undead!
 54536 | Crypt:3  | Danger: revenant |T3| Reason: Dispel Undead in LOS while
                  | undead!
 54537 | Crypt:3  | Danger: revenant |T3| Reason: Dispel Undead in LOS while
                  | undead!
 54538 | Crypt:3  | Danger: revenant |T3| Reason: Dispel Undead in LOS while
                  | undead!
 54539 | Crypt:3  | Danger: revenant |T3| Reason: Dispel Undead in LOS while
                  | undead!
 54540 | Crypt:3  | Danger: revenant |T3| Reason: Dispel Undead in LOS while
                  | undead!
 54579 | Crypt:3  | Danger: revenant |T3| Reason: Dispel Undead in LOS while
                  | undead!
 54580 | Crypt:3  | Danger: revenant |T3| Reason: Dispel Undead in LOS while
                  | undead!
 54584 | Crypt:3  | Danger: revenant |T3| Reason: Dispel Undead in LOS while
                  | undead!
 54585 | Crypt:3  | Danger: revenant |T3| Reason: Dispel Undead in LOS while
                  | undead!
 54597 | Crypt:3  | Danger: revenant |T3| Reason: Dispel Undead in LOS while
                  | undead!
 54599 | Crypt:3  | Danger: revenant |T3| Reason: Dispel Undead in LOS while
                  | undead!
 54600 | Crypt:3  | Danger: revenant |T3| Reason: Dispel Undead in LOS while
                  | undead!
 54601 | Crypt:3  | Danger: revenant |T3| Reason: Dispel Undead in LOS while
                  | undead!
 54602 | Crypt:3  | Danger: revenant |T3| Reason: Dispel Undead in LOS while
                  | undead!
 54603 | Crypt:3  | Danger: revenant |T3| Reason: Dispel Undead in LOS while
                  | undead!
 54604 | Crypt:3  | Danger: revenant |T3| Reason: Dispel Undead in LOS while
                  | undead!
 54605 | Crypt:3  | Danger: revenant |T3| Reason: Dispel Undead in LOS while
                  | undead!
 54606 | Crypt:3  | Danger: revenant |T3| Reason: Dispel Undead in LOS while
                  | undead!
 54607 | Crypt:3  | Danger: revenant |T3| Reason: Dispel Undead in LOS while
                  | undead!
 54608 | Crypt:3  | Danger: revenant |T3| Reason: Dispel Undead in LOS while
                  | undead!
 54618 | Crypt:3  | Danger: vampire knight |T3| Reason: Paralyse and low Will
 54619 | Crypt:3  | Danger: vampire knight |T3| Reason: Paralyse and low Will
 54620 | Crypt:3  | Danger: vampire knight |T3| Reason: Paralyse and low Will
 54621 | Crypt:3  | Danger: vampire knight |T3| Reason: Paralyse and low Will
 54622 | Crypt:3  | Danger: vampire knight |T3| Reason: Paralyse and low Will
 54623 | Crypt:3  | Danger: vampire knight |T3| Reason: Paralyse and low Will
 54624 | Crypt:3  | Danger: vampire knight |T3| Reason: Paralyse and low Will
 54625 | Crypt:3  | Danger: vampire knight |T3| Reason: Paralyse and low Will
 54626 | Crypt:3  | Danger: vampire knight |T3| Reason: Paralyse and low Will
 54627 | Crypt:3  | Danger: vampire knight |T3| Reason: Paralyse and low Will
 54679 | Crypt:3  | Danger: Low HP Warning |T2| Reason: 59% HP (113/190)
 54680 | Crypt:3  | Danger: Low HP Warning |T2| Reason: 58% HP (111/190)
 54681 | Crypt:3  | Danger: Low HP Warning |T2| Reason: 58% HP (112/190)
 54682 | Crypt:3  | Danger: Low HP Warning |T2| Reason: 60% HP (114/190)
 54686 | Crypt:3  | Reached skill level 23 in Unarmed Combat
 54728 | Crypt:3  | Found a basalt altar of Yredelemnul.
 54728 | Crypt:3  | Found an ancient bone altar of Kikubaaqudgha.
 54728 | Crypt:3  | Noticed a curse toe
 54728 | Crypt:3  | Noticed a curse toe
 54750 | Crypt:3  | Killed a curse toe
 54764 | Crypt:3  | Killed a curse toe
 54810 | Crypt:3  | Identified the +5 flail of Armageddon {vamp, Str-3 Int+6
                  | Dex+2 SInv}
 54811 | Crypt:3  | Identified the staff of fire "Enud" {rF+ Will+}
 54815 | Crypt:3  | Got the Grimoire of Corpses
 54910 | Crypt:3  | Noticed a dread lich
 54910 | Crypt:3  | Noticed an ancient lich
 54911 | Crypt:3  | Danger: vampire knight |T3| Reason: Paralyse and low Will
 54911 | Crypt:3  | Danger: vampire knight |T3| Reason: Paralyse and low Will
 54911 | Crypt:3  | Danger: revenant |T3| Reason: Dispel Undead in LOS while
                  | undead!
 54911 | Crypt:3  | Danger: dread lich |T3| Reason: Paralyse and low Will
 54911 | Crypt:3  | Danger: ancient lich |T3| Reason: Petrify and low Will
 54911 | Crypt:3  | Danger: ancient lich |T2| Reason: Corrosive Bolt deals more
                  | than 50% MHP!
 54911 | Crypt:3  | Danger: ancient lich |T2| Reason: Lehudib's Crystal Spear
                  | deals more than 50% MHP!
 54911 | Crypt:3  | Danger: vampire knight |T3| Reason: Paralyse and low Will
 54911 | Crypt:3  | Danger: revenant |T3| Reason: Dispel Undead in LOS while
                  | undead!
 54911 | Crypt:3  | Danger: vampire knight |T3| Reason: Paralyse and low Will
 54912 | Crypt:3  | Danger: vampire knight |T3| Reason: Paralyse and low Will
 54912 | Crypt:3  | Danger: vampire knight |T3| Reason: Paralyse and low Will
 54912 | Crypt:3  | Danger: revenant |T3| Reason: Dispel Undead in LOS while
                  | undead!
 54912 | Crypt:3  | Danger: dread lich |T3| Reason: Paralyse and low Will
 54912 | Crypt:3  | Danger: ancient lich |T3| Reason: Petrify and low Will
 54912 | Crypt:3  | Danger: revenant |T3| Reason: Dispel Undead in LOS while
                  | undead!
 54912 | Crypt:3  | Danger: vampire knight |T3| Reason: Paralyse and low Will
 54913 | Crypt:3  | Danger: vampire knight |T3| Reason: Paralyse and low Will
 54913 | Crypt:3  | Danger: vampire knight |T3| Reason: Paralyse and low Will
 54913 | Crypt:3  | Danger: revenant |T3| Reason: Dispel Undead in LOS while
                  | undead!
 54913 | Crypt:3  | Danger: revenant |T3| Reason: Dispel Undead in LOS while
                  | undead!
 54913 | Crypt:3  | Danger: ancient lich |T3| Reason: Petrify and low Will
 54913 | Crypt:3  | Danger: dread lich |T3| Reason: Paralyse and low Will
 54913 | Crypt:3  | Danger: vampire knight |T3| Reason: Paralyse and low Will
 54914 | Crypt:3  | Danger: vampire knight |T3| Reason: Paralyse and low Will
 54914 | Crypt:3  | Danger: vampire knight |T3| Reason: Paralyse and low Will
 54914 | Crypt:3  | Danger: revenant |T3| Reason: Dispel Undead in LOS while
                  | undead!
 54914 | Crypt:3  | Danger: revenant |T3| Reason: Dispel Undead in LOS while
                  | undead!
 54914 | Crypt:3  | Danger: dread lich |T3| Reason: Paralyse and low Will
 54914 | Crypt:3  | Danger: ancient lich |T3| Reason: Petrify and low Will
 54915 | Crypt:3  | Danger: vampire knight |T3| Reason: Paralyse and low Will
 54915 | Crypt:3  | Danger: revenant |T3| Reason: Dispel Undead in LOS while
                  | undead!
 54915 | Crypt:3  | Danger: vampire knight |T3| Reason: Paralyse and low Will
 54915 | Crypt:3  | Danger: ancient lich |T3| Reason: Petrify and low Will
 54915 | Crypt:3  | Danger: dread lich |T3| Reason: Paralyse and low Will
 54916 | Crypt:3  | Danger: vampire knight |T3| Reason: Paralyse and low Will
 54916 | Crypt:3  | Danger: vampire knight |T3| Reason: Paralyse and low Will
 54916 | Crypt:3  | Danger: vampire knight |T3| Reason: Paralyse and low Will
 54916 | Crypt:3  | Danger: revenant |T3| Reason: Dispel Undead in LOS while
                  | undead!
 54916 | Crypt:3  | Danger: dread lich |T3| Reason: Paralyse and low Will
 54916 | Crypt:3  | Danger: ancient lich |T3| Reason: Petrify and low Will
 54917 | Crypt:3  | Danger: dread lich |T3| Reason: Paralyse and low Will
 54917 | Crypt:3  | Danger: revenant |T3| Reason: Dispel Undead in LOS while
                  | undead!
 54917 | Crypt:3  | Danger: ancient lich |T3| Reason: Petrify and low Will
 54917 | Crypt:3  | Danger: vampire knight |T3| Reason: Paralyse and low Will
 54920 | Crypt:3  | Danger: revenant |T3| Reason: Dispel Undead in LOS while
                  | undead!
 54920 | Crypt:3  | Danger: ancient lich |T3| Reason: Petrify and low Will
 54920 | Crypt:3  | Danger: ancient lich |T2| Reason: Corrosive Bolt deals more
                  | than 50% MHP!
 54920 | Crypt:3  | Danger: ancient lich |T2| Reason: Lehudib's Crystal Spear
                  | deals more than 50% MHP!
 54922 | Crypt:3  | Danger: revenant |T3| Reason: Dispel Undead in LOS while
                  | undead!
 54922 | Crypt:3  | Danger: ancient lich |T3| Reason: Petrify and low Will
 54922 | Crypt:3  | Danger: ancient lich |T2| Reason: Corrosive Bolt deals more
                  | than 50% MHP!
 54922 | Crypt:3  | Danger: ancient lich |T2| Reason: Lehudib's Crystal Spear
                  | deals more than 50% MHP!
 54924 | Crypt:3  | Danger: dread lich |T3| Reason: Paralyse and low Will
 54925 | Crypt:3  | Danger: dread lich |T3| Reason: Paralyse and low Will
 54926 | Crypt:3  | Danger: dread lich |T3| Reason: Paralyse and low Will
 54927 | Crypt:3  | Danger: dread lich |T3| Reason: Paralyse and low Will
 54928 | Crypt:3  | Danger: dread lich |T3| Reason: Paralyse and low Will
 54929 | Crypt:3  | Danger: dread lich |T3| Reason: Paralyse and low Will
 54930 | Crypt:3  | Danger: dread lich |T3| Reason: Paralyse and low Will
 54931 | Crypt:3  | Danger: dread lich |T3| Reason: Paralyse and low Will
 54932 | Crypt:3  | Danger: dread lich |T3| Reason: Paralyse and low Will
 54933 | Crypt:3  | Danger: dread lich |T3| Reason: Paralyse and low Will
 54934 | Crypt:3  | Danger: dread lich |T3| Reason: Paralyse and low Will
 54935 | Crypt:3  | Danger: dread lich |T3| Reason: Paralyse and low Will
 54936 | Crypt:3  | Danger: dread lich |T3| Reason: Paralyse and low Will
 54937 | Crypt:3  | Danger: dread lich |T3| Reason: Paralyse and low Will
 54938 | Crypt:3  | Danger: Hell Sentinel |T3| Reason: Damnation in LOF, watch
                  | out!
 54938 | Crypt:3  | Danger: Hell Sentinel |T2| Reason: Iron Shot deals more
                  | than 50% MHP!
 54938 | Crypt:3  | Danger: dread lich |T3| Reason: Paralyse and low Will
 54939 | Crypt:3  | Killed a dread lich
 54946 | Crypt:3  | Danger: ancient lich |T3| Reason: Petrify and low Will
 54946 | Crypt:3  | Danger: ancient lich |T2| Reason: Corrosive Bolt deals more
                  | than 50% MHP!
 54946 | Crypt:3  | Danger: ancient lich |T2| Reason: Lehudib's Crystal Spear
                  | deals more than 50% MHP!
 54949 | Crypt:3  | Danger: ancient lich |T3| Reason: Petrify and low Will
 54950 | Crypt:3  | Danger: ancient lich |T3| Reason: Petrify and low Will
 54952 | Crypt:3  | Danger: ancient lich |T3| Reason: Petrify and low Will
 54952 | Crypt:3  | Danger: ancient lich |T2| Reason: Corrosive Bolt deals more
                  | than 50% MHP!
 54952 | Crypt:3  | Danger: ancient lich |T2| Reason: Lehudib's Crystal Spear
                  | deals more than 50% MHP!
 54953 | Crypt:3  | Danger: revenant |T3| Reason: Dispel Undead in LOS while
                  | undead!
 54953 | Crypt:3  | Danger: ancient lich |T3| Reason: Petrify and low Will
 54954 | Crypt:3  | Danger: ancient lich |T3| Reason: Petrify and low Will
 54954 | Crypt:3  | Danger: revenant |T3| Reason: Dispel Undead in LOS while
                  | undead!
 54955 | Crypt:3  | Danger: ancient lich |T3| Reason: IMMINENT DEATH: Lehudib's
                  | Crystal Spear deals 144 damage, you have 122 HP!!
 54955 | Crypt:3  | Danger: ancient lich |T3| Reason: Petrify and low Will
 54955 | Crypt:3  | Danger: revenant |T3| Reason: Dispel Undead in LOS while
                  | undead!
 54956 | Crypt:3  | Danger: ancient lich |T3| Reason: IMMINENT DEATH: Lehudib's
                  | Crystal Spear deals 144 damage, you have 123 HP!!
 54956 | Crypt:3  | Danger: ancient lich |T3| Reason: Petrify and low Will
 54956 | Crypt:3  | Danger: revenant |T3| Reason: Dispel Undead in LOS while
                  | undead!
 54957 | Crypt:3  | Danger: ancient lich |T3| Reason: IMMINENT DEATH: Lehudib's
                  | Crystal Spear deals 144 damage, you have 125 HP!!
 54957 | Crypt:3  | Danger: ancient lich |T3| Reason: Petrify and low Will
 54957 | Crypt:3  | Danger: revenant |T3| Reason: Dispel Undead in LOS while
                  | undead!
 54958 | Crypt:3  | Danger: ancient lich |T3| Reason: IMMINENT DEATH: Lehudib's
                  | Crystal Spear deals 144 damage, you have 127 HP!!
 54958 | Crypt:3  | Danger: ancient lich |T3| Reason: Petrify and low Will
 54958 | Crypt:3  | Danger: revenant |T3| Reason: Dispel Undead in LOS while
                  | undead!
 54959 | Crypt:3  | Danger: ancient lich |T3| Reason: IMMINENT DEATH: Lehudib's
                  | Crystal Spear deals 144 damage, you have 129 HP!!
 54959 | Crypt:3  | Danger: ancient lich |T3| Reason: Petrify and low Will
 54959 | Crypt:3  | Danger: revenant |T3| Reason: Dispel Undead in LOS while
                  | undead!
 54960 | Crypt:3  | Danger: ancient lich |T3| Reason: IMMINENT DEATH: Lehudib's
                  | Crystal Spear deals 144 damage, you have 126 HP!!
 54960 | Crypt:3  | Danger: ancient lich |T3| Reason: Petrify and low Will
 54960 | Crypt:3  | Danger: revenant |T3| Reason: Dispel Undead in LOS while
                  | undead!
 54960 | Crypt:3  | Killed an ancient lich
 54961 | Crypt:3  | Danger: revenant |T3| Reason: Dispel Undead in LOS while
                  | undead!
 54961 | Crypt:3  | Danger: Low HP Warning |T2| Reason: 50% HP (95/190)
 54962 | Crypt:3  | Danger: revenant |T3| Reason: Dispel Undead in LOS while
                  | undead!
 54962 | Crypt:3  | Danger: revenant |T3| Reason: Dispel Undead in LOS while
                  | undead!
 54962 | Crypt:3  | Danger: Low HP Warning |T2| Reason: 51% HP (97/190)
 54963 | Crypt:3  | Danger: revenant |T3| Reason: Dispel Undead in LOS while
                  | undead!
 54963 | Crypt:3  | Danger: revenant |T3| Reason: Dispel Undead in LOS while
                  | undead!
 54963 | Crypt:3  | Danger: Low HP Warning |T2| Reason: 52% HP (100/190)
 54964 | Crypt:3  | Danger: revenant |T3| Reason: Dispel Undead in LOS while
                  | undead!
 54964 | Crypt:3  | Danger: revenant |T3| Reason: Dispel Undead in LOS while
                  | undead!
 54964 | Crypt:3  | Danger: Low HP Warning |T2| Reason: 53% HP (101/190)
 54965 | Crypt:3  | Danger: revenant |T3| Reason: Dispel Undead in LOS while
                  | undead!
 54965 | Crypt:3  | Danger: revenant |T3| Reason: Dispel Undead in LOS while
                  | undead!
 54965 | Crypt:3  | Danger: Low HP Warning |T2| Reason: 54% HP (103/190)
 54966 | Crypt:3  | Danger: revenant |T3| Reason: Dispel Undead in LOS while
                  | undead!
 54966 | Crypt:3  | Danger: revenant |T3| Reason: Dispel Undead in LOS while
                  | undead!
 54966 | Crypt:3  | Danger: Low HP Warning |T2| Reason: 55% HP (105/190)
 54967 | Crypt:3  | Danger: revenant |T3| Reason: Dispel Undead in LOS while
                  | undead!
 54967 | Crypt:3  | Danger: revenant |T3| Reason: Dispel Undead in LOS while
                  | undead!
 54967 | Crypt:3  | Danger: Low HP Warning |T2| Reason: 56% HP (107/190)
 54968 | Crypt:3  | Danger: revenant |T3| Reason: Dispel Undead in LOS while
                  | undead!
 54968 | Crypt:3  | Danger: revenant |T3| Reason: Dispel Undead in LOS while
                  | undead!
 54968 | Crypt:3  | Danger: Low HP Warning |T2| Reason: 57% HP (109/190)
 54969 | Crypt:3  | Danger: revenant |T3| Reason: Dispel Undead in LOS while
                  | undead!
 54969 | Crypt:3  | Danger: revenant |T3| Reason: Dispel Undead in LOS while
                  | undead!
 54969 | Crypt:3  | Danger: Low HP Warning |T2| Reason: 58% HP (111/190)
 54970 | Crypt:3  | Danger: revenant |T3| Reason: Dispel Undead in LOS while
                  | undead!
 54970 | Crypt:3  | Danger: revenant |T3| Reason: Dispel Undead in LOS while
                  | undead!
 54970 | Crypt:3  | Danger: Low HP Warning |T2| Reason: 60% HP (114/190)
 54971 | Crypt:3  | Danger: revenant |T3| Reason: Dispel Undead in LOS while
                  | undead!
 54971 | Crypt:3  | Danger: revenant |T3| Reason: Dispel Undead in LOS while
                  | undead!
 54972 | Crypt:3  | Danger: revenant |T3| Reason: Dispel Undead in LOS while
                  | undead!
 54972 | Crypt:3  | Danger: revenant |T3| Reason: Dispel Undead in LOS while
                  | undead!
 54973 | Crypt:3  | Danger: revenant |T3| Reason: Dispel Undead in LOS while
                  | undead!
 54973 | Crypt:3  | Danger: revenant |T3| Reason: Dispel Undead in LOS while
                  | undead!
 54974 | Crypt:3  | Danger: vampire knight |T3| Reason: Paralyse and low Will
 54974 | Crypt:3  | Danger: revenant |T3| Reason: Dispel Undead in LOS while
                  | undead!
 54975 | Crypt:3  | Danger: vampire knight |T3| Reason: Paralyse and low Will
 54975 | Crypt:3  | Danger: revenant |T3| Reason: Dispel Undead in LOS while
                  | undead!
 54976 | Crypt:3  | Danger: revenant |T3| Reason: Dispel Undead in LOS while
                  | undead!
 54976 | Crypt:3  | Danger: vampire knight |T3| Reason: Paralyse and low Will
 54977 | Crypt:3  | Danger: revenant |T3| Reason: Dispel Undead in LOS while
                  | undead!
 54977 | Crypt:3  | Danger: vampire knight |T3| Reason: Paralyse and low Will
 54978 | Crypt:3  | Danger: revenant |T3| Reason: Dispel Undead in LOS while
                  | undead!
 54978 | Crypt:3  | Danger: vampire knight |T3| Reason: Paralyse and low Will
 54979 | Crypt:3  | Danger: revenant |T3| Reason: Dispel Undead in LOS while
                  | undead!
 54979 | Crypt:3  | Danger: vampire knight |T3| Reason: Paralyse and low Will
 54980 | Crypt:3  | Danger: revenant |T3| Reason: Dispel Undead in LOS while
                  | undead!
 54980 | Crypt:3  | Danger: vampire knight |T3| Reason: Paralyse and low Will
 54981 | Crypt:3  | Danger: vampire knight |T3| Reason: Paralyse and low Will
 54981 | Crypt:3  | Danger: revenant |T3| Reason: Dispel Undead in LOS while
                  | undead!
 54981 | Crypt:3  | Danger: vampire knight |T3| Reason: Paralyse and low Will
 54982 | Crypt:3  | Danger: revenant |T3| Reason: Dispel Undead in LOS while
                  | undead!
 54982 | Crypt:3  | Danger: vampire knight |T3| Reason: Paralyse and low Will
 54982 | Crypt:3  | Danger: vampire knight |T3| Reason: Paralyse and low Will
 54983 | Crypt:3  | Danger: revenant |T3| Reason: Dispel Undead in LOS while
                  | undead!
 54983 | Crypt:3  | Danger: vampire knight |T3| Reason: Paralyse and low Will
 54983 | Crypt:3  | Danger: vampire knight |T3| Reason: Paralyse and low Will
 54984 | Crypt:3  | Danger: revenant |T3| Reason: Dispel Undead in LOS while
                  | undead!
 54984 | Crypt:3  | Danger: vampire knight |T3| Reason: Paralyse and low Will
 54984 | Crypt:3  | Danger: vampire knight |T3| Reason: Paralyse and low Will
 54985 | Crypt:3  | Danger: revenant |T3| Reason: Dispel Undead in LOS while
                  | undead!
 54985 | Crypt:3  | Danger: vampire knight |T3| Reason: Paralyse and low Will
 54986 | Crypt:3  | Danger: revenant |T3| Reason: Dispel Undead in LOS while
                  | undead!
 54986 | Crypt:3  | Danger: vampire knight |T3| Reason: Paralyse and low Will
 54987 | Crypt:3  | Danger: revenant |T3| Reason: Dispel Undead in LOS while
                  | undead!
 54987 | Crypt:3  | Danger: vampire knight |T3| Reason: Paralyse and low Will
 54988 | Crypt:3  | Danger: revenant |T3| Reason: Dispel Undead in LOS while
                  | undead!
 54988 | Crypt:3  | Danger: vampire knight |T3| Reason: Paralyse and low Will
 54989 | Crypt:3  | Danger: revenant |T3| Reason: Dispel Undead in LOS while
                  | undead!
 54989 | Crypt:3  | Danger: vampire knight |T3| Reason: Paralyse and low Will
 54990 | Crypt:3  | Danger: vampire knight |T3| Reason: Paralyse and low Will
 54991 | Crypt:3  | Danger: vampire knight |T3| Reason: Paralyse and low Will
 54993 | Crypt:3  | Danger: revenant |T3| Reason: Dispel Undead in LOS while
                  | undead!
 54994 | Crypt:3  | Danger: revenant |T3| Reason: Dispel Undead in LOS while
                  | undead!
 54995 | Crypt:3  | Danger: vampire knight |T3| Reason: Paralyse and low Will
 54995 | Crypt:3  | Danger: revenant |T3| Reason: Dispel Undead in LOS while
                  | undead!
 54996 | Crypt:3  | Danger: revenant |T3| Reason: Dispel Undead in LOS while
                  | undead!
 54996 | Crypt:3  | Danger: vampire knight |T3| Reason: Paralyse and low Will
 54997 | Crypt:3  | Danger: vampire knight |T3| Reason: Paralyse and low Will
 54998 | Crypt:3  | Danger: vampire knight |T3| Reason: Paralyse and low Will
 54998 | Crypt:3  | Danger: vampire knight |T3| Reason: Paralyse and low Will
 54999 | Crypt:3  | Danger: vampire knight |T3| Reason: Paralyse and low Will
 54999 | Crypt:3  | Danger: vampire knight |T3| Reason: Paralyse and low Will
 55000 | Crypt:3  | Danger: vampire knight |T3| Reason: Paralyse and low Will
 55000 | Crypt:3  | Danger: vampire knight |T3| Reason: Paralyse and low Will
 55001 | Crypt:3  | Danger: vampire knight |T3| Reason: Paralyse and low Will
 55001 | Crypt:3  | Danger: vampire knight |T3| Reason: Paralyse and low Will
 55002 | Crypt:3  | Danger: vampire knight |T3| Reason: Paralyse and low Will
 55002 | Crypt:3  | Danger: vampire knight |T3| Reason: Paralyse and low Will
 55003 | Crypt:3  | Danger: vampire knight |T3| Reason: Paralyse and low Will
 55003 | Crypt:3  | Danger: vampire knight |T3| Reason: Paralyse and low Will
 55004 | Crypt:3  | Danger: vampire knight |T3| Reason: Paralyse and low Will
 55004 | Crypt:3  | Danger: vampire knight |T3| Reason: Paralyse and low Will
 55005 | Crypt:3  | Danger: vampire knight |T3| Reason: Paralyse and low Will
 55005 | Crypt:3  | Danger: vampire knight |T3| Reason: Paralyse and low Will
 55006 | Crypt:3  | Danger: vampire knight |T3| Reason: Paralyse and low Will
 55006 | Crypt:3  | Danger: vampire knight |T3| Reason: Paralyse and low Will
 55007 | Crypt:3  | Danger: vampire knight |T3| Reason: Paralyse and low Will
 55007 | Crypt:3  | Danger: vampire knight |T3| Reason: Paralyse and low Will
 55008 | Crypt:3  | Danger: vampire knight |T3| Reason: Paralyse and low Will
 55009 | Crypt:3  | Danger: vampire knight |T3| Reason: Paralyse and low Will
 55018 | Crypt:3  | Danger: Low HP Warning |T2| Reason: 56% HP (108/190)
 55019 | Crypt:3  | Danger: Low HP Warning |T2| Reason: 57% HP (110/190)
 55020 | Crypt:3  | Danger: Low HP Warning |T2| Reason: 58% HP (111/190)
 55021 | Crypt:3  | Danger: Low HP Warning |T2| Reason: 53% HP (102/190)
 55022 | Crypt:3  | Danger: Low HP Warning |T2| Reason: 55% HP (105/190)
 55023 | Crypt:3  | Danger: Low HP Warning |T2| Reason: 55% HP (105/190)
 55024 | Crypt:3  | Danger: Low HP Warning |T2| Reason: 56% HP (107/190)
 55025 | Crypt:3  | Danger: Low HP Warning |T2| Reason: 48% HP (92/190)
 55026 | Crypt:3  | Danger: Low HP Warning |T2| Reason: 49% HP (94/190)
 55085 | Crypt:3  | Danger: vampire knight |T3| Reason: Paralyse and low Will
 55086 | Crypt:3  | Danger: vampire knight |T3| Reason: Paralyse and low Will
 55087 | Crypt:3  | Danger: vampire knight |T3| Reason: Paralyse and low Will
 55088 | Crypt:3  | Danger: vampire knight |T3| Reason: Paralyse and low Will
 55089 | Crypt:3  | Danger: vampire knight |T3| Reason: Paralyse and low Will
 55090 | Crypt:3  | Danger: vampire knight |T3| Reason: Paralyse and low Will
 55091 | Crypt:3  | Danger: vampire knight |T3| Reason: Paralyse and low Will
 55092 | Crypt:3  | Danger: vampire knight |T3| Reason: Paralyse and low Will
 55093 | Crypt:3  | Danger: vampire knight |T3| Reason: Paralyse and low Will
 55094 | Crypt:3  | Danger: vampire knight |T3| Reason: Paralyse and low Will
 55095 | Crypt:3  | Danger: vampire knight |T3| Reason: Paralyse and low Will
 55096 | Crypt:3  | Danger: vampire knight |T3| Reason: Paralyse and low Will
 55097 | Crypt:3  | Danger: vampire knight |T3| Reason: Paralyse and low Will
 55098 | Crypt:3  | Danger: vampire knight |T3| Reason: Paralyse and low Will
 55099 | Crypt:3  | Danger: vampire knight |T3| Reason: Paralyse and low Will
 55100 | Crypt:3  | Danger: vampire knight |T3| Reason: Paralyse and low Will
 55101 | Crypt:3  | Danger: vampire knight |T3| Reason: Paralyse and low Will
 55103 | Crypt:3  | Danger: vampire knight |T3| Reason: Paralyse and low Will
 55104 | Crypt:3  | Danger: vampire knight |T3| Reason: Paralyse and low Will
 55105 | Crypt:3  | Danger: vampire knight |T3| Reason: Paralyse and low Will
 55116 | Crypt:3  | Identified the amulet "Qeypnik" {Reflect *Corrode +Inv SH+5
                  | Stlth+}
 55118 | Crypt:3  | Identified the +3 morningstar "Naeje" {flame, rN+}
 55119 | Crypt:3  | Identified the staff of conjuration "Zesch" {Will+}
 55128 | Crypt:3  | Danger: vampire knight |T3| Reason: Paralyse and low Will
 55129 | Crypt:3  | Danger: vampire knight |T3| Reason: Paralyse and low Will
 55130 | Crypt:3  | Danger: vampire knight |T3| Reason: Paralyse and low Will
 55131 | Crypt:3  | Danger: vampire knight |T3| Reason: Paralyse and low Will
 55132 | Crypt:3  | Danger: vampire knight |T3| Reason: Paralyse and low Will
 55133 | Crypt:3  | Danger: vampire knight |T3| Reason: Paralyse and low Will
 55135 | Crypt:3  | Danger: vampire knight |T3| Reason: Paralyse and low Will
 55559 | Depths:3 | Danger: stone giant |T2| Reason: Quivering large rocks,
                  | watch out!!
 55561 | Depths:3 | Danger: spriggan air mage |T2| Reason: Lightning Bolt and
                  | no rElec
 55571 | Depths:3 | Reached XP level 23. HP: 186/196 MP: 23/23
 55771 | Depths:3 | Found a runed translucent gate.
 55772 | Depths:3 | Found a runed translucent gate.
 55773 | Depths:3 | Found a runed translucent gate.
 55774 | Depths:3 | Found an opulent altar of Gozag.
 55774 | Depths:3 | Noticed Cagrigri's ghost (adept TrMo)
 55775 | Depths:3 | Noticed a juggernaut
 55775 | Depths:3 | Found Gueh's Assorted Antiques.
 55776 | Depths:3 | Noticed a caustic shrike
 55821 | Depths:3 | Danger: stone giant |T2| Reason: Quivering large rocks,
                  | watch out!!
 55823 | Depths:3 | Danger: walking crystal tome |T2| Reason: OOD monster,
                  | careful!
 55825 | Depths:3 | Danger: tentacled monstrosity |T2| Reason: OOD monster,
                  | careful!
 55826 | Depths:3 | Identified the amulet "Xonav" {rF+ Regen+}
 55833 | Depths:3 | Danger: Low HP Warning |T2| Reason: 57% HP (113/196)
 55834 | Depths:3 | Danger: Low HP Warning |T2| Reason: 50% HP (99/196)
 55835 | Depths:3 | Danger: Low HP Warning |T2| Reason: 51% HP (100/196)
 55836 | Depths:3 | Danger: Low HP Warning |T2| Reason: 50% HP (98/196)
 55837 | Depths:3 | Danger: Low HP Warning |T2| Reason: 46% HP (91/196)
 55838 | Depths:3 | Danger: Low HP Warning |T2| Reason: 45% HP (89/196)
 55839 | Depths:3 | Danger: frost giant |T3| Reason: IMMINENT DEATH: Bolt of
                  | Cold deals 75 damage, you have 69 HP!!
 55839 | Depths:3 | Danger: frost giant |T3| Reason: IMMINENT DEATH: Bolt of
                  | Cold deals 75 damage, you have 69 HP!!
 55839 | Depths:3 | Danger: Low HP Warning |T2| Reason: 35% HP (69/196)
 55840 | Depths:3 | Danger: Low HP Warning |T2| Reason: 36% HP (72/196)
 55844 | Depths:3 | Danger: Low HP Warning |T2| Reason: 42% HP (84/196)
 55845 | Depths:3 | Danger: Low HP Warning |T2| Reason: 43% HP (86/196)
 55846 | Depths:3 | Danger: Low HP Warning |T2| Reason: 45% HP (89/196)
 55847 | Depths:3 | Danger: Low HP Warning |T2| Reason: 46% HP (92/196)
 55853 | Depths:3 | Danger: Low HP Warning |T2| Reason: 56% HP (110/196)
 55856 | Depths:3 | Danger: Low HP Warning |T2| Reason: 60% HP (119/196)
 55866 | Depths:3 | Danger: tentacled monstrosity |T2| Reason: OOD monster,
                  | careful!
 55868 | Depths:3 | Danger: stone giant |T2| Reason: Quivering large rocks,
                  | watch out!!
 55872 | Depths:3 | Danger: tentacled monstrosity |T2| Reason: OOD monster,
                  | careful!
 55884 | Depths:3 | Danger: stone giant |T2| Reason: Quivering large rocks,
                  | watch out!!
 55911 | Depths:3 | Danger: Low HP Warning |T2| Reason: 57% HP (113/196)
 55913 | Depths:3 | Danger: Low HP Warning |T2| Reason: 58% HP (115/196)
 55915 | Depths:3 | Danger: Low HP Warning |T2| Reason: 60% HP (119/196)
 56068 | Depths:3 | Danger: tengu reaver |T2| Reason: Lightning Bolt and no
                  | rElec
 56075 | Depths:3 | Danger: tengu reaver |T2| Reason: Lightning Bolt and no
                  | rElec
 56079 | Depths:3 | Danger: storm dragon |T2| Reason: OOD monster, careful!
 56079 | Depths:3 | Danger: storm dragon |T2| Reason: Lightning Bolt and no
                  | rElec
 56088 | Depths:3 | Danger: storm dragon |T2| Reason: OOD monster, careful!
 56088 | Depths:3 | Danger: storm dragon |T2| Reason: Lightning Bolt and no
                  | rElec
 56093 | Depths:3 | Danger: golden dragon |T2| Reason: OOD monster, careful!
 56097 | Depths:3 | Danger: Low HP Warning |T2| Reason: 60% HP (118/196)
 56098 | Depths:3 | Danger: Low HP Warning |T2| Reason: 54% HP (106/196)
 56099 | Depths:3 | Danger: Low HP Warning |T2| Reason: 55% HP (109/196)
 56100 | Depths:3 | Danger: Low HP Warning |T2| Reason: 56% HP (111/196)
 56101 | Depths:3 | Danger: Low HP Warning |T2| Reason: 57% HP (113/196)
 56102 | Depths:3 | Danger: Low HP Warning |T2| Reason: 58% HP (115/196)
 56103 | Depths:3 | Danger: Low HP Warning |T2| Reason: 59% HP (117/196)
 56104 | Depths:3 | Danger: Low HP Warning |T2| Reason: 54% HP (107/196)
 56105 | Depths:3 | Danger: Low HP Warning |T2| Reason: 55% HP (108/196)
 56106 | Depths:3 | Danger: Low HP Warning |T2| Reason: 56% HP (111/196)
 56107 | Depths:3 | Danger: Low HP Warning |T2| Reason: 58% HP (114/196)
 56108 | Depths:3 | Danger: Low HP Warning |T2| Reason: 59% HP (116/196)
 56109 | Depths:3 | Danger: Low HP Warning |T2| Reason: 47% HP (93/196)
 56110 | Depths:3 | Danger: golden dragon |T2| Reason: OOD monster, careful!
 56110 | Depths:3 | Danger: Low HP Warning |T2| Reason: 48% HP (95/196)
 56111 | Depths:3 | Danger: Low HP Warning |T2| Reason: 49% HP (97/196)
 56112 | Depths:3 | Danger: Low HP Warning |T2| Reason: 49% HP (97/196)
 56113 | Depths:3 | Danger: tengu reaver |T2| Reason: Lightning Bolt and no
                  | rElec
 56113 | Depths:3 | Danger: Low HP Warning |T2| Reason: 50% HP (99/196)
 56114 | Depths:3 | Danger: Low HP Warning |T2| Reason: 51% HP (101/196)
 56115 | Depths:3 | Danger: Low HP Warning |T2| Reason: 52% HP (102/196)
 56116 | Depths:3 | Danger: tengu reaver |T2| Reason: Lightning Bolt and no
                  | rElec
 56116 | Depths:3 | Danger: tentacled monstrosity |T2| Reason: OOD monster,
                  | careful!
 56116 | Depths:3 | Danger: Low HP Warning |T2| Reason: 53% HP (104/196)
 56117 | Depths:3 | Danger: Low HP Warning |T2| Reason: 54% HP (106/196)
 56118 | Depths:3 | Danger: golden dragon |T2| Reason: OOD monster, careful!
 56118 | Depths:3 | Danger: Low HP Warning |T2| Reason: 55% HP (108/196)
 56119 | Depths:3 | Danger: tengu reaver |T2| Reason: Lightning Bolt and no
                  | rElec
 56119 | Depths:3 | Danger: Low HP Warning |T2| Reason: 56% HP (110/196)
 56120 | Depths:3 | Danger: Low HP Warning |T2| Reason: 57% HP (112/196)
 56121 | Depths:3 | Danger: Low HP Warning |T2| Reason: 57% HP (113/196)
 56122 | Depths:3 | Danger: Low HP Warning |T2| Reason: 58% HP (115/196)
 56123 | Depths:3 | Danger: Low HP Warning |T2| Reason: 59% HP (117/196)
 56124 | Depths:3 | Danger: Low HP Warning |T2| Reason: 55% HP (108/196)
 56125 | Depths:3 | Danger: Low HP Warning |T2| Reason: 53% HP (104/196)
 56126 | Depths:3 | Danger: golden dragon |T3| Reason: IMMINENT DEATH: Bolt of
                  | Fire deals 81 damage, you have 80 HP!!
 56126 | Depths:3 | Danger: golden dragon |T3| Reason: IMMINENT DEATH: Bolt of
                  | Cold deals 81 damage, you have 80 HP!!
 56126 | Depths:3 | Danger: Low HP Warning |T2| Reason: 40% HP (80/196)
 56127 | Depths:3 | Danger: Low HP Warning |T2| Reason: 42% HP (83/196)
 56128 | Depths:3 | Danger: Low HP Warning |T2| Reason: 43% HP (85/196)
 56129 | Depths:3 | Danger: Low HP Warning |T2| Reason: 44% HP (87/196)
 56130 | Depths:3 | Danger: tengu reaver |T3| Reason: IMMINENT DEATH: Bolt of
                  | Fire deals 78 damage, you have 70 HP!!
 56130 | Depths:3 | Danger: tengu reaver |T3| Reason: IMMINENT DEATH: Bolt of
                  | Cold deals 78 damage, you have 70 HP!!
 56130 | Depths:3 | Danger: tengu reaver |T3| Reason: IMMINENT DEATH: Corrosive
                  | Bolt deals 72 damage, you have 70 HP!!
 56130 | Depths:3 | Danger: tengu reaver |T3| Reason: IMMINENT DEATH: Bolt of
                  | Draining deals 72 damage, you have 70 HP!!
 56130 | Depths:3 | Danger: golden dragon |T3| Reason: IMMINENT DEATH: Bolt of
                  | Fire deals 81 damage, you have 70 HP!!
 56130 | Depths:3 | Danger: golden dragon |T3| Reason: IMMINENT DEATH: Bolt of
                  | Cold deals 81 damage, you have 70 HP!!
 56130 | Depths:3 | Danger: Low HP Warning |T2| Reason: 35% HP (70/196)
 56131 | Depths:3 | Danger: tengu reaver |T3| Reason: IMMINENT DEATH: Bolt of
                  | Fire deals 78 damage, you have 73 HP!!
 56131 | Depths:3 | Danger: tengu reaver |T3| Reason: IMMINENT DEATH: Bolt of
                  | Cold deals 78 damage, you have 73 HP!!
 56131 | Depths:3 | Danger: golden dragon |T3| Reason: IMMINENT DEATH: Bolt of
                  | Fire deals 81 damage, you have 73 HP!!
 56131 | Depths:3 | Danger: golden dragon |T3| Reason: IMMINENT DEATH: Bolt of
                  | Cold deals 81 damage, you have 73 HP!!
 56131 | Depths:3 | Danger: Low HP Warning |T2| Reason: 37% HP (73/196)
 56132 | Depths:3 | Danger: frost giant |T3| Reason: IMMINENT DEATH: Bolt of
                  | Cold deals 75 damage, you have 66 HP!!
 56132 | Depths:3 | Danger: Low HP Warning |T2| Reason: 33% HP (66/196)
 56133 | Depths:3 | Danger: frost giant |T3| Reason: IMMINENT DEATH: Bolt of
                  | Cold deals 75 damage, you have 68 HP!!
 56133 | Depths:3 | Danger: Low HP Warning |T2| Reason: 34% HP (68/196)
 56134 | Depths:3 | Danger: frost giant |T3| Reason: IMMINENT DEATH: Bolt of
                  | Cold deals 75 damage, you have 64 HP!!
 56134 | Depths:3 | Danger: Low HP Warning |T2| Reason: 32% HP (64/196)
 56135 | Depths:3 | Danger: frost giant |T3| Reason: IMMINENT DEATH: Bolt of
                  | Cold deals 75 damage, you have 66 HP!!
 56135 | Depths:3 | Danger: Low HP Warning |T2| Reason: 33% HP (66/196)
 56139 | Depths:3 | Danger: tentacled monstrosity |T2| Reason: OOD monster,
                  | careful!
 56139 | Depths:3 | Danger: Low HP Warning |T2| Reason: 39% HP (77/196)
 56140 | Depths:3 | Danger: Low HP Warning |T2| Reason: 40% HP (79/196)
 56141 | Depths:3 | Danger: Low HP Warning |T2| Reason: 41% HP (82/196)
 56142 | Depths:3 | Danger: Low HP Warning |T2| Reason: 43% HP (85/196)
 56143 | Depths:3 | Danger: Low HP Warning |T2| Reason: 44% HP (88/196)
 56144 | Depths:3 | Danger: Low HP Warning |T2| Reason: 46% HP (91/196)
 56145 | Depths:3 | Danger: Low HP Warning |T2| Reason: 47% HP (94/196)
 56146 | Depths:3 | Danger: tentacled monstrosity |T2| Reason: OOD monster,
                  | careful!
 56146 | Depths:3 | Danger: Low HP Warning |T2| Reason: 49% HP (97/196)
 56147 | Depths:3 | Danger: Low HP Warning |T2| Reason: 51% HP (100/196)
 56148 | Depths:3 | Danger: Low HP Warning |T2| Reason: 52% HP (103/196)
 56149 | Depths:3 | Danger: Low HP Warning |T2| Reason: 54% HP (106/196)
 56150 | Depths:3 | Danger: Low HP Warning |T2| Reason: 54% HP (106/196)
 56151 | Depths:3 | Danger: Low HP Warning |T2| Reason: 55% HP (109/196)
 56152 | Depths:3 | Danger: Low HP Warning |T2| Reason: 57% HP (112/196)
 56153 | Depths:3 | Danger: Low HP Warning |T2| Reason: 58% HP (114/196)
 56154 | Depths:3 | Danger: Low HP Warning |T2| Reason: 59% HP (117/196)
 56155 | Depths:3 | Danger: tentacled monstrosity |T2| Reason: OOD monster,
                  | careful!
 56167 | Depths:3 | Danger: Low HP Warning |T2| Reason: 58% HP (114/196)
 56168 | Depths:3 | Danger: Low HP Warning |T2| Reason: 59% HP (116/196)
 56169 | Depths:3 | Danger: Low HP Warning |T2| Reason: 58% HP (114/196)
 56170 | Depths:3 | Reached skill level 24 in Unarmed Combat
 56191 | Depths:3 | Danger: golden dragon |T2| Reason: OOD monster, careful!
 56191 | Depths:3 | Danger: tengu reaver |T2| Reason: Lightning Bolt and no
                  | rElec
 56195 | Depths:3 | Danger: tengu reaver |T2| Reason: Lightning Bolt and no
                  | rElec
 56219 | Depths:3 | Danger: titan |T2| Reason: OOD monster, careful!
 56219 | Depths:3 | Danger: titan |T2| Reason: Lightning Bolt and no rElec
 56240 | Depths:3 | Noticed a juggernaut
 56241 | Depths:3 | Danger: juggernaut |T2| Reason: OOD monster, careful!
 56245 | Depths:3 | Danger: juggernaut |T2| Reason: OOD monster, careful!
 56266 | Depths:3 | Killed a juggernaut
 56358 | Depths:3 | Danger: tengu reaver |T2| Reason: Lightning Bolt and no
                  | rElec
 56523 | Depths:3 | Found a one-way gate to the infinite horrors of the Abyss.
 56657 | Depths:4 | Entered Level 4 of the Depths
 56699 | Depths:4 | Danger: spriggan air mage |T2| Reason: Lightning Bolt and
                  | no rElec
 56723 | Depths:4 | Danger: Low HP Warning |T2| Reason: 54% HP (107/196)
 56726 | Depths:4 | Danger: Low HP Warning |T2| Reason: 57% HP (113/196)
 56727 | Depths:4 | Danger: Low HP Warning |T2| Reason: 58% HP (114/196)
 56735 | Depths:4 | Danger: golden dragon |T2| Reason: OOD monster, careful!
 56740 | Depths:4 | Danger: golden dragon |T2| Reason: OOD monster, careful!
 56829 | Depths:4 | Danger: merfolk javelineer |T3| Reason: Distortion weapon!
 56829 | Depths:4 | Danger: merfolk javelineer |T2| Reason: Quivering javelins,
                  | watch out!
 56835 | Depths:4 | Danger: merfolk javelineer |T3| Reason: Distortion weapon!
 56835 | Depths:4 | Danger: merfolk javelineer |T2| Reason: Quivering javelins,
                  | watch out!
 56839 | Depths:4 | Danger: merfolk javelineer |T3| Reason: Distortion weapon!
 56839 | Depths:4 | Danger: merfolk javelineer |T2| Reason: Quivering javelins,
                  | watch out!
 56840 | Depths:4 | Danger: merfolk javelineer |T3| Reason: Distortion weapon!
 56841 | Depths:4 | Danger: merfolk javelineer |T3| Reason: Distortion weapon!
 56845 | Depths:4 | Danger: lich |T2| Reason: Slow and low Will, careful
 56845 | Depths:4 | Danger: lich |T2| Reason: Orb of Destruction deals more
                  | than 50% MHP!
 56845 | Depths:4 | Danger: blizzard demon |T2| Reason: Lightning Bolt and no
                  | rElec
 56849 | Depths:4 | Danger: blizzard demon |T2| Reason: Lightning Bolt and no
                  | rElec
 56852 | Depths:4 | Danger: blizzard demon |T2| Reason: Lightning Bolt and no
                  | rElec
 56936 | Depths:4 | Identified the amulet of the Hart {Faith Int+4}
 57057 | Depths:4 | Danger: stone giant |T2| Reason: Quivering large rocks,
                  | watch out!!
 57080 | Depths:4 | Danger: sphinx |T3| Reason: Paralyse and low Will
 57080 | Depths:4 | Danger: sphinx |T2| Reason: Slow and low Will, careful
 57081 | Depths:4 | Danger: sphinx |T3| Reason: Paralyse and low Will
 57082 | Depths:4 | Danger: sphinx |T3| Reason: Paralyse and low Will
 57084 | Depths:4 | Danger: sphinx |T3| Reason: Paralyse and low Will
 57084 | Depths:4 | Danger: Low HP Warning |T2| Reason: 59% HP (116/196)
 57085 | Depths:4 | Danger: sphinx |T3| Reason: Paralyse and low Will
 57085 | Depths:4 | Danger: Low HP Warning |T2| Reason: 51% HP (101/196)
 57086 | Depths:4 | Danger: sphinx |T3| Reason: Paralyse and low Will
 57086 | Depths:4 | Danger: Low HP Warning |T2| Reason: 50% HP (99/196)
 57087 | Depths:4 | Danger: sphinx |T3| Reason: Paralyse and low Will
 57087 | Depths:4 | Danger: Low HP Warning |T2| Reason: 52% HP (102/196)
 57088 | Depths:4 | Danger: sphinx |T3| Reason: Paralyse and low Will
 57088 | Depths:4 | Danger: Low HP Warning |T2| Reason: 53% HP (105/196)
 57089 | Depths:4 | Danger: sphinx |T3| Reason: Paralyse and low Will
 57089 | Depths:4 | Danger: Low HP Warning |T2| Reason: 55% HP (108/196)
 57090 | Depths:4 | Danger: sphinx |T3| Reason: Paralyse and low Will
 57090 | Depths:4 | Danger: Low HP Warning |T2| Reason: 36% HP (72/196)
 57091 | Depths:4 | Danger: sphinx |T3| Reason: Paralyse and low Will
 57091 | Depths:4 | Danger: Low HP Warning |T2| Reason: 36% HP (72/196)
 57095 | Depths:4 | Danger: Low HP Warning |T2| Reason: 42% HP (84/196)
 57096 | Depths:4 | Danger: Low HP Warning |T2| Reason: 44% HP (87/196)
 57097 | Depths:4 | Danger: stone giant |T2| Reason: Quivering large rocks,
                  | watch out!!
 57097 | Depths:4 | Danger: Low HP Warning |T2| Reason: 45% HP (90/196)
 57099 | Depths:4 | Danger: Low HP Warning |T2| Reason: 48% HP (96/196)
 57100 | Depths:4 | Danger: Low HP Warning |T2| Reason: 50% HP (98/196)
 57101 | Depths:4 | Danger: Low HP Warning |T2| Reason: 51% HP (101/196)
 57102 | Depths:4 | Danger: Low HP Warning |T2| Reason: 53% HP (104/196)
 57103 | Depths:4 | Danger: Low HP Warning |T2| Reason: 54% HP (106/196)
 57104 | Depths:4 | Danger: Low HP Warning |T2| Reason: 55% HP (109/196)
 57110 | Depths:4 | Danger: stone giant |T2| Reason: Quivering large rocks,
                  | watch out!!
 57115 | Depths:4 | Danger: sphinx |T3| Reason: Paralyse and low Will
 57115 | Depths:4 | Danger: sphinx |T2| Reason: Slow and low Will, careful
 57116 | Depths:4 | Danger: sphinx |T3| Reason: Paralyse and low Will
 57137 | Depths:4 | Danger: stone giant |T2| Reason: Quivering large rocks,
                  | watch out!!
 57137 | Depths:4 | Danger: sphinx |T3| Reason: Paralyse and low Will
 57137 | Depths:4 | Danger: sphinx |T2| Reason: Slow and low Will, careful
 57138 | Depths:4 | Danger: sphinx |T3| Reason: Paralyse and low Will
 57154 | Depths:4 | Danger: sphinx |T3| Reason: Paralyse and low Will
 57154 | Depths:4 | Danger: sphinx |T2| Reason: Slow and low Will, careful
 57156 | Depths:3 | Danger: sphinx |T3| Reason: Paralyse and low Will
 57157 | Depths:3 | Danger: sphinx |T3| Reason: Paralyse and low Will
 57158 | Depths:3 | Danger: sphinx |T3| Reason: Paralyse and low Will
 57159 | Depths:3 | Danger: sphinx |T3| Reason: Paralyse and low Will
 57160 | Depths:3 | Danger: sphinx |T3| Reason: Paralyse and low Will
 57161 | Depths:3 | Danger: sphinx |T3| Reason: Paralyse and low Will
 57162 | Depths:3 | Danger: sphinx |T3| Reason: Paralyse and low Will
 57233 | Depths:4 | Danger: stone giant |T2| Reason: Quivering large rocks,
                  | watch out!!
 57264 | Depths:4 | Identified the amulet of Xom, Howling {Acrobat -Tele rF+++
                  | rC- MP+9}
 57396 | Depths:4 | Found Loiduud's Blood Bar.
 57485 | Depths:4 | Danger: vampire knight |T3| Reason: Paralyse and low Will
 57486 | Depths:4 | Danger: vampire knight |T3| Reason: Paralyse and low Will
 57487 | Depths:4 | Danger: vampire knight |T3| Reason: Paralyse and low Will
 57488 | Depths:4 | Danger: vampire knight |T3| Reason: Paralyse and low Will
 57490 | Depths:4 | Danger: vampire knight |T3| Reason: Paralyse and low Will
 57492 | Depths:4 | Danger: vampire knight |T3| Reason: Paralyse and low Will
 57498 | Depths:4 | Danger: golden dragon |T2| Reason: OOD monster, careful!
 57501 | Depths:4 | Danger: walking frostbound tome |T2| Reason: OOD monster,
                  | careful!
 57607 | Depths:4 | Danger: stone giant |T2| Reason: Quivering large rocks,
                  | watch out!!
 57971 | Depths:4 | Danger: stone giant |T2| Reason: Quivering large rocks,
                  | watch out!!
 57972 | Depths:4 | Danger: shadow dragon |T2| Reason: OOD monster, careful!
 57972 | Depths:4 | Danger: lich |T2| Reason: Slow and low Will, careful
 57972 | Depths:4 | Danger: lich |T2| Reason: Orb of Destruction deals more
                  | than 50% MHP!
 58048 | Depths:4 | Danger: storm dragon |T2| Reason: OOD monster, careful!
 58048 | Depths:4 | Danger: storm dragon |T2| Reason: Lightning Bolt and no
                  | rElec
 58061 | Depths:4 | Found a gate to the Realm of Zot.
 58401 | Slime:1  | Entered Level 1 of the Pits of Slime
 58421 | Slime:5  | Entered Level 5 of the Pits of Slime
 58437 | Slime:5  | Found a viscous altar of Jiyva.
 58441 | Slime:5  | Noticed the Royal Jelly
 58445 | Slime:5  | Identified the +6 plate armour of the Stone Wall {rC+}
 58454 | Slime:5  | Identified the staff of fire "Siab" {rElec rF+ Str+3}
 58464 | Slime:5  | Got a slimy rune of Zot
 58848 | Zot:1    | Entered Level 1 of the Realm of Zot
 58921 | Zot:1    | Reached skill level 25 in Unarmed Combat
 59043 | Zot:1    | Danger: red draconian scorcher |T2| Reason: Damnation in
                  | LOS, careful!
 59043 | Zot:1    | Danger: red draconian scorcher |T3| Reason: Damnation
                  | (smite) in LOS, watch out!
 59044 | Zot:1    | Danger: red draconian scorcher |T3| Reason: Damnation
                  | (smite) in LOS, watch out!
 59055 | Zot:1    | Danger: red draconian scorcher |T2| Reason: Damnation in
                  | LOS, careful!
 59055 | Zot:1    | Danger: red draconian scorcher |T3| Reason: Damnation
                  | (smite) in LOS, watch out!
 59056 | Zot:1    | Danger: red draconian scorcher |T3| Reason: Damnation
                  | (smite) in LOS, watch out!
 59059 | Zot:1    | Danger: red draconian scorcher |T2| Reason: Damnation in
                  | LOS, careful!
 59059 | Zot:1    | Danger: red draconian scorcher |T3| Reason: Damnation
                  | (smite) in LOS, watch out!
 59062 | Zot:1    | Danger: red draconian scorcher |T2| Reason: Damnation in
                  | LOS, careful!
 59062 | Zot:1    | Danger: red draconian scorcher |T3| Reason: Damnation
                  | (smite) in LOS, watch out!
 59063 | Zot:1    | Danger: red draconian scorcher |T3| Reason: Damnation
                  | (smite) in LOS, watch out!
 59067 | Zot:1    | Danger: red draconian scorcher |T3| Reason: Damnation in
                  | LOF, watch out!
 59067 | Zot:1    | Danger: red draconian scorcher |T3| Reason: Damnation
                  | (smite) in LOS, watch out!
 59068 | Zot:1    | Danger: red draconian scorcher |T3| Reason: Damnation in
                  | LOF, watch out!
 59068 | Zot:1    | Danger: red draconian scorcher |T3| Reason: Damnation
                  | (smite) in LOS, watch out!
 59069 | Zot:1    | Danger: red draconian scorcher |T3| Reason: Damnation in
                  | LOF, watch out!
 59069 | Zot:1    | Danger: red draconian scorcher |T3| Reason: Damnation
                  | (smite) in LOS, watch out!
 59070 | Zot:1    | Danger: red draconian scorcher |T2| Reason: Damnation in
                  | LOS, careful!
 59070 | Zot:1    | Danger: red draconian scorcher |T3| Reason: Damnation
                  | (smite) in LOS, watch out!
 59071 | Zot:1    | Danger: red draconian scorcher |T3| Reason: Damnation in
                  | LOF, watch out!
 59071 | Zot:1    | Danger: red draconian scorcher |T3| Reason: Damnation
                  | (smite) in LOS, watch out!
 59072 | Zot:1    | Danger: red draconian scorcher |T3| Reason: Damnation in
                  | LOF, watch out!
 59072 | Zot:1    | Danger: red draconian scorcher |T3| Reason: Damnation
                  | (smite) in LOS, watch out!
 59074 | Zot:1    | Danger: red draconian scorcher |T3| Reason: Damnation in
                  | LOF, watch out!
 59074 | Zot:1    | Danger: red draconian scorcher |T3| Reason: Damnation
                  | (smite) in LOS, watch out!
 59076 | Zot:1    | Danger: red draconian scorcher |T3| Reason: Damnation in
                  | LOF, watch out!
 59076 | Zot:1    | Danger: red draconian scorcher |T3| Reason: Damnation
                  | (smite) in LOS, watch out!
 59077 | Zot:1    | Danger: red draconian scorcher |T3| Reason: Damnation in
                  | LOF, watch out!
 59077 | Zot:1    | Danger: red draconian scorcher |T3| Reason: Damnation
                  | (smite) in LOS, watch out!
 59078 | Zot:1    | Danger: red draconian scorcher |T3| Reason: Damnation in
                  | LOF, watch out!
 59078 | Zot:1    | Danger: red draconian scorcher |T3| Reason: Damnation
                  | (smite) in LOS, watch out!
 59080 | Zot:1    | Danger: red draconian scorcher |T3| Reason: Damnation in
                  | LOF, watch out!
 59080 | Zot:1    | Danger: red draconian scorcher |T3| Reason: Damnation
                  | (smite) in LOS, watch out!
 59082 | Zot:1    | Danger: red draconian scorcher |T3| Reason: Damnation in
                  | LOF, watch out!
 59082 | Zot:1    | Danger: red draconian scorcher |T3| Reason: Damnation
                  | (smite) in LOS, watch out!
 59083 | Zot:1    | Danger: red draconian scorcher |T3| Reason: Damnation in
                  | LOF, watch out!
 59083 | Zot:1    | Danger: red draconian scorcher |T3| Reason: Damnation
                  | (smite) in LOS, watch out!
 59084 | Zot:1    | Danger: red draconian scorcher |T3| Reason: Damnation in
                  | LOF, watch out!
 59084 | Zot:1    | Danger: red draconian scorcher |T3| Reason: Damnation
                  | (smite) in LOS, watch out!
 59085 | Zot:1    | Danger: red draconian scorcher |T3| Reason: Damnation in
                  | LOF, watch out!
 59085 | Zot:1    | Danger: red draconian scorcher |T3| Reason: Damnation
                  | (smite) in LOS, watch out!
 59086 | Zot:1    | Danger: red draconian scorcher |T3| Reason: Damnation in
                  | LOF, watch out!
 59086 | Zot:1    | Danger: red draconian scorcher |T3| Reason: Damnation
                  | (smite) in LOS, watch out!
 59087 | Zot:1    | Danger: red draconian scorcher |T3| Reason: Damnation in
                  | LOF, watch out!
 59087 | Zot:1    | Danger: red draconian scorcher |T3| Reason: Damnation
                  | (smite) in LOS, watch out!
 59089 | Zot:1    | Danger: red draconian scorcher |T3| Reason: Damnation in
                  | LOF, watch out!
 59089 | Zot:1    | Danger: red draconian scorcher |T3| Reason: Damnation
                  | (smite) in LOS, watch out!
 59090 | Zot:1    | Danger: red draconian scorcher |T3| Reason: Damnation in
                  | LOF, watch out!
 59090 | Zot:1    | Danger: red draconian scorcher |T3| Reason: Damnation
                  | (smite) in LOS, watch out!
 59175 | Zot:1    | Danger: storm dragon |T2| Reason: Lightning Bolt and no
                  | rElec
 59293 | Zot:1    | Danger: electric golem |T2| Reason: Lightning Bolt and no
                  | rElec
 59302 | Zot:1    | Danger: electric golem |T2| Reason: Lightning Bolt and no
                  | rElec
 59509 | Zot:1    | Danger: red draconian scorcher |T3| Reason: Damnation in
                  | LOF, watch out!
 59509 | Zot:1    | Danger: red draconian scorcher |T3| Reason: Damnation
                  | (smite) in LOS, watch out!
 59509 | Zot:1    | Danger: yellow draconian annihilator |T2| Reason: Lightning
                  | Bolt and no rElec
 59509 | Zot:1    | Danger: yellow draconian annihilator |T2| Reason: Lehudib's
                  | Crystal Spear deals more than 50% MHP!
 59510 | Zot:1    | Danger: red draconian scorcher |T2| Reason: Damnation in
                  | LOS, careful!
 59510 | Zot:1    | Danger: red draconian scorcher |T3| Reason: Damnation
                  | (smite) in LOS, watch out!
 59511 | Zot:1    | Danger: red draconian scorcher |T3| Reason: Damnation in
                  | LOF, watch out!
 59511 | Zot:1    | Danger: red draconian scorcher |T3| Reason: Damnation
                  | (smite) in LOS, watch out!
 59512 | Zot:1    | Danger: red draconian scorcher |T3| Reason: Damnation in
                  | LOF, watch out!
 59512 | Zot:1    | Danger: red draconian scorcher |T3| Reason: Damnation
                  | (smite) in LOS, watch out!
 59513 | Zot:1    | Danger: red draconian scorcher |T3| Reason: Damnation in
                  | LOF, watch out!
 59513 | Zot:1    | Danger: red draconian scorcher |T3| Reason: Damnation
                  | (smite) in LOS, watch out!
 59514 | Zot:1    | Danger: red draconian scorcher |T3| Reason: Damnation in
                  | LOF, watch out!
 59514 | Zot:1    | Danger: red draconian scorcher |T3| Reason: Damnation
                  | (smite) in LOS, watch out!
 59515 | Zot:1    | Danger: red draconian scorcher |T3| Reason: Damnation in
                  | LOF, watch out!
 59515 | Zot:1    | Danger: red draconian scorcher |T3| Reason: Damnation
                  | (smite) in LOS, watch out!
 59516 | Zot:1    | Danger: red draconian scorcher |T3| Reason: Damnation in
                  | LOF, watch out!
 59516 | Zot:1    | Danger: red draconian scorcher |T3| Reason: Damnation
                  | (smite) in LOS, watch out!
 59517 | Zot:1    | Danger: red draconian scorcher |T3| Reason: Damnation in
                  | LOF, watch out!
 59517 | Zot:1    | Danger: red draconian scorcher |T3| Reason: Damnation
                  | (smite) in LOS, watch out!
 59518 | Zot:1    | Danger: red draconian scorcher |T3| Reason: Damnation in
                  | LOF, watch out!
 59518 | Zot:1    | Danger: red draconian scorcher |T3| Reason: Damnation
                  | (smite) in LOS, watch out!
 59519 | Zot:1    | Danger: red draconian scorcher |T3| Reason: Damnation in
                  | LOF, watch out!
 59519 | Zot:1    | Danger: red draconian scorcher |T3| Reason: Damnation
                  | (smite) in LOS, watch out!
 59520 | Zot:1    | Danger: red draconian scorcher |T3| Reason: Damnation in
                  | LOF, watch out!
 59520 | Zot:1    | Danger: red draconian scorcher |T3| Reason: Damnation
                  | (smite) in LOS, watch out!
 59521 | Zot:1    | Danger: red draconian scorcher |T3| Reason: Damnation in
                  | LOF, watch out!
 59521 | Zot:1    | Danger: red draconian scorcher |T3| Reason: Damnation
                  | (smite) in LOS, watch out!
 59522 | Zot:1    | Danger: red draconian scorcher |T3| Reason: Damnation in
                  | LOF, watch out!
 59522 | Zot:1    | Danger: red draconian scorcher |T3| Reason: Damnation
                  | (smite) in LOS, watch out!
 59523 | Zot:1    | Danger: red draconian scorcher |T3| Reason: Damnation in
                  | LOF, watch out!
 59523 | Zot:1    | Danger: red draconian scorcher |T3| Reason: Damnation
                  | (smite) in LOS, watch out!
 59524 | Zot:1    | Danger: red draconian scorcher |T3| Reason: Damnation in
                  | LOF, watch out!
 59524 | Zot:1    | Danger: red draconian scorcher |T3| Reason: Damnation
                  | (smite) in LOS, watch out!
 59525 | Zot:1    | Danger: red draconian scorcher |T3| Reason: Damnation in
                  | LOF, watch out!
 59525 | Zot:1    | Danger: red draconian scorcher |T3| Reason: Damnation
                  | (smite) in LOS, watch out!
 59526 | Zot:1    | Danger: red draconian scorcher |T3| Reason: Damnation in
                  | LOF, watch out!
 59526 | Zot:1    | Danger: red draconian scorcher |T3| Reason: Damnation
                  | (smite) in LOS, watch out!
 59527 | Zot:1    | Danger: red draconian scorcher |T3| Reason: Damnation in
                  | LOF, watch out!
 59527 | Zot:1    | Danger: red draconian scorcher |T3| Reason: Damnation
                  | (smite) in LOS, watch out!
 59547 | Zot:1    | Reached XP level 24. HP: 190/204 MP: 23/23
 59551 | Zot:1    | Danger: storm dragon |T2| Reason: Lightning Bolt and no
                  | rElec
 59660 | Zot:1    | Found a transporter.
 59790 | Zot:1    | Found a transporter.
 59867 | Zot:2    | Danger: black draconian knight |T3| Reason: Distortion
                  | weapon!
 59868 | Zot:2    | Danger: yellow draconian |T3| Reason: wielding holy wrath
                  | while unholy, watch out!!
 59868 | Zot:2    | Danger: black draconian knight |T3| Reason: Distortion
                  | weapon!
 59869 | Zot:2    | Danger: black draconian knight |T3| Reason: Distortion
                  | weapon!
 59871 | Zot:2    | Danger: yellow draconian |T3| Reason: wielding holy wrath
                  | while unholy, watch out!!
 59871 | Zot:2    | Danger: black draconian knight |T3| Reason: Distortion
                  | weapon!
 59872 | Zot:2    | Danger: yellow draconian |T3| Reason: wielding holy wrath
                  | while unholy, watch out!!
 59872 | Zot:2    | Danger: black draconian knight |T3| Reason: Distortion
                  | weapon!
 59873 | Zot:2    | Danger: yellow draconian |T3| Reason: wielding holy wrath
                  | while unholy, watch out!!
 59873 | Zot:2    | Danger: black draconian knight |T3| Reason: Distortion
                  | weapon!
 59874 | Zot:2    | Danger: yellow draconian |T3| Reason: wielding holy wrath
                  | while unholy, watch out!!
 59874 | Zot:2    | Danger: black draconian knight |T3| Reason: Distortion
                  | weapon!
 59877 | Zot:2    | Danger: yellow draconian |T3| Reason: wielding holy wrath
                  | while unholy, watch out!!
 59877 | Zot:2    | Danger: black draconian knight |T3| Reason: Distortion
                  | weapon!
 59878 | Zot:2    | Danger: yellow draconian |T3| Reason: wielding holy wrath
                  | while unholy, watch out!!
 59878 | Zot:2    | Danger: black draconian knight |T3| Reason: Distortion
                  | weapon!
 59880 | Zot:2    | Danger: yellow draconian |T3| Reason: wielding holy wrath
                  | while unholy, watch out!!
 59881 | Zot:2    | Danger: yellow draconian |T3| Reason: wielding holy wrath
                  | while unholy, watch out!!
 59882 | Zot:2    | Danger: yellow draconian |T3| Reason: wielding holy wrath
                  | while unholy, watch out!!
 59883 | Zot:2    | Danger: yellow draconian |T3| Reason: wielding holy wrath
                  | while unholy, watch out!!
 59884 | Zot:2    | Danger: yellow draconian |T3| Reason: wielding holy wrath
                  | while unholy, watch out!!
 59885 | Zot:2    | Danger: yellow draconian |T3| Reason: wielding holy wrath
                  | while unholy, watch out!!
 59886 | Zot:2    | Danger: yellow draconian |T3| Reason: wielding holy wrath
                  | while unholy, watch out!!
 59887 | Zot:2    | Danger: yellow draconian |T3| Reason: wielding holy wrath
                  | while unholy, watch out!!
 59888 | Zot:2    | Danger: yellow draconian |T3| Reason: wielding holy wrath
                  | while unholy, watch out!!
 59889 | Zot:2    | Danger: yellow draconian |T3| Reason: wielding holy wrath
                  | while unholy, watch out!!
 59890 | Zot:2    | Danger: yellow draconian |T3| Reason: wielding holy wrath
                  | while unholy, watch out!!
 59891 | Zot:2    | Danger: yellow draconian |T3| Reason: wielding holy wrath
                  | while unholy, watch out!!
 59894 | Zot:2    | Danger: yellow draconian |T3| Reason: wielding holy wrath
                  | while unholy, watch out!!
 59898 | Zot:2    | Danger: yellow draconian |T3| Reason: wielding holy wrath
                  | while unholy, watch out!!
 59899 | Zot:2    | Danger: yellow draconian |T3| Reason: wielding holy wrath
                  | while unholy, watch out!!
 59900 | Zot:2    | Danger: yellow draconian |T3| Reason: wielding holy wrath
                  | while unholy, watch out!!
 59904 | Zot:2    | Danger: yellow draconian |T3| Reason: wielding holy wrath
                  | while unholy, watch out!!
 59905 | Zot:2    | Danger: yellow draconian |T3| Reason: wielding holy wrath
                  | while unholy, watch out!!
 59906 | Zot:2    | Danger: yellow draconian |T3| Reason: wielding holy wrath
                  | while unholy, watch out!!
 59907 | Zot:2    | Danger: storm dragon |T2| Reason: Lightning Bolt and no
                  | rElec
 59908 | Zot:2    | Danger: Low HP Warning |T2| Reason: 57% HP (117/204)
 59909 | Zot:2    | Danger: Low HP Warning |T2| Reason: 50% HP (104/204)
 59910 | Zot:2    | Danger: Low HP Warning |T2| Reason: 52% HP (108/204)
 59911 | Zot:2    | Danger: Low HP Warning |T2| Reason: 33% HP (68/204)
 59912 | Zot:2    | Danger: yellow draconian |T3| Reason: wielding holy wrath
                  | while unholy, watch out!!
 59912 | Zot:2    | Danger: Low HP Warning |T2| Reason: 35% HP (72/204)
 59913 | Zot:2    | Danger: yellow draconian |T3| Reason: wielding holy wrath
                  | while unholy, watch out!!
 59913 | Zot:2    | Danger: Low HP Warning |T2| Reason: 28% HP (59/204)
 59914 | Zot:2    | Danger: storm dragon |T3| Reason: IMMINENT DEATH: Lightning
                  | Bolt deals 57 damage, you have 52 HP!!
 59914 | Zot:2    | Danger: yellow draconian |T3| Reason: wielding holy wrath
                  | while unholy, watch out!!
 59914 | Zot:2    | Danger: Low HP Warning |T3| Reason: 25% HP (52/204)
 59915 | Zot:2    | Danger: storm dragon |T3| Reason: IMMINENT DEATH: Lightning
                  | Bolt deals 57 damage, you have 45 HP!!
 59915 | Zot:2    | Danger: yellow draconian |T3| Reason: wielding holy wrath
                  | while unholy, watch out!!
 59915 | Zot:2    | Danger: Low HP Warning |T3| Reason: 22% HP (45/204)
 59916 | Zot:2    | Danger: storm dragon |T3| Reason: IMMINENT DEATH: Lightning
                  | Bolt deals 57 damage, you have 41 HP!!
 59916 | Zot:2    | Danger: yellow draconian |T3| Reason: wielding holy wrath
                  | while unholy, watch out!!
 59916 | Zot:2    | Danger: Low HP Warning |T3| Reason: 20% HP (41/204)
 59917 | Zot:2    | Danger: storm dragon |T3| Reason: IMMINENT DEATH: Lightning
                  | Bolt deals 57 damage, you have 46 HP!!
 59917 | Zot:2    | Danger: yellow draconian |T3| Reason: wielding holy wrath
                  | while unholy, watch out!!
 59917 | Zot:2    | Danger: Low HP Warning |T3| Reason: 22% HP (46/204)
 59917 | Zot:2    | HP: 9/204 [something/bolt of lightning (41)]
 59918 | Zot:2    | Danger: storm dragon |T3| Reason: IMMINENT DEATH: Lightning
                  | Bolt deals 57 damage, you have 9 HP!!
 59918 | Zot:2    | Danger: yellow draconian |T3| Reason: wielding holy wrath
                  | while unholy, watch out!!
 59918 | Zot:2    | Danger: Low HP Warning |T3| Reason: 4% HP (9/204)
 59918 | Zot:2    | :asdfg
 59919 | Zot:2    | Danger: storm dragon |T3| Reason: IMMINENT DEATH: Lightning
                  | Bolt deals 57 damage, you have 6 HP!!
 59919 | Zot:2    | Danger: yellow draconian |T3| Reason: wielding holy wrath
                  | while unholy, watch out!!
 59919 | Zot:2    | Danger: Low HP Warning |T3| Reason: 2% HP (6/204)
 59922 | Zot:2    | Danger: storm dragon |T2| Reason: Lightning Bolt and no
                  | rElec
 59922 | Zot:2    | Danger: storm dragon |T3| Reason: IMMINENT DEATH: Lightning
                  | Bolt deals 57 damage, you have 20 HP!!
 59922 | Zot:2    | Danger: Low HP Warning |T3| Reason: 9% HP (20/204)
 59923 | Zot:2    | Danger: storm dragon |T3| Reason: IMMINENT DEATH: Lightning
                  | Bolt deals 57 damage, you have 24 HP!!
 59923 | Zot:2    | Danger: Low HP Warning |T3| Reason: 11% HP (24/204)
 59924 | Zot:2    | Danger: storm dragon |T3| Reason: IMMINENT DEATH: Lightning
                  | Bolt deals 57 damage, you have 28 HP!!
 59924 | Zot:2    | Danger: Low HP Warning |T3| Reason: 13% HP (28/204)
 59925 | Zot:2    | Danger: storm dragon |T3| Reason: IMMINENT DEATH: Lightning
                  | Bolt deals 57 damage, you have 31 HP!!
 59925 | Zot:2    | Danger: Low HP Warning |T3| Reason: 15% HP (31/204)
 59926 | Zot:2    | Danger: black draconian knight |T3| Reason: IMMINENT DEATH:
                  | Throw Icicle deals 75 damage, you have 21 HP!!
 59926 | Zot:2    | Danger: black draconian knight |T3| Reason: IMMINENT DEATH:
                  | Bolt of Cold deals 75 damage, you have 21 HP!!
 59926 | Zot:2    | Danger: red draconian scorcher |T3| Reason: Damnation in
                  | LOF, watch out!
 59926 | Zot:2    | Danger: red draconian scorcher |T3| Reason: Damnation
                  | (smite) in LOS, watch out!
 59926 | Zot:2    | Danger: red draconian scorcher |T3| Reason: IMMINENT DEATH:
                  | Bolt of Fire deals 75 damage, you have 21 HP!!
 59926 | Zot:2    | Danger: red draconian scorcher |T3| Reason: IMMINENT DEATH:
                  | Bolt of Magma deals 75 damage, you have 21 HP!!
 59926 | Zot:2    | Danger: red draconian scorcher |T3| Reason: IMMINENT DEATH:
                  | Fireball deals 78 damage, you have 21 HP!!
 59926 | Zot:2    | Danger: red draconian scorcher |T3| Reason: IMMINENT DEATH:
                  | Hurl Damnation deals 60 damage, you have 21 HP!!
 59926 | Zot:2    | Danger: red draconian scorcher |T3| Reason: IMMINENT DEATH:
                  | Call Down Damnation deals 45 damage, you have 21 HP!!
 59926 | Zot:2    | Danger: yellow draconian annihilator |T2| Reason: Lightning
                  | Bolt and no rElec
 59926 | Zot:2    | Danger: yellow draconian annihilator |T3| Reason: IMMINENT
                  | DEATH: Lightning Bolt deals 63 damage, you have 21 HP!!
 59926 | Zot:2    | Danger: yellow draconian annihilator |T3| Reason: IMMINENT
                  | DEATH: Poison Arrow deals 69 damage, you have 21 HP!!
 59926 | Zot:2    | Danger: yellow draconian annihilator |T3| Reason: IMMINENT
                  | DEATH: Iron Shot deals 87 damage, you have 21 HP!!
 59926 | Zot:2    | Danger: yellow draconian annihilator |T2| Reason: Lehudib's
                  | Crystal Spear deals more than 50% MHP!
 59926 | Zot:2    | Danger: yellow draconian annihilator |T3| Reason: IMMINENT
                  | DEATH: Lehudib's Crystal Spear deals 105 damage, you have
                  | 21 HP!!
 59926 | Zot:2    | Danger: Low HP Warning |T3| Reason: 10% HP (21/204)
 59927 | Zot:2    | Danger: Low HP Warning |T3| Reason: 11% HP (24/204)
 59928 | Zot:2    | Danger: Low HP Warning |T3| Reason: 13% HP (27/204)
 59929 | Zot:2    | Danger: Low HP Warning |T3| Reason: 14% HP (30/204)
 59930 | Zot:2    | Danger: Low HP Warning |T3| Reason: 16% HP (33/204)
 59931 | Zot:2    | Danger: Low HP Warning |T3| Reason: 17% HP (36/204)
 59932 | Zot:2    | Danger: red draconian scorcher |T2| Reason: Damnation in
                  | LOS, careful!
 59932 | Zot:2    | Danger: red draconian scorcher |T3| Reason: Damnation
                  | (smite) in LOS, watch out!
 59932 | Zot:2    | Danger: red draconian scorcher |T3| Reason: IMMINENT DEATH:
                  | Bolt of Fire deals 75 damage, you have 39 HP!!
 59932 | Zot:2    | Danger: red draconian scorcher |T3| Reason: IMMINENT DEATH:
                  | Bolt of Magma deals 75 damage, you have 39 HP!!
 59932 | Zot:2    | Danger: red draconian scorcher |T3| Reason: IMMINENT DEATH:
                  | Fireball deals 78 damage, you have 39 HP!!
 59932 | Zot:2    | Danger: red draconian scorcher |T3| Reason: IMMINENT DEATH:
                  | Hurl Damnation deals 60 damage, you have 39 HP!!
 59932 | Zot:2    | Danger: red draconian scorcher |T3| Reason: IMMINENT DEATH:
                  | Call Down Damnation deals 45 damage, you have 39 HP!!
 59932 | Zot:2    | Danger: Low HP Warning |T3| Reason: 19% HP (39/204)
 59933 | Zot:2    | Danger: Low HP Warning |T3| Reason: 20% HP (42/204)
 59934 | Zot:2    | Danger: Low HP Warning |T3| Reason: 21% HP (44/204)
 59935 | Zot:2    | Danger: Low HP Warning |T3| Reason: 22% HP (46/204)
 59936 | Zot:2    | Danger: Low HP Warning |T3| Reason: 23% HP (47/204)
 59937 | Zot:2    | Danger: Low HP Warning |T3| Reason: 24% HP (49/204)
 59938 | Zot:2    | Danger: Low HP Warning |T3| Reason: 24% HP (50/204)
 59939 | Zot:2    | Danger: Low HP Warning |T3| Reason: 25% HP (53/204)
 59940 | Zot:2    | Danger: Low HP Warning |T2| Reason: 26% HP (54/204)
 59941 | Zot:2    | Danger: Low HP Warning |T2| Reason: 27% HP (56/204)
 59942 | Zot:2    | Danger: Low HP Warning |T2| Reason: 28% HP (58/204)
 59943 | Zot:2    | Danger: Low HP Warning |T2| Reason: 28% HP (59/204)
 59944 | Zot:2    | Danger: Low HP Warning |T2| Reason: 29% HP (61/204)
 59945 | Zot:2    | Danger: Low HP Warning |T3| Reason: 24% HP (49/204)
 59946 | Zot:2    | Danger: Low HP Warning |T3| Reason: 24% HP (50/204)
 59948 | Zot:2    | Danger: black draconian knight |T3| Reason: IMMINENT DEATH:
                  | Throw Icicle deals 75 damage, you have 54 HP!!
 59948 | Zot:2    | Danger: black draconian knight |T3| Reason: IMMINENT DEATH:
                  | Bolt of Cold deals 75 damage, you have 54 HP!!
 59948 | Zot:2    | Danger: Low HP Warning |T2| Reason: 26% HP (54/204)
 59954 | Zot:2    | Danger: Low HP Warning |T2| Reason: 31% HP (64/204)
 59955 | Zot:2    | Danger: Low HP Warning |T2| Reason: 27% HP (56/204)
 59956 | Zot:2    | Danger: Low HP Warning |T2| Reason: 27% HP (56/204)
 59957 | Zot:2    | Danger: Low HP Warning |T2| Reason: 28% HP (58/204)
 59958 | Zot:2    | Danger: Low HP Warning |T2| Reason: 28% HP (58/204)
 59959 | Zot:2    | Danger: Low HP Warning |T2| Reason: 28% HP (59/204)
 59960 | Zot:2    | Danger: Low HP Warning |T2| Reason: 29% HP (61/204)
 59961 | Zot:2    | Danger: Low HP Warning |T2| Reason: 30% HP (63/204)
 59962 | Zot:2    | Danger: Low HP Warning |T2| Reason: 31% HP (65/204)
 59963 | Zot:2    | Danger: Low HP Warning |T2| Reason: 32% HP (66/204)
 59964 | Zot:2    | Danger: Low HP Warning |T2| Reason: 33% HP (68/204)
 59965 | Zot:2    | Danger: Low HP Warning |T2| Reason: 34% HP (70/204)
 59966 | Zot:2    | Danger: Low HP Warning |T2| Reason: 35% HP (72/204)
 59967 | Zot:2    | Danger: Low HP Warning |T2| Reason: 36% HP (74/204)
 59968 | Zot:2    | Danger: Low HP Warning |T2| Reason: 33% HP (69/204)
 59969 | Zot:2    | Danger: Low HP Warning |T2| Reason: 34% HP (71/204)
 59970 | Zot:2    | Danger: Low HP Warning |T2| Reason: 35% HP (73/204)
 59971 | Zot:2    | Danger: Low HP Warning |T2| Reason: 36% HP (74/204)
 59972 | Zot:2    | Danger: Low HP Warning |T2| Reason: 37% HP (76/204)
 59973 | Zot:2    | Danger: Low HP Warning |T2| Reason: 37% HP (77/204)
 59974 | Zot:2    | Danger: Low HP Warning |T2| Reason: 38% HP (79/204)
 59975 | Zot:2    | Danger: Low HP Warning |T2| Reason: 39% HP (81/204)
 59976 | Zot:2    | Danger: Low HP Warning |T2| Reason: 40% HP (83/204)
 59977 | Zot:2    | Danger: Low HP Warning |T2| Reason: 36% HP (75/204)
 59978 | Zot:2    | Danger: Low HP Warning |T2| Reason: 37% HP (77/204)
 59979 | Zot:2    | Danger: Low HP Warning |T2| Reason: 32% HP (67/204)
 59980 | Zot:2    | Danger: Low HP Warning |T2| Reason: 33% HP (69/204)
 59981 | Zot:2    | Danger: Low HP Warning |T2| Reason: 34% HP (70/204)
 59982 | Zot:2    | Danger: Low HP Warning |T2| Reason: 35% HP (72/204)
 59983 | Zot:2    | Danger: Low HP Warning |T2| Reason: 36% HP (74/204)
 59984 | Zot:2    | Danger: Low HP Warning |T2| Reason: 37% HP (76/204)
 59985 | Zot:2    | Danger: Low HP Warning |T2| Reason: 38% HP (78/204)
 59986 | Zot:2    | Danger: Low HP Warning |T2| Reason: 38% HP (79/204)
 59987 | Zot:2    | Danger: Low HP Warning |T2| Reason: 39% HP (81/204)
 59988 | Zot:2    | Danger: red draconian scorcher |T3| Reason: Damnation in
                  | LOF, watch out!
 59988 | Zot:2    | Danger: red draconian scorcher |T3| Reason: Damnation
                  | (smite) in LOS, watch out!
 59988 | Zot:2    | Danger: Low HP Warning |T2| Reason: 40% HP (83/204)
 59989 | Zot:2    | Danger: red draconian scorcher |T3| Reason: Damnation in
                  | LOF, watch out!
 59989 | Zot:2    | Danger: red draconian scorcher |T3| Reason: Damnation
                  | (smite) in LOS, watch out!
 59989 | Zot:2    | Danger: Low HP Warning |T2| Reason: 41% HP (84/204)
 59990 | Zot:2    | Danger: red draconian scorcher |T3| Reason: Damnation in
                  | LOF, watch out!
 59990 | Zot:2    | Danger: red draconian scorcher |T3| Reason: Damnation
                  | (smite) in LOS, watch out!
 59990 | Zot:2    | Danger: Low HP Warning |T2| Reason: 42% HP (86/204)
 59991 | Zot:2    | Danger: red draconian scorcher |T3| Reason: Damnation in
                  | LOF, watch out!
 59991 | Zot:2    | Danger: red draconian scorcher |T3| Reason: Damnation
                  | (smite) in LOS, watch out!
 59991 | Zot:2    | Danger: Low HP Warning |T2| Reason: 43% HP (88/204)
 59992 | Zot:2    | Danger: red draconian scorcher |T3| Reason: Damnation in
                  | LOF, watch out!
 59992 | Zot:2    | Danger: red draconian scorcher |T3| Reason: Damnation
                  | (smite) in LOS, watch out!
 59992 | Zot:2    | Danger: Low HP Warning |T2| Reason: 44% HP (90/204)
 59994 | Zot:2    | Danger: red draconian scorcher |T3| Reason: Damnation in
                  | LOF, watch out!
 59994 | Zot:2    | Danger: red draconian scorcher |T3| Reason: Damnation
                  | (smite) in LOS, watch out!
 59994 | Zot:2    | Danger: Low HP Warning |T2| Reason: 45% HP (93/204)
 59995 | Zot:2    | Danger: Low HP Warning |T2| Reason: 46% HP (95/204)
 59996 | Zot:2    | Danger: Low HP Warning |T2| Reason: 46% HP (95/204)
 59997 | Zot:2    | Danger: Low HP Warning |T2| Reason: 47% HP (96/204)
 59998 | Zot:2    | Danger: Low HP Warning |T2| Reason: 44% HP (91/204)
 59999 | Zot:2    | Danger: Low HP Warning |T2| Reason: 45% HP (93/204)
 60000 | Zot:2    | Danger: Low HP Warning |T2| Reason: 46% HP (94/204)
 60001 | Zot:2    | Danger: Low HP Warning |T2| Reason: 45% HP (92/204)
 60002 | Zot:2    | Danger: Low HP Warning |T2| Reason: 46% HP (94/204)
 60003 | Zot:2    | Danger: Low HP Warning |T2| Reason: 46% HP (95/204)
 60004 | Zot:2    | Danger: Low HP Warning |T2| Reason: 47% HP (97/204)
 60005 | Zot:2    | Danger: Low HP Warning |T2| Reason: 48% HP (99/204)
 60006 | Zot:2    | Danger: Low HP Warning |T2| Reason: 49% HP (101/204)
 60007 | Zot:2    | Danger: Low HP Warning |T2| Reason: 50% HP (102/204)
 60008 | Zot:2    | Danger: Low HP Warning |T2| Reason: 50% HP (104/204)
 60009 | Zot:2    | Danger: Low HP Warning |T2| Reason: 51% HP (106/204)
 60010 | Zot:2    | Danger: Low HP Warning |T2| Reason: 50% HP (104/204)
 60011 | Zot:2    | Danger: Low HP Warning |T2| Reason: 51% HP (106/204)
 60012 | Zot:2    | Danger: Low HP Warning |T2| Reason: 52% HP (108/204)
 60013 | Zot:2    | Danger: Low HP Warning |T2| Reason: 53% HP (110/204)
 60015 | Zot:2    | Danger: red draconian scorcher |T3| Reason: wielding holy
                  | wrath while unholy, watch out!!
 60015 | Zot:2    | Danger: red draconian scorcher |T3| Reason: Damnation in
                  | LOF, watch out!
 60015 | Zot:2    | Danger: red draconian scorcher |T3| Reason: Damnation
                  | (smite) in LOS, watch out!
 60015 | Zot:2    | Danger: Low HP Warning |T2| Reason: 55% HP (114/204)
 60016 | Zot:2    | Danger: red draconian scorcher |T3| Reason: wielding holy
                  | wrath while unholy, watch out!!
 60016 | Zot:2    | Danger: red draconian scorcher |T3| Reason: Damnation in
                  | LOF, watch out!
 60016 | Zot:2    | Danger: red draconian scorcher |T3| Reason: Damnation
                  | (smite) in LOS, watch out!
 60016 | Zot:2    | Danger: Low HP Warning |T2| Reason: 56% HP (116/204)
 60017 | Zot:2    | Danger: red draconian scorcher |T3| Reason: wielding holy
                  | wrath while unholy, watch out!!
 60017 | Zot:2    | Danger: red draconian scorcher |T3| Reason: Damnation in
                  | LOF, watch out!
 60017 | Zot:2    | Danger: red draconian scorcher |T3| Reason: Damnation
                  | (smite) in LOS, watch out!
 60017 | Zot:2    | Danger: Low HP Warning |T2| Reason: 57% HP (118/204)
 60018 | Zot:2    | Danger: red draconian scorcher |T3| Reason: wielding holy
                  | wrath while unholy, watch out!!
 60018 | Zot:2    | Danger: red draconian scorcher |T3| Reason: Damnation in
                  | LOF, watch out!
 60018 | Zot:2    | Danger: red draconian scorcher |T3| Reason: Damnation
                  | (smite) in LOS, watch out!
 60018 | Zot:2    | Danger: Low HP Warning |T2| Reason: 58% HP (120/204)
 60021 | Zot:2    | Danger: yellow draconian annihilator |T2| Reason: Lightning
                  | Bolt and no rElec
 60021 | Zot:2    | Danger: yellow draconian annihilator |T2| Reason: Lehudib's
                  | Crystal Spear deals more than 50% MHP!
 60033 | Zot:2    | Danger: yellow draconian annihilator |T2| Reason: Lightning
                  | Bolt and no rElec
 60033 | Zot:2    | Danger: yellow draconian annihilator |T2| Reason: Lehudib's
                  | Crystal Spear deals more than 50% MHP!
 60047 | Zot:2    | Danger: red draconian scorcher |T3| Reason: Damnation in
                  | LOF, watch out!
 60047 | Zot:2    | Danger: red draconian scorcher |T3| Reason: Damnation
                  | (smite) in LOS, watch out!
 60048 | Zot:2    | Danger: red draconian scorcher |T3| Reason: Damnation in
                  | LOF, watch out!
 60048 | Zot:2    | Danger: red draconian scorcher |T3| Reason: Damnation
                  | (smite) in LOS, watch out!
 60049 | Zot:2    | Danger: red draconian scorcher |T3| Reason: Damnation in
                  | LOF, watch out!
 60049 | Zot:2    | Danger: red draconian scorcher |T3| Reason: Damnation
                  | (smite) in LOS, watch out!
 60051 | Zot:2    | Danger: red draconian scorcher |T3| Reason: Damnation in
                  | LOF, watch out!
 60051 | Zot:2    | Danger: red draconian scorcher |T3| Reason: Damnation
                  | (smite) in LOS, watch out!
 60052 | Zot:2    | Danger: red draconian scorcher |T3| Reason: Damnation in
                  | LOF, watch out!
 60052 | Zot:2    | Danger: red draconian scorcher |T3| Reason: Damnation
                  | (smite) in LOS, watch out!
 60054 | Zot:2    | Danger: red draconian scorcher |T3| Reason: Damnation in
                  | LOF, watch out!
 60054 | Zot:2    | Danger: red draconian scorcher |T3| Reason: Damnation
                  | (smite) in LOS, watch out!
 60056 | Zot:2    | Danger: red draconian scorcher |T3| Reason: Damnation in
                  | LOF, watch out!
 60056 | Zot:2    | Danger: red draconian scorcher |T3| Reason: Damnation
                  | (smite) in LOS, watch out!
 60057 | Zot:2    | Danger: red draconian scorcher |T3| Reason: Damnation in
                  | LOF, watch out!
 60057 | Zot:2    | Danger: red draconian scorcher |T3| Reason: Damnation
                  | (smite) in LOS, watch out!
 60058 | Zot:2    | Danger: red draconian scorcher |T3| Reason: Damnation in
                  | LOF, watch out!
 60058 | Zot:2    | Danger: red draconian scorcher |T3| Reason: Damnation
                  | (smite) in LOS, watch out!
 60059 | Zot:2    | Danger: red draconian scorcher |T3| Reason: Damnation in
                  | LOF, watch out!
 60059 | Zot:2    | Danger: red draconian scorcher |T3| Reason: Damnation
                  | (smite) in LOS, watch out!
 60087 | Zot:2    | Reached skill level 26 in Unarmed Combat
 60087 | Zot:2    | Danger: red draconian scorcher |T3| Reason: Damnation in
                  | LOF, watch out!
 60087 | Zot:2    | Danger: red draconian scorcher |T3| Reason: Damnation
                  | (smite) in LOS, watch out!
 60088 | Zot:2    | Danger: red draconian scorcher |T3| Reason: Damnation in
                  | LOF, watch out!
 60088 | Zot:2    | Danger: red draconian scorcher |T3| Reason: Damnation
                  | (smite) in LOS, watch out!
 60089 | Zot:2    | Danger: red draconian scorcher |T3| Reason: Damnation in
                  | LOF, watch out!
 60089 | Zot:2    | Danger: red draconian scorcher |T3| Reason: Damnation
                  | (smite) in LOS, watch out!
 60091 | Zot:2    | Danger: red draconian scorcher |T3| Reason: Damnation in
                  | LOF, watch out!
 60091 | Zot:2    | Danger: red draconian scorcher |T3| Reason: Damnation
                  | (smite) in LOS, watch out!
 60252 | Zot:2    | Danger: storm dragon |T2| Reason: Lightning Bolt and no
                  | rElec
 60318 | Zot:2    | Danger: storm dragon |T2| Reason: Lightning Bolt and no
                  | rElec
 60546 | Zot:2    | Danger: yellow draconian annihilator |T2| Reason: Lightning
                  | Bolt and no rElec
 60546 | Zot:2    | Danger: yellow draconian annihilator |T2| Reason: Lehudib's
                  | Crystal Spear deals more than 50% MHP!
 60546 | Zot:2    | Danger: yellow draconian annihilator |T2| Reason: Lightning
                  | Bolt and no rElec
 60546 | Zot:2    | Danger: yellow draconian annihilator |T2| Reason: Lehudib's
                  | Crystal Spear deals more than 50% MHP!
 60551 | Zot:2    | Danger: yellow draconian annihilator |T2| Reason: Lightning
                  | Bolt and no rElec
 60551 | Zot:2    | Danger: yellow draconian annihilator |T2| Reason: Lehudib's
                  | Crystal Spear deals more than 50% MHP!
 60563 | Zot:2    | Danger: yellow draconian annihilator |T2| Reason: Lightning
                  | Bolt and no rElec
 60563 | Zot:2    | Danger: yellow draconian annihilator |T2| Reason: Lehudib's
                  | Crystal Spear deals more than 50% MHP!
 60567 | Zot:2    | Danger: yellow draconian annihilator |T2| Reason: Lightning
                  | Bolt and no rElec
 60567 | Zot:2    | Danger: yellow draconian annihilator |T2| Reason: Lehudib's
                  | Crystal Spear deals more than 50% MHP!
 60569 | Zot:2    | Danger: yellow draconian annihilator |T2| Reason: Lightning
                  | Bolt and no rElec
 60569 | Zot:2    | Danger: yellow draconian annihilator |T2| Reason: Lehudib's
                  | Crystal Spear deals more than 50% MHP!
 60630 | Zot:2    | Danger: yellow draconian |T3| Reason: wielding holy wrath
                  | while unholy, watch out!!
 60631 | Zot:2    | Danger: yellow draconian |T3| Reason: wielding holy wrath
                  | while unholy, watch out!!
 60632 | Zot:2    | Danger: yellow draconian |T3| Reason: wielding holy wrath
                  | while unholy, watch out!!
 60633 | Zot:2    | Danger: storm dragon |T2| Reason: Lightning Bolt and no
                  | rElec
 60633 | Zot:2    | Danger: yellow draconian |T3| Reason: wielding holy wrath
                  | while unholy, watch out!!
 60635 | Zot:2    | Danger: yellow draconian |T3| Reason: wielding holy wrath
                  | while unholy, watch out!!
 60635 | Zot:2    | Danger: Low HP Warning |T2| Reason: 60% HP (123/204)
 60637 | Zot:2    | Danger: yellow draconian |T3| Reason: wielding holy wrath
                  | while unholy, watch out!!
 60637 | Zot:2    | Danger: Low HP Warning |T2| Reason: 42% HP (86/204)
 60638 | Zot:2    | Danger: Low HP Warning |T2| Reason: 43% HP (89/204)
 60639 | Zot:2    | Danger: Low HP Warning |T2| Reason: 44% HP (91/204)
 60640 | Zot:2    | Danger: yellow draconian |T3| Reason: wielding holy wrath
                  | while unholy, watch out!!
 60640 | Zot:2    | Danger: Low HP Warning |T2| Reason: 46% HP (94/204)
 60641 | Zot:2    | Danger: storm dragon |T2| Reason: Lightning Bolt and no
                  | rElec
 60641 | Zot:2    | Danger: yellow draconian |T3| Reason: wielding holy wrath
                  | while unholy, watch out!!
 60641 | Zot:2    | Danger: Low HP Warning |T2| Reason: 47% HP (97/204)
 60642 | Zot:2    | Danger: yellow draconian |T3| Reason: wielding holy wrath
                  | while unholy, watch out!!
 60642 | Zot:2    | Danger: Low HP Warning |T2| Reason: 49% HP (100/204)
 60643 | Zot:2    | Danger: storm dragon |T2| Reason: Lightning Bolt and no
                  | rElec
 60643 | Zot:2    | Danger: yellow draconian |T3| Reason: wielding holy wrath
                  | while unholy, watch out!!
 60643 | Zot:2    | Danger: Low HP Warning |T2| Reason: 50% HP (103/204)
 60644 | Zot:2    | Danger: Low HP Warning |T2| Reason: 51% HP (106/204)
 60645 | Zot:2    | Danger: Low HP Warning |T2| Reason: 53% HP (109/204)
 60646 | Zot:2    | Danger: Low HP Warning |T2| Reason: 50% HP (102/204)
 60647 | Zot:2    | Danger: Low HP Warning |T2| Reason: 30% HP (62/204)
 60648 | Zot:2    | Danger: Low HP Warning |T2| Reason: 31% HP (65/204)
 60649 | Zot:2    | Danger: Low HP Warning |T2| Reason: 33% HP (68/204)
 60650 | Zot:2    | Danger: yellow draconian |T3| Reason: wielding holy wrath
                  | while unholy, watch out!!
 60650 | Zot:2    | Danger: Low HP Warning |T2| Reason: 33% HP (69/204)
 60651 | Zot:2    | Danger: yellow draconian |T3| Reason: wielding holy wrath
                  | while unholy, watch out!!
 60651 | Zot:2    | Danger: Low HP Warning |T2| Reason: 34% HP (71/204)
 60652 | Zot:2    | Danger: storm dragon |T3| Reason: IMMINENT DEATH: Lightning
                  | Bolt deals 57 damage, you have 34 HP!!
 60652 | Zot:2    | Danger: yellow draconian |T3| Reason: wielding holy wrath
                  | while unholy, watch out!!
 60652 | Zot:2    | Danger: Low HP Warning |T3| Reason: 16% HP (34/204)
 60653 | Zot:2    | Danger: storm dragon |T3| Reason: IMMINENT DEATH: Lightning
                  | Bolt deals 57 damage, you have 37 HP!!
 60653 | Zot:2    | Danger: yellow draconian |T3| Reason: wielding holy wrath
                  | while unholy, watch out!!
 60653 | Zot:2    | Danger: Low HP Warning |T3| Reason: 18% HP (37/204)
 60654 | Zot:2    | Danger: storm dragon |T3| Reason: IMMINENT DEATH: Lightning
                  | Bolt deals 57 damage, you have 40 HP!!
 60654 | Zot:2    | Danger: yellow draconian |T3| Reason: wielding holy wrath
                  | while unholy, watch out!!
 60654 | Zot:2    | Danger: Low HP Warning |T3| Reason: 19% HP (40/204)
 60655 | Zot:2    | Danger: storm dragon |T3| Reason: IMMINENT DEATH: Lightning
                  | Bolt deals 57 damage, you have 43 HP!!
 60655 | Zot:2    | Danger: yellow draconian |T3| Reason: wielding holy wrath
                  | while unholy, watch out!!
 60655 | Zot:2    | Danger: Low HP Warning |T3| Reason: 21% HP (43/204)
 60656 | Zot:2    | Danger: storm dragon |T3| Reason: IMMINENT DEATH: Lightning
                  | Bolt deals 57 damage, you have 45 HP!!
 60656 | Zot:2    | Danger: Low HP Warning |T3| Reason: 22% HP (45/204)
 60657 | Zot:2    | Danger: storm dragon |T3| Reason: IMMINENT DEATH: Lightning
                  | Bolt deals 57 damage, you have 48 HP!!
 60657 | Zot:2    | Danger: Low HP Warning |T3| Reason: 23% HP (48/204)
 61164 | Zot:2    | Danger: yellow draconian |T3| Reason: wielding holy wrath
                  | while unholy, watch out!!
 61165 | Zot:2    | Danger: yellow draconian |T3| Reason: wielding holy wrath
                  | while unholy, watch out!!
 61166 | Zot:2    | Danger: yellow draconian |T3| Reason: wielding holy wrath
                  | while unholy, watch out!!
 61167 | Zot:2    | Danger: yellow draconian |T3| Reason: wielding holy wrath
                  | while unholy, watch out!!
 61168 | Zot:2    | Danger: yellow draconian |T3| Reason: wielding holy wrath
                  | while unholy, watch out!!
 61169 | Zot:2    | Danger: yellow draconian |T3| Reason: wielding holy wrath
                  | while unholy, watch out!!
 61170 | Zot:2    | Danger: yellow draconian |T3| Reason: wielding holy wrath
                  | while unholy, watch out!!
 61171 | Zot:2    | Danger: yellow draconian |T3| Reason: wielding holy wrath
                  | while unholy, watch out!!
 61172 | Zot:2    | Danger: yellow draconian |T3| Reason: wielding holy wrath
                  | while unholy, watch out!!
 61231 | Zot:2    | Danger: storm dragon |T2| Reason: Lightning Bolt and no
                  | rElec
 61233 | Zot:2    | Danger: yellow draconian annihilator |T2| Reason: Lightning
                  | Bolt and no rElec
 61233 | Zot:2    | Danger: yellow draconian annihilator |T2| Reason: Lehudib's
                  | Crystal Spear deals more than 50% MHP!
 61238 | Zot:2    | Danger: yellow draconian annihilator |T2| Reason: Lightning
                  | Bolt and no rElec
 61238 | Zot:2    | Danger: yellow draconian annihilator |T2| Reason: Lehudib's
                  | Crystal Spear deals more than 50% MHP!
 61243 | Zot:2    | Danger: yellow draconian annihilator |T2| Reason: Lightning
                  | Bolt and no rElec
 61243 | Zot:2    | Danger: yellow draconian annihilator |T2| Reason: Lehudib's
                  | Crystal Spear deals more than 50% MHP!
 61250 | Zot:2    | Danger: yellow draconian annihilator |T2| Reason: Lightning
                  | Bolt and no rElec
 61250 | Zot:2    | Danger: yellow draconian annihilator |T2| Reason: Lehudib's
                  | Crystal Spear deals more than 50% MHP!
 62144 | Zot:3    | Danger: storm dragon |T2| Reason: Lightning Bolt and no
                  | rElec
 62391 | Zot:3    | Danger: yellow draconian annihilator |T2| Reason: Lightning
                  | Bolt and no rElec
 62391 | Zot:3    | Danger: yellow draconian annihilator |T2| Reason: Lehudib's
                  | Crystal Spear deals more than 50% MHP!
 62396 | Zot:3    | Danger: yellow draconian annihilator |T2| Reason: Lightning
                  | Bolt and no rElec
 62396 | Zot:3    | Danger: yellow draconian annihilator |T2| Reason: Lehudib's
                  | Crystal Spear deals more than 50% MHP!
 62424 | Zot:3    | Danger: yellow draconian annihilator |T2| Reason: Lightning
                  | Bolt and no rElec
 62424 | Zot:3    | Danger: yellow draconian annihilator |T2| Reason: Lehudib's
                  | Crystal Spear deals more than 50% MHP!
 62903 | Zot:4    | Danger: yellow draconian annihilator |T2| Reason: Lightning
                  | Bolt and no rElec
 62903 | Zot:4    | Danger: yellow draconian annihilator |T2| Reason: Lehudib's
                  | Crystal Spear deals more than 50% MHP!
 62914 | Zot:4    | Danger: yellow draconian annihilator |T2| Reason: Lightning
                  | Bolt and no rElec
 62914 | Zot:4    | Danger: yellow draconian annihilator |T2| Reason: Lehudib's
                  | Crystal Spear deals more than 50% MHP!
 62919 | Zot:4    | Danger: yellow draconian annihilator |T2| Reason: Lightning
                  | Bolt and no rElec
 62919 | Zot:4    | Danger: yellow draconian annihilator |T2| Reason: Lehudib's
                  | Crystal Spear deals more than 50% MHP!
 62928 | Zot:4    | Danger: yellow draconian annihilator |T2| Reason: Lightning
                  | Bolt and no rElec
 62928 | Zot:4    | Danger: yellow draconian annihilator |T2| Reason: Lehudib's
                  | Crystal Spear deals more than 50% MHP!
 62936 | Zot:4    | Danger: Low HP Warning |T2| Reason: 43% HP (89/204)
 62937 | Zot:4    | Danger: Low HP Warning |T2| Reason: 44% HP (91/204)
 62939 | Zot:4    | Danger: Low HP Warning |T2| Reason: 42% HP (87/204)
 62940 | Zot:4    | Danger: Low HP Warning |T3| Reason: 17% HP (35/204)
 62941 | Zot:4    | Danger: Low HP Warning |T3| Reason: 18% HP (38/204)
 62941 | Zot:4    | Killed from afar by a black draconian knight

Illustrated notes ##### #...########## ###.#..........######### ......########.........# ###.)## ###.##.##.# ###..# #<##.##.# .....# #....##.# .##.## #.#####.# .##.# #@#####.# ....# ####### #.......# ##.## #.....# #.####### ....###.....# #.### ............# #...# #...#.#.....# ###.# ....#.#.....# #.# ##......##### #.# ....#>#.# #.# Turn 2516 on D:2: :Crawl TODO: change displayed stealth pips based on halo? #.......##...#...#..... ##..........##......... ###.#....#.........##. ##...###........#### ####....#.##.###....### #....................#. #....J..##............. #.......#.............# ###.##.@u.............## #...#..###.............. ###.....................## ##.........u.......###..### #####.##.P.PP....P.....##..##.J #..#.....k.............J....##. ###.......H..P...........#....... .###...#......._........###..##.. ......###..........P.....##...... Turn 8050 on D:9: :what the heck #≈............#####....#≈ #≈...≈≈≈≈≈≈J≈≈....##...#≈ ##≈..≈≈.......≈≈≈.⌠.#...#≈ ##≈≈....≈≈≈≈≈≈≈..≈≈..#...#≈ ##≈≈...≈≈≈.....≈≈≈.≈≈.#⌠..#≈ #≈≈⌠..≈≈..≈≈≈≈≈..≈≈.≈.##..#≈ #≈≈..≈≈.≈≈≈...≈≈≈.≈.≈≈.#..## #≈...≈.≈≈..⌠.⌠..≈.≈≈.≈.#..'. #≈...≈...J.@∩∩..≈....≈.#..'. #≈...≈.≈≈..⌠.⌠..≈.≈≈.≈.#..'. #≈≈..≈≈.≈≈≈...≈≈≈.≈.≈≈.#..## #≈≈⌠..≈≈..≈≈≈≈≈..≈≈.≈.##..#≈ ##≈≈...≈≈≈.....≈≈≈.≈≈.#⌠..#≈ ##≈≈....≈≈≈≈≈≈≈..≈≈..#...#≈ ##≈..≈≈.......≈≈≈.⌠.#...#≈ #≈...≈≈≈≈≈≈≈≈≈....##...#≈ #≈............#####....#≈ Turn 8714 on Bailey: :jellies ate my homework #### #### #... #..# ################... #..# #.@..............## #..#####..###...........# ###.........# #.≈~~~~~~...# #...........# #.~#####~...# #...........###.~#...#~...## #...........##..~#.∩.#~..... #...J.......#...≈#...#~.###. #..J........#.#.≈##)##~.# #. ###.............~~≈~~≈~.# #. Turn 9438 on D:10: :h o l y P.#.........# P.#.........# ....).......# ............# P..P........# .PPP.....<>.# PPP...SJ....# P.....†@....# ..P....h....# .PP...†.....# PP..P.......# ..P.........# PPP.........#### P...........#..# ............#J. #### ............#.##...# Turn 10036 on D:11: :you go, urug ...........#..#..#..†#'# ...........#..#..#...#.. ..#....#..#..#..#...#.. #....#..#..#####..### #....#..#..#......... #....#######......... #....# #......... #.J..# ########## #...@# #....# #....+ #....# #....# #....# #....# #....# #....# Turn 10221 on D:11: :J is pretty broken #...#........... #..##.##........ #..## #####.... #..P ###P. ##.### ##. #....### ## ##......#### ##.###......#### #@## #####.....### #†.# ###...... #..P# ##.##.. #.### ###### .. ####. ..# ##..#. #.P #..... ..# ##..... ####...... Turn 12617 on Lair:1: :F my curare .. #..### . #....###.. ##. #....#.... #..##.....#... ###.......#.... #.............. #....l......... #@.P....#. #P....#... .#.P.#. ##..##.... ...P... #..#..... ....... ###.......# ....... ####...?..#.#.#....... #..#.......###........ #......P..........#... #....####............. Turn 14053 on Lair:3: :s k y s h o r k ...# ##...........# ...# #............## ...## ##....>.......# ....####....<.......# ....................# ...................## #........##.#......# #........#####.....# ........#.# #J.@..## #.###.#.### #......# ### ###### ##......# #..####......## #.............# ##...........## #...........# ##...........# ###............# Turn 15682 on Lair:4: :wanpanman ..## #........P###.##P# #... ...######.........# ###### #... ..##..P.#.........## #... ......P..........#.# ##... .........####....####### #.... .........###.....#..#..## ##... ..........#.............# ##... ####.P######............## #.... # #### ##...@........# ###... ##............###.#... #............#.#...... ####..#J.............. ###................ #................ ##............... ######........#.###... #.#.........###.# #... Turn 15758 on Lair:4: :hmmmm #''####.#................. 8..8##8.#................. ....#8..'................. ....#J⌠.'................. .([.#8J.'................. 8)$8##8.#........#........ #######.#.......##........ ##8.!8##.#...............#. #......#.#@...P.........#.. #......#.#♣Y............... #.....##.#........#........ ##....#..#.....J####....... ##'####.##......# #........ #...#..P#♣.....<###........ #..P#.###........#......... #..##.##................... #..#.P##................... Turn 17361 on Lair:5: :asdfg ##.##...#####.##<## ##...#...##........#### ....>.................' ##.>.##.###)##.....#### ##.###.# #.####...# ### #.# #.####.#.# #.# #........# ####.# ######.### #[...# #@# #.#### #D# #.# .D# #.# ##.# #.# ... #.# .## ####.# . .....# .. ###### Turn 19684 on D:14: :hmmmmm .......#♣P....♣#######.......# .J.....#♣.∩.⌠.∩..............# #...##.#♣.....♣#######.......# #...##.#♣♣.∩.P♣ #.......# #....#.##♣♣...♣ #.......# ........##♣♣♣♣♣ ###...J...# #......<.####### #.........# .....#.........#####.#.......# .#...........N..@....#.####### .#...........N.#######.# ....##...>........## #.# ........#########..###.# ##....### ###....### ##.#.### ##########....# ##.#...#####......# ####.##### ...###....##.....J# #.....# .......#####..#...# ##....# Turn 25150 on Snake:2: :oh what am i doing theyre nagas i can walk # ..##### ##### #.#...## #...# ##.#..<.# #...### ####..#....###.....# #.........SN@).<.### #.........N#####.# #.......##.# #.# ...#....##... #.# #. #....##....##.# #N..[#.....##.# [.[...#.######.. .....###. .. #$N... Turn 25297 on Snake:3: :FR: faith stacking ...~~.##.~~~~ ....~~...~~~~~ .. ..~..~~.~~...... .# # ~~.......~~..... .# .# .~~.......~~...# .###... .~~~~~.~~~....# ....~~. ~~~~~~~~~~...####..!.~~. ~~~....~~..# #.......~.. ~~........)###..@....... ~....................... ~..~~~..............~..~ ...~~~...##.....~...k..~ ...~~~~..###...........~ .....~~...............~~ .....................~.. ..##..................~. #####.####............ Turn 28583 on Shoals:1: :ooh ≈≈≈≈≈≈≈≈≈≈≈≈≈≈≈≈≈≈≈≈≈≈~~~PP ≈≈≈≈≈≈≈≈~~~≈≈≈≈≈~~~≈≈~~~..P ≈≈≈≈≈≈~~~~~~~~~~~~~~~~~.... ≈≈≈≈≈~~~~~.~~~~.~~.~~~~P# ≈≈≈≈≈~~~~~..~~~..~..~~.## ≈≈≈≈~~~.....PPP~~~~~~~~.# ≈≈≈≈~~..###..P~P~~~≈≈≈~.## ≈≈≈≈~~..###..~PP~~~~≈≈~~.# ≈≈≈≈≈~..##@>.....~~~~≈≈~~## ≈≈≈≈≈≈~~..........~~~~≈≈≈.. ≈≈≈≈≈≈≈~.mmm......~~.~≈≈≈~~ ≈≈≈≈≈≈~~~.Hm.##..~~~~~≈≈≈≈≈ ≈≈≈≈≈~~~~.m.##..~~~≈≈≈≈≈≈≈≈ ≈≈≈≈≈~~~~...m...~~≈≈≈≈≈≈≈≈≈ ~≈≈≈≈~~~~[~~...~~~~~~~≈≈≈≈≈ ~~≈≈≈≈≈~~~~~...~~~~..~≈≈≈≈≈ ~~≈≈≈≈~.~~.~~≈~...~~~≈≈≈≈≈ Turn 29738 on Shoals:2: :bleh ~~~~~~~... .....~~...... .....~~~.....~ ......~~~~~~~~ ......~~~~ ~~~### ## ).....~~~~ #~~###~## ........~~ #~~~≈~~~# ........~~ ##@#~#~## ........~≈≈ ##≈@|~≈# .....~.~~≈≈. #))#~#~## ..~~~~≈≈≈≈≈. #~~†≈~~~# ###~~~≈≈≈≈≈.##~)###~## ≈≈#~~≈≈≈≈≈≈≈§~####### ≈≈#~~~≈≈≈≈≈≈≈~.~~#~##. ~~#~~~~≈≈≈≈≈~~........ .~#.~~~~≈≈J≈~~........ .~#..~~~≈≈≈≈~~........~~~~~~~~ Turn 32073 on Shoals:4: :fug

........~~~~~~##.~###~###~~~~~~≈≈
.........~~~≈~##~~~≈~~~#~~d~~~≈≈≈
..........~~≈~###~#~#~###~~~~~≈≈≈
..........~≈≈~###≈~~~≈# #~~~~≈≈≈≈
......~~.~~≈≈~##~~#~#~###~~~~≈≈≈≈
....~~~~≈≈≈≈≈~##~~~≈~~~##~~~~≈≈≈≈
#####~~~≈≈≈≈≈.##~~###~###.~~~≈≈≈≈
≈#≈≈#~~≈≈≈≈≈≈≈..#######..~~~~≈≈≈≈
≈#≈≈#~~~≈≈≈≈≈≈≈.@~~#~##..~~~~~≈≈≈
.#~~#~~~~≈≈≈≈≈~~.J.....†.~~~~~≈≈≈
...~#~~~~~≈≈≈≈~..........†~~~~~≈≈
...~#~~~~~≈≈≈≈~.........~~~~~~~~≈
##..#~~~~~~≈≈≈~~.......~~~~~~~~~≈
≈...#~~~.~~~~~~.......~~~~~~~~~~≈
≈.....~~.~~~~~.......~≈≈≈≈@~~~~~≈
###...~~~............~≈≈≈≈~~~~~~≈
......~~~~~..........~≈≈≈≈~~~~~~≈


Turn 32342 on Shoals:4: :oh, wow ###+#+############# ..................#
..................# ..................# ..................+ ..................#
###+#+#######.....# #.....# #..T@J# #..pTT# #..T..# #c..c.# #...p.# #W....#
#.....# #..p..' #.....# Turn 37898 on Vaults:3: :fug .............##....#
############ ......#......##....# #<.......... #####........##....# #########.##
#..###.......##....# #..... #..)##.......##....# #.#..# #....#.......##....#
#.#..# '....##......###.### ######.#### ##########....##...# ##.........#
'....#..#####...@#.###.......##.# #....#...## ##.....#.........##.# #....#....#
#.#.###.#.J####.##.# #....)....####.#...#.........##.#
###########....#.#.############.# .....'.........#.........JJJJ....
.....#.........#...############## .JJ..#.........#...### .....#......<........#
Turn 43868 on Depths:2: :afk #.... ..#)# #.#)# #.#.# #.#.### #.dd..+ ###D### #{#
#@# #.# ... ##.## ..# ... ### Turn 59918 on Zot:2: :asdfg

Levels and vault maps discovered:
D:1:      lemuel_arrival_hallway, layout_loops_ring, serial_forest,
          infiniplex_forest_clump_medium, infiniplex_forest_clump_double,
          infiniplex_forest_clump_curved, infiniplex_forest_clump_curved,
          infiniplex_forest_clump_cross, serial_shops, shop_statue, hex_large,
          palyth_stone_intersect, minmay_misc_feat_more_columns,
          grunt_decor_junction, chequers_serial_rivers_small_b
D:2:      layout_loops_cross
D:3:      layout_basic, mainiacjoe_overflow_alcove_2, gammafunk_ghost_grave,
          serial_glass, glass_columns_c, glass_columns_c, glass_columns_b,
          glass_columns_c, glass_columns_c, glass_columns_b, glass_columns_a,
          glass_columns_b, glass_columns_a, glass_columns_b, glass_columns_c,
          glass_columns_a, glass_columns_a, glass_columns_c
D:4:      layout_basic, gup_sewer_entry_bubbles
D:5:      layout_basic, uniq_edmund
D:6:      layout_rooms
D:7:      layout_basic, mainiacjoe_overflow_swirl,
          mainiacjoe_overflow_concentric_impassable,
          minmay_temple_entry_butterflies, minmay_manual_mess
D:8:      minmay_thinvault, layout_gridville, uniq_pikel, uniq_grum,
          uniq_gastronok, uniq_erica
D:9:      layout_cave_pools, mainiacjoe_overflow_alcove_4,
          mainiacjoe_overflow_cross_hatched, mainiacjoe_overflow_alcove_1,
          grunt_tough_drop
D:10:     cheibrodos_fzero, layout_irregular_city, enter_bailey_3, serial_shops,
          shop, minmay_misc_feat_plants, uniq_snorg
D:11:     dreamdust_isle_of_ice, layout_grid_maze, due_lair_maze_entry_diamond,
          st_stairs_4, nicolae_shop_distant_corner_stores, uniq_erolcha,
          uniq_nergalle, uniq_urug, uniq_amaemon
D:12:     layout_roguey, bloody_trog
D:13:     layout_basic, david_vaults_4, small_statue_intersection
D:14:     layout_loops_corners, roderic_lattice_a, minivault_28
D:15:     grunt_enter_depths_magical_seal, layout_loops_ring, fountainhead,
          st_stairs_7, minivault_24
Lair:1:   layout_cave_pods, lemuel_fruit_tree, uniq_sonja
Lair:2:   layout_misc_corridors
Lair:3:   layout_misc_corridors, elwin_shoals_entry_stream,
          nicolae_snake_entry_warm_welcome, grunt_megastairs_5
Lair:4:   layout_cellular_growth
Lair:5:   due_jungle_book, layout_cave_shapes, minmay_slime_entry_jelly_boxes
Shoals:1: layout_shoals, nicolae_shoals_cliffside_cave,
          hangedman_shoals_cup_caves, uniq_jorgrun, uniq_kirke, uniq_donald
Shoals:2: layout_shoals, lemuel_centaur_altar
Shoals:3: layout_shoals, serial_shops, nicolae_take_the_stairs, uniq_ilsuiw
Shoals:4: shoals_end_grunt_ice, layout_shoals, shoals_ilsuiw_ice, serial_shops,
          nicolae_shop_behind_doors, nicolae_shoals_water_booths,
          uniq_bai_suzhen, uniq_louise
Snake:1:  nicolae_snake_attic_fulla_snakes, layout_basic,
          hellmonk_ghost_happy_afterlife, serial_shops, shop, drop_trap,
          nicolae_snake_slithery_hallway
Snake:2:  layout_rooms, nicolae_snake_storage_room, minmay_shop_grove,
          uniq_asterion
Snake:3:  cheibrodos_forgotten_conduit, layout_misc_corridors,
          nicolae_large_snake_swirl
Snake:4:  johnstein_snake_rune_scales, layout_misc_corridors, special_room,
          hangedman_snake_corridor_split, minmay_shoptagon
Slime:1:  layout_caves
Slime:2:  layout_caves, basic_altar
Slime:3:  layout_caves
Slime:4:  cheibrodos_slime_lost_civilization_2, layout_caves
Slime:5
Orc:1:    layout_caves, gammafunk_ghost_wrathful_warriors
Orc:2:    grunt_orc_gardens, layout_diamond_mine, grunt_orc_garden,
          grunt_orc_garden, grunt_orc_garden, grunt_orc_garden, basic_altar,
          uniq_maurice
Elf:1:    layout_loops_corners, hangedman_elven_crosses_minicolossus
Elf:2:    elven_hall_of_blades_hangedman_original [nicolae_blade_little_rooms],
          layout_gridlike
Elf:3:    minmay_elf_hall_circle, layout_geoelf_octagon,
          portal_ice_cave_entry_ice_statue_two, serial_shops,
          nicolae_shop_window_shopping, hangedman_summoners_spam, uniq_nikola
Vaults:1: dpeg_vaults_waves, vaults_room_ringed_pool, v_alt_pattern_3,
          v_misc_32, nicolae_vaults_asterisk, nicolae_vaults_network_square,
          hangedman_vaults_locks, v_pattern_2, v_misc_9, hangedman_vaults_trim,
          hangedman_vaults_impose, v_alt_pattern_1, vaults_mumra_lcd,
          layout_vaults_big_cross
Vaults:2: st_squares, grunt_vaults_twisty, v_alt_pattern_4,
          minmay_crypt_entry_simple_box, nicolae_vaults_yaktaur_gun_rack,
          v_misc_4, nicolae_vaults_little_squares_3, layout_vaults_quadrants,
          serial_shops, bzr_entry_road
Vaults:3: kb_rosetta, v_rooms_6, nicolae_vaults_alarming,
          ontoclasm_vaults_ring_large, nicolae_vaults_big_ls, vaults_dpeg_hooks,
          v_pattern_4, vaults_standard_mumra_lines,
          nicolae_vaults_specimen_jars, ontoclasm_vaults_spin,
          nicolae_vaults_shelves_hall, layout_vaults_ring, serial_shops, shop
Vaults:4: portal_desolation_entry_ruin, nicolae_vaults_network_quinsquares
          [nicolae_vaults_network_quincunx_subvault,
          nicolae_vaults_network_quincunx_subvault,
          nicolae_vaults_network_quincunx_subvault,
          nicolae_vaults_network_quincunx_subvault],
          nicolae_vaults_little_squares_1, hangedman_vaults_corner,
          v_alt_pattern_2, vaults_room_fours, v_rooms_4, vaults_dpeg_doors,
          v_rooms_4, nicolae_vaults_big_angled_halls,
          ontoclasm_vaults_loading_screen, hangedman_vaults_impose,
          grunt_vaults_hallway_short, layout_vaults_omnibox, uniq_saint_roka
Crypt:1:  layout_misc_corridors, basic_altar, hellmonk_scarab_ruin, uniq_xtahua
Crypt:2:  minmay_skeleton_keep, layout_gridlike, gammafunk_ghost_grave
Crypt:3:  lightli_unholy_cathedral, layout_chaotic_city,
          serial_sigils_hangedman_scratch, st_stairs_13,
          corexii_leaking_fountain, door_vault, uniq_grunn
Depths:1: layout_cave_shapes, enter_ziggurat_c, hangedman_tar_grid_catacomb,
          nicolae_benzene_ring, st_stairs_6, minmay_stone_trees_small,
          lemuel_angel_altar
Depths:2: nicolae_legendary_halls, layout_basic, pf_vacation_house_of_asmodeus,
          rand_demon_pan_entry_8, elyvilon_altar_5, minmay_shop_star
Depths:3: evilmike_diamond_1, layout_small_grid, abyss_entry_crystal,
          grunt_hell_entry_dis_old, ebering_ghost_gozag
Depths:4: grunt_zot_entry_hairpin, layout_gridlike, serial_bayou_ford_a,
          pan_entry, hangedman_coc_ice_floe, guppyfry_shop_blood
Zot:1:    gammafunk_its_a_trap, layout_onion_interference, grunt_megastairs_3
Zot:2:    layout_gridlike, hangedman_zot_decor_checkerboard, skrybe_zot_glass_2
Zot:3:    layout_gridlike
Zot:4:    grunt_zot_stairs_mandelzot, layout_twisted_circle,
          nicolae_transporter_circle, uniq_josephina

Skill      XL: |  1  2  3  4  5  6  7  8  9 10 11 12 13 14 15 16 17 18 19 20 21 22 23 24 |
---------------+-------------------------------------------------------------------------+-----
Polearms       | 3 4 |  4.1
Fighting       | 4 5 13 15 17 20 | 20.0
Stealth        | 1 2 |  2.0
Evocations     | 2 4 5 7 |  7.2
Dodging        | 5 7 10 11 | 11.1
Unarmed Combat | 5 10 13 15 17 18 21 22 23 25 26 | 26.8
Armour         | 6 7 11 | 11.1
Shields        | 6 12 13 17 | 17.0
Throwing       | 6 |  6.0

Action                     |  1- 3 |  4- 6 |  7- 9 | 10-12 | 13-15 | 16-18 | 19-21 | 22-24 || total
---------------------------+-------+-------+-------+-------+-------+-------+-------+-------++-------
  Melee: Spear             |   118 |   135 |   263 |   814 |   333 |     3 |       |       ||  1666
         Unarmed           |       |       |       |       |  1342 |  2869 |  2679 |  2823 ||  9713
  Throw: Stone             |       |       |     7 |       |       |       |       |       ||     7
         Dart              |       |       |     2 |     4 |    18 |       |       |     1 ||    25
         Boomerang         |       |       |       |       |     2 |    17 |    13 |       ||    32
 Invoke: Slimify           |       |       |     2 |    11 |    20 |    17 |    10 |     1 ||    61
  Evoke: Wand              |       |       |     2 |    27 |    13 |    36 |    10 |    12 ||   100
    Use: Scroll            |     4 |     9 |     2 |    11 |    12 |    18 |    12 |    19 ||    87
   Stab: Betrayed ally     |       |       |       |     1 |       |     1 |       |       ||     2
         Distracted        |       |       |       |     1 |       |     2 |       |     1 ||     4
         Sleeping          |       |       |       |       |     2 |       |       |       ||     2
         Invisible         |       |       |       |       |       |    80 |   106 |    40 ||   226
         Confused          |       |       |       |       |       |       |     4 |       ||     4
 Armour: Robe              |     7 |       |       |   250 |   304 |       |       |       ||   561
         Ring mail         |       |    30 |    23 |       |       |       |       |       ||    53
         Acid dragon scale |       |       |    28 |       |       |       |       |       ||    28
         Fire dragon scale |       |       |       |       |    40 |   722 |   575 |   611 ||  1948
         Scale mail        |       |       |       |       |       |       |    10 |       ||    10
  Dodge: Dodged            |    42 |    40 |   171 |   852 |  1606 |  3016 |  2158 |  2064 ||  9949
  Block: Kite shield       |       |       |       |       |   309 |  2744 |  1785 |  1651 ||  6489

Table legend: (Time is in decaauts)
 A = Elapsed time spent in this place.
 B = Non-inter-level travel time spent in this place.
 C = Inter-level travel time spent in this place.
 D = Time resting spent in this place.
 E = Time spent auto-exploring this place.
 F = Levels seen in this place.
 G = Mean time per level.
                   A        B        C        D        E       F      G
               +--------+--------+--------+--------+--------+-----+--------+
         Total |  60736 |  54367 |   6369 |   1749 |  30294 |  57 | 1065.5 |
       Dungeon |  16176 |  13652 |   2524 |    419 |   9086 |  15 | 1078.4 |
          Lair |   5902 |   5070 |    832 |    355 |   2789 |   5 | 1180.4 |
        Shoals |   4534 |   4243 |    291 |     10 |   1695 |   4 | 1133.5 |
     Snake Pit |   5505 |   4848 |    657 |    217 |   1919 |   4 | 1376.2 |
    Slime Pits |    112 |     92 |     20 |      0 |      0 |   5 |   22.4 |
  Orcish Mines |   1681 |   1422 |    259 |     13 |    733 |   2 |  840.5 |
   Elven Halls |   4596 |   4419 |    177 |      0 |   2507 |   3 | 1532.0 |
        Vaults |   8031 |   7292 |    739 |    148 |   4772 |   4 | 2007.8 |
         Crypt |   3839 |   3524 |    315 |     25 |   1598 |   3 | 1279.7 |
        Depths |   5468 |   4972 |    496 |    399 |   2474 |   4 | 1367.0 |
           Zot |   3717 |   3662 |     55 |     51 |   2446 |   4 |  929.2 |
        Bazaar |     72 |     72 |      0 |      0 |     58 |   1 |   72.0 |
         Sewer |    292 |    292 |      0 |      0 |     59 |   1 |  292.0 |
        Bailey |    613 |    613 |      0 |    111 |    129 |   1 |  613.0 |
      Ice Cave |    190 |    190 |      0 |      0 |     26 |   1 |  190.0 |
               +--------+--------+--------+--------+--------+-----+--------+

Top non-repeatable levels by time:
Vaults:2: 2884 daAuts
    D:11: 2529 daAuts
Vaults:1: 2256 daAuts
   Zot:2: 1978 daAuts
   Elf:2: 1883 daAuts
   Elf:3: 1691 daAuts
 Crypt:2: 1675 daAuts
  Lair:5: 1654 daAuts
 Snake:1: 1569 daAuts
 Snake:4: 1511 daAuts
Vaults:4: 1501 daAuts
Depths:4: 1437 daAuts
Shoals:4: 1432 daAuts
 Crypt:3: 1414 daAuts
Vaults:3: 1388 daAuts
